Workbook
Name 前期费用: [1]不合规发票!$L$2:$L$11

Sheet 清算项目基本情况表
A1: T10000清算项目基本情况表
A2: （从事房地产开发的纳税人适用）
A3: 纳税人识别号： | C3: 91652801576209018D | G3: 纳税人名称： | I3: 新疆通力房地产开发有限公司库尔勒分公司 | Z3: *填表日期： | AC3: 2024-10-08
A4: 金额单位:人民币元(列至角分) | Z4: 面积单位:平方米
A5: 项目基本情况
A6: *项目名称 | D6: 沁春锦苑二期 | H6: *项目编码 | S6: Z65280120200027 | X6: *是否属于分期开发项目 | AG6: 是
A7: *项目地址 | D7: 库尔勒市新城辖区杜鹃路79号 | X7: *总预算成本 | AG7: 175354500
A8: *项目所在地主管税务机关 | D8: 国家税务总局库尔勒市税务局 | H8: *项目所在地主管税务所（科/分局） | S8: 库尔勒市税务局税源管理一股 | X8: *土地使用权出（转）让合同签订日期 | AG8: 42563
A9: *开发土地总面积 | D9: 37660.54 | H9: *开发建筑总面积 | L9: 55237.2 | S9: *项目总地价款 | X9: 0 | AB9: *容积率 | AG9: 1.35
A10: *绿地率 | D10: 0.35 | H10: 项目开工日期 | L10: 2020-04-20 | S10: 整体竣工日期 | X10: 2022-04-06 | AB10: 最后一个销（预）售证取得时间 | AG10: 2020-11-15
A11: 发改部门立项信息
A12: 序号 | B12: 投资项目代码 | C12: 项目名称 | Q12: 项目总投资 | AA12: 建筑面积
A13: 1 | B13: 2020009 | C13: 沁春锦苑2号、3号、11号、17号、36号楼 | Q13: 56520000 | AA13: 16150
A14: 2 | B14: 201995 | C14: 沁春锦苑4号、5号、7号、9号楼 | Q14: 58625000 | AA14: 19290
A15: 3 | B15: 201996 | C15: 沁春锦苑6号、8号、10号、16号楼 | Q15: 58625000 | AA15: 19290
A16: 土地使用权信息
A17: 序号 | B17: 不动产权证号 | C17: 不动产单元号 | H17: 权利类型 | O17: 权利性质 | X17: 用途 | AA17: 面积 | AE17: 使用期限 | AG17: 土地使用权证发证日期
A18: 1 | B18: 新（2019）库尔勒市不动产权证第00014238号 | C18: 652801005064GB00045W0000000 | H18: 国有建设用地使用权 | O18: 出让 | X18: 房地产开发企业的开发用地 | AA18: 37660.54 | AE18: 50 | AG18: 2010-07-22
A19: 建设用地规划许可信息
A20: 序号 | B20: 建设用地规划许可证编号 | C20: 用地项目名称 | H20: 用地位置 | S20: 用途 | V20: 用地面积 | AA20: 建设规模 | AG20: 发证日期
A21: 1 | B21: 地字第652800201100127号 | C21: 住宅楼 | H21: 64号小区 | S21: 房地产开发企业的开发用地 | V21: 152091.92 | AA21: 19447.28 | AG21: 2011-08-01
A22: 建设工程规划许可信息
A23: 序号 | B23: 建设工程规划许可证编号 | C23: 建设项目名称 | H23: 建设位置 | S23: 建设规模 | AA23: *发证日期
A24: 1 | B24: 建字第652801201900472号 | C24: 7#住宅楼 | H24: 库尔勒市64号小区、延安路北侧 | S24: 4717.75 | AA24: 2019-12-10
A25: 2 | B25: 建字第652801201900470号 | C25: 5#住宅楼 | H25: 库尔勒市64号小区、延安路北侧 | S25: 4717.75 | AA25: 2019-12-10
A26: 3 | B26: 建字第652801202000040号 | C26: 沁春锦苑11#住宅楼 | H26: 库尔勒市64#小区、幸福路北侧 | S26: 5599.6 | AA26: 2020-03-09
A27: 4 | B27: 建字第652801201900473号 | C27: 8#住宅楼 | H27: 库尔勒市64号小区、延安路北侧 | S27: 5107.69 | AA27: 2019-12-10
A28: 5 | B28: 建字第652801201900469号 | C28: 4#住宅楼 | H28: 库尔勒市64号小区、延安路北侧 | S28: 4249.54 | AA28: 2019-12-06
A29: 6 | B29: 建字第652801201900474号 | C29: 9#住宅楼 | H29: 库尔勒市64号小区、延安路北侧 | S29: 5107.69 | AA29: 2019-12-10
A30: 7 | B30: 建字第652801202000039号 | C30: 沁春锦苑17#住宅楼 | H30: 库尔勒市64#小区、幸福路北侧 | S30: 5599.6 | AA30: 2020-03-09
A31: 8 | B31: 建字第652801202000042号 | C31: 沁春锦苑2#商业楼 | H31: 库尔勒市64号小区、幸福路北侧 | S31: 1488.28 | AA31: 2020-03-12
A32: 9 | B32: 建字第652801202000043号 | C32: 沁春锦苑3#商业楼 | H32: 库尔勒市64号小区、幸福路北侧 | S32: 1800.48 | AA32: 2020-03-12
A33: 10 | B33: 建字第652801201900476号 | C33: 16#住宅楼 | H33: 库尔勒市64号小区、延安路北侧 | S33: 4717.75 | AA33: 2019-12-11
A34: 11 | B34: 建字第652801201900475号 | C34: 10#住宅楼 | H34: 库尔勒市64号小区、延安路北侧 | S34: 4717.75 | AA34: 2019-12-10
A35: 12 | B35: 建字第652801201900471号 | C35: 6#住宅楼 | H35: 库尔勒市64号小区、延安路北侧 | S35: 4249.54 | AA35: 2019-12-10
A36: 13 | B36: 建字第652801202000041 | C36: 36#商业楼 | H36: 64号小区、幸福路北侧 | S36: 892.8 | AA36: 2020-03-22
A37: 建筑工程施工许可信息
A38: 序号 | B38: 建筑工程施工许可证编号 | C38: 工程名称 | G38: 建设地址 | H38: 建设规模 | O38: 合同价格 | S38: 施工单位名称 | X38: 合同开工日期 | AC38: 合同竣工日期 | AG38: 发证日期
A39: 1 | B39: 652801202004300101 | C39: 沁春锦苑4#-11#、16#17#住宅楼、2#3#36#商业楼 | G39: 库尔勒市新城辖区石化大道南侧、杜鹃河东侧 | H39: 53178.02 | O39: 82979935 | S39: 新疆通力建设集团股份有限公司 | X39: 2020-04-20 | AC39: 2020-11-20 | AG39: 2020-04-30
A40: 预售许可信息
A41: 序号 | B41: 预售许可证编号 | C41: 项目名称 | F41: 预售款专用帐户网点、帐号 | G41: 预售房屋建筑面积 | R41: 预售套数 | AG41: *发证日期
G42: 住宅 | I42: 商业用房 | J42: 办公用房 | K42: 车位车库 | M42: 其他 | P42: 合计 | R42: 住宅 | T42: 商业用房 | X42: 办公用房 | Z42: 车位车库 | AC42: 其他 | AF42: 合计
A43: 1 | B43: 新建房许字（2020）129号-库尔勒 | C43: 沁春锦苑2#楼 | G43: 0 | I43: 1487.96 | J43: 0 | K43: 0 | M43: 0 | P43: 1487.96 | R43: 0 | T43: 17 | X43: 0 | Z43: 0 | AC43: 0 | AF43: 17 | AG43: 2020-11-13
A44: 2 | B44: 新建房许字（2020）064号-库尔勒 | C44: 沁春锦苑17#楼 | G44: 4942.98 | I44: 0 | J44: 0 | K44: 0 | M44: 641 | P44: 5583.98 | R44: 28 | T44: 0 | X44: 0 | Z44: 0 | AC44: 0 | AF44: 28 | AG44: 2020-07-23
A45: 3 | B45: 新建房许字（2020）072号-库尔勒 | C45: 沁春锦苑5#楼 | G45: 4175.88 | I45: 0 | J45: 0 | K45: 0 | M45: 546.06 | P45: 4721.94 | R45: 28 | T45: 0 | X45: 0 | Z45: 0 | AC45: 0 | AF45: 28 | AG45: 2020-07-23
A46: 4 | B46: 新建房许字（2020）066号-库尔勒 | C46: 沁春锦苑11#楼 | G46: 4942.98 | I46: 0 | J46: 0 | K46: 0 | M46: 641 | P46: 5583.98 | R46: 28 | T46: 0 | X46: 0 | Z46: 0 | AC46: 0 | AF46: 28 | AG46: 2020-07-23
A47: 5 | B47: 新建房许字（2020）070号-库尔勒 | C47: 沁春锦苑7#楼 | G47: 4175.88 | I47: 0 | J47: 0 | K47: 0 | M47: 546.06 | P47: 4721.94 | R47: 28 | T47: 0 | X47: 0 | Z47: 0 | AC47: 0 | AF47: 28 | AG47: 2020-07-23
A48: 6 | B48: 新建房许字（2020）065号-库尔勒 | C48: 沁春锦苑16#楼 | G48: 4175.88 | I48: 0 | J48: 0 | K48: 0 | M48: 546.06 | P48: 4721.94 | R48: 28 | T48: 0 | X48: 0 | Z48: 0 | AC48: 0 | AF48: 28 | AG48: 2020-07-23
A49: 7 | B49: 新建房许字（2020）067号-库尔勒 | C49: 沁春锦苑10#楼 | G49: 4175.88 | I49: 0 | J49: 0 | K49: 0 | M49: 546.06 | P49: 4721.94 | R49: 28 | T49: 0 | X49: 0 | Z49: 0 | AC49: 0 | AF49: 28 | AG49: 2020-07-23
A50: 8 | B50: 新建房许字（2020）073号-库尔勒 | C50: 沁春锦苑4#楼 | G50: 3743.77 | I50: 0 | J50: 0 | K50: 0 | M50: 489.18 | P50: 4232.95 | R50: 28 | T50: 0 | X50: 0 | Z50: 0 | AC50: 0 | AF50: 28 | AG50: 2020-07-23
A51: 9 | B51: 新建房许字（2020）128号-库尔勒 | C51: 沁春锦苑3#楼 | G51: 0 | I51: 1761.71 | J51: 0 | K51: 0 | M51: 38.8 | P51: 1800.51 | R51: 0 | T51: 14 | X51: 0 | Z51: 0 | AC51: 0 | AF51: 14 | AG51: 2020-11-13
A52: 10 | B52: 新建房许字（2020）069号-库尔勒 | C52: 沁春锦苑8#楼 | G52: 4580.43 | I52: 0 | J52: 0 | K52: 0 | M52: 592.04 | P52: 5172.47 | R52: 28 | T52: 0 | X52: 0 | Z52: 0 | AC52: 0 | AF52: 28 | AG52: 2020-07-23
A53: 11 | B53: 新建房许字（2020）126号-库尔勒 | C53: 沁春锦苑36#楼 | G53: 0 | I53: 893.93 | J53: 0 | K53: 0 | M53: 0 | P53: 893.93 | R53: 0 | T53: 9 | X53: 0 | Z53: 0 | AC53: 0 | AF53: 9 | AG53: 2020-11-15
A54: 12 | B54: 新建房许字（2020）071号-库尔勒 | C54: 沁春锦苑6#楼 | G54: 3743.77 | I54: 0 | J54: 0 | K54: 0 | M54: 489.18 | P54: 4232.95 | R54: 28 | T54: 0 | X54: 0 | Z54: 0 | AC54: 0 | AF54: 28 | AG54: 2020-07-23
A55: 13 | B55: 新建房许字（2020）068号-库尔勒 | C55: 沁春锦苑9#楼 | G55: 4580.43 | I55: 0 | J55: 0 | K55: 0 | M55: 592.04 | P55: 5172.47 | R55: 28 | T55: 0 | X55: 0 | Z55: 0 | AC55: 0 | AF55: 28 | AG55: 2020-07-23
A56: 现售备案信息
A57: 序号 | B57: 现售备案证书编号 | C57: 项目名称 | H57: 现售房屋建筑面积 | AA57: 发证日期
H58: 住宅 | M58: 商业用房 | Q58: 办公用房 | U58: 车位车库 | W58: 其他 | Y58: 合计
A59: 1
A60: 建设工程竣工验收信息
A61: 序号 | B61: 竣工的建筑工程施工许可证编号 | H61: 验收日期 | N61: *备案日期 | U61: 竣工工程造价 | AA61: 竣工面积
A62: 1 | B62: 652801202004300101 | H62: 2022-04-06 | N62: 2022-03-15 | U62: 80480400 | AA62: 53178.02

Sheet 土地增值税税源明细表
A1: T20000土地增值税税源明细表
A2: 税款所属期间： | B2: 2020年 7月 23日 至 2024年12月31日
A3: 纳税人识别号(统一社会信用代码): | B3: =IF(清算项目基本情况表!C3="","",清算项目基本情况表!C3) -> 91652801576209018D
A4: 纳税人名称: | B4: =IF(清算项目基本情况表!I3="","",清算项目基本情况表!I3) -> 新疆通力房地产开发有限公司库尔勒分公司 | G4: 金额单位:人民币元(列至角分) | K4: 面积单位:平方米
A5: 项目名称 | B5: =IF(清算项目基本情况表!D6="","",清算项目基本情况表!D6) -> 沁春锦苑二期 | F5: 项目编码 | H5: =IF(清算项目基本情况表!S6="","",清算项目基本情况表!S6) -> Z65280120200027
A6: 项目地址 | B6: =清算项目基本情况表!D7 -> 库尔勒市新城辖区杜鹃路79号 | F6: 分配方法 | H6: 三分法
A7: 项目总可售面积 | B7: ='附表1-面积统计表'!F29 -> 53009.86 | F7: 自用和出租面积 | G7: ='附表1-面积统计表'!I29+'附表1-面积统计表'!J29 -> 0
A8: 已售面积 | B8: ='附表1-面积统计表'!G29 -> 43791.13 | C8: 其中:普通住宅已售面积 | D8: ='附表1-面积统计表'!G5 -> 19360.76 | F8: 其中:非普通住宅已售面积 | G8: ='附表1-面积统计表'!G6 -> 23877.12 | I8: 其中:其他类型房地产已售面积 | J8: ='附表1-面积统计表'!G7 -> 553.25
A9: 清算后剩余可售面积 | B9: ='附表1-面积统计表'!H29 -> 9218.73 | C9: 其中:普通住宅剩余可售面积 | D9: ='附表1-面积统计表'!H5 -> 0 | F9: 其中:非普通住宅剩余可售面积 | G9: ='附表1-面积统计表'!H6 -> 0 | I9: 其中:其他类型房地产剩余可售面积 | J9: ='附表1-面积统计表'!H7 -> 9218.73
A10: 项目 | C10: 行次 | D10: 普通住宅 | F10: 非普通住宅 | H10: 其他类型房产 | J10: 总额
A11: 一、转让房地产收入总额 | C11: 1=2+3+4 | D11: =SUM(D12:D14) -> 88218234 | F11: =SUM(F12:F14) -> 1.0450354e+08 | H11: =SUM(H12:H14) -> 7523377.1 | J11: =SUM(D11:I11) -> 2.0024516e+08
A12: 1.货币收入 | C12: 2 | D12: ='附表2-收入统计表'!C5 -> 88218234 | F12: =IF($H$6="三分法",'附表2-收入统计表'!C6,"") -> 1.0450354e+08 | H12: =IF($H$6="三分法",'附表2-收入统计表'!C7,SUM('附表2-收入统计表'!C6:C7)) -> 7523377.1 | J12: =SUM(D12:I12) -> 2.0024516e+08 | O12: =D12/$D$8 -> 4556.5481 | P12: =F12/G8 -> 4376.7232 | Q12: =H12/J8 -> 13598.513
A13: 2.实物收入及其他收入 | C13: 3 | D13: ='附表2-收入统计表'!D5 -> 0 | F13: =IF($H$6="三分法",'附表2-收入统计表'!D6,"") -> 0 | H13: =IF($H$6="三分法",'附表2-收入统计表'!D7,SUM('附表2-收入统计表'!D6:D7)) -> 0 | J13: =SUM(D13:I13) -> 0
A14: 3.视同销售收入 | C14: 4 | D14: ='附表2-收入统计表'!E5 -> 0 | F14: =IF($H$6="三分法",'附表2-收入统计表'!E6,"") -> 0 | H14: =IF($H$6="三分法",'附表2-收入统计表'!E7,SUM('附表2-收入统计表'!E6:E7)) -> 0 | J14: =SUM(D14:I14) -> 0
A15: 二、扣除项目金额合计 | C15: 5=6+7+14+17+21+22 | D15: =SUM(D16)+SUM(D18)+SUM(D26)+SUM(D29)+SUM(D33)+SUM(D34) -> 75229779 | F15: =SUM(F16)+SUM(F18)+SUM(F26)+SUM(F29)+SUM(F33)+SUM(F34) -> 92872055 | H15: =SUM(H16)+SUM(H18)+SUM(H26)+SUM(H29)+SUM(H33)+SUM(H34) -> 2302108.6 | J15: =SUM(D15:I15) -> 1.7040394e+08 | O15: =D15/$D$8 -> 3885.6832 | P15: =F15/$G$8 -> 3889.5836 | Q15: =H15/$J$8 -> 4161.0639
A16: 1.取得土地使用权所支付的金额 | C16: 6 | D16: =SUM('附表3-扣除项目分摊表'!K7) -> 0 | F16: =IF($H$6="三分法",SUM('附表3-扣除项目分摊表'!L7),"") -> 0 | H16: =IF($H$6="三分法",SUM('附表3-扣除项目分摊表'!M7),SUM('附表3-扣除项目分摊表'!L7:M7)) -> 0 | J16: =SUM(D16:I16) -> 0 | O16: =D16/$D$8 -> 0 | P16: =F16/$G$8 -> 0 | Q16: =H16/$J$8 -> 0
A17: 其中：不可加计扣除金额 | C17: 6-1 | D17: =SUM('附表3-扣除项目分摊表'!K8) -> 0 | F17: =IF($H$6="三分法",SUM('附表3-扣除项目分摊表'!L8),"") -> 0 | H17: =IF($H$6="三分法",SUM('附表3-扣除项目分摊表'!M8),SUM('附表3-扣除项目分摊表'!L8:M8)) -> 0 | J17: =SUM(D17:I17) -> 0 | O17: =D17/$D$8 -> 0 | P17: =F17/$G$8 -> 0 | Q17: =H17/$J$8 -> 0
A18: 2.房地产开发成本 | C18: 7=8+9+10+11+12+13 | D18: =SUM(D19:D24) -> 57699496 | F18: =SUM(F19:F24) -> 71156569 | H18: =SUM(H19:H24) -> 1750018.8 | J18: =SUM(D18:I18) -> 1.3060608e+08 | O18: =D18/$D$8 -> 2980.2289 | P18: =F18/$G$8 -> 2980.1152 | Q18: =H18/$J$8 -> 3163.161
A19: 其中：土地征用及拆迁补偿费 | C19: 8 | D19: =SUM('附表3-扣除项目分摊表'!K10) -> 490885.04 | F19: =IF($H$6="三分法",SUM('附表3-扣除项目分摊表'!L10),"") -> 605395.72 | H19: =IF($H$6="三分法",SUM('附表3-扣除项目分摊表'!M10),SUM('附表3-扣除项目分摊表'!L10:M10)) -> 14027.46 | J19: =SUM(D19:I19) -> 1110308.2 | O19: =D19/$D$8 -> 25.354637 | P19: =F19/$G$8 -> 25.354637 | Q19: =H19/$J$8 -> 25.35465
A20: 前期工程费 | C20: 9 | D20: =SUM('附表3-扣除项目分摊表'!K11) -> 1094400.8 | F20: =IF($H$6="三分法",SUM('附表3-扣除项目分摊表'!L11),"") -> 1349695.3 | H20: =IF($H$6="三分法",SUM('附表3-扣除项目分摊表'!M11),SUM('附表3-扣除项目分摊表'!L11:M11)) -> 31414.4 | J20: =SUM(D20:I20) -> 2475510.6 | O20: =D20/$D$8 -> 56.52675 | P20: =F20/$G$8 -> 56.526723 | Q20: =H20/$J$8 -> 56.781563
A21: 建筑安装工程费 | C21: 10 | D21: =SUM('附表3-扣除项目分摊表'!K12) -> 44516942 | F21: =IF($H$6="三分法",SUM('附表3-扣除项目分摊表'!L12),"") -> 54899001 | H21: =IF($H$6="三分法",SUM('附表3-扣除项目分摊表'!M12),SUM('附表3-扣除项目分摊表'!L12:M12)) -> 1354935.8 | J21: =SUM(D21:I21) -> 1.0077088e+08 | O21: =D21/$D$8 -> 2299.3385 | P21: =F21/$G$8 -> 2299.2305 | Q21: =H21/$J$8 -> 2449.048
A22: 基础设施费 | C22: 11 | D22: =SUM('附表3-扣除项目分摊表'!K13) -> 6071210.8 | F22: =IF($H$6="三分法",SUM('附表3-扣除项目分摊表'!L13),"") -> 7487334.2 | H22: =IF($H$6="三分法",SUM('附表3-扣除项目分摊表'!M13),SUM('附表3-扣除项目分摊表'!L13:M13)) -> 191743.79 | J22: =SUM(D22:I22) -> 13750289 | O22: =D22/$D$8 -> 313.58329 | P22: =F22/$G$8 -> 313.57778 | Q22: =H22/$J$8 -> 346.57712
A23: 公共配套设施费 | C23: 12 | D23: =SUM('附表3-扣除项目分摊表'!K14) -> 4992633 | F23: =IF($H$6="三分法",SUM('附表3-扣除项目分摊表'!L14),"") -> 6157283.9 | H23: =IF($H$6="三分法",SUM('附表3-扣除项目分摊表'!M14),SUM('附表3-扣除项目分摊表'!L14:M14)) -> 142654.32 | J23: =SUM(D23:I23) -> 11292571 | O23: =D23/$D$8 -> 257.87381 | P23: =F23/$G$8 -> 257.87381 | Q23: =H23/$J$8 -> 257.84784
A24: 开发间接费用 | C24: 13 | D24: =SUM('附表3-扣除项目分摊表'!K15) -> 533424.41 | F24: =IF($H$6="三分法",SUM('附表3-扣除项目分摊表'!L15),"") -> 657858.45 | H24: =IF($H$6="三分法",SUM('附表3-扣除项目分摊表'!M15),SUM('附表3-扣除项目分摊表'!L15:M15)) -> 15243.06 | J24: =SUM(D24:I24) -> 1206525.9 | O24: =D24/$D$8 -> 27.551832 | P24: =F24/$G$8 -> 27.551834 | Q24: =H24/$J$8 -> 27.551848
A25: 其中：不可加计扣除金额 | C25: 7-1 | D25: =SUM('附表3-扣除项目分摊表'!K16) -> 0 | F25: =IF($H$6="三分法",SUM('附表3-扣除项目分摊表'!L16),"") -> 0 | H25: =IF($H$6="三分法",SUM('附表3-扣除项目分摊表'!M16),SUM('附表3-扣除项目分摊表'!L16:M16)) -> 0 | J25: =SUM(D25:I25) -> 0
A26: 3.房地产开发费用 | C26: 14=15+16 | D26: =SUM(D27:D28) -> 5769949.6 | F26: =SUM(F27:F28) -> 7115656.9 | H26: =SUM(H27:H28) -> 175001.88 | J26: =SUM(D26:I26) -> 13060608
A27: 其中：利息支出 | C27: 15 | D27: =SUM('附表3-扣除项目分摊表'!K18) -> 0 | F27: =IF($H$6="三分法",SUM('附表3-扣除项目分摊表'!L18),"") -> 0 | H27: =IF($H$6="三分法",SUM('附表3-扣除项目分摊表'!M18),SUM('附表3-扣除项目分摊表'!L18:M18)) -> 0 | J27: =SUM(D27:I27) -> 0
A28: 其他房地产开发费用 | C28: 16 | D28: =SUM('附表3-扣除项目分摊表'!K19) -> 5769949.6 | F28: =IF($H$6="三分法",SUM('附表3-扣除项目分摊表'!L19),"") -> 7115656.9 | H28: =IF($H$6="三分法",SUM('附表3-扣除项目分摊表'!M19),SUM('附表3-扣除项目分摊表'!L19:M19)) -> 175001.88 | J28: =SUM(D28:I28) -> 13060608
A29: 4.与转让房地产有关的税金等 | C29: 17=18+19+20 | D29: =SUM(D30:D32) -> 220434.88 | F29: =SUM(F30:F32) -> 368515.58 | H29: =SUM(H30:H32) -> 27084.16 | J29: =SUM(D29:I29) -> 616034.62
A30: 其中：营业税 | C30: 18 | D30: =SUM('附表3-扣除项目分摊表'!K21) -> 0 | F30: =IF($H$6="三分法",SUM('附表3-扣除项目分摊表'!L21),"") -> 0 | H30: =IF($H$6="三分法",SUM('附表3-扣除项目分摊表'!M21),SUM('附表3-扣除项目分摊表'!L21:M21)) -> 0 | J30: =SUM(D30:I30) -> 0
A31: 城市维护建设税 | C31: 19 | D31: =SUM('附表3-扣除项目分摊表'!K22) -> 128587.01 | F31: =IF($H$6="三分法",SUM('附表3-扣除项目分摊表'!L22),"") -> 214967.43 | H31: =IF($H$6="三分法",SUM('附表3-扣除项目分摊表'!M22),SUM('附表3-扣除项目分摊表'!L22:M22)) -> 15799.09 | J31: =SUM(D31:I31) -> 359353.53
A32: 教育费附加 | C32: 20 | D32: =SUM('附表3-扣除项目分摊表'!K23:K25) -> 91847.87 | F32: =IF($H$6="三分法",SUM('附表3-扣除项目分摊表'!L23:L25),"") -> 153548.15 | H32: =IF($H$6="三分法",SUM('附表3-扣除项目分摊表'!M23:M25),SUM('附表3-扣除项目分摊表'!L23:M25)) -> 11285.07 | J32: =SUM(D32:I32) -> 256681.09
A33: 5.财政部规定的其他扣除项目 | C33: 21 | D33: =SUM('附表3-扣除项目分摊表'!K26) -> 11539899 | F33: =IF($H$6="三分法",SUM('附表3-扣除项目分摊表'!L26),"") -> 14231314 | H33: =IF($H$6="三分法",SUM('附表3-扣除项目分摊表'!M26),SUM('附表3-扣除项目分摊表'!L26:M26)) -> 350003.76 | J33: =SUM(D33:I33) -> 26121217
A34: 6.代收费用 | C34: 22 | D34: =SUM('附表3-扣除项目分摊表'!K27) -> 0 | F34: =IF($H$6="三分法",SUM('附表3-扣除项目分摊表'!L27),"") -> 0 | H34: =IF($H$6="三分法",SUM('附表3-扣除项目分摊表'!M27),SUM('附表3-扣除项目分摊表'!L27:M27)) -> 0 | J34: =SUM(D34:I34) -> 0
A35: 三、增值额 | C35: 23=1-5 | D35: =D11-D15 -> 12988455 | F35: =F11-F15 -> 11631489 | H35: =H11-H15 -> 5221268.4 | J35: =SUM(D35:I35) -> 29841212
A36: 四、增值额与扣除项目金额之比（%） | C36: 24=23÷5 | D36: =IF(D15=0,"",ROUND(D35/D15,6)) -> 0.17265 | F36: =IF(F15=0,"",ROUND(F35/F15,6)) -> 0.125242 | H36: =IF(H15=0,"",ROUND(H35/H15,6)) -> 2.268037 | J36: =IF(J15=0,"",ROUND(J35/J15,6)) -> 0.17512
A37: 五、适用税率（%） | C37: 25 | D37: =IF(D35<0,"",IF(D36="","",IF(D36>200%,60%,IF(D36>100%,50%,IF(D36>50%,40%,30%))))) -> 0.3 | F37: =IF(F35<0,"",IF(F36="","",IF(F36>200%,60%,IF(F36>100%,50%,IF(F36>50%,40%,30%))))) -> 0.3 | H37: =IF(H35<0,"",IF(H36="","",IF(H36>200%,60%,IF(H36>100%,50%,IF(H36>50%,40%,30%))))) -> 0.6
A38: 六、速算扣除系数（%） | C38: 26 | D38: =IF(D36="","",IF(D36>200%,35%,IF(D36>100%,15%,IF(D36>50%,5%,0)))) -> 0 | F38: =IF(F36="","",IF(F36>200%,35%,IF(F36>100%,15%,IF(F36>50%,5%,0)))) -> 0 | H38: =IF(H36="","",IF(H36>200%,35%,IF(H36>100%,15%,IF(H36>50%,5%,0)))) -> 0.35
A39: 七、应缴土地增值税税额 | C39: 27=23*25-5*26 | D39: =IF(D35<0,0,ROUND(SUM(D35)*SUM(D37)-SUM(D15)*SUM(D38),2))-0.01 -> 3896536.4 | F39: =IF(F35<0,0,ROUND(SUM(F35)*SUM(F37)-SUM(F15)*SUM(F38),2))+0.01 -> 3489446.6 | H39: =IF(H35<0,0,ROUND(SUM(H35)*SUM(H37)-SUM(H15)*SUM(H38),2)) -> 2327023 | J39: =SUM(D39:I39) -> 9713006.1
A40: 八、减免税额 | C40: 28=30+32+34 | D40: =D42+D44+D46 -> 3896536.4 | F40: =F42+F44+F46 -> 0 | H40: =H42+H44+H46 -> 0 | J40: =SUM(D40:I40) -> 3896536.4
A41: 其中：减免税（1） | B41: 减免性质代码和项目名称(1) | C41: 29 | D41: =IF(D35<0,"",IF(D36>20%,"","普通住宅增值率不超过20%的土地增值税减免")) -> 普通住宅增值率不超过20%的土地增值税减免
B42: 减免税额(1) | C42: 30 | D42: =IF(D35<0,0,IF(D36>20%,0,ROUND(D35*D37,2)))-0.01 -> 3896536.4 | F42: 0 | H42: 0 | J42: =SUM(D42:I42) -> 3896536.4
A43: 减免税（2） | B43: 减免性质代码和项目名称(2) | C43: 31
B44: 减免税额(2) | C44: 32 | D44: 0 | F44: 0 | H44: 0 | J44: =SUM(D44:I44) -> 0
A45: 减免税（3） | B45: 减免性质代码和项目名称(3) | C45: 33
B46: 减免税额(3) | C46: 34 | D46: 0 | F46: 0 | H46: 0 | J46: =SUM(D46:I46) -> 0
A47: 九、已缴土地增值税税额 | C47: 35 | D47: 882182.33 | F47: 3232585 | H47: 208312.77 | J47: =SUM(D47:I47) -> 4323080.1
A48: 十、应补（退）土地增值税税额 | C48: 36=27-28-35 | D48: =SUM(D39)-SUM(D40)-SUM(D47) -> -882182.33 | F48: =SUM(F39)-SUM(F40)-SUM(F47) -> 256861.58 | H48: =SUM(H39)-SUM(H40)-SUM(H47) -> 2118710.3 | J48: =SUM(D48:I48) -> 1493389.5

Sheet 附表1-面积统计表
A1: T21000附表1-面积统计表
A2: =土地增值税税源明细表!F5&"："&土地增值税税源明细表!H5&" "&土地增值税税源明细表!A5&"："&土地增值税税源明细表!B5&" "&"面积单位：㎡" -> 项目编码：Z65280120200027 项目名称：沁春锦苑二期 面积单位：㎡
A3: 面积基本信息 | B3: 房屋类型 | C3: 序号 | D3: 测绘总建筑面积 | E3: 不可销售建筑面积 | F3: 总可售建筑面积 | G3: 已售建筑面积 | H3: 剩余可售建筑面积 | I3: 自用建筑面积 | J3: 出租建筑面积 | K3: 说明
D4: 1=2+3 | E4: 2 | F4: 3 | G4: 4 | H4: 5=3-4 5≥6+7 | I4: 6 | J4: 7 | K4: 8
B5: =数据对照表!A2 -> 普通住宅 | C5: 1 | D5: =SUMIFS('附表6-收入明细采集底稿'!P:P,'附表6-收入明细采集底稿'!G:G,数据对照表!A2) -> 19360.76 | E5: =SUMIFS('附表6-收入明细采集底稿'!P:P,'附表6-收入明细采集底稿'!G:G,数据对照表!A2,'附表6-收入明细采集底稿'!H:H,"不可售") -> 0 | F5: =SUM(SUMIFS('附表6-收入明细采集底稿'!P:P,'附表6-收入明细采集底稿'!G:G,数据对照表!A2,'附表6-收入明细采集底稿'!H:H,"已售"),SUMIFS('附表6-收入明细采集底稿'!P:P,'附表6-收入明细采集底稿'!G:G,数据对照表!A2,'附表6-收入明细采集底稿'!H:H,"出租"),SUMIFS('附表6-收入明细采集底稿'!P:P,'附表6-收入明细采集底稿'!G:G,数据对照表!A2,'附表6-收入明细采集底稿'!H:H,"自用"),SUMIFS('附表6-收入明细采集底稿'!P:P,'附表6-收入明细采集底稿'!G:G,数据对照表!A2,'附表6-收入明细采集底稿'!H:H,"未售")) -> 19360.76 | G5: =SUMIFS('附表6-收入明细采集底稿'!P:P,'附表6-收入明细采集底稿'!G:G,数据对照表!A2,'附表6-收入明细采集底稿'!H:H,"已售") -> 19360.76 | H5: =F5-G5 -> 0 | I5: =SUMIFS('附表6-收入明细采集底稿'!P:P,'附表6-收入明细采集底稿'!G:G,数据对照表!A2,'附表6-收入明细采集底稿'!H:H,"自用") -> 0 | J5: =SUMIFS('附表6-收入明细采集底稿'!P:P,'附表6-收入明细采集底稿'!G:G,数据对照表!A2,'附表6-收入明细采集底稿'!H:H,"出租") -> 0
B6: =数据对照表!A3 -> 非普通住宅 | C6: 2 | D6: =SUMIFS('附表6-收入明细采集底稿'!P:P,'附表6-收入明细采集底稿'!G:G,数据对照表!A3) -> 23877.12 | E6: =SUMIFS('附表6-收入明细采集底稿'!P:P,'附表6-收入明细采集底稿'!G:G,数据对照表!A3,'附表6-收入明细采集底稿'!H:H,"不可售") -> 0 | F6: =SUM(SUMIFS('附表6-收入明细采集底稿'!P:P,'附表6-收入明细采集底稿'!G:G,数据对照表!A3,'附表6-收入明细采集底稿'!H:H,"已售"),SUMIFS('附表6-收入明细采集底稿'!P:P,'附表6-收入明细采集底稿'!G:G,数据对照表!A3,'附表6-收入明细采集底稿'!H:H,"出租"),SUMIFS('附表6-收入明细采集底稿'!P:P,'附表6-收入明细采集底稿'!G:G,数据对照表!A3,'附表6-收入明细采集底稿'!H:H,"自用"),SUMIFS('附表6-收入明细采集底稿'!P:P,'附表6-收入明细采集底稿'!G:G,数据对照表!A3,'附表6-收入明细采集底稿'!H:H,"未售")) -> 23877.12 | G6: =SUMIFS('附表6-收入明细采集底稿'!P:P,'附表6-收入明细采集底稿'!G:G,数据对照表!A3,'附表6-收入明细采集底稿'!H:H,"已售") -> 23877.12 | H6: =F6-G6 -> 0 | I6: =SUMIFS('附表6-收入明细采集底稿'!P:P,'附表6-收入明细采集底稿'!G:G,数据对照表!A3,'附表6-收入明细采集底稿'!H:H,"自用") -> 0 | J6: =SUMIFS('附表6-收入明细采集底稿'!P:P,'附表6-收入明细采集底稿'!G:G,数据对照表!A3,'附表6-收入明细采集底稿'!H:H,"出租") -> 0
B7: 其他类型房产 | C7: 3 | D7: =SUM(D8:D12) -> 9810.78 | E7: =SUM(E8:E12) -> 38.8 | F7: =SUM(F8:F12) -> 9771.98 | G7: =SUM(G8:G12) -> 553.25 | H7: =SUM(H8:H12) -> 9218.73 | I7: =SUM(I8:I12) -> 0 | J7: =SUM(J8:J12) -> 0
B8: ="其中："&数据对照表!A4 -> 其中：商业用房 | C8: 4 | D8: =SUMIFS('附表6-收入明细采集底稿'!P:P,'附表6-收入明细采集底稿'!G:G,数据对照表!A4) -> 4143.3 | E8: =SUMIFS('附表6-收入明细采集底稿'!P:P,'附表6-收入明细采集底稿'!G:G,数据对照表!A4,'附表6-收入明细采集底稿'!H:H,"不可售") -> 0 | F8: =SUM(SUMIFS('附表6-收入明细采集底稿'!P:P,'附表6-收入明细采集底稿'!G:G,数据对照表!A4,'附表6-收入明细采集底稿'!H:H,"已售"),SUMIFS('附表6-收入明细采集底稿'!P:P,'附表6-收入明细采集底稿'!G:G,数据对照表!A4,'附表6-收入明细采集底稿'!H:H,"出租"),SUMIFS('附表6-收入明细采集底稿'!P:P,'附表6-收入明细采集底稿'!G:G,数据对照表!A4,'附表6-收入明细采集底稿'!H:H,"自用"),SUMIFS('附表6-收入明细采集底稿'!P:P,'附表6-收入明细采集底稿'!G:G,数据对照表!A4,'附表6-收入明细采集底稿'!H:H,"未售")) -> 4143.3 | G8: =SUMIFS('附表6-收入明细采集底稿'!P:P,'附表6-收入明细采集底稿'!G:G,数据对照表!A4,'附表6-收入明细采集底稿'!H:H,"已售") -> 553.25 | H8: =F8-G8 -> 3590.05 | I8: =SUMIFS('附表6-收入明细采集底稿'!P:P,'附表6-收入明细采集底稿'!G:G,数据对照表!A4,'附表6-收入明细采集底稿'!H:H,"自用") -> 0 | J8: =SUMIFS('附表6-收入明细采集底稿'!P:P,'附表6-收入明细采集底稿'!G:G,数据对照表!A4,'附表6-收入明细采集底稿'!H:H,"出租") -> 0
B9: =" "&数据对照表!A5 -> 办公用房 | C9: 5 | D9: =SUMIFS('附表6-收入明细采集底稿'!P:P,'附表6-收入明细采集底稿'!G:G,数据对照表!A5) -> 0 | E9: =SUMIFS('附表6-收入明细采集底稿'!P:P,'附表6-收入明细采集底稿'!G:G,数据对照表!A5,'附表6-收入明细采集底稿'!H:H,"不可售") -> 0 | F9: =SUM(SUMIFS('附表6-收入明细采集底稿'!P:P,'附表6-收入明细采集底稿'!G:G,数据对照表!A5,'附表6-收入明细采集底稿'!H:H,"已售"),SUMIFS('附表6-收入明细采集底稿'!P:P,'附表6-收入明细采集底稿'!G:G,数据对照表!A5,'附表6-收入明细采集底稿'!H:H,"出租"),SUMIFS('附表6-收入明细采集底稿'!P:P,'附表6-收入明细采集底稿'!G:G,数据对照表!A5,'附表6-收入明细采集底稿'!H:H,"自用"),SUMIFS('附表6-收入明细采集底稿'!P:P,'附表6-收入明细采集底稿'!G:G,数据对照表!A5,'附表6-收入明细采集底稿'!H:H,"未售")) -> 0 | G9: =SUMIFS('附表6-收入明细采集底稿'!P:P,'附表6-收入明细采集底稿'!G:G,数据对照表!A5,'附表6-收入明细采集底稿'!H:H,"已售") -> 0 | H9: =F9-G9 -> 0 | I9: =SUMIFS('附表6-收入明细采集底稿'!P:P,'附表6-收入明细采集底稿'!G:G,数据对照表!A5,'附表6-收入明细采集底稿'!H:H,"自用") -> 0 | J9: =SUMIFS('附表6-收入明细采集底稿'!P:P,'附表6-收入明细采集底稿'!G:G,数据对照表!A5,'附表6-收入明细采集底稿'!H:H,"出租") -> 0
B10: =" "&数据对照表!A6 -> 车位车库 | C10: 6 | D10: =SUMIFS('附表6-收入明细采集底稿'!P:P,'附表6-收入明细采集底稿'!G:G,数据对照表!A6) -> 0 | E10: =SUMIFS('附表6-收入明细采集底稿'!P:P,'附表6-收入明细采集底稿'!G:G,数据对照表!A6,'附表6-收入明细采集底稿'!H:H,"不可售") -> 0 | F10: =SUM(SUMIFS('附表6-收入明细采集底稿'!P:P,'附表6-收入明细采集底稿'!G:G,数据对照表!A6,'附表6-收入明细采集底稿'!H:H,"已售"),SUMIFS('附表6-收入明细采集底稿'!P:P,'附表6-收入明细采集底稿'!G:G,数据对照表!A6,'附表6-收入明细采集底稿'!H:H,"出租"),SUMIFS('附表6-收入明细采集底稿'!P:P,'附表6-收入明细采集底稿'!G:G,数据对照表!A6,'附表6-收入明细采集底稿'!H:H,"自用"),SUMIFS('附表6-收入明细采集底稿'!P:P,'附表6-收入明细采集底稿'!G:G,数据对照表!A6,'附表6-收入明细采集底稿'!H:H,"未售")) -> 0 | G10: =SUMIFS('附表6-收入明细采集底稿'!P:P,'附表6-收入明细采集底稿'!G:G,数据对照表!A6,'附表6-收入明细采集底稿'!H:H,"已售") -> 0 | H10: =F10-G10 -> 0 | I10: =SUMIFS('附表6-收入明细采集底稿'!P:P,'附表6-收入明细采集底稿'!G:G,数据对照表!A6,'附表6-收入明细采集底稿'!H:H,"自用") -> 0 | J10: =SUMIFS('附表6-收入明细采集底稿'!P:P,'附表6-收入明细采集底稿'!G:G,数据对照表!A6,'附表6-收入明细采集底稿'!H:H,"出租") -> 0
B11: =" "&数据对照表!A7 -> 其他营业性房产 | C11: 7 | D11: =SUMIFS('附表6-收入明细采集底稿'!P:P,'附表6-收入明细采集底稿'!G:G,数据对照表!A7) -> 5667.48 | E11: =SUMIFS('附表6-收入明细采集底稿'!P:P,'附表6-收入明细采集底稿'!G:G,数据对照表!A7,'附表6-收入明细采集底稿'!H:H,"不可售") -> 38.8 | F11: =SUM(SUMIFS('附表6-收入明细采集底稿'!P:P,'附表6-收入明细采集底稿'!G:G,数据对照表!A7,'附表6-收入明细采集底稿'!H:H,"已售"),SUMIFS('附表6-收入明细采集底稿'!P:P,'附表6-收入明细采集底稿'!G:G,数据对照表!A7,'附表6-收入明细采集底稿'!H:H,"出租"),SUMIFS('附表6-收入明细采集底稿'!P:P,'附表6-收入明细采集底稿'!G:G,数据对照表!A7,'附表6-收入明细采集底稿'!H:H,"自用"),SUMIFS('附表6-收入明细采集底稿'!P:P,'附表6-收入明细采集底稿'!G:G,数据对照表!A7,'附表6-收入明细采集底稿'!H:H,"未售")) -> 5628.68 | G11: =SUMIFS('附表6-收入明细采集底稿'!P:P,'附表6-收入明细采集底稿'!G:G,数据对照表!A7,'附表6-收入明细采集底稿'!H:H,"已售") -> 0 | H11: =F11-G11 -> 5628.68 | I11: =SUMIFS('附表6-收入明细采集底稿'!P:P,'附表6-收入明细采集底稿'!G:G,数据对照表!A7,'附表6-收入明细采集底稿'!H:H,"自用") -> 0 | J11: =SUMIFS('附表6-收入明细采集底稿'!P:P,'附表6-收入明细采集底稿'!G:G,数据对照表!A7,'附表6-收入明细采集底稿'!H:H,"出租") -> 0
B12: =" "&"非营业性房产" -> 非营业性房产 | C12: 8 | D12: =SUM(D13:D28) -> 0 | E12: =SUM(E13:E28) -> 0 | F12: =SUM(F13:F28) -> 0 | G12: =SUM(G13:G28) -> 0 | H12: =SUM(H13:H28) -> 0 | I12: =SUM(I13:I28) -> 0 | J12: =SUM(J13:J28) -> 0
B13: =" 其中："&数据对照表!A8 -> 其中：居委会用房 | C13: 9 | D13: =SUMIFS('附表6-收入明细采集底稿'!P:P,'附表6-收入明细采集底稿'!G:G,数据对照表!A8) -> 0 | E13: =SUMIFS('附表6-收入明细采集底稿'!P:P,'附表6-收入明细采集底稿'!G:G,数据对照表!A8,'附表6-收入明细采集底稿'!H:H,"不可售") -> 0 | F13: =SUM(SUMIFS('附表6-收入明细采集底稿'!P:P,'附表6-收入明细采集底稿'!G:G,数据对照表!A8,'附表6-收入明细采集底稿'!H:H,"已售"),SUMIFS('附表6-收入明细采集底稿'!P:P,'附表6-收入明细采集底稿'!G:G,数据对照表!A8,'附表6-收入明细采集底稿'!H:H,"出租"),SUMIFS('附表6-收入明细采集底稿'!P:P,'附表6-收入明细采集底稿'!G:G,数据对照表!A8,'附表6-收入明细采集底稿'!H:H,"自用"),SUMIFS('附表6-收入明细采集底稿'!P:P,'附表6-收入明细采集底稿'!G:G,数据对照表!A8,'附表6-收入明细采集底稿'!H:H,"未售")) -> 0 | G13: =SUMIFS('附表6-收入明细采集底稿'!P:P,'附表6-收入明细采集底稿'!G:G,数据对照表!A8,'附表6-收入明细采集底稿'!H:H,"已售") -> 0 | H13: =F13-G13 -> 0 | I13: =SUMIFS('附表6-收入明细采集底稿'!P:P,'附表6-收入明细采集底稿'!G:G,数据对照表!A8,'附表6-收入明细采集底稿'!H:H,"自用") -> 0 | J13: =SUMIFS('附表6-收入明细采集底稿'!P:P,'附表6-收入明细采集底稿'!G:G,数据对照表!A8,'附表6-收入明细采集底稿'!H:H,"出租") -> 0
B14: =" "&数据对照表!A9 -> 派出所用房 | C14: 10 | D14: =SUMIFS('附表6-收入明细采集底稿'!P:P,'附表6-收入明细采集底稿'!G:G,数据对照表!A9) -> 0 | E14: =SUMIFS('附表6-收入明细采集底稿'!P:P,'附表6-收入明细采集底稿'!G:G,数据对照表!A9,'附表6-收入明细采集底稿'!H:H,"不可售") -> 0 | F14: =SUM(SUMIFS('附表6-收入明细采集底稿'!P:P,'附表6-收入明细采集底稿'!G:G,数据对照表!A9,'附表6-收入明细采集底稿'!H:H,"已售"),SUMIFS('附表6-收入明细采集底稿'!P:P,'附表6-收入明细采集底稿'!G:G,数据对照表!A9,'附表6-收入明细采集底稿'!H:H,"出租"),SUMIFS('附表6-收入明细采集底稿'!P:P,'附表6-收入明细采集底稿'!G:G,数据对照表!A9,'附表6-收入明细采集底稿'!H:H,"自用"),SUMIFS('附表6-收入明细采集底稿'!P:P,'附表6-收入明细采集底稿'!G:G,数据对照表!A9,'附表6-收入明细采集底稿'!H:H,"未售")) -> 0 | G14: =SUMIFS('附表6-收入明细采集底稿'!P:P,'附表6-收入明细采集底稿'!G:G,数据对照表!A9,'附表6-收入明细采集底稿'!H:H,"已售") -> 0 | H14: =F14-G14 -> 0 | I14: =SUMIFS('附表6-收入明细采集底稿'!P:P,'附表6-收入明细采集底稿'!G:G,数据对照表!A9,'附表6-收入明细采集底稿'!H:H,"自用") -> 0 | J14: =SUMIFS('附表6-收入明细采集底稿'!P:P,'附表6-收入明细采集底稿'!G:G,数据对照表!A9,'附表6-收入明细采集底稿'!H:H,"出租") -> 0
B15: =" "&数据对照表!A10 -> 会所 | C15: 11 | D15: =SUMIFS('附表6-收入明细采集底稿'!P:P,'附表6-收入明细采集底稿'!G:G,数据对照表!A10) -> 0 | E15: =SUMIFS('附表6-收入明细采集底稿'!P:P,'附表6-收入明细采集底稿'!G:G,数据对照表!A10,'附表6-收入明细采集底稿'!H:H,"不可售") -> 0 | F15: =SUM(SUMIFS('附表6-收入明细采集底稿'!P:P,'附表6-收入明细采集底稿'!G:G,数据对照表!A10,'附表6-收入明细采集底稿'!H:H,"已售"),SUMIFS('附表6-收入明细采集底稿'!P:P,'附表6-收入明细采集底稿'!G:G,数据对照表!A10,'附表6-收入明细采集底稿'!H:H,"出租"),SUMIFS('附表6-收入明细采集底稿'!P:P,'附表6-收入明细采集底稿'!G:G,数据对照表!A10,'附表6-收入明细采集底稿'!H:H,"自用"),SUMIFS('附表6-收入明细采集底稿'!P:P,'附表6-收入明细采集底稿'!G:G,数据对照表!A10,'附表6-收入明细采集底稿'!H:H,"未售")) -> 0 | G15: =SUMIFS('附表6-收入明细采集底稿'!P:P,'附表6-收入明细采集底稿'!G:G,数据对照表!A10,'附表6-收入明细采集底稿'!H:H,"已售") -> 0 | H15: =F15-G15 -> 0 | I15: =SUMIFS('附表6-收入明细采集底稿'!P:P,'附表6-收入明细采集底稿'!G:G,数据对照表!A10,'附表6-收入明细采集底稿'!H:H,"自用") -> 0 | J15: =SUMIFS('附表6-收入明细采集底稿'!P:P,'附表6-收入明细采集底稿'!G:G,数据对照表!A10,'附表6-收入明细采集底稿'!H:H,"出租") -> 0
B16: =" "&数据对照表!A11 -> 非机动车库（场） | C16: 12 | D16: =SUMIFS('附表6-收入明细采集底稿'!P:P,'附表6-收入明细采集底稿'!G:G,数据对照表!A11) -> 0 | E16: =SUMIFS('附表6-收入明细采集底稿'!P:P,'附表6-收入明细采集底稿'!G:G,数据对照表!A11,'附表6-收入明细采集底稿'!H:H,"不可售") -> 0 | F16: =SUM(SUMIFS('附表6-收入明细采集底稿'!P:P,'附表6-收入明细采集底稿'!G:G,数据对照表!A11,'附表6-收入明细采集底稿'!H:H,"已售"),SUMIFS('附表6-收入明细采集底稿'!P:P,'附表6-收入明细采集底稿'!G:G,数据对照表!A11,'附表6-收入明细采集底稿'!H:H,"出租"),SUMIFS('附表6-收入明细采集底稿'!P:P,'附表6-收入明细采集底稿'!G:G,数据对照表!A11,'附表6-收入明细采集底稿'!H:H,"自用"),SUMIFS('附表6-收入明细采集底稿'!P:P,'附表6-收入明细采集底稿'!G:G,数据对照表!A11,'附表6-收入明细采集底稿'!H:H,"未售")) -> 0 | G16: =SUMIFS('附表6-收入明细采集底稿'!P:P,'附表6-收入明细采集底稿'!G:G,数据对照表!A11,'附表6-收入明细采集底稿'!H:H,"已售") -> 0 | H16: =F16-G16 -> 0 | I16: =SUMIFS('附表6-收入明细采集底稿'!P:P,'附表6-收入明细采集底稿'!G:G,数据对照表!A11,'附表6-收入明细采集底稿'!H:H,"自用") -> 0 | J16: =SUMIFS('附表6-收入明细采集底稿'!P:P,'附表6-收入明细采集底稿'!G:G,数据对照表!A11,'附表6-收入明细采集底稿'!H:H,"出租") -> 0
B17: =" "&数据对照表!A12 -> 地下人防设施 | C17: 13 | D17: =SUMIFS('附表6-收入明细采集底稿'!P:P,'附表6-收入明细采集底稿'!G:G,数据对照表!A12) -> 0 | E17: =SUMIFS('附表6-收入明细采集底稿'!P:P,'附表6-收入明细采集底稿'!G:G,数据对照表!A12,'附表6-收入明细采集底稿'!H:H,"不可售") -> 0 | F17: =SUM(SUMIFS('附表6-收入明细采集底稿'!P:P,'附表6-收入明细采集底稿'!G:G,数据对照表!A12,'附表6-收入明细采集底稿'!H:H,"已售"),SUMIFS('附表6-收入明细采集底稿'!P:P,'附表6-收入明细采集底稿'!G:G,数据对照表!A12,'附表6-收入明细采集底稿'!H:H,"出租"),SUMIFS('附表6-收入明细采集底稿'!P:P,'附表6-收入明细采集底稿'!G:G,数据对照表!A12,'附表6-收入明细采集底稿'!H:H,"自用"),SUMIFS('附表6-收入明细采集底稿'!P:P,'附表6-收入明细采集底稿'!G:G,数据对照表!A12,'附表6-收入明细采集底稿'!H:H,"未售")) -> 0 | G17: =SUMIFS('附表6-收入明细采集底稿'!P:P,'附表6-收入明细采集底稿'!G:G,数据对照表!A12,'附表6-收入明细采集底稿'!H:H,"已售") -> 0 | H17: =F17-G17 -> 0 | I17: =SUMIFS('附表6-收入明细采集底稿'!P:P,'附表6-收入明细采集底稿'!G:G,数据对照表!A12,'附表6-收入明细采集底稿'!H:H,"自用") -> 0 | J17: =SUMIFS('附表6-收入明细采集底稿'!P:P,'附表6-收入明细采集底稿'!G:G,数据对照表!A12,'附表6-收入明细采集底稿'!H:H,"出租") -> 0
B18: =" "&数据对照表!A13 -> 物业管理场所 | C18: 14 | D18: =SUMIFS('附表6-收入明细采集底稿'!P:P,'附表6-收入明细采集底稿'!G:G,数据对照表!A13) -> 0 | E18: =SUMIFS('附表6-收入明细采集底稿'!P:P,'附表6-收入明细采集底稿'!G:G,数据对照表!A13,'附表6-收入明细采集底稿'!H:H,"不可售") -> 0 | F18: =SUM(SUMIFS('附表6-收入明细采集底稿'!P:P,'附表6-收入明细采集底稿'!G:G,数据对照表!A13,'附表6-收入明细采集底稿'!H:H,"已售"),SUMIFS('附表6-收入明细采集底稿'!P:P,'附表6-收入明细采集底稿'!G:G,数据对照表!A13,'附表6-收入明细采集底稿'!H:H,"出租"),SUMIFS('附表6-收入明细采集底稿'!P:P,'附表6-收入明细采集底稿'!G:G,数据对照表!A13,'附表6-收入明细采集底稿'!H:H,"自用"),SUMIFS('附表6-收入明细采集底稿'!P:P,'附表6-收入明细采集底稿'!G:G,数据对照表!A13,'附表6-收入明细采集底稿'!H:H,"未售")) -> 0 | G18: =SUMIFS('附表6-收入明细采集底稿'!P:P,'附表6-收入明细采集底稿'!G:G,数据对照表!A13,'附表6-收入明细采集底稿'!H:H,"已售") -> 0 | H18: =F18-G18 -> 0 | I18: =SUMIFS('附表6-收入明细采集底稿'!P:P,'附表6-收入明细采集底稿'!G:G,数据对照表!A13,'附表6-收入明细采集底稿'!H:H,"自用") -> 0 | J18: =SUMIFS('附表6-收入明细采集底稿'!P:P,'附表6-收入明细采集底稿'!G:G,数据对照表!A13,'附表6-收入明细采集底稿'!H:H,"出租") -> 0
B19: =" "&数据对照表!A14 -> 变电站 | C19: 15 | D19: =SUMIFS('附表6-收入明细采集底稿'!P:P,'附表6-收入明细采集底稿'!G:G,数据对照表!A14) -> 0 | E19: =SUMIFS('附表6-收入明细采集底稿'!P:P,'附表6-收入明细采集底稿'!G:G,数据对照表!A14,'附表6-收入明细采集底稿'!H:H,"不可售") -> 0 | F19: =SUM(SUMIFS('附表6-收入明细采集底稿'!P:P,'附表6-收入明细采集底稿'!G:G,数据对照表!A14,'附表6-收入明细采集底稿'!H:H,"已售"),SUMIFS('附表6-收入明细采集底稿'!P:P,'附表6-收入明细采集底稿'!G:G,数据对照表!A14,'附表6-收入明细采集底稿'!H:H,"出租"),SUMIFS('附表6-收入明细采集底稿'!P:P,'附表6-收入明细采集底稿'!G:G,数据对照表!A14,'附表6-收入明细采集底稿'!H:H,"自用"),SUMIFS('附表6-收入明细采集底稿'!P:P,'附表6-收入明细采集底稿'!G:G,数据对照表!A14,'附表6-收入明细采集底稿'!H:H,"未售")) -> 0 | G19: =SUMIFS('附表6-收入明细采集底稿'!P:P,'附表6-收入明细采集底稿'!G:G,数据对照表!A14,'附表6-收入明细采集底稿'!H:H,"已售") -> 0 | H19: =F19-G19 -> 0 | I19: =SUMIFS('附表6-收入明细采集底稿'!P:P,'附表6-收入明细采集底稿'!G:G,数据对照表!A14,'附表6-收入明细采集底稿'!H:H,"自用") -> 0 | J19: =SUMIFS('附表6-收入明细采集底稿'!P:P,'附表6-收入明细采集底稿'!G:G,数据对照表!A14,'附表6-收入明细采集底稿'!H:H,"出租") -> 0
B20: =" "&数据对照表!A15 -> 热力站 | C20: 16 | D20: =SUMIFS('附表6-收入明细采集底稿'!P:P,'附表6-收入明细采集底稿'!G:G,数据对照表!A15) -> 0 | E20: =SUMIFS('附表6-收入明细采集底稿'!P:P,'附表6-收入明细采集底稿'!G:G,数据对照表!A15,'附表6-收入明细采集底稿'!H:H,"不可售") -> 0 | F20: =SUM(SUMIFS('附表6-收入明细采集底稿'!P:P,'附表6-收入明细采集底稿'!G:G,数据对照表!A15,'附表6-收入明细采集底稿'!H:H,"已售"),SUMIFS('附表6-收入明细采集底稿'!P:P,'附表6-收入明细采集底稿'!G:G,数据对照表!A15,'附表6-收入明细采集底稿'!H:H,"出租"),SUMIFS('附表6-收入明细采集底稿'!P:P,'附表6-收入明细采集底稿'!G:G,数据对照表!A15,'附表6-收入明细采集底稿'!H:H,"自用"),SUMIFS('附表6-收入明细采集底稿'!P:P,'附表6-收入明细采集底稿'!G:G,数据对照表!A15,'附表6-收入明细采集底稿'!H:H,"未售")) -> 0 | G20: =SUMIFS('附表6-收入明细采集底稿'!P:P,'附表6-收入明细采集底稿'!G:G,数据对照表!A15,'附表6-收入明细采集底稿'!H:H,"已售") -> 0 | H20: =F20-G20 -> 0 | I20: =SUMIFS('附表6-收入明细采集底稿'!P:P,'附表6-收入明细采集底稿'!G:G,数据对照表!A15,'附表6-收入明细采集底稿'!H:H,"自用") -> 0 | J20: =SUMIFS('附表6-收入明细采集底稿'!P:P,'附表6-收入明细采集底稿'!G:G,数据对照表!A15,'附表6-收入明细采集底稿'!H:H,"出租") -> 0
B21: =" "&数据对照表!A16 -> 水厂 | C21: 17 | D21: =SUMIFS('附表6-收入明细采集底稿'!P:P,'附表6-收入明细采集底稿'!G:G,数据对照表!A16) -> 0 | E21: =SUMIFS('附表6-收入明细采集底稿'!P:P,'附表6-收入明细采集底稿'!G:G,数据对照表!A16,'附表6-收入明细采集底稿'!H:H,"不可售") -> 0 | F21: =SUM(SUMIFS('附表6-收入明细采集底稿'!P:P,'附表6-收入明细采集底稿'!G:G,数据对照表!A16,'附表6-收入明细采集底稿'!H:H,"已售"),SUMIFS('附表6-收入明细采集底稿'!P:P,'附表6-收入明细采集底稿'!G:G,数据对照表!A16,'附表6-收入明细采集底稿'!H:H,"出租"),SUMIFS('附表6-收入明细采集底稿'!P:P,'附表6-收入明细采集底稿'!G:G,数据对照表!A16,'附表6-收入明细采集底稿'!H:H,"自用"),SUMIFS('附表6-收入明细采集底稿'!P:P,'附表6-收入明细采集底稿'!G:G,数据对照表!A16,'附表6-收入明细采集底稿'!H:H,"未售")) -> 0 | G21: =SUMIFS('附表6-收入明细采集底稿'!P:P,'附表6-收入明细采集底稿'!G:G,数据对照表!A16,'附表6-收入明细采集底稿'!H:H,"已售") -> 0 | H21: =F21-G21 -> 0 | I21: =SUMIFS('附表6-收入明细采集底稿'!P:P,'附表6-收入明细采集底稿'!G:G,数据对照表!A16,'附表6-收入明细采集底稿'!H:H,"自用") -> 0 | J21: =SUMIFS('附表6-收入明细采集底稿'!P:P,'附表6-收入明细采集底稿'!G:G,数据对照表!A16,'附表6-收入明细采集底稿'!H:H,"出租") -> 0
B22: =" "&数据对照表!A17 -> 文体场馆 | C22: 18 | D22: =SUMIFS('附表6-收入明细采集底稿'!P:P,'附表6-收入明细采集底稿'!G:G,数据对照表!A17) -> 0 | E22: =SUMIFS('附表6-收入明细采集底稿'!P:P,'附表6-收入明细采集底稿'!G:G,数据对照表!A17,'附表6-收入明细采集底稿'!H:H,"不可售") -> 0 | F22: =SUM(SUMIFS('附表6-收入明细采集底稿'!P:P,'附表6-收入明细采集底稿'!G:G,数据对照表!A17,'附表6-收入明细采集底稿'!H:H,"已售"),SUMIFS('附表6-收入明细采集底稿'!P:P,'附表6-收入明细采集底稿'!G:G,数据对照表!A17,'附表6-收入明细采集底稿'!H:H,"出租"),SUMIFS('附表6-收入明细采集底稿'!P:P,'附表6-收入明细采集底稿'!G:G,数据对照表!A17,'附表6-收入明细采集底稿'!H:H,"自用"),SUMIFS('附表6-收入明细采集底稿'!P:P,'附表6-收入明细采集底稿'!G:G,数据对照表!A17,'附表6-收入明细采集底稿'!H:H,"未售")) -> 0 | G22: =SUMIFS('附表6-收入明细采集底稿'!P:P,'附表6-收入明细采集底稿'!G:G,数据对照表!A17,'附表6-收入明细采集底稿'!H:H,"已售") -> 0 | H22: =F22-G22 -> 0 | I22: =SUMIFS('附表6-收入明细采集底稿'!P:P,'附表6-收入明细采集底稿'!G:G,数据对照表!A17,'附表6-收入明细采集底稿'!H:H,"自用") -> 0 | J22: =SUMIFS('附表6-收入明细采集底稿'!P:P,'附表6-收入明细采集底稿'!G:G,数据对照表!A17,'附表6-收入明细采集底稿'!H:H,"出租") -> 0
B23: =" "&数据对照表!A18 -> 学校 | C23: 19 | D23: =SUMIFS('附表6-收入明细采集底稿'!P:P,'附表6-收入明细采集底稿'!G:G,数据对照表!A18) -> 0 | E23: =SUMIFS('附表6-收入明细采集底稿'!P:P,'附表6-收入明细采集底稿'!G:G,数据对照表!A18,'附表6-收入明细采集底稿'!H:H,"不可售") -> 0 | F23: =SUM(SUMIFS('附表6-收入明细采集底稿'!P:P,'附表6-收入明细采集底稿'!G:G,数据对照表!A18,'附表6-收入明细采集底稿'!H:H,"已售"),SUMIFS('附表6-收入明细采集底稿'!P:P,'附表6-收入明细采集底稿'!G:G,数据对照表!A18,'附表6-收入明细采集底稿'!H:H,"出租"),SUMIFS('附表6-收入明细采集底稿'!P:P,'附表6-收入明细采集底稿'!G:G,数据对照表!A18,'附表6-收入明细采集底稿'!H:H,"自用"),SUMIFS('附表6-收入明细采集底稿'!P:P,'附表6-收入明细采集底稿'!G:G,数据对照表!A18,'附表6-收入明细采集底稿'!H:H,"未售")) -> 0 | G23: =SUMIFS('附表6-收入明细采集底稿'!P:P,'附表6-收入明细采集底稿'!G:G,数据对照表!A18,'附表6-收入明细采集底稿'!H:H,"已售") -> 0 | H23: =F23-G23 -> 0 | I23: =SUMIFS('附表6-收入明细采集底稿'!P:P,'附表6-收入明细采集底稿'!G:G,数据对照表!A18,'附表6-收入明细采集底稿'!H:H,"自用") -> 0 | J23: =SUMIFS('附表6-收入明细采集底稿'!P:P,'附表6-收入明细采集底稿'!G:G,数据对照表!A18,'附表6-收入明细采集底稿'!H:H,"出租") -> 0
B24: =" "&数据对照表!A19 -> 幼儿园 | C24: 20 | D24: =SUMIFS('附表6-收入明细采集底稿'!P:P,'附表6-收入明细采集底稿'!G:G,数据对照表!A19) -> 0 | E24: =SUMIFS('附表6-收入明细采集底稿'!P:P,'附表6-收入明细采集底稿'!G:G,数据对照表!A19,'附表6-收入明细采集底稿'!H:H,"不可售") -> 0 | F24: =SUM(SUMIFS('附表6-收入明细采集底稿'!P:P,'附表6-收入明细采集底稿'!G:G,数据对照表!A19,'附表6-收入明细采集底稿'!H:H,"已售"),SUMIFS('附表6-收入明细采集底稿'!P:P,'附表6-收入明细采集底稿'!G:G,数据对照表!A19,'附表6-收入明细采集底稿'!H:H,"出租"),SUMIFS('附表6-收入明细采集底稿'!P:P,'附表6-收入明细采集底稿'!G:G,数据对照表!A19,'附表6-收入明细采集底稿'!H:H,"自用"),SUMIFS('附表6-收入明细采集底稿'!P:P,'附表6-收入明细采集底稿'!G:G,数据对照表!A19,'附表6-收入明细采集底稿'!H:H,"未售")) -> 0 | G24: =SUMIFS('附表6-收入明细采集底稿'!P:P,'附表6-收入明细采集底稿'!G:G,数据对照表!A19,'附表6-收入明细采集底稿'!H:H,"已售") -> 0 | H24: =F24-G24 -> 0 | I24: =SUMIFS('附表6-收入明细采集底稿'!P:P,'附表6-收入明细采集底稿'!G:G,数据对照表!A19,'附表6-收入明细采集底稿'!H:H,"自用") -> 0 | J24: =SUMIFS('附表6-收入明细采集底稿'!P:P,'附表6-收入明细采集底稿'!G:G,数据对照表!A19,'附表6-收入明细采集底稿'!H:H,"出租") -> 0
B25: =" "&数据对照表!A20 -> 托儿所 | C25: 21 | D25: =SUMIFS('附表6-收入明细采集底稿'!P:P,'附表6-收入明细采集底稿'!G:G,数据对照表!A20) -> 0 | E25: =SUMIFS('附表6-收入明细采集底稿'!P:P,'附表6-收入明细采集底稿'!G:G,数据对照表!A20,'附表6-收入明细采集底稿'!H:H,"不可售") -> 0 | F25: =SUM(SUMIFS('附表6-收入明细采集底稿'!P:P,'附表6-收入明细采集底稿'!G:G,数据对照表!A20,'附表6-收入明细采集底稿'!H:H,"已售"),SUMIFS('附表6-收入明细采集底稿'!P:P,'附表6-收入明细采集底稿'!G:G,数据对照表!A20,'附表6-收入明细采集底稿'!H:H,"出租"),SUMIFS('附表6-收入明细采集底稿'!P:P,'附表6-收入明细采集底稿'!G:G,数据对照表!A20,'附表6-收入明细采集底稿'!H:H,"自用"),SUMIFS('附表6-收入明细采集底稿'!P:P,'附表6-收入明细采集底稿'!G:G,数据对照表!A20,'附表6-收入明细采集底稿'!H:H,"未售")) -> 0 | G25: =SUMIFS('附表6-收入明细采集底稿'!P:P,'附表6-收入明细采集底稿'!G:G,数据对照表!A20,'附表6-收入明细采集底稿'!H:H,"已售") -> 0 | H25: =F25-G25 -> 0 | I25: =SUMIFS('附表6-收入明细采集底稿'!P:P,'附表6-收入明细采集底稿'!G:G,数据对照表!A20,'附表6-收入明细采集底稿'!H:H,"自用") -> 0 | J25: =SUMIFS('附表6-收入明细采集底稿'!P:P,'附表6-收入明细采集底稿'!G:G,数据对照表!A20,'附表6-收入明细采集底稿'!H:H,"出租") -> 0
... B28: =" "&数据对照表!A23 -> 其他非营业性房产 | C28: 24 | D28: =SUMIFS('附表6-收入明细采集底稿'!P:P,'附表6-收入明细采集底稿'!G:G,数据对照表!A23) -> 0 | E28: =SUMIFS('附表6-收入明细采集底稿'!P:P,'附表6-收入明细采集底稿'!G:G,数据对照表!A23,'附表6-收入明细采集底稿'!H:H,"不可售") -> 0 | F28: =SUM(SUMIFS('附表6-收入明细采集底稿'!P:P,'附表6-收入明细采集底稿'!G:G,数据对照表!A23,'附表6-收入明细采集底稿'!H:H,"已售"),SUMIFS('附表6-收入明细采集底稿'!P:P,'附表6-收入明细采集底稿'!G:G,数据对照表!A23,'附表6-收入明细采集底稿'!H:H,"出租"),SUMIFS('附表6-收入明细采集底稿'!P:P,'附表6-收入明细采集底稿'!G:G,数据对照表!A23,'附表6-收入明细采集底稿'!H:H,"自用"),SUMIFS('附表6-收入明细采集底稿'!P:P,'附表6-收入明细采集底稿'!G:G,数据对照表!A23,'附表6-收入明细采集底稿'!H:H,"未售")) -> 0 | G28: =SUMIFS('附表6-收入明细采集底稿'!P:P,'附表6-收入明细采集底稿'!G:G,数据对照表!A23,'附表6-收入明细采集底稿'!H:H,"已售") -> 0 | H28: =F28-G28 -> 0 | I28: =SUMIFS('附表6-收入明细采集底稿'!P:P,'附表6-收入明细采集底稿'!G:G,数据对照表!A23,'附表6-收入明细采集底稿'!H:H,"自用") -> 0 | J28: =SUMIFS('附表6-收入明细采集底稿'!P:P,'附表6-收入明细采集底稿'!G:G,数据对照表!A23,'附表6-收入明细采集底稿'!H:H,"出租") -> 0
B29: 合计 | C29: 25 | D29: =SUM(D5:D7) -> 53048.66 | E29: =SUM(E5:E7) -> 38.8 | F29: =SUM(F5:F7) -> 53009.86 | G29: =SUM(G5:G7) -> 43791.13 | H29: =SUM(H5:H7) -> 9218.73 | I29: =SUM(I5:I7) -> 0 | J29: =SUM(J5:J7) -> 0
A30: 面积比例信息 | B30: 房屋类型 | C30: 序号 | D30: 可售面积 | E30: 已售面积 | F30: 销售比例 | G30: 自用比例 | H30: 出租比例 | I30: 销售、出租、自用比例 | K30: 说明
D31: 9 | E31: 10 | F31: 11=10÷9 | G31: 12 | H31: 13 | I31: 14 | K31: 15
B32: =B5 -> 普通住宅 | C32: 26 | D32: =F5 -> 19360.76 | E32: =G5 -> 19360.76 | F32: =IF(D32=0,"",ROUND(E32/D32,6)) -> 1 | G32: =IF(F5=0,"",ROUND(I5/F5,6)) -> 0 | H32: =IF(F5=0,"",ROUND(J5/F5,6)) -> 0 | I32: =IF(F5=0,"",ROUND((G5+I5+J5)/F5,6)) -> 1
B33: =B6 -> 非普通住宅 | C33: 27 | D33: =F6 -> 23877.12 | E33: =G6 -> 23877.12 | F33: =IF(D33=0,"",ROUND(E33/D33,6)) -> 1 | G33: =IF(F6=0,"",ROUND(I6/F6,6)) -> 0 | H33: =IF(F6=0,"",ROUND(J6/F6,6)) -> 0 | I33: =IF(F6=0,"",ROUND((G6+I6+J6)/F6,6)) -> 1
B34: =B7 -> 其他类型房产 | C34: 28 | D34: =F7 -> 9771.98 | E34: =G7 -> 553.25 | F34: =IF(D34=0,"",ROUND(E34/D34,6)) -> 0.056616 | G34: =IF(F7=0,"",ROUND(I7/F7,6)) -> 0 | H34: =IF(F7=0,"",ROUND(J7/F7,6)) -> 0 | I34: =IF(F7=0,"",ROUND((G7+I7+J7)/F7,6)) -> 0.056616
B35: 合计 | C35: 29 | D35: =SUM(D32:D34) -> 53009.86 | E35: =SUM(E32:E34) -> 43791.13 | F35: =IF(D35=0,"",ROUND(E35/D35,6)) -> 0.826094 | G35: =IF(F29=0,"",ROUND(I29/F29,6)) -> 0 | H35: =IF(F29=0,"",ROUND(J29/F29,6)) -> 0 | I35: =IF(F29=0,"",ROUND((G29+I29+J29)/F29,6)) -> 0.826094

Sheet 附表2-收入统计表
A1: T22000附表2-收入统计表
A2: =土地增值税税源明细表!F5&"："&土地增值税税源明细表!H5&" "&土地增值税税源明细表!A5&"："&土地增值税税源明细表!B5&" "&"金额单位:人民币元(列至角分)" -> 项目编码：Z65280120200027 项目名称：沁春锦苑二期 金额单位:人民币元(列至角分)
A3: 清算类别 | B3: 序号 | C3: 货币收入 | D3: 实物收入及其他收入 | E3: 视同销售收入 | F3: 小计
C4: 1 | D4: 2 | E4: 3 | F4: 4=1+2+3
A5: =数据对照表!A2 -> 普通住宅 | B5: 1 | C5: =SUMIFS('附表6-收入明细采集底稿'!X:X,'附表6-收入明细采集底稿'!G:G,"普通住宅",'附表6-收入明细采集底稿'!H:H,"已售",'附表6-收入明细采集底稿'!I:I,"货币收入") -> 88218234 | D5: =SUMIFS('附表6-收入明细采集底稿'!X:X,'附表6-收入明细采集底稿'!G:G,"普通住宅",'附表6-收入明细采集底稿'!H:H,"已售",'附表6-收入明细采集底稿'!I:I,"实物及其他收入") -> 0 | E5: =SUMIFS('附表6-收入明细采集底稿'!X:X,'附表6-收入明细采集底稿'!G:G,"普通住宅",'附表6-收入明细采集底稿'!H:H,"已售",'附表6-收入明细采集底稿'!I:I,"视同销售收入") -> 0 | F5: =C5+D5+E5 -> 88218234
A6: =数据对照表!A3 -> 非普通住宅 | B6: 2 | C6: =SUMIFS('附表6-收入明细采集底稿'!X:X,'附表6-收入明细采集底稿'!G:G,"非普通住宅",'附表6-收入明细采集底稿'!H:H,"已售",'附表6-收入明细采集底稿'!I:I,"货币收入") -> 1.0450354e+08 | D6: =SUMIFS('附表6-收入明细采集底稿'!X:X,'附表6-收入明细采集底稿'!G:G,"非普通住宅",'附表6-收入明细采集底稿'!H:H,"已售",'附表6-收入明细采集底稿'!I:I,"实物及其他收入") -> 0 | E6: =SUMIFS('附表6-收入明细采集底稿'!X:X,'附表6-收入明细采集底稿'!G:G,"非普通住宅",'附表6-收入明细采集底稿'!H:H,"已售",'附表6-收入明细采集底稿'!I:I,"视同销售收入") -> 0 | F6: =C6+D6+E6 -> 1.0450354e+08
A7: 其他类型房产 | B7: 3 | C7: =SUM(C8:C12) -> 7523377.1 | D7: =SUM(D8:D12) -> 0 | E7: =SUM(E8:E12) -> 0 | F7: =C7+D7+E7 -> 7523377.1
A8: ="其中："&数据对照表!A4 -> 其中：商业用房 | B8: 4 | C8: =SUMIFS('附表6-收入明细采集底稿'!X:X,'附表6-收入明细采集底稿'!G:G,"商业用房",'附表6-收入明细采集底稿'!H:H,"已售",'附表6-收入明细采集底稿'!I:I,"货币收入") -> 7523377.1 | D8: =SUMIFS('附表6-收入明细采集底稿'!X:X,'附表6-收入明细采集底稿'!G:G,"商业用房",'附表6-收入明细采集底稿'!H:H,"已售",'附表6-收入明细采集底稿'!I:I,"实物及其他收入") -> 0 | E8: =SUMIFS('附表6-收入明细采集底稿'!X:X,'附表6-收入明细采集底稿'!G:G,"商业用房",'附表6-收入明细采集底稿'!H:H,"已售",'附表6-收入明细采集底稿'!I:I,"视同销售收入") -> 0 | F8: =C8+D8+E8 -> 7523377.1
A9: =" "&数据对照表!A5 -> 办公用房 | B9: 5 | C9: =SUMIFS('附表6-收入明细采集底稿'!X:X,'附表6-收入明细采集底稿'!G:G,"办公用房",'附表6-收入明细采集底稿'!H:H,"已售",'附表6-收入明细采集底稿'!I:I,"货币收入") -> 0 | D9: =SUMIFS('附表6-收入明细采集底稿'!X:X,'附表6-收入明细采集底稿'!G:G,"办公用房",'附表6-收入明细采集底稿'!H:H,"已售",'附表6-收入明细采集底稿'!I:I,"实物及其他收入") -> 0 | E9: =SUMIFS('附表6-收入明细采集底稿'!X:X,'附表6-收入明细采集底稿'!G:G,"办公用房",'附表6-收入明细采集底稿'!H:H,"已售",'附表6-收入明细采集底稿'!I:I,"视同销售收入") -> 0 | F9: =C9+D9+E9 -> 0
A10: =" "&数据对照表!A6 -> 车位车库 | B10: 6 | C10: =SUMIFS('附表6-收入明细采集底稿'!X:X,'附表6-收入明细采集底稿'!G:G,"车位车库",'附表6-收入明细采集底稿'!H:H,"已售",'附表6-收入明细采集底稿'!I:I,"货币收入") -> 0 | D10: =SUMIFS('附表6-收入明细采集底稿'!X:X,'附表6-收入明细采集底稿'!G:G,"车位车库",'附表6-收入明细采集底稿'!H:H,"已售",'附表6-收入明细采集底稿'!I:I,"实物及其他收入") -> 0 | E10: =SUMIFS('附表6-收入明细采集底稿'!X:X,'附表6-收入明细采集底稿'!G:G,"车位车库",'附表6-收入明细采集底稿'!H:H,"已售",'附表6-收入明细采集底稿'!I:I,"视同销售收入") -> 0 | F10: =C10+D10+E10 -> 0
A11: =" "&数据对照表!A7 -> 其他营业性房产 | B11: 7 | C11: =SUMIFS('附表6-收入明细采集底稿'!X:X,'附表6-收入明细采集底稿'!G:G,"其他营业性房产",'附表6-收入明细采集底稿'!H:H,"已售",'附表6-收入明细采集底稿'!I:I,"货币收入") -> 0 | D11: =SUMIFS('附表6-收入明细采集底稿'!X:X,'附表6-收入明细采集底稿'!G:G,"其他营业性房产",'附表6-收入明细采集底稿'!H:H,"已售",'附表6-收入明细采集底稿'!I:I,"实物及其他收入") -> 0 | E11: =SUMIFS('附表6-收入明细采集底稿'!X:X,'附表6-收入明细采集底稿'!G:G,"其他营业性房产",'附表6-收入明细采集底稿'!H:H,"已售",'附表6-收入明细采集底稿'!I:I,"视同销售收入") -> 0 | F11: =C11+D11+E11 -> 0
A12: =" "&"非营业性房产" -> 非营业性房产 | B12: 8 | C12: =ROUND(SUMIFS('附表6-收入明细采集底稿'!X:X,'附表6-收入明细采集底稿'!H:H,"已售",'附表6-收入明细采集底稿'!I:I,"货币收入")-C5-C6-C8-C9-C10-C11,2) -> 0 | D12: =ROUND(SUMIFS('附表6-收入明细采集底稿'!X:X,'附表6-收入明细采集底稿'!H:H,"已售",'附表6-收入明细采集底稿'!I:I,"实物及其他收入")-D5-D6-D8-D9-D10-D11,2) -> 0 | E12: =ROUND(SUMIFS('附表6-收入明细采集底稿'!X:X,'附表6-收入明细采集底稿'!H:H,"已售",'附表6-收入明细采集底稿'!I:I,"视同销售收入")-E5-E6-E8-E9-E10-E11,2) -> 0 | F12: =C12+D12+E12 -> 0
A13: 合计 | B13: 9 | C13: =C5+C6+C7 -> 2.0024516e+08 | D13: =D5+D6+D7 -> 0 | E13: =E5+E6+E7 -> 0 | F13: =C13+D13+E13 -> 2.0024516e+08

Sheet 附表3-扣除项目分摊表
A1: T23000附表3-扣除项目分摊表
A2: =土地增值税税源明细表!F5&"："&土地增值税税源明细表!H5&" "&土地增值税税源明细表!A5&"："&土地增值税税源明细表!B5&" "&"金额单位:人民币元(列至角分)" -> 项目编码：Z65280120200027 项目名称：沁春锦苑二期 金额单位:人民币元(列至角分)
A3: 科目名称 | B3: 序号 | C3: 总扣除金额 | G3: 本次扣除比例 | K3: 本次扣除金额
C4: 普通住宅 | D4: 非普通住宅 | E4: 其他类型房产 | F4: 小计 | G4: 分摊方法 | H4: 普通住宅 | I4: 非普通住宅 | J4: 其他类型房产 | K4: 普通住宅 | L4: 非普通住宅 | M4: 其他类型房产 | N4: 小计
C5: 1 | D5: 2 | E5: 3 | F5: 4=1+2+3 | G5: 5 | H5: 6 | I5: 7 | J5: 8 | K5: 9=1*6 | L5: 10=2*7 | M5: 11=3*8 | N5: 12=9+10+11
A6: 扣除项目金额合计 | B6: 1=2+4+12+15+21+22 | C6: ='附表5-扣除项目统计表'!E87+'附表5-扣除项目统计表'!I87 -> 75229779 | D6: ='附表5-扣除项目统计表'!F87+'附表5-扣除项目统计表'!J87 -> 92872055 | E6: ='附表5-扣除项目统计表'!G87+'附表5-扣除项目统计表'!K87 -> 40210503 | F6: =SUM(C6:E6) -> 2.0831234e+08 | K6: =SUM(K7)+SUM(K9)+SUM(K17)+SUM(K20)+SUM(K26)+SUM(K27) -> 75229779 | L6: =SUM(L7)+SUM(L9)+SUM(L17)+SUM(L20)+SUM(L26)+SUM(L27) -> 92872055 | M6: =SUM(M7)+SUM(M9)+SUM(M17)+SUM(M20)+SUM(M26)+SUM(M27) -> 2302108.6 | N6: =SUM(K6:M6) -> 1.7040394e+08
A7: 1.取得土地使用权所支付的金额 | B7: 2 | C7: ='附表5-扣除项目统计表'!E6+'附表5-扣除项目统计表'!I6 -> 0 | D7: ='附表5-扣除项目统计表'!F6+'附表5-扣除项目统计表'!J6 -> 0 | E7: ='附表5-扣除项目统计表'!G6+'附表5-扣除项目统计表'!K6 -> 0 | F7: =SUM(C7:E7) -> 0 | G7: 可售建筑面积法 | H7: =IF(OR($G7="可售建筑面积法",$G7="可售建筑面积法（二分法）"),'附表1-面积统计表'!$F$32,IF($G7="其他合理方法","请填写","请选择分摊方法")) -> 1 | I7: =IF($G7="可售建筑面积法（二分法）",IF('附表1-面积统计表'!$D$33+'附表1-面积统计表'!$D$34=0,"",ROUND(('附表1-面积统计表'!$E$33+'附表1-面积统计表'!$E$34)/('附表1-面积统计表'!$D$33+'附表1-面积统计表'!$D$34),6)),IF($G7="可售建筑面积法",'附表1-面积统计表'!$F$33,IF($G7="其他合理方法","请填写","请选择分摊方法"))) -> 1 | J7: =IF($G7="可售建筑面积法（二分法）",IF('附表1-面积统计表'!$D$33+'附表1-面积统计表'!$D$34=0,"",ROUND(('附表1-面积统计表'!$E$33+'附表1-面积统计表'!$E$34)/('附表1-面积统计表'!$D$33+'附表1-面积统计表'!$D$34),6)),IF($G7="可售建筑面积法",'附表1-面积统计表'!$F$34,IF($G7="其他合理方法","请填写","请选择分摊方法"))) -> 0.056616 | K7: =IF(AND(H7<=1,H7>=0),ROUND(C7*H7,2),"请准确填写扣除比例") -> 0 | L7: =IF(AND(I7<=1,I7>=0),ROUND(D7*I7,2),"请准确填写扣除比例") -> 0 | M7: =IF(AND(J7<=1,J7>=0),ROUND(E7*J7,2),"请准确填写扣除比例") -> 0 | N7: =SUM(K7:M7) -> 0
A8: 其中：不可加计扣除金额 | B8: 3 | C8: ='附表5-扣除项目统计表'!E10+'附表5-扣除项目统计表'!I10 -> 0 | D8: ='附表5-扣除项目统计表'!F10+'附表5-扣除项目统计表'!J10 -> 0 | E8: ='附表5-扣除项目统计表'!G10+'附表5-扣除项目统计表'!K10 -> 0 | F8: =SUM(C8:E8) -> 0 | G8: 可售建筑面积法 | H8: =IF(OR($G8="可售建筑面积法",$G8="可售建筑面积法（二分法）"),'附表1-面积统计表'!$F$32,IF($G8="其他合理方法","请填写","请选择分摊方法")) -> 1 | I8: =IF($G8="可售建筑面积法（二分法）",IF('附表1-面积统计表'!$D$33+'附表1-面积统计表'!$D$34=0,"",ROUND(('附表1-面积统计表'!$E$33+'附表1-面积统计表'!$E$34)/('附表1-面积统计表'!$D$33+'附表1-面积统计表'!$D$34),6)),IF($G8="可售建筑面积法",'附表1-面积统计表'!$F$33,IF($G8="其他合理方法","请填写","请选择分摊方法"))) -> 1 | J8: =IF($G8="可售建筑面积法（二分法）",IF('附表1-面积统计表'!$D$33+'附表1-面积统计表'!$D$34=0,"",ROUND(('附表1-面积统计表'!$E$33+'附表1-面积统计表'!$E$34)/('附表1-面积统计表'!$D$33+'附表1-面积统计表'!$D$34),6)),IF($G8="可售建筑面积法",'附表1-面积统计表'!$F$34,IF($G8="其他合理方法","请填写","请选择分摊方法"))) -> 0.056616 | K8: =IF(AND(H8<=1,H8>=0),ROUND(C8*H8,2),"请准确填写扣除比例") -> 0 | L8: =IF(AND(I8<=1,I8>=0),ROUND(D8*I8,2),"请准确填写扣除比例") -> 0 | M8: =IF(AND(J8<=1,J8>=0),ROUND(E8*J8,2),"请准确填写扣除比例") -> 0 | N8: =SUM(K8:M8) -> 0
A9: 2.房地产开发成本 | B9: 4=5+6+7+8+9+10 | C9: ='附表5-扣除项目统计表'!E11+'附表5-扣除项目统计表'!I11 -> 57699496 | D9: ='附表5-扣除项目统计表'!F11+'附表5-扣除项目统计表'!J11 -> 71156569 | E9: ='附表5-扣除项目统计表'!G11+'附表5-扣除项目统计表'!K11 -> 30910323 | F9: =SUM(C9:E9) -> 1.5976639e+08 | K9: =SUM(K10:K15) -> 57699496 | L9: =SUM(L10:L15) -> 71156569 | M9: =SUM(M10:M15) -> 1750018.8 | N9: =SUM(K9:M9) -> 1.3060608e+08
A10: 其中：土地征用及拆迁补偿费 | B10: 5 | C10: ='附表5-扣除项目统计表'!E12+'附表5-扣除项目统计表'!I12 -> 490885.04 | D10: ='附表5-扣除项目统计表'!F12+'附表5-扣除项目统计表'!J12 -> 605395.72 | E10: ='附表5-扣除项目统计表'!G12+'附表5-扣除项目统计表'!K12 -> 247765.01 | F10: =SUM(C10:E10) -> 1344045.8 | G10: 可售建筑面积法 | H10: =IF(OR($G10="可售建筑面积法",$G10="可售建筑面积法（二分法）"),'附表1-面积统计表'!$F$32,IF($G10="其他合理方法","请填写","请选择分摊方法")) -> 1 | I10: =IF($G10="可售建筑面积法（二分法）",IF('附表1-面积统计表'!$D$33+'附表1-面积统计表'!$D$34=0,"",ROUND(('附表1-面积统计表'!$E$33+'附表1-面积统计表'!$E$34)/('附表1-面积统计表'!$D$33+'附表1-面积统计表'!$D$34),6)),IF($G10="可售建筑面积法",'附表1-面积统计表'!$F$33,IF($G10="其他合理方法","请填写","请选择分摊方法"))) -> 1 | J10: =IF($G10="可售建筑面积法（二分法）",IF('附表1-面积统计表'!$D$33+'附表1-面积统计表'!$D$34=0,"",ROUND(('附表1-面积统计表'!$E$33+'附表1-面积统计表'!$E$34)/('附表1-面积统计表'!$D$33+'附表1-面积统计表'!$D$34),6)),IF($G10="可售建筑面积法",'附表1-面积统计表'!$F$34,IF($G10="其他合理方法","请填写","请选择分摊方法"))) -> 0.056616 | K10: =IF(AND(H10<=1,H10>=0),ROUND(C10*H10,2),"请准确填写扣除比例") -> 490885.04 | L10: =IF(AND(I10<=1,I10>=0),ROUND(D10*I10,2),"请准确填写扣除比例") -> 605395.72 | M10: =IF(AND(J10<=1,J10>=0),ROUND(E10*J10,2),"请准确填写扣除比例") -> 14027.46 | N10: =SUM(K10:M10) -> 1110308.2
A11: 前期工程费 | B11: 6 | C11: ='附表5-扣除项目统计表'!E19+'附表5-扣除项目统计表'!I19 -> 1094400.8 | D11: ='附表5-扣除项目统计表'!F19+'附表5-扣除项目统计表'!J19 -> 1349695.3 | E11: ='附表5-扣除项目统计表'!G19+'附表5-扣除项目统计表'!K19 -> 554867.83 | F11: =SUM(C11:E11) -> 2998964 | G11: 可售建筑面积法 | H11: =IF(OR($G11="可售建筑面积法",$G11="可售建筑面积法（二分法）"),'附表1-面积统计表'!$F$32,IF($G11="其他合理方法","请填写","请选择分摊方法")) -> 1 | I11: =IF($G11="可售建筑面积法（二分法）",IF('附表1-面积统计表'!$D$33+'附表1-面积统计表'!$D$34=0,"",ROUND(('附表1-面积统计表'!$E$33+'附表1-面积统计表'!$E$34)/('附表1-面积统计表'!$D$33+'附表1-面积统计表'!$D$34),6)),IF($G11="可售建筑面积法",'附表1-面积统计表'!$F$33,IF($G11="其他合理方法","请填写","请选择分摊方法"))) -> 1 | J11: =IF($G11="可售建筑面积法（二分法）",IF('附表1-面积统计表'!$D$33+'附表1-面积统计表'!$D$34=0,"",ROUND(('附表1-面积统计表'!$E$33+'附表1-面积统计表'!$E$34)/('附表1-面积统计表'!$D$33+'附表1-面积统计表'!$D$34),6)),IF($G11="可售建筑面积法",'附表1-面积统计表'!$F$34,IF($G11="其他合理方法","请填写","请选择分摊方法"))) -> 0.056616 | K11: =IF(AND(H11<=1,H11>=0),ROUND(C11*H11,2),"请准确填写扣除比例") -> 1094400.8 | L11: =IF(AND(I11<=1,I11>=0),ROUND(D11*I11,2),"请准确填写扣除比例") -> 1349695.3 | M11: =IF(AND(J11<=1,J11>=0),ROUND(E11*J11,2),"请准确填写扣除比例") -> 31414.4 | N11: =SUM(K11:M11) -> 2475510.6
A12: 建筑安装工程费 | B12: 7 | C12: ='附表5-扣除项目统计表'!E29+'附表5-扣除项目统计表'!I29 -> 44516942 | D12: ='附表5-扣除项目统计表'!F29+'附表5-扣除项目统计表'!J29 -> 54899001 | E12: ='附表5-扣除项目统计表'!G29+'附表5-扣除项目统计表'!K29 -> 23932030 | F12: =SUM(C12:E12) -> 1.2334797e+08 | G12: 可售建筑面积法 | H12: =IF(OR($G12="可售建筑面积法",$G12="可售建筑面积法（二分法）"),'附表1-面积统计表'!$F$32,IF($G12="其他合理方法","请填写","请选择分摊方法")) -> 1 | I12: =IF($G12="可售建筑面积法（二分法）",IF('附表1-面积统计表'!$D$33+'附表1-面积统计表'!$D$34=0,"",ROUND(('附表1-面积统计表'!$E$33+'附表1-面积统计表'!$E$34)/('附表1-面积统计表'!$D$33+'附表1-面积统计表'!$D$34),6)),IF($G12="可售建筑面积法",'附表1-面积统计表'!$F$33,IF($G12="其他合理方法","请填写","请选择分摊方法"))) -> 1 | J12: =IF($G12="可售建筑面积法（二分法）",IF('附表1-面积统计表'!$D$33+'附表1-面积统计表'!$D$34=0,"",ROUND(('附表1-面积统计表'!$E$33+'附表1-面积统计表'!$E$34)/('附表1-面积统计表'!$D$33+'附表1-面积统计表'!$D$34),6)),IF($G12="可售建筑面积法",'附表1-面积统计表'!$F$34,IF($G12="其他合理方法","请填写","请选择分摊方法"))) -> 0.056616 | K12: =IF(AND(H12<=1,H12>=0),ROUND(C12*H12,2),"请准确填写扣除比例") -> 44516942 | L12: =IF(AND(I12<=1,I12>=0),ROUND(D12*I12,2),"请准确填写扣除比例") -> 54899001 | M12: =IF(AND(J12<=1,J12>=0),ROUND(E12*J12,2),"请准确填写扣除比例") -> 1354935.8 | N12: =SUM(K12:M12) -> 1.0077088e+08
A13: 基础设施费 | B13: 8 | C13: ='附表5-扣除项目统计表'!E36+'附表5-扣除项目统计表'!I36 -> 6071210.8 | D13: ='附表5-扣除项目统计表'!F36+'附表5-扣除项目统计表'!J36 -> 7487334.2 | E13: ='附表5-扣除项目统计表'!G36+'附表5-扣除项目统计表'!K36 -> 3386742.1 | F13: =SUM(C13:E13) -> 16945287 | G13: 可售建筑面积法 | H13: =IF(OR($G13="可售建筑面积法",$G13="可售建筑面积法（二分法）"),'附表1-面积统计表'!$F$32,IF($G13="其他合理方法","请填写","请选择分摊方法")) -> 1 | I13: =IF($G13="可售建筑面积法（二分法）",IF('附表1-面积统计表'!$D$33+'附表1-面积统计表'!$D$34=0,"",ROUND(('附表1-面积统计表'!$E$33+'附表1-面积统计表'!$E$34)/('附表1-面积统计表'!$D$33+'附表1-面积统计表'!$D$34),6)),IF($G13="可售建筑面积法",'附表1-面积统计表'!$F$33,IF($G13="其他合理方法","请填写","请选择分摊方法"))) -> 1 | J13: =IF($G13="可售建筑面积法（二分法）",IF('附表1-面积统计表'!$D$33+'附表1-面积统计表'!$D$34=0,"",ROUND(('附表1-面积统计表'!$E$33+'附表1-面积统计表'!$E$34)/('附表1-面积统计表'!$D$33+'附表1-面积统计表'!$D$34),6)),IF($G13="可售建筑面积法",'附表1-面积统计表'!$F$34,IF($G13="其他合理方法","请填写","请选择分摊方法"))) -> 0.056616 | K13: =IF(AND(H13<=1,H13>=0),ROUND(C13*H13,2),"请准确填写扣除比例") -> 6071210.8 | L13: =IF(AND(I13<=1,I13>=0),ROUND(D13*I13,2),"请准确填写扣除比例") -> 7487334.2 | M13: =IF(AND(J13<=1,J13>=0),ROUND(E13*J13,2),"请准确填写扣除比例") -> 191743.79 | N13: =SUM(K13:M13) -> 13750289
A14: 公共配套设施费 | B14: 9 | C14: ='附表5-扣除项目统计表'!E48+'附表5-扣除项目统计表'!I48 -> 4992633 | D14: ='附表5-扣除项目统计表'!F48+'附表5-扣除项目统计表'!J48 -> 6157283.9 | E14: ='附表5-扣除项目统计表'!G48+'附表5-扣除项目统计表'!K48 -> 2519682.1 | F14: =SUM(C14:E14) -> 13669599 | G14: 可售建筑面积法 | H14: =IF(OR($G14="可售建筑面积法",$G14="可售建筑面积法（二分法）"),'附表1-面积统计表'!$F$32,IF($G14="其他合理方法","请填写","请选择分摊方法")) -> 1 | I14: =IF($G14="可售建筑面积法（二分法）",IF('附表1-面积统计表'!$D$33+'附表1-面积统计表'!$D$34=0,"",ROUND(('附表1-面积统计表'!$E$33+'附表1-面积统计表'!$E$34)/('附表1-面积统计表'!$D$33+'附表1-面积统计表'!$D$34),6)),IF($G14="可售建筑面积法",'附表1-面积统计表'!$F$33,IF($G14="其他合理方法","请填写","请选择分摊方法"))) -> 1 | J14: =IF($G14="可售建筑面积法（二分法）",IF('附表1-面积统计表'!$D$33+'附表1-面积统计表'!$D$34=0,"",ROUND(('附表1-面积统计表'!$E$33+'附表1-面积统计表'!$E$34)/('附表1-面积统计表'!$D$33+'附表1-面积统计表'!$D$34),6)),IF($G14="可售建筑面积法",'附表1-面积统计表'!$F$34,IF($G14="其他合理方法","请填写","请选择分摊方法"))) -> 0.056616 | K14: =IF(AND(H14<=1,H14>=0),ROUND(C14*H14,2),"请准确填写扣除比例") -> 4992633 | L14: =IF(AND(I14<=1,I14>=0),ROUND(D14*I14,2),"请准确填写扣除比例") -> 6157283.9 | M14: =IF(AND(J14<=1,J14>=0),ROUND(E14*J14,2),"请准确填写扣除比例") -> 142654.32 | N14: =SUM(K14:M14) -> 11292571
A15: 开发间接费用 | B15: 10 | C15: ='附表5-扣除项目统计表'!E65+'附表5-扣除项目统计表'!I65 -> 533424.41 | D15: ='附表5-扣除项目统计表'!F65+'附表5-扣除项目统计表'!J65 -> 657858.45 | E15: ='附表5-扣除项目统计表'!G65+'附表5-扣除项目统计表'!K65 -> 269235.97 | F15: =SUM(C15:E15) -> 1460518.8 | G15: 可售建筑面积法 | H15: =IF(OR($G15="可售建筑面积法",$G15="可售建筑面积法（二分法）"),'附表1-面积统计表'!$F$32,IF($G15="其他合理方法","请填写","请选择分摊方法")) -> 1 | I15: =IF($G15="可售建筑面积法（二分法）",IF('附表1-面积统计表'!$D$33+'附表1-面积统计表'!$D$34=0,"",ROUND(('附表1-面积统计表'!$E$33+'附表1-面积统计表'!$E$34)/('附表1-面积统计表'!$D$33+'附表1-面积统计表'!$D$34),6)),IF($G15="可售建筑面积法",'附表1-面积统计表'!$F$33,IF($G15="其他合理方法","请填写","请选择分摊方法"))) -> 1 | J15: =IF($G15="可售建筑面积法（二分法）",IF('附表1-面积统计表'!$D$33+'附表1-面积统计表'!$D$34=0,"",ROUND(('附表1-面积统计表'!$E$33+'附表1-面积统计表'!$E$34)/('附表1-面积统计表'!$D$33+'附表1-面积统计表'!$D$34),6)),IF($G15="可售建筑面积法",'附表1-面积统计表'!$F$34,IF($G15="其他合理方法","请填写","请选择分摊方法"))) -> 0.056616 | K15: =IF(AND(H15<=1,H15>=0),ROUND(C15*H15,2),"请准确填写扣除比例") -> 533424.41 | L15: =IF(AND(I15<=1,I15>=0),ROUND(D15*I15,2),"请准确填写扣除比例") -> 657858.45 | M15: =IF(AND(J15<=1,J15>=0),ROUND(E15*J15,2),"请准确填写扣除比例") -> 15243.06 | N15: =SUM(K15:M15) -> 1206525.9
A16: 其中：不可加计扣除金额 | B16: 11 | C16: ='附表5-扣除项目统计表'!E75+'附表5-扣除项目统计表'!I75 -> 0 | D16: ='附表5-扣除项目统计表'!F75+'附表5-扣除项目统计表'!J75 -> 0 | E16: ='附表5-扣除项目统计表'!G75+'附表5-扣除项目统计表'!K75 -> 0 | F16: =SUM(C16:E16) -> 0 | G16: 可售建筑面积法 | H16: =IF(OR($G16="可售建筑面积法",$G16="可售建筑面积法（二分法）"),'附表1-面积统计表'!$F$32,IF($G16="其他合理方法","请填写","请选择分摊方法")) -> 1 | I16: =IF($G16="可售建筑面积法（二分法）",IF('附表1-面积统计表'!$D$33+'附表1-面积统计表'!$D$34=0,"",ROUND(('附表1-面积统计表'!$E$33+'附表1-面积统计表'!$E$34)/('附表1-面积统计表'!$D$33+'附表1-面积统计表'!$D$34),6)),IF($G16="可售建筑面积法",'附表1-面积统计表'!$F$33,IF($G16="其他合理方法","请填写","请选择分摊方法"))) -> 1 | J16: =IF($G16="可售建筑面积法（二分法）",IF('附表1-面积统计表'!$D$33+'附表1-面积统计表'!$D$34=0,"",ROUND(('附表1-面积统计表'!$E$33+'附表1-面积统计表'!$E$34)/('附表1-面积统计表'!$D$33+'附表1-面积统计表'!$D$34),6)),IF($G16="可售建筑面积法",'附表1-面积统计表'!$F$34,IF($G16="其他合理方法","请填写","请选择分摊方法"))) -> 0.056616 | K16: =IF(AND(H16<=1,H16>=0),ROUND(C16*H16,2),"请准确填写扣除比例") -> 0 | L16: =IF(AND(I16<=1,I16>=0),ROUND(D16*I16,2),"请准确填写扣除比例") -> 0 | M16: =IF(AND(J16<=1,J16>=0),ROUND(E16*J16,2),"请准确填写扣除比例") -> 0 | N16: =SUM(K16:M16) -> 0
A17: 3.房地产开发费用 | B17: 12=13+14 | C17: ='附表5-扣除项目统计表'!E76+'附表5-扣除项目统计表'!I76 -> 5769949.6 | D17: ='附表5-扣除项目统计表'!F76+'附表5-扣除项目统计表'!J76 -> 7115656.9 | E17: ='附表5-扣除项目统计表'!G76+'附表5-扣除项目统计表'!K76 -> 3091032.3 | F17: =SUM(C17:E17) -> 15976639 | K17: =SUM(K18:K19) -> 5769949.6 | L17: =SUM(L18:L19) -> 7115656.9 | M17: =SUM(M18:M19) -> 175001.88 | N17: =SUM(K17:M17) -> 13060608
A18: 其中：利息支出 | B18: 13 | C18: ='附表5-扣除项目统计表'!E77+'附表5-扣除项目统计表'!I77 -> 0 | D18: ='附表5-扣除项目统计表'!F77+'附表5-扣除项目统计表'!J77 -> 0 | E18: ='附表5-扣除项目统计表'!G77+'附表5-扣除项目统计表'!K77 -> 0 | F18: =SUM(C18:E18) -> 0 | G18: 可售建筑面积法 | H18: =IF(OR($G18="可售建筑面积法",$G18="可售建筑面积法（二分法）"),'附表1-面积统计表'!$F$32,IF($G18="其他合理方法","请填写","请选择分摊方法")) -> 1 | I18: =IF($G18="可售建筑面积法（二分法）",IF('附表1-面积统计表'!$D$33+'附表1-面积统计表'!$D$34=0,"",ROUND(('附表1-面积统计表'!$E$33+'附表1-面积统计表'!$E$34)/('附表1-面积统计表'!$D$33+'附表1-面积统计表'!$D$34),6)),IF($G18="可售建筑面积法",'附表1-面积统计表'!$F$33,IF($G18="其他合理方法","请填写","请选择分摊方法"))) -> 1 | J18: =IF($G18="可售建筑面积法（二分法）",IF('附表1-面积统计表'!$D$33+'附表1-面积统计表'!$D$34=0,"",ROUND(('附表1-面积统计表'!$E$33+'附表1-面积统计表'!$E$34)/('附表1-面积统计表'!$D$33+'附表1-面积统计表'!$D$34),6)),IF($G18="可售建筑面积法",'附表1-面积统计表'!$F$34,IF($G18="其他合理方法","请填写","请选择分摊方法"))) -> 0.056616 | K18: =IF('附表5-扣除项目统计表'!$D$77="据实扣除",IF(AND(H18<=1,H18>=0),ROUND(C18*H18,2),"请准确填写扣除比例"),0) -> 0 | L18: =IF('附表5-扣除项目统计表'!$D$77="据实扣除",IF(AND(I18<=1,I18>=0),ROUND(D18*I18,2),"请准确填写扣除比例"),0) -> 0 | M18: =IF('附表5-扣除项目统计表'!$D$77="据实扣除",IF(AND(J18<=1,J18>=0),ROUND(E18*J18,2),"请准确填写扣除比例"),0) -> 0 | N18: =SUM(K18:M18) -> 0
A19: 其他房地产开发费用 | B19: 14 | C19: ='附表5-扣除项目统计表'!E78+'附表5-扣除项目统计表'!I78 -> 5769949.6 | D19: ='附表5-扣除项目统计表'!F78+'附表5-扣除项目统计表'!J78 -> 7115656.9 | E19: ='附表5-扣除项目统计表'!G78+'附表5-扣除项目统计表'!K78 -> 3091032.3 | F19: =SUM(C19:E19) -> 15976639 | G19: 与加计扣除一致 | K19: =IF(G19="与加计扣除一致",ROUND(IF('附表5-扣除项目统计表'!$D$77="计算扣除",((SUM(K7)-SUM(K8))+(SUM(K9)-SUM(K16)))*10%,((SUM(K7)-SUM(K8))+(SUM(K9)-SUM(K16)))*5%),2),"请准确填写普通住宅扣除金额。") -> 5769949.6 | L19: =IF(G19="与加计扣除一致",ROUND(IF('附表5-扣除项目统计表'!$D$77="计算扣除",((SUM(L7)-SUM(L8))+(SUM(L9)-SUM(L16)))*10%,((SUM(L7)-SUM(L8))+(SUM(L9)-SUM(L16)))*5%),2),"请准确填写非普通住宅扣除金额。") -> 7115656.9 | M19: =IF(G19="与加计扣除一致",ROUND(IF('附表5-扣除项目统计表'!$D$77="计算扣除",((SUM(M7)-SUM(M8))+(SUM(M9)-SUM(M16)))*10%,((SUM(M7)-SUM(M8))+(SUM(M9)-SUM(M16)))*5%),2),"请准确填写其他类型房地产扣除金额。") -> 175001.88 | N19: =SUM(K19:M19) -> 13060608
A20: 4.与转让房地产有关的税金等 | B20: 15=16+17+18+19+20 | K20: =SUM(K21:K25) -> 220434.88 | L20: =SUM(L21:L25) -> 368515.58 | M20: =SUM(M21:M25) -> 27084.16 | N20: =SUM(K20:M20) -> 616034.62
A21: 其中：营业税 | B21: 16 | K21: =ROUND(SUM('附表5-扣除项目统计表'!E80),2) -> 0 | L21: =ROUND(SUM('附表5-扣除项目统计表'!F80),2) -> 0 | M21: =ROUND(SUM('附表5-扣除项目统计表'!G80),2) -> 0 | N21: =SUM(K21:M21) -> 0
A22: 城市维护建设税 | B22: 17 | K22: =ROUND(SUM('附表5-扣除项目统计表'!E81),2) -> 128587.01 | L22: =ROUND(SUM('附表5-扣除项目统计表'!F81),2) -> 214967.43 | M22: =ROUND(SUM('附表5-扣除项目统计表'!G81),2) -> 15799.09 | N22: =SUM(K22:M22) -> 359353.53
A23: 教育费附加 | B23: 18 | K23: =ROUND(SUM('附表5-扣除项目统计表'!E82),2) -> 55108.71 | L23: =ROUND(SUM('附表5-扣除项目统计表'!F82),2) -> 92128.89 | M23: =ROUND(SUM('附表5-扣除项目统计表'!G82),2) -> 6771.04 | N23: =SUM(K23:M23) -> 154008.64
A24: 地方教育附加 | B24: 19 | K24: =ROUND(SUM('附表5-扣除项目统计表'!E83),2) -> 36739.16 | L24: =ROUND(SUM('附表5-扣除项目统计表'!F83),2) -> 61419.26 | M24: =ROUND(SUM('附表5-扣除项目统计表'!G83),2) -> 4514.03 | N24: =SUM(K24:M24) -> 102672.45
A25: 其他税（费） | B25: 20 | K25: =ROUND(SUM('附表5-扣除项目统计表'!E84),2) -> 0 | L25: =ROUND(SUM('附表5-扣除项目统计表'!F84),2) -> 0 | M25: =ROUND(SUM('附表5-扣除项目统计表'!G84),2) -> 0 | N25: =SUM(K25:M25) -> 0
A26: 5.财政部规定的其他扣除项目 | B26: 21=[(2-3)+(4-11)]*20% | C26: ='附表5-扣除项目统计表'!E85+'附表5-扣除项目统计表'!I85 -> 11539899 | D26: ='附表5-扣除项目统计表'!F85+'附表5-扣除项目统计表'!J85 -> 14231314 | E26: ='附表5-扣除项目统计表'!G85+'附表5-扣除项目统计表'!K85 -> 6182064.5 | F26: =SUM(C26:E26) -> 31953277 | K26: =ROUND((SUM(K7)-SUM(K8)+SUM(K9)-SUM(K16))*20%,2) -> 11539899 | L26: =ROUND((SUM(L7)-SUM(L8)+SUM(L9)-SUM(L16))*20%,2) -> 14231314 | M26: =ROUND((SUM(M7)-SUM(M8)+SUM(M9)-SUM(M16))*20%,2) -> 350003.76 | N26: =SUM(K26:M26) -> 26121217
A27: 6.代收费用 | B27: 22 | C27: =SUM('附表5-扣除项目统计表'!E86)+SUM('附表5-扣除项目统计表'!I86) -> 0 | D27: =SUM('附表5-扣除项目统计表'!F86)+SUM('附表5-扣除项目统计表'!J86) -> 0 | E27: =SUM('附表5-扣除项目统计表'!G86)+SUM('附表5-扣除项目统计表'!K86) -> 0 | F27: =SUM(C27:E27) -> 0 | G27: 可售建筑面积法 | H27: =IF(OR($G27="可售建筑面积法",$G27="可售建筑面积法（二分法）"),'附表1-面积统计表'!$F$32,IF($G27="其他合理方法","请填写","请选择分摊方法")) -> 1 | I27: =IF($G27="可售建筑面积法（二分法）",IF('附表1-面积统计表'!$D$33+'附表1-面积统计表'!$D$34=0,"",ROUND(('附表1-面积统计表'!$E$33+'附表1-面积统计表'!$E$34)/('附表1-面积统计表'!$D$33+'附表1-面积统计表'!$D$34),6)),IF($G27="可售建筑面积法",'附表1-面积统计表'!$F$33,IF($G27="其他合理方法","请填写","请选择分摊方法"))) -> 1 | J27: =IF($G27="可售建筑面积法（二分法）",IF('附表1-面积统计表'!$D$33+'附表1-面积统计表'!$D$34=0,"",ROUND(('附表1-面积统计表'!$E$33+'附表1-面积统计表'!$E$34)/('附表1-面积统计表'!$D$33+'附表1-面积统计表'!$D$34),6)),IF($G27="可售建筑面积法",'附表1-面积统计表'!$F$34,IF($G27="其他合理方法","请填写","请选择分摊方法"))) -> 0.056616 | K27: =IF(AND(H27<=1,H27>=0),ROUND(C27*H27,2),"请准确填写扣除比例") -> 0 | L27: =IF(AND(I27<=1,I27>=0),ROUND(D27*I27,2),"请准确填写扣除比例") -> 0 | M27: =IF(AND(J27<=1,J27>=0),ROUND(E27*J27,2),"请准确填写扣除比例") -> 0 | N27: =SUM(K27:M27) -> 0

Sheet 附表4-项目间分摊信息采集表
A1: 附表4-项目间分摊信息采集表
A2: =土地增值税税源明细表!F5&"："&土地增值税税源明细表!H5&" "&土地增值税税源明细表!A5&"："&土地增值税税源明细表!B5&" "&"金额单位:人民币元(列至角分)" -> 项目编码：Z65280120200027 项目名称：沁春锦苑二期 金额单位:人民币元(列至角分)
A3: 序号 | B3: *项目名称 | C3: *是否已办理项目报告 | D3: *项目编码 | E3: 开发土地总面积 | F3: 测绘总建筑面积 | G3: 总可售建筑面积 | H3: 其他分摊方法数额 | I3: 备注
B4: 1 | C4: 2 | D4: 3 | E4: 4 | F4: 5 | G4: 6 | H4: 7 | I4: 8
A5: 1 | B5: 沁春锦苑二期 | C5: 是 | D5: =IF(清算项目基本情况表!S6="","",清算项目基本情况表!S6) -> Z65280120200027 | E5: =IF(清算项目基本情况表!D9="","",清算项目基本情况表!D9) -> 37660.54 | F5: =IF(SUM('附表1-面积统计表'!D29)=0,"",'附表1-面积统计表'!D29) -> 53048.66 | G5: 53009.86 | H5: 1901.66 | I5: 本次清算项目
A6: 1 | B6: 沁春锦苑19#、20#、23#、24#楼 | C6: 否 | E6: 40521.01 | F6: 54544.16 | G6: 54463.47 | H6: 655.35
A7: 3 | B7: 沁春锦苑三期 | C7: 否 | E7: 35429.51 | F7: 53435.89 | G7: 53396.65 | H7: 3409.98
A8: 4
A9: 5
A10: 6
A11: 7
A12: 8
A13: 9
A14: 10

Sheet 附表5-扣除项目统计表
A1: T23200附表5-扣除项目统计表
A2: =土地增值税税源明细表!F5&"："&土地增值税税源明细表!H5&" "&土地增值税税源明细表!A5&"："&土地增值税税源明细表!B5&" "&"金额单位:人民币元(列至角分)" -> 项目编码：Z65280120200027 项目名称：沁春锦苑二期 金额单位:人民币元(列至角分)
A3: 序号 | B3: 科目名称 | E3: 直接归集成本费用 | I3: 共同成本费用 | M3: 合计
E4: 普通住宅 | F4: 非普通住宅 | G4: 其他类型房产 | H4: 小计 | I4: 普通住宅 | J4: 非普通住宅 | K4: 其他类型房产 | L4: 小计
E5: 1 | F5: 2 | G5: 3 | H5: 4=1+2+3 | I5: 5 | J5: 6 | K5: 7 | L5: 8=5+6+7 | M5: 9=4+8
A6: 1 | B6: =数据对照表!B1 -> 取得土地使用权所支付的金额 | E6: =SUMIFS('附表7-扣除项目明细采集底稿'!W:W,'附表7-扣除项目明细采集底稿'!D:D,数据对照表!B1,'附表7-扣除项目明细采集底稿'!V:V,"直接归集成本费用") -> 0 | F6: =SUMIFS('附表7-扣除项目明细采集底稿'!X:X,'附表7-扣除项目明细采集底稿'!D:D,数据对照表!B1,'附表7-扣除项目明细采集底稿'!V:V,"直接归集成本费用") -> 0 | G6: =SUMIFS('附表7-扣除项目明细采集底稿'!Y:Y,'附表7-扣除项目明细采集底稿'!D:D,数据对照表!B1,'附表7-扣除项目明细采集底稿'!V:V,"直接归集成本费用") -> 0 | H6: =SUM(E6:G6) -> 0 | I6: =SUMIFS('附表7-扣除项目明细采集底稿'!W:W,'附表7-扣除项目明细采集底稿'!D:D,数据对照表!B1,'附表7-扣除项目明细采集底稿'!V:V,"共同成本费用") -> 0 | J6: =SUMIFS('附表7-扣除项目明细采集底稿'!X:X,'附表7-扣除项目明细采集底稿'!D:D,数据对照表!B1,'附表7-扣除项目明细采集底稿'!V:V,"共同成本费用") -> 0 | K6: =SUMIFS('附表7-扣除项目明细采集底稿'!Y:Y,'附表7-扣除项目明细采集底稿'!D:D,数据对照表!B1,'附表7-扣除项目明细采集底稿'!V:V,"共同成本费用") -> 0 | L6: =SUM(I6:K6) -> 0 | M6: =H6+L6 -> 0
A7: 2 | B7: 其中 | C7: =数据对照表!B2 -> 支付的土地出让金额 | E7: =SUMIFS('附表7-扣除项目明细采集底稿'!W:W,'附表7-扣除项目明细采集底稿'!E:E,数据对照表!B2,'附表7-扣除项目明细采集底稿'!V:V,"直接归集成本费用") -> 0 | F7: =SUMIFS('附表7-扣除项目明细采集底稿'!X:X,'附表7-扣除项目明细采集底稿'!E:E,数据对照表!B2,'附表7-扣除项目明细采集底稿'!V:V,"直接归集成本费用") -> 0 | G7: =SUMIFS('附表7-扣除项目明细采集底稿'!Y:Y,'附表7-扣除项目明细采集底稿'!E:E,数据对照表!B2,'附表7-扣除项目明细采集底稿'!V:V,"直接归集成本费用") -> 0 | H7: =SUM(E7:G7) -> 0 | I7: =SUMIFS('附表7-扣除项目明细采集底稿'!W:W,'附表7-扣除项目明细采集底稿'!E:E,数据对照表!B2,'附表7-扣除项目明细采集底稿'!V:V,"共同成本费用") -> 0 | J7: =SUMIFS('附表7-扣除项目明细采集底稿'!X:X,'附表7-扣除项目明细采集底稿'!E:E,数据对照表!B2,'附表7-扣除项目明细采集底稿'!V:V,"共同成本费用") -> 0 | K7: =SUMIFS('附表7-扣除项目明细采集底稿'!Y:Y,'附表7-扣除项目明细采集底稿'!E:E,数据对照表!B2,'附表7-扣除项目明细采集底稿'!V:V,"共同成本费用") -> 0 | L7: =SUM(I7:K7) -> 0 | M7: =H7+L7 -> 0
A8: 3 | C8: =数据对照表!B3 -> 支付的地价款金额 | E8: =SUMIFS('附表7-扣除项目明细采集底稿'!W:W,'附表7-扣除项目明细采集底稿'!E:E,数据对照表!B3,'附表7-扣除项目明细采集底稿'!V:V,"直接归集成本费用") -> 0 | F8: =SUMIFS('附表7-扣除项目明细采集底稿'!X:X,'附表7-扣除项目明细采集底稿'!E:E,数据对照表!B3,'附表7-扣除项目明细采集底稿'!V:V,"直接归集成本费用") -> 0 | G8: =SUMIFS('附表7-扣除项目明细采集底稿'!Y:Y,'附表7-扣除项目明细采集底稿'!E:E,数据对照表!B3,'附表7-扣除项目明细采集底稿'!V:V,"直接归集成本费用") -> 0 | H8: =SUM(E8:G8) -> 0 | I8: =SUMIFS('附表7-扣除项目明细采集底稿'!W:W,'附表7-扣除项目明细采集底稿'!E:E,数据对照表!B3,'附表7-扣除项目明细采集底稿'!V:V,"共同成本费用") -> 0 | J8: =SUMIFS('附表7-扣除项目明细采集底稿'!X:X,'附表7-扣除项目明细采集底稿'!E:E,数据对照表!B3,'附表7-扣除项目明细采集底稿'!V:V,"共同成本费用") -> 0 | K8: =SUMIFS('附表7-扣除项目明细采集底稿'!Y:Y,'附表7-扣除项目明细采集底稿'!E:E,数据对照表!B3,'附表7-扣除项目明细采集底稿'!V:V,"共同成本费用") -> 0 | L8: =SUM(I8:K8) -> 0 | M8: =H8+L8 -> 0
A9: 4 | C9: =数据对照表!B4 -> 交纳的有关税费 | E9: =SUMIFS('附表7-扣除项目明细采集底稿'!W:W,'附表7-扣除项目明细采集底稿'!E:E,数据对照表!B4,'附表7-扣除项目明细采集底稿'!V:V,"直接归集成本费用") -> 0 | F9: =SUMIFS('附表7-扣除项目明细采集底稿'!X:X,'附表7-扣除项目明细采集底稿'!E:E,数据对照表!B4,'附表7-扣除项目明细采集底稿'!V:V,"直接归集成本费用") -> 0 | G9: =SUMIFS('附表7-扣除项目明细采集底稿'!Y:Y,'附表7-扣除项目明细采集底稿'!E:E,数据对照表!B4,'附表7-扣除项目明细采集底稿'!V:V,"直接归集成本费用") -> 0 | H9: =SUM(E9:G9) -> 0 | I9: =SUMIFS('附表7-扣除项目明细采集底稿'!W:W,'附表7-扣除项目明细采集底稿'!E:E,数据对照表!B4,'附表7-扣除项目明细采集底稿'!V:V,"共同成本费用") -> 0 | J9: =SUMIFS('附表7-扣除项目明细采集底稿'!X:X,'附表7-扣除项目明细采集底稿'!E:E,数据对照表!B4,'附表7-扣除项目明细采集底稿'!V:V,"共同成本费用") -> 0 | K9: =SUMIFS('附表7-扣除项目明细采集底稿'!Y:Y,'附表7-扣除项目明细采集底稿'!E:E,数据对照表!B4,'附表7-扣除项目明细采集底稿'!V:V,"共同成本费用") -> 0 | L9: =SUM(I9:K9) -> 0 | M9: =H9+L9 -> 0
A10: 5 | B10: 其中：不可加计扣除金额 | E10: =SUMIFS('附表7-扣除项目明细采集底稿'!W:W,'附表7-扣除项目明细采集底稿'!D:D,数据对照表!B1,'附表7-扣除项目明细采集底稿'!V:V,"直接归集成本费用",'附表7-扣除项目明细采集底稿'!AB:AB,"不可加计") -> 0 | F10: =SUMIFS('附表7-扣除项目明细采集底稿'!X:X,'附表7-扣除项目明细采集底稿'!D:D,数据对照表!B1,'附表7-扣除项目明细采集底稿'!V:V,"直接归集成本费用",'附表7-扣除项目明细采集底稿'!AB:AB,"不可加计") -> 0 | G10: =SUMIFS('附表7-扣除项目明细采集底稿'!Y:Y,'附表7-扣除项目明细采集底稿'!D:D,数据对照表!B1,'附表7-扣除项目明细采集底稿'!V:V,"直接归集成本费用",'附表7-扣除项目明细采集底稿'!AB:AB,"不可加计") -> 0 | H10: =SUM(E10:G10) -> 0 | I10: =SUMIFS('附表7-扣除项目明细采集底稿'!W:W,'附表7-扣除项目明细采集底稿'!D:D,数据对照表!B1,'附表7-扣除项目明细采集底稿'!V:V,"共同成本费用",'附表7-扣除项目明细采集底稿'!AB:AB,"不可加计") -> 0 | J10: =SUMIFS('附表7-扣除项目明细采集底稿'!X:X,'附表7-扣除项目明细采集底稿'!D:D,数据对照表!B1,'附表7-扣除项目明细采集底稿'!V:V,"共同成本费用",'附表7-扣除项目明细采集底稿'!AB:AB,"不可加计") -> 0 | K10: =SUMIFS('附表7-扣除项目明细采集底稿'!Y:Y,'附表7-扣除项目明细采集底稿'!D:D,数据对照表!B1,'附表7-扣除项目明细采集底稿'!V:V,"共同成本费用",'附表7-扣除项目明细采集底稿'!AB:AB,"不可加计") -> 0 | L10: =SUM(I10:K10) -> 0 | M10: =H10+L10 -> 0
A11: 6 | B11: 房地产开发成本 | E11: =SUM(SUMIFS('附表7-扣除项目明细采集底稿'!W:W,'附表7-扣除项目明细采集底稿'!D:D,"土地征用及拆迁补偿费",'附表7-扣除项目明细采集底稿'!V:V,"直接归集成本费用"),SUMIFS('附表7-扣除项目明细采集底稿'!W:W,'附表7-扣除项目明细采集底稿'!D:D,"前期工程费",'附表7-扣除项目明细采集底稿'!V:V,"直接归集成本费用"),SUMIFS('附表7-扣除项目明细采集底稿'!W:W,'附表7-扣除项目明细采集底稿'!D:D,"建筑安装工程费",'附表7-扣除项目明细采集底稿'!V:V,"直接归集成本费用"),SUMIFS('附表7-扣除项目明细采集底稿'!W:W,'附表7-扣除项目明细采集底稿'!D:D,"基础设施费",'附表7-扣除项目明细采集底稿'!V:V,"直接归集成本费用"),SUMIFS('附表7-扣除项目明细采集底稿'!W:W,'附表7-扣除项目明细采集底稿'!D:D,"公共配套设施费",'附表7-扣除项目明细采集底稿'!V:V,"直接归集成本费用"),SUMIFS('附表7-扣除项目明细采集底稿'!W:W,'附表7-扣除项目明细采集底稿'!D:D,"开发间接费用",'附表7-扣除项目明细采集底稿'!V:V,"直接归集成本费用")) -> 46497402 | F11: =SUM(SUMIFS('附表7-扣除项目明细采集底稿'!X:X,'附表7-扣除项目明细采集底稿'!D:D,"土地征用及拆迁补偿费",'附表7-扣除项目明细采集底稿'!V:V,"直接归集成本费用"),SUMIFS('附表7-扣除项目明细采集底稿'!X:X,'附表7-扣除项目明细采集底稿'!D:D,"前期工程费",'附表7-扣除项目明细采集底稿'!V:V,"直接归集成本费用"),SUMIFS('附表7-扣除项目明细采集底稿'!X:X,'附表7-扣除项目明细采集底稿'!D:D,"建筑安装工程费",'附表7-扣除项目明细采集底稿'!V:V,"直接归集成本费用"),SUMIFS('附表7-扣除项目明细采集底稿'!X:X,'附表7-扣除项目明细采集底稿'!D:D,"基础设施费",'附表7-扣除项目明细采集底稿'!V:V,"直接归集成本费用"),SUMIFS('附表7-扣除项目明细采集底稿'!X:X,'附表7-扣除项目明细采集底稿'!D:D,"公共配套设施费",'附表7-扣除项目明细采集底稿'!V:V,"直接归集成本费用"),SUMIFS('附表7-扣除项目明细采集底稿'!X:X,'附表7-扣除项目明细采集底稿'!D:D,"开发间接费用",'附表7-扣除项目明细采集底稿'!V:V,"直接归集成本费用")) -> 57341319 | G11: =SUM(SUMIFS('附表7-扣除项目明细采集底稿'!Y:Y,'附表7-扣除项目明细采集底稿'!D:D,"土地征用及拆迁补偿费",'附表7-扣除项目明细采集底稿'!V:V,"直接归集成本费用"),SUMIFS('附表7-扣除项目明细采集底稿'!Y:Y,'附表7-扣除项目明细采集底稿'!D:D,"前期工程费",'附表7-扣除项目明细采集底稿'!V:V,"直接归集成本费用"),SUMIFS('附表7-扣除项目明细采集底稿'!Y:Y,'附表7-扣除项目明细采集底稿'!D:D,"建筑安装工程费",'附表7-扣除项目明细采集底稿'!V:V,"直接归集成本费用"),SUMIFS('附表7-扣除项目明细采集底稿'!Y:Y,'附表7-扣除项目明细采集底稿'!D:D,"基础设施费",'附表7-扣除项目明细采集底稿'!V:V,"直接归集成本费用"),SUMIFS('附表7-扣除项目明细采集底稿'!Y:Y,'附表7-扣除项目明细采集底稿'!D:D,"公共配套设施费",'附表7-扣除项目明细采集底稿'!V:V,"直接归集成本费用"),SUMIFS('附表7-扣除项目明细采集底稿'!Y:Y,'附表7-扣除项目明细采集底稿'!D:D,"开发间接费用",'附表7-扣除项目明细采集底稿'!V:V,"直接归集成本费用")) -> 25256276 | H11: =SUM(E11:G11) -> 1.29095e+08 | I11: =SUM(SUMIFS('附表7-扣除项目明细采集底稿'!W:W,'附表7-扣除项目明细采集底稿'!D:D,"土地征用及拆迁补偿费",'附表7-扣除项目明细采集底稿'!V:V,"共同成本费用"),SUMIFS('附表7-扣除项目明细采集底稿'!W:W,'附表7-扣除项目明细采集底稿'!D:D,"前期工程费",'附表7-扣除项目明细采集底稿'!V:V,"共同成本费用"),SUMIFS('附表7-扣除项目明细采集底稿'!W:W,'附表7-扣除项目明细采集底稿'!D:D,"建筑安装工程费",'附表7-扣除项目明细采集底稿'!V:V,"共同成本费用"),SUMIFS('附表7-扣除项目明细采集底稿'!W:W,'附表7-扣除项目明细采集底稿'!D:D,"基础设施费",'附表7-扣除项目明细采集底稿'!V:V,"共同成本费用"),SUMIFS('附表7-扣除项目明细采集底稿'!W:W,'附表7-扣除项目明细采集底稿'!D:D,"公共配套设施费",'附表7-扣除项目明细采集底稿'!V:V,"共同成本费用"),SUMIFS('附表7-扣除项目明细采集底稿'!W:W,'附表7-扣除项目明细采集底稿'!D:D,"开发间接费用",'附表7-扣除项目明细采集底稿'!V:V,"共同成本费用")) -> 11202094 | J11: =SUM(SUMIFS('附表7-扣除项目明细采集底稿'!X:X,'附表7-扣除项目明细采集底稿'!D:D,"土地征用及拆迁补偿费",'附表7-扣除项目明细采集底稿'!V:V,"共同成本费用"),SUMIFS('附表7-扣除项目明细采集底稿'!X:X,'附表7-扣除项目明细采集底稿'!D:D,"前期工程费",'附表7-扣除项目明细采集底稿'!V:V,"共同成本费用"),SUMIFS('附表7-扣除项目明细采集底稿'!X:X,'附表7-扣除项目明细采集底稿'!D:D,"建筑安装工程费",'附表7-扣除项目明细采集底稿'!V:V,"共同成本费用"),SUMIFS('附表7-扣除项目明细采集底稿'!X:X,'附表7-扣除项目明细采集底稿'!D:D,"基础设施费",'附表7-扣除项目明细采集底稿'!V:V,"共同成本费用"),SUMIFS('附表7-扣除项目明细采集底稿'!X:X,'附表7-扣除项目明细采集底稿'!D:D,"公共配套设施费",'附表7-扣除项目明细采集底稿'!V:V,"共同成本费用"),SUMIFS('附表7-扣除项目明细采集底稿'!X:X,'附表7-扣除项目明细采集底稿'!D:D,"开发间接费用",'附表7-扣除项目明细采集底稿'!V:V,"共同成本费用")) -> 13815250 | K11: =SUM(SUMIFS('附表7-扣除项目明细采集底稿'!Y:Y,'附表7-扣除项目明细采集底稿'!D:D,"土地征用及拆迁补偿费",'附表7-扣除项目明细采集底稿'!V:V,"共同成本费用"),SUMIFS('附表7-扣除项目明细采集底稿'!Y:Y,'附表7-扣除项目明细采集底稿'!D:D,"前期工程费",'附表7-扣除项目明细采集底稿'!V:V,"共同成本费用"),SUMIFS('附表7-扣除项目明细采集底稿'!Y:Y,'附表7-扣除项目明细采集底稿'!D:D,"建筑安装工程费",'附表7-扣除项目明细采集底稿'!V:V,"共同成本费用"),SUMIFS('附表7-扣除项目明细采集底稿'!Y:Y,'附表7-扣除项目明细采集底稿'!D:D,"基础设施费",'附表7-扣除项目明细采集底稿'!V:V,"共同成本费用"),SUMIFS('附表7-扣除项目明细采集底稿'!Y:Y,'附表7-扣除项目明细采集底稿'!D:D,"公共配套设施费",'附表7-扣除项目明细采集底稿'!V:V,"共同成本费用"),SUMIFS('附表7-扣除项目明细采集底稿'!Y:Y,'附表7-扣除项目明细采集底稿'!D:D,"开发间接费用",'附表7-扣除项目明细采集底稿'!V:V,"共同成本费用")) -> 5654046.5 | L11: =SUM(I11:K11) -> 30671391 | M11: =H11+L11 -> 1.5976639e+08
A12: 7 | B12: 其中 | C12: =数据对照表!C1 -> 土地征用及拆迁补偿费 | E12: =SUMIFS('附表7-扣除项目明细采集底稿'!W:W,'附表7-扣除项目明细采集底稿'!D:D,数据对照表!C1,'附表7-扣除项目明细采集底稿'!V:V,"直接归集成本费用") -> 0 | F12: =SUMIFS('附表7-扣除项目明细采集底稿'!X:X,'附表7-扣除项目明细采集底稿'!D:D,数据对照表!C1,'附表7-扣除项目明细采集底稿'!V:V,"直接归集成本费用") -> 0 | G12: =SUMIFS('附表7-扣除项目明细采集底稿'!Y:Y,'附表7-扣除项目明细采集底稿'!D:D,数据对照表!C1,'附表7-扣除项目明细采集底稿'!V:V,"直接归集成本费用") -> 0 | H12: =SUM(E12:G12) -> 0 | I12: =SUMIFS('附表7-扣除项目明细采集底稿'!W:W,'附表7-扣除项目明细采集底稿'!D:D,数据对照表!C1,'附表7-扣除项目明细采集底稿'!V:V,"共同成本费用") -> 490885.04 | J12: =SUMIFS('附表7-扣除项目明细采集底稿'!X:X,'附表7-扣除项目明细采集底稿'!D:D,数据对照表!C1,'附表7-扣除项目明细采集底稿'!V:V,"共同成本费用") -> 605395.72 | K12: =SUMIFS('附表7-扣除项目明细采集底稿'!Y:Y,'附表7-扣除项目明细采集底稿'!D:D,数据对照表!C1,'附表7-扣除项目明细采集底稿'!V:V,"共同成本费用") -> 247765.01 | L12: =SUM(I12:K12) -> 1344045.8 | M12: =H12+L12 -> 1344045.8
A13: 8 | C13: 其中 | D13: =数据对照表!C2 -> 土地征用费用 | E13: =SUMIFS('附表7-扣除项目明细采集底稿'!W:W,'附表7-扣除项目明细采集底稿'!E:E,数据对照表!C2,'附表7-扣除项目明细采集底稿'!V:V,"直接归集成本费用") -> 0 | F13: =SUMIFS('附表7-扣除项目明细采集底稿'!X:X,'附表7-扣除项目明细采集底稿'!E:E,数据对照表!C2,'附表7-扣除项目明细采集底稿'!V:V,"直接归集成本费用") -> 0 | G13: =SUMIFS('附表7-扣除项目明细采集底稿'!Y:Y,'附表7-扣除项目明细采集底稿'!E:E,数据对照表!C2,'附表7-扣除项目明细采集底稿'!V:V,"直接归集成本费用") -> 0 | H13: =SUM(E13:G13) -> 0 | I13: =SUMIFS('附表7-扣除项目明细采集底稿'!W:W,'附表7-扣除项目明细采集底稿'!E:E,数据对照表!C2,'附表7-扣除项目明细采集底稿'!V:V,"共同成本费用") -> 476587.42 | J13: =SUMIFS('附表7-扣除项目明细采集底稿'!X:X,'附表7-扣除项目明细采集底稿'!E:E,数据对照表!C2,'附表7-扣除项目明细采集底稿'!V:V,"共同成本费用") -> 587762.84 | K13: =SUMIFS('附表7-扣除项目明细采集底稿'!Y:Y,'附表7-扣除项目明细采集底稿'!E:E,数据对照表!C2,'附表7-扣除项目明细采集底稿'!V:V,"共同成本费用") -> 240548.55 | L13: =SUM(I13:K13) -> 1304898.8 | M13: =H13+L13 -> 1304898.8
A14: 9 | D14: =数据对照表!C3 -> 耕地占用税 | E14: =SUMIFS('附表7-扣除项目明细采集底稿'!W:W,'附表7-扣除项目明细采集底稿'!E:E,数据对照表!C3,'附表7-扣除项目明细采集底稿'!V:V,"直接归集成本费用") -> 0 | F14: =SUMIFS('附表7-扣除项目明细采集底稿'!X:X,'附表7-扣除项目明细采集底稿'!E:E,数据对照表!C3,'附表7-扣除项目明细采集底稿'!V:V,"直接归集成本费用") -> 0 | G14: =SUMIFS('附表7-扣除项目明细采集底稿'!Y:Y,'附表7-扣除项目明细采集底稿'!E:E,数据对照表!C3,'附表7-扣除项目明细采集底稿'!V:V,"直接归集成本费用") -> 0 | H14: =SUM(E14:G14) -> 0 | I14: =SUMIFS('附表7-扣除项目明细采集底稿'!W:W,'附表7-扣除项目明细采集底稿'!E:E,数据对照表!C3,'附表7-扣除项目明细采集底稿'!V:V,"共同成本费用") -> 0 | J14: =SUMIFS('附表7-扣除项目明细采集底稿'!X:X,'附表7-扣除项目明细采集底稿'!E:E,数据对照表!C3,'附表7-扣除项目明细采集底稿'!V:V,"共同成本费用") -> 0 | K14: =SUMIFS('附表7-扣除项目明细采集底稿'!Y:Y,'附表7-扣除项目明细采集底稿'!E:E,数据对照表!C3,'附表7-扣除项目明细采集底稿'!V:V,"共同成本费用") -> 0 | L14: =SUM(I14:K14) -> 0 | M14: =H14+L14 -> 0
A15: 10 | D15: =数据对照表!C4 -> 劳动力安置费 | E15: =SUMIFS('附表7-扣除项目明细采集底稿'!W:W,'附表7-扣除项目明细采集底稿'!E:E,数据对照表!C4,'附表7-扣除项目明细采集底稿'!V:V,"直接归集成本费用") -> 0 | F15: =SUMIFS('附表7-扣除项目明细采集底稿'!X:X,'附表7-扣除项目明细采集底稿'!E:E,数据对照表!C4,'附表7-扣除项目明细采集底稿'!V:V,"直接归集成本费用") -> 0 | G15: =SUMIFS('附表7-扣除项目明细采集底稿'!Y:Y,'附表7-扣除项目明细采集底稿'!E:E,数据对照表!C4,'附表7-扣除项目明细采集底稿'!V:V,"直接归集成本费用") -> 0 | H15: =SUM(E15:G15) -> 0 | I15: =SUMIFS('附表7-扣除项目明细采集底稿'!W:W,'附表7-扣除项目明细采集底稿'!E:E,数据对照表!C4,'附表7-扣除项目明细采集底稿'!V:V,"共同成本费用") -> 0 | J15: =SUMIFS('附表7-扣除项目明细采集底稿'!X:X,'附表7-扣除项目明细采集底稿'!E:E,数据对照表!C4,'附表7-扣除项目明细采集底稿'!V:V,"共同成本费用") -> 0 | K15: =SUMIFS('附表7-扣除项目明细采集底稿'!Y:Y,'附表7-扣除项目明细采集底稿'!E:E,数据对照表!C4,'附表7-扣除项目明细采集底稿'!V:V,"共同成本费用") -> 0 | L15: =SUM(I15:K15) -> 0 | M15: =H15+L15 -> 0
A16: 11 | D16: =数据对照表!C5 -> 安置动迁用房支出 | E16: =SUMIFS('附表7-扣除项目明细采集底稿'!W:W,'附表7-扣除项目明细采集底稿'!E:E,数据对照表!C5,'附表7-扣除项目明细采集底稿'!V:V,"直接归集成本费用") -> 0 | F16: =SUMIFS('附表7-扣除项目明细采集底稿'!X:X,'附表7-扣除项目明细采集底稿'!E:E,数据对照表!C5,'附表7-扣除项目明细采集底稿'!V:V,"直接归集成本费用") -> 0 | G16: =SUMIFS('附表7-扣除项目明细采集底稿'!Y:Y,'附表7-扣除项目明细采集底稿'!E:E,数据对照表!C5,'附表7-扣除项目明细采集底稿'!V:V,"直接归集成本费用") -> 0 | H16: =SUM(E16:G16) -> 0 | I16: =SUMIFS('附表7-扣除项目明细采集底稿'!W:W,'附表7-扣除项目明细采集底稿'!E:E,数据对照表!C5,'附表7-扣除项目明细采集底稿'!V:V,"共同成本费用") -> 0 | J16: =SUMIFS('附表7-扣除项目明细采集底稿'!X:X,'附表7-扣除项目明细采集底稿'!E:E,数据对照表!C5,'附表7-扣除项目明细采集底稿'!V:V,"共同成本费用") -> 0 | K16: =SUMIFS('附表7-扣除项目明细采集底稿'!Y:Y,'附表7-扣除项目明细采集底稿'!E:E,数据对照表!C5,'附表7-扣除项目明细采集底稿'!V:V,"共同成本费用") -> 0 | L16: =SUM(I16:K16) -> 0 | M16: =H16+L16 -> 0
A17: 12 | D17: =数据对照表!C6 -> 拆迁补偿费 | E17: =SUMIFS('附表7-扣除项目明细采集底稿'!W:W,'附表7-扣除项目明细采集底稿'!E:E,数据对照表!C6,'附表7-扣除项目明细采集底稿'!V:V,"直接归集成本费用") -> 0 | F17: =SUMIFS('附表7-扣除项目明细采集底稿'!X:X,'附表7-扣除项目明细采集底稿'!E:E,数据对照表!C6,'附表7-扣除项目明细采集底稿'!V:V,"直接归集成本费用") -> 0 | G17: =SUMIFS('附表7-扣除项目明细采集底稿'!Y:Y,'附表7-扣除项目明细采集底稿'!E:E,数据对照表!C6,'附表7-扣除项目明细采集底稿'!V:V,"直接归集成本费用") -> 0 | H17: =SUM(E17:G17) -> 0 | I17: =SUMIFS('附表7-扣除项目明细采集底稿'!W:W,'附表7-扣除项目明细采集底稿'!E:E,数据对照表!C6,'附表7-扣除项目明细采集底稿'!V:V,"共同成本费用") -> 0 | J17: =SUMIFS('附表7-扣除项目明细采集底稿'!X:X,'附表7-扣除项目明细采集底稿'!E:E,数据对照表!C6,'附表7-扣除项目明细采集底稿'!V:V,"共同成本费用") -> 0 | K17: =SUMIFS('附表7-扣除项目明细采集底稿'!Y:Y,'附表7-扣除项目明细采集底稿'!E:E,数据对照表!C6,'附表7-扣除项目明细采集底稿'!V:V,"共同成本费用") -> 0 | L17: =SUM(I17:K17) -> 0 | M17: =H17+L17 -> 0
A18: 13 | D18: =数据对照表!C7 -> 其他土地征用及拆迁补偿费 | E18: =SUMIFS('附表7-扣除项目明细采集底稿'!W:W,'附表7-扣除项目明细采集底稿'!E:E,数据对照表!C7,'附表7-扣除项目明细采集底稿'!V:V,"直接归集成本费用") -> 0 | F18: =SUMIFS('附表7-扣除项目明细采集底稿'!X:X,'附表7-扣除项目明细采集底稿'!E:E,数据对照表!C7,'附表7-扣除项目明细采集底稿'!V:V,"直接归集成本费用") -> 0 | G18: =SUMIFS('附表7-扣除项目明细采集底稿'!Y:Y,'附表7-扣除项目明细采集底稿'!E:E,数据对照表!C7,'附表7-扣除项目明细采集底稿'!V:V,"直接归集成本费用") -> 0 | H18: =SUM(E18:G18) -> 0 | I18: =SUMIFS('附表7-扣除项目明细采集底稿'!W:W,'附表7-扣除项目明细采集底稿'!E:E,数据对照表!C7,'附表7-扣除项目明细采集底稿'!V:V,"共同成本费用") -> 14297.62 | J18: =SUMIFS('附表7-扣除项目明细采集底稿'!X:X,'附表7-扣除项目明细采集底稿'!E:E,数据对照表!C7,'附表7-扣除项目明细采集底稿'!V:V,"共同成本费用") -> 17632.88 | K18: =SUMIFS('附表7-扣除项目明细采集底稿'!Y:Y,'附表7-扣除项目明细采集底稿'!E:E,数据对照表!C7,'附表7-扣除项目明细采集底稿'!V:V,"共同成本费用") -> 7216.46 | L18: =SUM(I18:K18) -> 39146.96 | M18: =H18+L18 -> 39146.96
A19: 14 | C19: =数据对照表!D1 -> 前期工程费 | E19: =SUMIFS('附表7-扣除项目明细采集底稿'!W:W,'附表7-扣除项目明细采集底稿'!D:D,数据对照表!D1,'附表7-扣除项目明细采集底稿'!V:V,"直接归集成本费用") -> 10266.29 | F19: =SUMIFS('附表7-扣除项目明细采集底稿'!X:X,'附表7-扣除项目明细采集底稿'!D:D,数据对照表!D1,'附表7-扣除项目明细采集底稿'!V:V,"直接归集成本费用") -> 12660.55 | G19: =SUMIFS('附表7-扣除项目明细采集底稿'!Y:Y,'附表7-扣除项目明细采集底稿'!D:D,数据对照表!D1,'附表7-扣除项目明细采集底稿'!V:V,"直接归集成本费用") -> 7671.29 | H19: =SUM(E19:G19) -> 30598.13 | I19: =SUMIFS('附表7-扣除项目明细采集底稿'!W:W,'附表7-扣除项目明细采集底稿'!D:D,数据对照表!D1,'附表7-扣除项目明细采集底稿'!V:V,"共同成本费用") -> 1084134.6 | J19: =SUMIFS('附表7-扣除项目明细采集底稿'!X:X,'附表7-扣除项目明细采集底稿'!D:D,数据对照表!D1,'附表7-扣除项目明细采集底稿'!V:V,"共同成本费用") -> 1337034.8 | K19: =SUMIFS('附表7-扣除项目明细采集底稿'!Y:Y,'附表7-扣除项目明细采集底稿'!D:D,数据对照表!D1,'附表7-扣除项目明细采集底稿'!V:V,"共同成本费用") -> 547196.54 | L19: =SUM(I19:K19) -> 2968365.9 | M19: =H19+L19 -> 2998964
A20: 15 | C20: 其中 | D20: =数据对照表!D2 -> 规划费用 | E20: =SUMIFS('附表7-扣除项目明细采集底稿'!W:W,'附表7-扣除项目明细采集底稿'!E:E,数据对照表!D2,'附表7-扣除项目明细采集底稿'!V:V,"直接归集成本费用") -> 0 | F20: =SUMIFS('附表7-扣除项目明细采集底稿'!X:X,'附表7-扣除项目明细采集底稿'!E:E,数据对照表!D2,'附表7-扣除项目明细采集底稿'!V:V,"直接归集成本费用") -> 0 | G20: =SUMIFS('附表7-扣除项目明细采集底稿'!Y:Y,'附表7-扣除项目明细采集底稿'!E:E,数据对照表!D2,'附表7-扣除项目明细采集底稿'!V:V,"直接归集成本费用") -> 0 | H20: =SUM(E20:G20) -> 0 | I20: =SUMIFS('附表7-扣除项目明细采集底稿'!W:W,'附表7-扣除项目明细采集底稿'!E:E,数据对照表!D2,'附表7-扣除项目明细采集底稿'!V:V,"共同成本费用") -> 5526.01 | J20: =SUMIFS('附表7-扣除项目明细采集底稿'!X:X,'附表7-扣除项目明细采集底稿'!E:E,数据对照表!D2,'附表7-扣除项目明细采集底稿'!V:V,"共同成本费用") -> 6815.09 | K20: =SUMIFS('附表7-扣除项目明细采集底稿'!Y:Y,'附表7-扣除项目明细采集底稿'!E:E,数据对照表!D2,'附表7-扣除项目明细采集底稿'!V:V,"共同成本费用") -> 2789.15 | L20: =SUM(I20:K20) -> 15130.25 | M20: =H20+L20 -> 15130.25
A21: 16 | D21: =数据对照表!D3 -> 设计费用 | E21: =SUMIFS('附表7-扣除项目明细采集底稿'!W:W,'附表7-扣除项目明细采集底稿'!E:E,数据对照表!D3,'附表7-扣除项目明细采集底稿'!V:V,"直接归集成本费用") -> 0 | F21: =SUMIFS('附表7-扣除项目明细采集底稿'!X:X,'附表7-扣除项目明细采集底稿'!E:E,数据对照表!D3,'附表7-扣除项目明细采集底稿'!V:V,"直接归集成本费用") -> 0 | G21: =SUMIFS('附表7-扣除项目明细采集底稿'!Y:Y,'附表7-扣除项目明细采集底稿'!E:E,数据对照表!D3,'附表7-扣除项目明细采集底稿'!V:V,"直接归集成本费用") -> 0 | H21: =SUM(E21:G21) -> 0 | I21: =SUMIFS('附表7-扣除项目明细采集底稿'!W:W,'附表7-扣除项目明细采集底稿'!E:E,数据对照表!D3,'附表7-扣除项目明细采集底稿'!V:V,"共同成本费用") -> 332466.37 | J21: =SUMIFS('附表7-扣除项目明细采集底稿'!X:X,'附表7-扣除项目明细采集底稿'!E:E,数据对照表!D3,'附表7-扣除项目明细采集底稿'!V:V,"共同成本费用") -> 410022.06 | K21: =SUMIFS('附表7-扣除项目明细采集底稿'!Y:Y,'附表7-扣除项目明细采集底稿'!E:E,数据对照表!D3,'附表7-扣除项目明细采集底稿'!V:V,"共同成本费用") -> 167806.13 | L21: =SUM(I21:K21) -> 910294.56 | M21: =H21+L21 -> 910294.56
A22: 17 | D22: =数据对照表!D4 -> 项目可行性研究费用 | E22: =SUMIFS('附表7-扣除项目明细采集底稿'!W:W,'附表7-扣除项目明细采集底稿'!E:E,数据对照表!D4,'附表7-扣除项目明细采集底稿'!V:V,"直接归集成本费用") -> 0 | F22: =SUMIFS('附表7-扣除项目明细采集底稿'!X:X,'附表7-扣除项目明细采集底稿'!E:E,数据对照表!D4,'附表7-扣除项目明细采集底稿'!V:V,"直接归集成本费用") -> 0 | G22: =SUMIFS('附表7-扣除项目明细采集底稿'!Y:Y,'附表7-扣除项目明细采集底稿'!E:E,数据对照表!D4,'附表7-扣除项目明细采集底稿'!V:V,"直接归集成本费用") -> 0 | H22: =SUM(E22:G22) -> 0 | I22: =SUMIFS('附表7-扣除项目明细采集底稿'!W:W,'附表7-扣除项目明细采集底稿'!E:E,数据对照表!D4,'附表7-扣除项目明细采集底稿'!V:V,"共同成本费用") -> 0 | J22: =SUMIFS('附表7-扣除项目明细采集底稿'!X:X,'附表7-扣除项目明细采集底稿'!E:E,数据对照表!D4,'附表7-扣除项目明细采集底稿'!V:V,"共同成本费用") -> 0 | K22: =SUMIFS('附表7-扣除项目明细采集底稿'!Y:Y,'附表7-扣除项目明细采集底稿'!E:E,数据对照表!D4,'附表7-扣除项目明细采集底稿'!V:V,"共同成本费用") -> 0 | L22: =SUM(I22:K22) -> 0 | M22: =H22+L22 -> 0
A23: 18 | D23: =数据对照表!D5 -> 水文费用 | E23: =SUMIFS('附表7-扣除项目明细采集底稿'!W:W,'附表7-扣除项目明细采集底稿'!E:E,数据对照表!D5,'附表7-扣除项目明细采集底稿'!V:V,"直接归集成本费用") -> 0 | F23: =SUMIFS('附表7-扣除项目明细采集底稿'!X:X,'附表7-扣除项目明细采集底稿'!E:E,数据对照表!D5,'附表7-扣除项目明细采集底稿'!V:V,"直接归集成本费用") -> 0 | G23: =SUMIFS('附表7-扣除项目明细采集底稿'!Y:Y,'附表7-扣除项目明细采集底稿'!E:E,数据对照表!D5,'附表7-扣除项目明细采集底稿'!V:V,"直接归集成本费用") -> 0 | H23: =SUM(E23:G23) -> 0 | I23: =SUMIFS('附表7-扣除项目明细采集底稿'!W:W,'附表7-扣除项目明细采集底稿'!E:E,数据对照表!D5,'附表7-扣除项目明细采集底稿'!V:V,"共同成本费用") -> 10805.79 | J23: =SUMIFS('附表7-扣除项目明细采集底稿'!X:X,'附表7-扣除项目明细采集底稿'!E:E,数据对照表!D5,'附表7-扣除项目明细采集底稿'!V:V,"共同成本费用") -> 13326.51 | K23: =SUMIFS('附表7-扣除项目明细采集底稿'!Y:Y,'附表7-扣除项目明细采集底稿'!E:E,数据对照表!D5,'附表7-扣除项目明细采集底稿'!V:V,"共同成本费用") -> 5454.02 | L23: =SUM(I23:K23) -> 29586.32 | M23: =H23+L23 -> 29586.32
A24: 19 | D24: =数据对照表!D6 -> 地质费用 | E24: =SUMIFS('附表7-扣除项目明细采集底稿'!W:W,'附表7-扣除项目明细采集底稿'!E:E,数据对照表!D6,'附表7-扣除项目明细采集底稿'!V:V,"直接归集成本费用") -> 0 | F24: =SUMIFS('附表7-扣除项目明细采集底稿'!X:X,'附表7-扣除项目明细采集底稿'!E:E,数据对照表!D6,'附表7-扣除项目明细采集底稿'!V:V,"直接归集成本费用") -> 0 | G24: =SUMIFS('附表7-扣除项目明细采集底稿'!Y:Y,'附表7-扣除项目明细采集底稿'!E:E,数据对照表!D6,'附表7-扣除项目明细采集底稿'!V:V,"直接归集成本费用") -> 0 | H24: =SUM(E24:G24) -> 0 | I24: =SUMIFS('附表7-扣除项目明细采集底稿'!W:W,'附表7-扣除项目明细采集底稿'!E:E,数据对照表!D6,'附表7-扣除项目明细采集底稿'!V:V,"共同成本费用") -> 0 | J24: =SUMIFS('附表7-扣除项目明细采集底稿'!X:X,'附表7-扣除项目明细采集底稿'!E:E,数据对照表!D6,'附表7-扣除项目明细采集底稿'!V:V,"共同成本费用") -> 0 | K24: =SUMIFS('附表7-扣除项目明细采集底稿'!Y:Y,'附表7-扣除项目明细采集底稿'!E:E,数据对照表!D6,'附表7-扣除项目明细采集底稿'!V:V,"共同成本费用") -> 0 | L24: =SUM(I24:K24) -> 0 | M24: =H24+L24 -> 0
A25: 20 | D25: =数据对照表!D7 -> 勘探费用 | E25: =SUMIFS('附表7-扣除项目明细采集底稿'!W:W,'附表7-扣除项目明细采集底稿'!E:E,数据对照表!D7,'附表7-扣除项目明细采集底稿'!V:V,"直接归集成本费用") -> 0 | F25: =SUMIFS('附表7-扣除项目明细采集底稿'!X:X,'附表7-扣除项目明细采集底稿'!E:E,数据对照表!D7,'附表7-扣除项目明细采集底稿'!V:V,"直接归集成本费用") -> 0 | G25: =SUMIFS('附表7-扣除项目明细采集底稿'!Y:Y,'附表7-扣除项目明细采集底稿'!E:E,数据对照表!D7,'附表7-扣除项目明细采集底稿'!V:V,"直接归集成本费用") -> 0 | H25: =SUM(E25:G25) -> 0 | I25: =SUMIFS('附表7-扣除项目明细采集底稿'!W:W,'附表7-扣除项目明细采集底稿'!E:E,数据对照表!D7,'附表7-扣除项目明细采集底稿'!V:V,"共同成本费用") -> 3973.83 | J25: =SUMIFS('附表7-扣除项目明细采集底稿'!X:X,'附表7-扣除项目明细采集底稿'!E:E,数据对照表!D7,'附表7-扣除项目明细采集底稿'!V:V,"共同成本费用") -> 4900.82 | K25: =SUMIFS('附表7-扣除项目明细采集底稿'!Y:Y,'附表7-扣除项目明细采集底稿'!E:E,数据对照表!D7,'附表7-扣除项目明细采集底稿'!V:V,"共同成本费用") -> 2005.72 | L25: =SUM(I25:K25) -> 10880.37 | M25: =H25+L25 -> 10880.37
A26: 21 | D26: =数据对照表!D8 -> 测绘费用 | E26: =SUMIFS('附表7-扣除项目明细采集底稿'!W:W,'附表7-扣除项目明细采集底稿'!E:E,数据对照表!D8,'附表7-扣除项目明细采集底稿'!V:V,"直接归集成本费用") -> 6063.84 | F26: =SUMIFS('附表7-扣除项目明细采集底稿'!X:X,'附表7-扣除项目明细采集底稿'!E:E,数据对照表!D8,'附表7-扣除项目明细采集底稿'!V:V,"直接归集成本费用") -> 7478.02 | G26: =SUMIFS('附表7-扣除项目明细采集底稿'!Y:Y,'附表7-扣除项目明细采集底稿'!E:E,数据对照表!D8,'附表7-扣除项目明细采集底稿'!V:V,"直接归集成本费用") -> 2794.66 | H26: =SUM(E26:G26) -> 16336.52 | I26: =SUMIFS('附表7-扣除项目明细采集底稿'!W:W,'附表7-扣除项目明细采集底稿'!E:E,数据对照表!D8,'附表7-扣除项目明细采集底稿'!V:V,"共同成本费用") -> 1424.4 | J26: =SUMIFS('附表7-扣除项目明细采集底稿'!X:X,'附表7-扣除项目明细采集底稿'!E:E,数据对照表!D8,'附表7-扣除项目明细采集底稿'!V:V,"共同成本费用") -> 1756.66 | K26: =SUMIFS('附表7-扣除项目明细采集底稿'!Y:Y,'附表7-扣除项目明细采集底稿'!E:E,数据对照表!D8,'附表7-扣除项目明细采集底稿'!V:V,"共同成本费用") -> 718.94 | L26: =SUM(I26:K26) -> 3900 | M26: =H26+L26 -> 20236.52
A27: 22 | D27: =数据对照表!D9 -> 七通一平支出 | E27: =SUMIFS('附表7-扣除项目明细采集底稿'!W:W,'附表7-扣除项目明细采集底稿'!E:E,数据对照表!D9,'附表7-扣除项目明细采集底稿'!V:V,"直接归集成本费用") -> 0 | F27: =SUMIFS('附表7-扣除项目明细采集底稿'!X:X,'附表7-扣除项目明细采集底稿'!E:E,数据对照表!D9,'附表7-扣除项目明细采集底稿'!V:V,"直接归集成本费用") -> 0 | G27: =SUMIFS('附表7-扣除项目明细采集底稿'!Y:Y,'附表7-扣除项目明细采集底稿'!E:E,数据对照表!D9,'附表7-扣除项目明细采集底稿'!V:V,"直接归集成本费用") -> 0 | H27: =SUM(E27:G27) -> 0 | I27: =SUMIFS('附表7-扣除项目明细采集底稿'!W:W,'附表7-扣除项目明细采集底稿'!E:E,数据对照表!D9,'附表7-扣除项目明细采集底稿'!V:V,"共同成本费用") -> 69297.56 | J27: =SUMIFS('附表7-扣除项目明细采集底稿'!X:X,'附表7-扣除项目明细采集底稿'!E:E,数据对照表!D9,'附表7-扣除项目明细采集底稿'!V:V,"共同成本费用") -> 85462.85 | K27: =SUMIFS('附表7-扣除项目明细采集底稿'!Y:Y,'附表7-扣除项目明细采集底稿'!E:E,数据对照表!D9,'附表7-扣除项目明细采集底稿'!V:V,"共同成本费用") -> 34976.64 | L27: =SUM(I27:K27) -> 189737.05 | M27: =H27+L27 -> 189737.05
A28: 23 | D28: =数据对照表!D10 -> 其他前期工程费 | E28: =SUMIFS('附表7-扣除项目明细采集底稿'!W:W,'附表7-扣除项目明细采集底稿'!E:E,数据对照表!D10,'附表7-扣除项目明细采集底稿'!V:V,"直接归集成本费用") -> 4202.45 | F28: =SUMIFS('附表7-扣除项目明细采集底稿'!X:X,'附表7-扣除项目明细采集底稿'!E:E,数据对照表!D10,'附表7-扣除项目明细采集底稿'!V:V,"直接归集成本费用") -> 5182.53 | G28: =SUMIFS('附表7-扣除项目明细采集底稿'!Y:Y,'附表7-扣除项目明细采集底稿'!E:E,数据对照表!D10,'附表7-扣除项目明细采集底稿'!V:V,"直接归集成本费用") -> 4876.63 | H28: =SUM(E28:G28) -> 14261.61 | I28: =SUMIFS('附表7-扣除项目明细采集底稿'!W:W,'附表7-扣除项目明细采集底稿'!E:E,数据对照表!D10,'附表7-扣除项目明细采集底稿'!V:V,"共同成本费用") -> 660640.59 | J28: =SUMIFS('附表7-扣除项目明细采集底稿'!X:X,'附表7-扣除项目明细采集底稿'!E:E,数据对照表!D10,'附表7-扣除项目明细采集底稿'!V:V,"共同成本费用") -> 814750.8 | K28: =SUMIFS('附表7-扣除项目明细采集底稿'!Y:Y,'附表7-扣除项目明细采集底稿'!E:E,数据对照表!D10,'附表7-扣除项目明细采集底稿'!V:V,"共同成本费用") -> 333445.94 | L28: =SUM(I28:K28) -> 1808837.3 | M28: =H28+L28 -> 1823098.9
A29: 24 | C29: =数据对照表!E1 -> 建筑安装工程费 | E29: =SUMIFS('附表7-扣除项目明细采集底稿'!W:W,'附表7-扣除项目明细采集底稿'!D:D,数据对照表!E1,'附表7-扣除项目明细采集底稿'!V:V,"直接归集成本费用") -> 44231184 | F29: =SUMIFS('附表7-扣除项目明细采集底稿'!X:X,'附表7-扣除项目明细采集底稿'!D:D,数据对照表!E1,'附表7-扣除项目明细采集底稿'!V:V,"直接归集成本费用") -> 54546584 | G29: =SUMIFS('附表7-扣除项目明细采集底稿'!Y:Y,'附表7-扣除项目明细采集底稿'!D:D,数据对照表!E1,'附表7-扣除项目明细采集底稿'!V:V,"直接归集成本费用") -> 23787799 | H29: =SUM(E29:G29) -> 1.2256557e+08 | I29: =SUMIFS('附表7-扣除项目明细采集底稿'!W:W,'附表7-扣除项目明细采集底稿'!D:D,数据对照表!E1,'附表7-扣除项目明细采集底稿'!V:V,"共同成本费用") -> 285757.83 | J29: =SUMIFS('附表7-扣除项目明细采集底稿'!X:X,'附表7-扣除项目明细采集底稿'!D:D,数据对照表!E1,'附表7-扣除项目明细采集底稿'!V:V,"共同成本费用") -> 352417.66 | K29: =SUMIFS('附表7-扣除项目明细采集底稿'!Y:Y,'附表7-扣除项目明细采集底稿'!D:D,数据对照表!E1,'附表7-扣除项目明细采集底稿'!V:V,"共同成本费用") -> 144230.89 | L29: =SUM(I29:K29) -> 782406.38 | M29: =H29+L29 -> 1.2334797e+08
A30: 25 | C30: 其中 | D30: =数据对照表!E2 -> 桩基础工程费用 | E30: =SUMIFS('附表7-扣除项目明细采集底稿'!W:W,'附表7-扣除项目明细采集底稿'!E:E,数据对照表!E2,'附表7-扣除项目明细采集底稿'!V:V,"直接归集成本费用") -> 0 | F30: =SUMIFS('附表7-扣除项目明细采集底稿'!X:X,'附表7-扣除项目明细采集底稿'!E:E,数据对照表!E2,'附表7-扣除项目明细采集底稿'!V:V,"直接归集成本费用") -> 0 | G30: =SUMIFS('附表7-扣除项目明细采集底稿'!Y:Y,'附表7-扣除项目明细采集底稿'!E:E,数据对照表!E2,'附表7-扣除项目明细采集底稿'!V:V,"直接归集成本费用") -> 0 | H30: =SUM(E30:G30) -> 0 | I30: =SUMIFS('附表7-扣除项目明细采集底稿'!W:W,'附表7-扣除项目明细采集底稿'!E:E,数据对照表!E2,'附表7-扣除项目明细采集底稿'!V:V,"共同成本费用") -> 0 | J30: =SUMIFS('附表7-扣除项目明细采集底稿'!X:X,'附表7-扣除项目明细采集底稿'!E:E,数据对照表!E2,'附表7-扣除项目明细采集底稿'!V:V,"共同成本费用") -> 0 | K30: =SUMIFS('附表7-扣除项目明细采集底稿'!Y:Y,'附表7-扣除项目明细采集底稿'!E:E,数据对照表!E2,'附表7-扣除项目明细采集底稿'!V:V,"共同成本费用") -> 0 | L30: =SUM(I30:K30) -> 0 | M30: =H30+L30 -> 0
A31: 26 | D31: =数据对照表!E3 -> 地下室工程费用 | E31: =SUMIFS('附表7-扣除项目明细采集底稿'!W:W,'附表7-扣除项目明细采集底稿'!E:E,数据对照表!E3,'附表7-扣除项目明细采集底稿'!V:V,"直接归集成本费用") -> 0 | F31: =SUMIFS('附表7-扣除项目明细采集底稿'!X:X,'附表7-扣除项目明细采集底稿'!E:E,数据对照表!E3,'附表7-扣除项目明细采集底稿'!V:V,"直接归集成本费用") -> 0 | G31: =SUMIFS('附表7-扣除项目明细采集底稿'!Y:Y,'附表7-扣除项目明细采集底稿'!E:E,数据对照表!E3,'附表7-扣除项目明细采集底稿'!V:V,"直接归集成本费用") -> 0 | H31: =SUM(E31:G31) -> 0 | I31: =SUMIFS('附表7-扣除项目明细采集底稿'!W:W,'附表7-扣除项目明细采集底稿'!E:E,数据对照表!E3,'附表7-扣除项目明细采集底稿'!V:V,"共同成本费用") -> 0 | J31: =SUMIFS('附表7-扣除项目明细采集底稿'!X:X,'附表7-扣除项目明细采集底稿'!E:E,数据对照表!E3,'附表7-扣除项目明细采集底稿'!V:V,"共同成本费用") -> 0 | K31: =SUMIFS('附表7-扣除项目明细采集底稿'!Y:Y,'附表7-扣除项目明细采集底稿'!E:E,数据对照表!E3,'附表7-扣除项目明细采集底稿'!V:V,"共同成本费用") -> 0 | L31: =SUM(I31:K31) -> 0 | M31: =H31+L31 -> 0
A32: 27 | D32: =数据对照表!E4 -> 地上建筑工程费用 | E32: =SUMIFS('附表7-扣除项目明细采集底稿'!W:W,'附表7-扣除项目明细采集底稿'!E:E,数据对照表!E4,'附表7-扣除项目明细采集底稿'!V:V,"直接归集成本费用") -> 44231184 | F32: =SUMIFS('附表7-扣除项目明细采集底稿'!X:X,'附表7-扣除项目明细采集底稿'!E:E,数据对照表!E4,'附表7-扣除项目明细采集底稿'!V:V,"直接归集成本费用") -> 54546584 | G32: =SUMIFS('附表7-扣除项目明细采集底稿'!Y:Y,'附表7-扣除项目明细采集底稿'!E:E,数据对照表!E4,'附表7-扣除项目明细采集底稿'!V:V,"直接归集成本费用") -> 23787799 | H32: =SUM(E32:G32) -> 1.2256557e+08 | I32: =SUMIFS('附表7-扣除项目明细采集底稿'!W:W,'附表7-扣除项目明细采集底稿'!E:E,数据对照表!E4,'附表7-扣除项目明细采集底稿'!V:V,"共同成本费用") -> 285757.83 | J32: =SUMIFS('附表7-扣除项目明细采集底稿'!X:X,'附表7-扣除项目明细采集底稿'!E:E,数据对照表!E4,'附表7-扣除项目明细采集底稿'!V:V,"共同成本费用") -> 352417.66 | K32: =SUMIFS('附表7-扣除项目明细采集底稿'!Y:Y,'附表7-扣除项目明细采集底稿'!E:E,数据对照表!E4,'附表7-扣除项目明细采集底稿'!V:V,"共同成本费用") -> 144230.89 | L32: =SUM(I32:K32) -> 782406.38 | M32: =H32+L32 -> 1.2334797e+08
A33: 28 | D33: =数据对照表!E5 -> 户内装修费用 | E33: =SUMIFS('附表7-扣除项目明细采集底稿'!W:W,'附表7-扣除项目明细采集底稿'!E:E,数据对照表!E5,'附表7-扣除项目明细采集底稿'!V:V,"直接归集成本费用") -> 0 | F33: =SUMIFS('附表7-扣除项目明细采集底稿'!X:X,'附表7-扣除项目明细采集底稿'!E:E,数据对照表!E5,'附表7-扣除项目明细采集底稿'!V:V,"直接归集成本费用") -> 0 | G33: =SUMIFS('附表7-扣除项目明细采集底稿'!Y:Y,'附表7-扣除项目明细采集底稿'!E:E,数据对照表!E5,'附表7-扣除项目明细采集底稿'!V:V,"直接归集成本费用") -> 0 | H33: =SUM(E33:G33) -> 0 | I33: =SUMIFS('附表7-扣除项目明细采集底稿'!W:W,'附表7-扣除项目明细采集底稿'!E:E,数据对照表!E5,'附表7-扣除项目明细采集底稿'!V:V,"共同成本费用") -> 0 | J33: =SUMIFS('附表7-扣除项目明细采集底稿'!X:X,'附表7-扣除项目明细采集底稿'!E:E,数据对照表!E5,'附表7-扣除项目明细采集底稿'!V:V,"共同成本费用") -> 0 | K33: =SUMIFS('附表7-扣除项目明细采集底稿'!Y:Y,'附表7-扣除项目明细采集底稿'!E:E,数据对照表!E5,'附表7-扣除项目明细采集底稿'!V:V,"共同成本费用") -> 0 | L33: =SUM(I33:K33) -> 0 | M33: =H33+L33 -> 0
A34: 29 | D34: =数据对照表!E6 -> 高档外立面工程费用 | E34: =SUMIFS('附表7-扣除项目明细采集底稿'!W:W,'附表7-扣除项目明细采集底稿'!E:E,数据对照表!E6,'附表7-扣除项目明细采集底稿'!V:V,"直接归集成本费用") -> 0 | F34: =SUMIFS('附表7-扣除项目明细采集底稿'!X:X,'附表7-扣除项目明细采集底稿'!E:E,数据对照表!E6,'附表7-扣除项目明细采集底稿'!V:V,"直接归集成本费用") -> 0 | G34: =SUMIFS('附表7-扣除项目明细采集底稿'!Y:Y,'附表7-扣除项目明细采集底稿'!E:E,数据对照表!E6,'附表7-扣除项目明细采集底稿'!V:V,"直接归集成本费用") -> 0 | H34: =SUM(E34:G34) -> 0 | I34: =SUMIFS('附表7-扣除项目明细采集底稿'!W:W,'附表7-扣除项目明细采集底稿'!E:E,数据对照表!E6,'附表7-扣除项目明细采集底稿'!V:V,"共同成本费用") -> 0 | J34: =SUMIFS('附表7-扣除项目明细采集底稿'!X:X,'附表7-扣除项目明细采集底稿'!E:E,数据对照表!E6,'附表7-扣除项目明细采集底稿'!V:V,"共同成本费用") -> 0 | K34: =SUMIFS('附表7-扣除项目明细采集底稿'!Y:Y,'附表7-扣除项目明细采集底稿'!E:E,数据对照表!E6,'附表7-扣除项目明细采集底稿'!V:V,"共同成本费用") -> 0 | L34: =SUM(I34:K34) -> 0 | M34: =H34+L34 -> 0
A35: 30 | D35: =数据对照表!E7 -> 其他建筑安装工程费 | E35: =SUMIFS('附表7-扣除项目明细采集底稿'!W:W,'附表7-扣除项目明细采集底稿'!E:E,数据对照表!E7,'附表7-扣除项目明细采集底稿'!V:V,"直接归集成本费用") -> 0 | F35: =SUMIFS('附表7-扣除项目明细采集底稿'!X:X,'附表7-扣除项目明细采集底稿'!E:E,数据对照表!E7,'附表7-扣除项目明细采集底稿'!V:V,"直接归集成本费用") -> 0 | G35: =SUMIFS('附表7-扣除项目明细采集底稿'!Y:Y,'附表7-扣除项目明细采集底稿'!E:E,数据对照表!E7,'附表7-扣除项目明细采集底稿'!V:V,"直接归集成本费用") -> 0 | H35: =SUM(E35:G35) -> 0 | I35: =SUMIFS('附表7-扣除项目明细采集底稿'!W:W,'附表7-扣除项目明细采集底稿'!E:E,数据对照表!E7,'附表7-扣除项目明细采集底稿'!V:V,"共同成本费用") -> 0 | J35: =SUMIFS('附表7-扣除项目明细采集底稿'!X:X,'附表7-扣除项目明细采集底稿'!E:E,数据对照表!E7,'附表7-扣除项目明细采集底稿'!V:V,"共同成本费用") -> 0 | K35: =SUMIFS('附表7-扣除项目明细采集底稿'!Y:Y,'附表7-扣除项目明细采集底稿'!E:E,数据对照表!E7,'附表7-扣除项目明细采集底稿'!V:V,"共同成本费用") -> 0 | L35: =SUM(I35:K35) -> 0 | M35: =H35+L35 -> 0
A36: 31 | C36: =数据对照表!F1 -> 基础设施费 | E36: =SUMIFS('附表7-扣除项目明细采集底稿'!W:W,'附表7-扣除项目明细采集底稿'!D:D,数据对照表!F1,'附表7-扣除项目明细采集底稿'!V:V,"直接归集成本费用") -> 2254757 | F36: =SUMIFS('附表7-扣除项目明细采集底稿'!X:X,'附表7-扣除项目明细采集底稿'!D:D,数据对照表!F1,'附表7-扣除项目明细采集底稿'!V:V,"直接归集成本费用") -> 2780601.3 | G36: =SUMIFS('附表7-扣除项目明细采集底稿'!Y:Y,'附表7-扣除项目明细采集底稿'!D:D,数据对照表!F1,'附表7-扣除项目明细采集底稿'!V:V,"直接归集成本费用") -> 1460458.7 | H36: =SUM(E36:G36) -> 6495817 | I36: =SUMIFS('附表7-扣除项目明细采集底稿'!W:W,'附表7-扣除项目明细采集底稿'!D:D,数据对照表!F1,'附表7-扣除项目明细采集底稿'!V:V,"共同成本费用") -> 3816453.9 | J36: =SUMIFS('附表7-扣除项目明细采集底稿'!X:X,'附表7-扣除项目明细采集底稿'!D:D,数据对照表!F1,'附表7-扣除项目明细采集底稿'!V:V,"共同成本费用") -> 4706732.9 | K36: =SUMIFS('附表7-扣除项目明细采集底稿'!Y:Y,'附表7-扣除项目明细采集底稿'!D:D,数据对照表!F1,'附表7-扣除项目明细采集底稿'!V:V,"共同成本费用") -> 1926283.3 | L36: =SUM(I36:K36) -> 10449470 | M36: =H36+L36 -> 16945287
A37: 32 | C37: 其中 | D37: =数据对照表!F2 -> 开发小区内道路工程支出 | E37: =SUMIFS('附表7-扣除项目明细采集底稿'!W:W,'附表7-扣除项目明细采集底稿'!E:E,数据对照表!F2,'附表7-扣除项目明细采集底稿'!V:V,"直接归集成本费用") -> 280761.35 | F37: =SUMIFS('附表7-扣除项目明细采集底稿'!X:X,'附表7-扣除项目明细采集底稿'!E:E,数据对照表!F2,'附表7-扣除项目明细采集底稿'!V:V,"直接归集成本费用") -> 346239.25 | G37: =SUMIFS('附表7-扣除项目明细采集底稿'!Y:Y,'附表7-扣除项目明细采集底稿'!E:E,数据对照表!F2,'附表7-扣除项目明细采集底稿'!V:V,"直接归集成本费用") -> 195638.34 | H37: =SUM(E37:G37) -> 822638.94 | I37: =SUMIFS('附表7-扣除项目明细采集底稿'!W:W,'附表7-扣除项目明细采集底稿'!E:E,数据对照表!F2,'附表7-扣除项目明细采集底稿'!V:V,"共同成本费用") -> 1169921.4 | J37: =SUMIFS('附表7-扣除项目明细采集底稿'!X:X,'附表7-扣除项目明细采集底稿'!E:E,数据对照表!F2,'附表7-扣除项目明细采集底稿'!V:V,"共同成本费用") -> 1442833.6 | K37: =SUMIFS('附表7-扣除项目明细采集底稿'!Y:Y,'附表7-扣除项目明细采集底稿'!E:E,数据对照表!F2,'附表7-扣除项目明细采集底稿'!V:V,"共同成本费用") -> 590495.86 | L37: =SUM(I37:K37) -> 3203250.9 | M37: =H37+L37 -> 4025889.8
A38: 33 | D38: =数据对照表!F3 -> 供水工程支出 | E38: =SUMIFS('附表7-扣除项目明细采集底稿'!W:W,'附表7-扣除项目明细采集底稿'!E:E,数据对照表!F3,'附表7-扣除项目明细采集底稿'!V:V,"直接归集成本费用") -> 0 | F38: =SUMIFS('附表7-扣除项目明细采集底稿'!X:X,'附表7-扣除项目明细采集底稿'!E:E,数据对照表!F3,'附表7-扣除项目明细采集底稿'!V:V,"直接归集成本费用") -> 0 | G38: =SUMIFS('附表7-扣除项目明细采集底稿'!Y:Y,'附表7-扣除项目明细采集底稿'!E:E,数据对照表!F3,'附表7-扣除项目明细采集底稿'!V:V,"直接归集成本费用") -> 0 | H38: =SUM(E38:G38) -> 0 | I38: =SUMIFS('附表7-扣除项目明细采集底稿'!W:W,'附表7-扣除项目明细采集底稿'!E:E,数据对照表!F3,'附表7-扣除项目明细采集底稿'!V:V,"共同成本费用") -> 1166.95 | J38: =SUMIFS('附表7-扣除项目明细采集底稿'!X:X,'附表7-扣除项目明细采集底稿'!E:E,数据对照表!F3,'附表7-扣除项目明细采集底稿'!V:V,"共同成本费用") -> 1439.17 | K38: =SUMIFS('附表7-扣除项目明细采集底稿'!Y:Y,'附表7-扣除项目明细采集底稿'!E:E,数据对照表!F3,'附表7-扣除项目明细采集底稿'!V:V,"共同成本费用") -> 589 | L38: =SUM(I38:K38) -> 3195.12 | M38: =H38+L38 -> 3195.12
A39: 34 | D39: =数据对照表!F4 -> 供电工程支出 | E39: =SUMIFS('附表7-扣除项目明细采集底稿'!W:W,'附表7-扣除项目明细采集底稿'!E:E,数据对照表!F4,'附表7-扣除项目明细采集底稿'!V:V,"直接归集成本费用") -> 122826.2 | F39: =SUMIFS('附表7-扣除项目明细采集底稿'!X:X,'附表7-扣除项目明细采集底稿'!E:E,数据对照表!F4,'附表7-扣除项目明细采集底稿'!V:V,"直接归集成本费用") -> 151471.19 | G39: =SUMIFS('附表7-扣除项目明细采集底稿'!Y:Y,'附表7-扣除项目明细采集底稿'!E:E,数据对照表!F4,'附表7-扣除项目明细采集底稿'!V:V,"直接归集成本费用") -> 89782.73 | H39: =SUM(E39:G39) -> 364080.12 | I39: =SUMIFS('附表7-扣除项目明细采集底稿'!W:W,'附表7-扣除项目明细采集底稿'!E:E,数据对照表!F4,'附表7-扣除项目明细采集底稿'!V:V,"共同成本费用") -> 92862.09 | J39: =SUMIFS('附表7-扣除项目明细采集底稿'!X:X,'附表7-扣除项目明细采集底稿'!E:E,数据对照表!F4,'附表7-扣除项目明细采集底稿'!V:V,"共同成本费用") -> 114524.39 | K39: =SUMIFS('附表7-扣除项目明细采集底稿'!Y:Y,'附表7-扣除项目明细采集底稿'!E:E,数据对照表!F4,'附表7-扣除项目明细采集底稿'!V:V,"共同成本费用") -> 46870.4 | L39: =SUM(I39:K39) -> 254256.88 | M39: =H39+L39 -> 618337
A40: 35 | D40: =数据对照表!F5 -> 供气工程支出 | E40: =SUMIFS('附表7-扣除项目明细采集底稿'!W:W,'附表7-扣除项目明细采集底稿'!E:E,数据对照表!F5,'附表7-扣除项目明细采集底稿'!V:V,"直接归集成本费用") -> 419438.23 | F40: =SUMIFS('附表7-扣除项目明细采集底稿'!X:X,'附表7-扣除项目明细采集底稿'!E:E,数据对照表!F5,'附表7-扣除项目明细采集底稿'!V:V,"直接归集成本费用") -> 517257.75 | G40: =SUMIFS('附表7-扣除项目明细采集底稿'!Y:Y,'附表7-扣除项目明细采集底稿'!E:E,数据对照表!F5,'附表7-扣除项目明细采集底稿'!V:V,"直接归集成本费用") -> 370687.66 | H40: =SUM(E40:G40) -> 1307383.6 | I40: =SUMIFS('附表7-扣除项目明细采集底稿'!W:W,'附表7-扣除项目明细采集底稿'!E:E,数据对照表!F5,'附表7-扣除项目明细采集底稿'!V:V,"共同成本费用") -> 0 | J40: =SUMIFS('附表7-扣除项目明细采集底稿'!X:X,'附表7-扣除项目明细采集底稿'!E:E,数据对照表!F5,'附表7-扣除项目明细采集底稿'!V:V,"共同成本费用") -> 0 | K40: =SUMIFS('附表7-扣除项目明细采集底稿'!Y:Y,'附表7-扣除项目明细采集底稿'!E:E,数据对照表!F5,'附表7-扣除项目明细采集底稿'!V:V,"共同成本费用") -> 0 | L40: =SUM(I40:K40) -> 0 | M40: =H40+L40 -> 1307383.6
A41: 36 | D41: =数据对照表!F6 -> 排污工程支出 | E41: =SUMIFS('附表7-扣除项目明细采集底稿'!W:W,'附表7-扣除项目明细采集底稿'!E:E,数据对照表!F6,'附表7-扣除项目明细采集底稿'!V:V,"直接归集成本费用") -> 0 | F41: =SUMIFS('附表7-扣除项目明细采集底稿'!X:X,'附表7-扣除项目明细采集底稿'!E:E,数据对照表!F6,'附表7-扣除项目明细采集底稿'!V:V,"直接归集成本费用") -> 0 | G41: =SUMIFS('附表7-扣除项目明细采集底稿'!Y:Y,'附表7-扣除项目明细采集底稿'!E:E,数据对照表!F6,'附表7-扣除项目明细采集底稿'!V:V,"直接归集成本费用") -> 0 | H41: =SUM(E41:G41) -> 0 | I41: =SUMIFS('附表7-扣除项目明细采集底稿'!W:W,'附表7-扣除项目明细采集底稿'!E:E,数据对照表!F6,'附表7-扣除项目明细采集底稿'!V:V,"共同成本费用") -> 430547.02 | J41: =SUMIFS('附表7-扣除项目明细采集底稿'!X:X,'附表7-扣除项目明细采集底稿'!E:E,数据对照表!F6,'附表7-扣除项目明细采集底稿'!V:V,"共同成本费用") -> 530982.41 | K41: =SUMIFS('附表7-扣除项目明细采集底稿'!Y:Y,'附表7-扣除项目明细采集底稿'!E:E,数据对照表!F6,'附表7-扣除项目明细采集底稿'!V:V,"共同成本费用") -> 217310.52 | L41: =SUM(I41:K41) -> 1178839.9 | M41: =H41+L41 -> 1178839.9
A42: 37 | D42: =数据对照表!F7 -> 排洪工程支出 | E42: =SUMIFS('附表7-扣除项目明细采集底稿'!W:W,'附表7-扣除项目明细采集底稿'!E:E,数据对照表!F7,'附表7-扣除项目明细采集底稿'!V:V,"直接归集成本费用") -> 0 | F42: =SUMIFS('附表7-扣除项目明细采集底稿'!X:X,'附表7-扣除项目明细采集底稿'!E:E,数据对照表!F7,'附表7-扣除项目明细采集底稿'!V:V,"直接归集成本费用") -> 0 | G42: =SUMIFS('附表7-扣除项目明细采集底稿'!Y:Y,'附表7-扣除项目明细采集底稿'!E:E,数据对照表!F7,'附表7-扣除项目明细采集底稿'!V:V,"直接归集成本费用") -> 0 | H42: =SUM(E42:G42) -> 0 | I42: =SUMIFS('附表7-扣除项目明细采集底稿'!W:W,'附表7-扣除项目明细采集底稿'!E:E,数据对照表!F7,'附表7-扣除项目明细采集底稿'!V:V,"共同成本费用") -> 0 | J42: =SUMIFS('附表7-扣除项目明细采集底稿'!X:X,'附表7-扣除项目明细采集底稿'!E:E,数据对照表!F7,'附表7-扣除项目明细采集底稿'!V:V,"共同成本费用") -> 0 | K42: =SUMIFS('附表7-扣除项目明细采集底稿'!Y:Y,'附表7-扣除项目明细采集底稿'!E:E,数据对照表!F7,'附表7-扣除项目明细采集底稿'!V:V,"共同成本费用") -> 0 | L42: =SUM(I42:K42) -> 0 | M42: =H42+L42 -> 0
A43: 38 | D43: =数据对照表!F8 -> 通讯工程支出 | E43: =SUMIFS('附表7-扣除项目明细采集底稿'!W:W,'附表7-扣除项目明细采集底稿'!E:E,数据对照表!F8,'附表7-扣除项目明细采集底稿'!V:V,"直接归集成本费用") -> 223082.86 | F43: =SUMIFS('附表7-扣除项目明细采集底稿'!X:X,'附表7-扣除项目明细采集底稿'!E:E,数据对照表!F8,'附表7-扣除项目明细采集底稿'!V:V,"直接归集成本费用") -> 275109.24 | G43: =SUMIFS('附表7-扣除项目明细采集底稿'!Y:Y,'附表7-扣除项目明细采集底稿'!E:E,数据对照表!F8,'附表7-扣除项目明细采集底稿'!V:V,"直接归集成本费用") -> 63058.12 | H43: =SUM(E43:G43) -> 561250.22 | I43: =SUMIFS('附表7-扣除项目明细采集底稿'!W:W,'附表7-扣除项目明细采集底稿'!E:E,数据对照表!F8,'附表7-扣除项目明细采集底稿'!V:V,"共同成本费用") -> 15989.54 | J43: =SUMIFS('附表7-扣除项目明细采集底稿'!X:X,'附表7-扣除项目明细采集底稿'!E:E,数据对照表!F8,'附表7-扣除项目明细采集底稿'!V:V,"共同成本费用") -> 19719.47 | K43: =SUMIFS('附表7-扣除项目明细采集底稿'!Y:Y,'附表7-扣除项目明细采集底稿'!E:E,数据对照表!F8,'附表7-扣除项目明细采集底稿'!V:V,"共同成本费用") -> 8070.42 | L43: =SUM(I43:K43) -> 43779.43 | M43: =H43+L43 -> 605029.65
A44: 39 | D44: =数据对照表!F9 -> 照明工程支出 | E44: =SUMIFS('附表7-扣除项目明细采集底稿'!W:W,'附表7-扣除项目明细采集底稿'!E:E,数据对照表!F9,'附表7-扣除项目明细采集底稿'!V:V,"直接归集成本费用") -> 0 | F44: =SUMIFS('附表7-扣除项目明细采集底稿'!X:X,'附表7-扣除项目明细采集底稿'!E:E,数据对照表!F9,'附表7-扣除项目明细采集底稿'!V:V,"直接归集成本费用") -> 0 | G44: =SUMIFS('附表7-扣除项目明细采集底稿'!Y:Y,'附表7-扣除项目明细采集底稿'!E:E,数据对照表!F9,'附表7-扣除项目明细采集底稿'!V:V,"直接归集成本费用") -> 0 | H44: =SUM(E44:G44) -> 0 | I44: =SUMIFS('附表7-扣除项目明细采集底稿'!W:W,'附表7-扣除项目明细采集底稿'!E:E,数据对照表!F9,'附表7-扣除项目明细采集底稿'!V:V,"共同成本费用") -> 38292.76 | J44: =SUMIFS('附表7-扣除项目明细采集底稿'!X:X,'附表7-扣除项目明细采集底稿'!E:E,数据对照表!F9,'附表7-扣除项目明细采集底稿'!V:V,"共同成本费用") -> 47225.46 | K44: =SUMIFS('附表7-扣除项目明细采集底稿'!Y:Y,'附表7-扣除项目明细采集底稿'!E:E,数据对照表!F9,'附表7-扣除项目明细采集底稿'!V:V,"共同成本费用") -> 19327.55 | L44: =SUM(I44:K44) -> 104845.77 | M44: =H44+L44 -> 104845.77
A45: 40 | D45: =数据对照表!F10 -> 环卫工程支出 | E45: =SUMIFS('附表7-扣除项目明细采集底稿'!W:W,'附表7-扣除项目明细采集底稿'!E:E,数据对照表!F10,'附表7-扣除项目明细采集底稿'!V:V,"直接归集成本费用") -> 0 | F45: =SUMIFS('附表7-扣除项目明细采集底稿'!X:X,'附表7-扣除项目明细采集底稿'!E:E,数据对照表!F10,'附表7-扣除项目明细采集底稿'!V:V,"直接归集成本费用") -> 0 | G45: =SUMIFS('附表7-扣除项目明细采集底稿'!Y:Y,'附表7-扣除项目明细采集底稿'!E:E,数据对照表!F10,'附表7-扣除项目明细采集底稿'!V:V,"直接归集成本费用") -> 0 | H45: =SUM(E45:G45) -> 0 | I45: =SUMIFS('附表7-扣除项目明细采集底稿'!W:W,'附表7-扣除项目明细采集底稿'!E:E,数据对照表!F10,'附表7-扣除项目明细采集底稿'!V:V,"共同成本费用") -> 0 | J45: =SUMIFS('附表7-扣除项目明细采集底稿'!X:X,'附表7-扣除项目明细采集底稿'!E:E,数据对照表!F10,'附表7-扣除项目明细采集底稿'!V:V,"共同成本费用") -> 0 | K45: =SUMIFS('附表7-扣除项目明细采集底稿'!Y:Y,'附表7-扣除项目明细采集底稿'!E:E,数据对照表!F10,'附表7-扣除项目明细采集底稿'!V:V,"共同成本费用") -> 0 | L45: =SUM(I45:K45) -> 0 | M45: =H45+L45 -> 0
A46: 41 | D46: =数据对照表!F11 -> 绿化费用 | E46: =SUMIFS('附表7-扣除项目明细采集底稿'!W:W,'附表7-扣除项目明细采集底稿'!E:E,数据对照表!F11,'附表7-扣除项目明细采集底稿'!V:V,"直接归集成本费用") -> 0 | F46: =SUMIFS('附表7-扣除项目明细采集底稿'!X:X,'附表7-扣除项目明细采集底稿'!E:E,数据对照表!F11,'附表7-扣除项目明细采集底稿'!V:V,"直接归集成本费用") -> 0 | G46: =SUMIFS('附表7-扣除项目明细采集底稿'!Y:Y,'附表7-扣除项目明细采集底稿'!E:E,数据对照表!F11,'附表7-扣除项目明细采集底稿'!V:V,"直接归集成本费用") -> 0 | H46: =SUM(E46:G46) -> 0 | I46: =SUMIFS('附表7-扣除项目明细采集底稿'!W:W,'附表7-扣除项目明细采集底稿'!E:E,数据对照表!F11,'附表7-扣除项目明细采集底稿'!V:V,"共同成本费用") -> 1431188.6 | J46: =SUMIFS('附表7-扣除项目明细采集底稿'!X:X,'附表7-扣除项目明细采集底稿'!E:E,数据对照表!F11,'附表7-扣除项目明细采集底稿'!V:V,"共同成本费用") -> 1765047.6 | K46: =SUMIFS('附表7-扣除项目明细采集底稿'!Y:Y,'附表7-扣除项目明细采集底稿'!E:E,数据对照表!F11,'附表7-扣除项目明细采集底稿'!V:V,"共同成本费用") -> 722365.51 | L46: =SUM(I46:K46) -> 3918601.6 | M46: =H46+L46 -> 3918601.6
A47: 42 | D47: =数据对照表!F12 -> 其他设施工程发生的支出 | E47: =SUMIFS('附表7-扣除项目明细采集底稿'!W:W,'附表7-扣除项目明细采集底稿'!E:E,数据对照表!F12,'附表7-扣除项目明细采集底稿'!V:V,"直接归集成本费用") -> 1208648.3 | F47: =SUMIFS('附表7-扣除项目明细采集底稿'!X:X,'附表7-扣除项目明细采集底稿'!E:E,数据对照表!F12,'附表7-扣除项目明细采集底稿'!V:V,"直接归集成本费用") -> 1490523.8 | G47: =SUMIFS('附表7-扣除项目明细采集底稿'!Y:Y,'附表7-扣除项目明细采集底稿'!E:E,数据对照表!F12,'附表7-扣除项目明细采集底稿'!V:V,"直接归集成本费用") -> 741291.88 | H47: =SUM(E47:G47) -> 3440464 | I47: =SUMIFS('附表7-扣除项目明细采集底稿'!W:W,'附表7-扣除项目明细采集底稿'!E:E,数据对照表!F12,'附表7-扣除项目明细采集底稿'!V:V,"共同成本费用") -> 636485.47 | J47: =SUMIFS('附表7-扣除项目明细采集底稿'!X:X,'附表7-扣除项目明细采集底稿'!E:E,数据对照表!F12,'附表7-扣除项目明细采集底稿'!V:V,"共同成本费用") -> 784960.91 | K47: =SUMIFS('附表7-扣除项目明细采集底稿'!Y:Y,'附表7-扣除项目明细采集底稿'!E:E,数据对照表!F12,'附表7-扣除项目明细采集底稿'!V:V,"共同成本费用") -> 321254.08 | L47: =SUM(I47:K47) -> 1742700.5 | M47: =H47+L47 -> 5183164.5
A48: 43 | C48: =数据对照表!G1 -> 公共配套设施费 | E48: =SUMIFS('附表7-扣除项目明细采集底稿'!W:W,'附表7-扣除项目明细采集底稿'!D:D,数据对照表!G1,'附表7-扣除项目明细采集底稿'!V:V,"直接归集成本费用") -> 1194.55 | F48: =SUMIFS('附表7-扣除项目明细采集底稿'!X:X,'附表7-扣除项目明细采集底稿'!D:D,数据对照表!G1,'附表7-扣除项目明细采集底稿'!V:V,"直接归集成本费用") -> 1473.14 | G48: =SUMIFS('附表7-扣除项目明细采集底稿'!Y:Y,'附表7-扣除项目明细采集底稿'!D:D,数据对照表!G1,'附表7-扣除项目明细采集底稿'!V:V,"直接归集成本费用") -> 347.33 | H48: =SUM(E48:G48) -> 3015.02 | I48: =SUMIFS('附表7-扣除项目明细采集底稿'!W:W,'附表7-扣除项目明细采集底稿'!D:D,数据对照表!G1,'附表7-扣除项目明细采集底稿'!V:V,"共同成本费用") -> 4991438.4 | J48: =SUMIFS('附表7-扣除项目明细采集底稿'!X:X,'附表7-扣除项目明细采集底稿'!D:D,数据对照表!G1,'附表7-扣除项目明细采集底稿'!V:V,"共同成本费用") -> 6155810.8 | K48: =SUMIFS('附表7-扣除项目明细采集底稿'!Y:Y,'附表7-扣除项目明细采集底稿'!D:D,数据对照表!G1,'附表7-扣除项目明细采集底稿'!V:V,"共同成本费用") -> 2519334.8 | L48: =SUM(I48:K48) -> 13666584 | M48: =H48+L48 -> 13669599
A49: 44 | C49: 其中 | D49: =数据对照表!G2 -> 居委会用房费用 | E49: =SUMIFS('附表7-扣除项目明细采集底稿'!W:W,'附表7-扣除项目明细采集底稿'!E:E,数据对照表!G2,'附表7-扣除项目明细采集底稿'!V:V,"直接归集成本费用") -> 0 | F49: =SUMIFS('附表7-扣除项目明细采集底稿'!X:X,'附表7-扣除项目明细采集底稿'!E:E,数据对照表!G2,'附表7-扣除项目明细采集底稿'!V:V,"直接归集成本费用") -> 0 | G49: =SUMIFS('附表7-扣除项目明细采集底稿'!Y:Y,'附表7-扣除项目明细采集底稿'!E:E,数据对照表!G2,'附表7-扣除项目明细采集底稿'!V:V,"直接归集成本费用") -> 0 | H49: =SUM(E49:G49) -> 0 | I49: =SUMIFS('附表7-扣除项目明细采集底稿'!W:W,'附表7-扣除项目明细采集底稿'!E:E,数据对照表!G2,'附表7-扣除项目明细采集底稿'!V:V,"共同成本费用") -> 432607.97 | J49: =SUMIFS('附表7-扣除项目明细采集底稿'!X:X,'附表7-扣除项目明细采集底稿'!E:E,数据对照表!G2,'附表7-扣除项目明细采集底稿'!V:V,"共同成本费用") -> 533524.17 | K49: =SUMIFS('附表7-扣除项目明细采集底稿'!Y:Y,'附表7-扣除项目明细采集底稿'!E:E,数据对照表!G2,'附表7-扣除项目明细采集底稿'!V:V,"共同成本费用") -> 218350.74 | L49: =SUM(I49:K49) -> 1184482.9 | M49: =H49+L49 -> 1184482.9
A50: 45 | D50: =数据对照表!G3 -> 派出所用房费用 | E50: =SUMIFS('附表7-扣除项目明细采集底稿'!W:W,'附表7-扣除项目明细采集底稿'!E:E,数据对照表!G3,'附表7-扣除项目明细采集底稿'!V:V,"直接归集成本费用") -> 0 | F50: =SUMIFS('附表7-扣除项目明细采集底稿'!X:X,'附表7-扣除项目明细采集底稿'!E:E,数据对照表!G3,'附表7-扣除项目明细采集底稿'!V:V,"直接归集成本费用") -> 0 | G50: =SUMIFS('附表7-扣除项目明细采集底稿'!Y:Y,'附表7-扣除项目明细采集底稿'!E:E,数据对照表!G3,'附表7-扣除项目明细采集底稿'!V:V,"直接归集成本费用") -> 0 | H50: =SUM(E50:G50) -> 0 | I50: =SUMIFS('附表7-扣除项目明细采集底稿'!W:W,'附表7-扣除项目明细采集底稿'!E:E,数据对照表!G3,'附表7-扣除项目明细采集底稿'!V:V,"共同成本费用") -> 2407.01 | J50: =SUMIFS('附表7-扣除项目明细采集底稿'!X:X,'附表7-扣除项目明细采集底稿'!E:E,数据对照表!G3,'附表7-扣除项目明细采集底稿'!V:V,"共同成本费用") -> 2968.5 | K50: =SUMIFS('附表7-扣除项目明细采集底稿'!Y:Y,'附表7-扣除项目明细采集底稿'!E:E,数据对照表!G3,'附表7-扣除项目明细采集底稿'!V:V,"共同成本费用") -> 1214.89 | L50: =SUM(I50:K50) -> 6590.4 | M50: =H50+L50 -> 6590.4
A51: 46 | D51: =数据对照表!G4 -> 会所费用 | E51: =SUMIFS('附表7-扣除项目明细采集底稿'!W:W,'附表7-扣除项目明细采集底稿'!E:E,数据对照表!G4,'附表7-扣除项目明细采集底稿'!V:V,"直接归集成本费用") -> 0 | F51: =SUMIFS('附表7-扣除项目明细采集底稿'!X:X,'附表7-扣除项目明细采集底稿'!E:E,数据对照表!G4,'附表7-扣除项目明细采集底稿'!V:V,"直接归集成本费用") -> 0 | G51: =SUMIFS('附表7-扣除项目明细采集底稿'!Y:Y,'附表7-扣除项目明细采集底稿'!E:E,数据对照表!G4,'附表7-扣除项目明细采集底稿'!V:V,"直接归集成本费用") -> 0 | H51: =SUM(E51:G51) -> 0 | I51: =SUMIFS('附表7-扣除项目明细采集底稿'!W:W,'附表7-扣除项目明细采集底稿'!E:E,数据对照表!G4,'附表7-扣除项目明细采集底稿'!V:V,"共同成本费用") -> 0 | J51: =SUMIFS('附表7-扣除项目明细采集底稿'!X:X,'附表7-扣除项目明细采集底稿'!E:E,数据对照表!G4,'附表7-扣除项目明细采集底稿'!V:V,"共同成本费用") -> 0 | K51: =SUMIFS('附表7-扣除项目明细采集底稿'!Y:Y,'附表7-扣除项目明细采集底稿'!E:E,数据对照表!G4,'附表7-扣除项目明细采集底稿'!V:V,"共同成本费用") -> 0 | L51: =SUM(I51:K51) -> 0 | M51: =H51+L51 -> 0
A52: 47 | D52: =数据对照表!G5 -> 非机动车库（场）费用 | E52: =SUMIFS('附表7-扣除项目明细采集底稿'!W:W,'附表7-扣除项目明细采集底稿'!E:E,数据对照表!G5,'附表7-扣除项目明细采集底稿'!V:V,"直接归集成本费用") -> 0 | F52: =SUMIFS('附表7-扣除项目明细采集底稿'!X:X,'附表7-扣除项目明细采集底稿'!E:E,数据对照表!G5,'附表7-扣除项目明细采集底稿'!V:V,"直接归集成本费用") -> 0 | G52: =SUMIFS('附表7-扣除项目明细采集底稿'!Y:Y,'附表7-扣除项目明细采集底稿'!E:E,数据对照表!G5,'附表7-扣除项目明细采集底稿'!V:V,"直接归集成本费用") -> 0 | H52: =SUM(E52:G52) -> 0 | I52: =SUMIFS('附表7-扣除项目明细采集底稿'!W:W,'附表7-扣除项目明细采集底稿'!E:E,数据对照表!G5,'附表7-扣除项目明细采集底稿'!V:V,"共同成本费用") -> 3237.74 | J52: =SUMIFS('附表7-扣除项目明细采集底稿'!X:X,'附表7-扣除项目明细采集底稿'!E:E,数据对照表!G5,'附表7-扣除项目明细采集底稿'!V:V,"共同成本费用") -> 3993.03 | K52: =SUMIFS('附表7-扣除项目明细采集底稿'!Y:Y,'附表7-扣除项目明细采集底稿'!E:E,数据对照表!G5,'附表7-扣除项目明细采集底稿'!V:V,"共同成本费用") -> 1634.19 | L52: =SUM(I52:K52) -> 8864.96 | M52: =H52+L52 -> 8864.96
A53: 48 | D53: =数据对照表!G6 -> 地下人防设施费用 | E53: =SUMIFS('附表7-扣除项目明细采集底稿'!W:W,'附表7-扣除项目明细采集底稿'!E:E,数据对照表!G6,'附表7-扣除项目明细采集底稿'!V:V,"直接归集成本费用") -> 1194.55 | F53: =SUMIFS('附表7-扣除项目明细采集底稿'!X:X,'附表7-扣除项目明细采集底稿'!E:E,数据对照表!G6,'附表7-扣除项目明细采集底稿'!V:V,"直接归集成本费用") -> 1473.14 | G53: =SUMIFS('附表7-扣除项目明细采集底稿'!Y:Y,'附表7-扣除项目明细采集底稿'!E:E,数据对照表!G6,'附表7-扣除项目明细采集底稿'!V:V,"直接归集成本费用") -> 347.33 | H53: =SUM(E53:G53) -> 3015.02 | I53: =SUMIFS('附表7-扣除项目明细采集底稿'!W:W,'附表7-扣除项目明细采集底稿'!E:E,数据对照表!G6,'附表7-扣除项目明细采集底稿'!V:V,"共同成本费用") -> 3324653.3 | J53: =SUMIFS('附表7-扣除项目明细采集底稿'!X:X,'附表7-扣除项目明细采集底稿'!E:E,数据对照表!G6,'附表7-扣除项目明细采集底稿'!V:V,"共同成本费用") -> 4100208.2 | K53: =SUMIFS('附表7-扣除项目明细采集底稿'!Y:Y,'附表7-扣除项目明细采集底稿'!E:E,数据对照表!G6,'附表7-扣除项目明细采集底稿'!V:V,"共同成本费用") -> 1678056.3 | L53: =SUM(I53:K53) -> 9102917.8 | M53: =H53+L53 -> 9105932.8
A54: 49 | D54: =数据对照表!G7 -> 物业管理场所费用 | E54: =SUMIFS('附表7-扣除项目明细采集底稿'!W:W,'附表7-扣除项目明细采集底稿'!E:E,数据对照表!G7,'附表7-扣除项目明细采集底稿'!V:V,"直接归集成本费用") -> 0 | F54: =SUMIFS('附表7-扣除项目明细采集底稿'!X:X,'附表7-扣除项目明细采集底稿'!E:E,数据对照表!G7,'附表7-扣除项目明细采集底稿'!V:V,"直接归集成本费用") -> 0 | G54: =SUMIFS('附表7-扣除项目明细采集底稿'!Y:Y,'附表7-扣除项目明细采集底稿'!E:E,数据对照表!G7,'附表7-扣除项目明细采集底稿'!V:V,"直接归集成本费用") -> 0 | H54: =SUM(E54:G54) -> 0 | I54: =SUMIFS('附表7-扣除项目明细采集底稿'!W:W,'附表7-扣除项目明细采集底稿'!E:E,数据对照表!G7,'附表7-扣除项目明细采集底稿'!V:V,"共同成本费用") -> 0 | J54: =SUMIFS('附表7-扣除项目明细采集底稿'!X:X,'附表7-扣除项目明细采集底稿'!E:E,数据对照表!G7,'附表7-扣除项目明细采集底稿'!V:V,"共同成本费用") -> 0 | K54: =SUMIFS('附表7-扣除项目明细采集底稿'!Y:Y,'附表7-扣除项目明细采集底稿'!E:E,数据对照表!G7,'附表7-扣除项目明细采集底稿'!V:V,"共同成本费用") -> 0 | L54: =SUM(I54:K54) -> 0 | M54: =H54+L54 -> 0
A55: 50 | D55: =数据对照表!G8 -> 变电站费用 | E55: =SUMIFS('附表7-扣除项目明细采集底稿'!W:W,'附表7-扣除项目明细采集底稿'!E:E,数据对照表!G8,'附表7-扣除项目明细采集底稿'!V:V,"直接归集成本费用") -> 0 | F55: =SUMIFS('附表7-扣除项目明细采集底稿'!X:X,'附表7-扣除项目明细采集底稿'!E:E,数据对照表!G8,'附表7-扣除项目明细采集底稿'!V:V,"直接归集成本费用") -> 0 | G55: =SUMIFS('附表7-扣除项目明细采集底稿'!Y:Y,'附表7-扣除项目明细采集底稿'!E:E,数据对照表!G8,'附表7-扣除项目明细采集底稿'!V:V,"直接归集成本费用") -> 0 | H55: =SUM(E55:G55) -> 0 | I55: =SUMIFS('附表7-扣除项目明细采集底稿'!W:W,'附表7-扣除项目明细采集底稿'!E:E,数据对照表!G8,'附表7-扣除项目明细采集底稿'!V:V,"共同成本费用") -> 0 | J55: =SUMIFS('附表7-扣除项目明细采集底稿'!X:X,'附表7-扣除项目明细采集底稿'!E:E,数据对照表!G8,'附表7-扣除项目明细采集底稿'!V:V,"共同成本费用") -> 0 | K55: =SUMIFS('附表7-扣除项目明细采集底稿'!Y:Y,'附表7-扣除项目明细采集底稿'!E:E,数据对照表!G8,'附表7-扣除项目明细采集底稿'!V:V,"共同成本费用") -> 0 | L55: =SUM(I55:K55) -> 0 | M55: =H55+L55 -> 0
A56: 51 | D56: =数据对照表!G9 -> 热力站费用 | E56: =SUMIFS('附表7-扣除项目明细采集底稿'!W:W,'附表7-扣除项目明细采集底稿'!E:E,数据对照表!G9,'附表7-扣除项目明细采集底稿'!V:V,"直接归集成本费用") -> 0 | F56: =SUMIFS('附表7-扣除项目明细采集底稿'!X:X,'附表7-扣除项目明细采集底稿'!E:E,数据对照表!G9,'附表7-扣除项目明细采集底稿'!V:V,"直接归集成本费用") -> 0 | G56: =SUMIFS('附表7-扣除项目明细采集底稿'!Y:Y,'附表7-扣除项目明细采集底稿'!E:E,数据对照表!G9,'附表7-扣除项目明细采集底稿'!V:V,"直接归集成本费用") -> 0 | H56: =SUM(E56:G56) -> 0 | I56: =SUMIFS('附表7-扣除项目明细采集底稿'!W:W,'附表7-扣除项目明细采集底稿'!E:E,数据对照表!G9,'附表7-扣除项目明细采集底稿'!V:V,"共同成本费用") -> 0 | J56: =SUMIFS('附表7-扣除项目明细采集底稿'!X:X,'附表7-扣除项目明细采集底稿'!E:E,数据对照表!G9,'附表7-扣除项目明细采集底稿'!V:V,"共同成本费用") -> 0 | K56: =SUMIFS('附表7-扣除项目明细采集底稿'!Y:Y,'附表7-扣除项目明细采集底稿'!E:E,数据对照表!G9,'附表7-扣除项目明细采集底稿'!V:V,"共同成本费用") -> 0 | L56: =SUM(I56:K56) -> 0 | M56: =H56+L56 -> 0
A57: 52 | D57: =数据对照表!G10 -> 水厂费用 | E57: =SUMIFS('附表7-扣除项目明细采集底稿'!W:W,'附表7-扣除项目明细采集底稿'!E:E,数据对照表!G10,'附表7-扣除项目明细采集底稿'!V:V,"直接归集成本费用") -> 0 | F57: =SUMIFS('附表7-扣除项目明细采集底稿'!X:X,'附表7-扣除项目明细采集底稿'!E:E,数据对照表!G10,'附表7-扣除项目明细采集底稿'!V:V,"直接归集成本费用") -> 0 | G57: =SUMIFS('附表7-扣除项目明细采集底稿'!Y:Y,'附表7-扣除项目明细采集底稿'!E:E,数据对照表!G10,'附表7-扣除项目明细采集底稿'!V:V,"直接归集成本费用") -> 0 | H57: =SUM(E57:G57) -> 0 | I57: =SUMIFS('附表7-扣除项目明细采集底稿'!W:W,'附表7-扣除项目明细采集底稿'!E:E,数据对照表!G10,'附表7-扣除项目明细采集底稿'!V:V,"共同成本费用") -> 0 | J57: =SUMIFS('附表7-扣除项目明细采集底稿'!X:X,'附表7-扣除项目明细采集底稿'!E:E,数据对照表!G10,'附表7-扣除项目明细采集底稿'!V:V,"共同成本费用") -> 0 | K57: =SUMIFS('附表7-扣除项目明细采集底稿'!Y:Y,'附表7-扣除项目明细采集底稿'!E:E,数据对照表!G10,'附表7-扣除项目明细采集底稿'!V:V,"共同成本费用") -> 0 | L57: =SUM(I57:K57) -> 0 | M57: =H57+L57 -> 0
A58: 53 | D58: =数据对照表!G11 -> 文体场馆费用 | E58: =SUMIFS('附表7-扣除项目明细采集底稿'!W:W,'附表7-扣除项目明细采集底稿'!E:E,数据对照表!G11,'附表7-扣除项目明细采集底稿'!V:V,"直接归集成本费用") -> 0 | F58: =SUMIFS('附表7-扣除项目明细采集底稿'!X:X,'附表7-扣除项目明细采集底稿'!E:E,数据对照表!G11,'附表7-扣除项目明细采集底稿'!V:V,"直接归集成本费用") -> 0 | G58: =SUMIFS('附表7-扣除项目明细采集底稿'!Y:Y,'附表7-扣除项目明细采集底稿'!E:E,数据对照表!G11,'附表7-扣除项目明细采集底稿'!V:V,"直接归集成本费用") -> 0 | H58: =SUM(E58:G58) -> 0 | I58: =SUMIFS('附表7-扣除项目明细采集底稿'!W:W,'附表7-扣除项目明细采集底稿'!E:E,数据对照表!G11,'附表7-扣除项目明细采集底稿'!V:V,"共同成本费用") -> 0 | J58: =SUMIFS('附表7-扣除项目明细采集底稿'!X:X,'附表7-扣除项目明细采集底稿'!E:E,数据对照表!G11,'附表7-扣除项目明细采集底稿'!V:V,"共同成本费用") -> 0 | K58: =SUMIFS('附表7-扣除项目明细采集底稿'!Y:Y,'附表7-扣除项目明细采集底稿'!E:E,数据对照表!G11,'附表7-扣除项目明细采集底稿'!V:V,"共同成本费用") -> 0 | L58: =SUM(I58:K58) -> 0 | M58: =H58+L58 -> 0
A59: 54 | D59: =数据对照表!G12 -> 学校费用 | E59: =SUMIFS('附表7-扣除项目明细采集底稿'!W:W,'附表7-扣除项目明细采集底稿'!E:E,数据对照表!G12,'附表7-扣除项目明细采集底稿'!V:V,"直接归集成本费用") -> 0 | F59: =SUMIFS('附表7-扣除项目明细采集底稿'!X:X,'附表7-扣除项目明细采集底稿'!E:E,数据对照表!G12,'附表7-扣除项目明细采集底稿'!V:V,"直接归集成本费用") -> 0 | G59: =SUMIFS('附表7-扣除项目明细采集底稿'!Y:Y,'附表7-扣除项目明细采集底稿'!E:E,数据对照表!G12,'附表7-扣除项目明细采集底稿'!V:V,"直接归集成本费用") -> 0 | H59: =SUM(E59:G59) -> 0 | I59: =SUMIFS('附表7-扣除项目明细采集底稿'!W:W,'附表7-扣除项目明细采集底稿'!E:E,数据对照表!G12,'附表7-扣除项目明细采集底稿'!V:V,"共同成本费用") -> 0 | J59: =SUMIFS('附表7-扣除项目明细采集底稿'!X:X,'附表7-扣除项目明细采集底稿'!E:E,数据对照表!G12,'附表7-扣除项目明细采集底稿'!V:V,"共同成本费用") -> 0 | K59: =SUMIFS('附表7-扣除项目明细采集底稿'!Y:Y,'附表7-扣除项目明细采集底稿'!E:E,数据对照表!G12,'附表7-扣除项目明细采集底稿'!V:V,"共同成本费用") -> 0 | L59: =SUM(I59:K59) -> 0 | M59: =H59+L59 -> 0
A60: 55 | D60: =数据对照表!G13 -> 幼儿园费用 | E60: =SUMIFS('附表7-扣除项目明细采集底稿'!W:W,'附表7-扣除项目明细采集底稿'!E:E,数据对照表!G13,'附表7-扣除项目明细采集底稿'!V:V,"直接归集成本费用") -> 0 | F60: =SUMIFS('附表7-扣除项目明细采集底稿'!X:X,'附表7-扣除项目明细采集底稿'!E:E,数据对照表!G13,'附表7-扣除项目明细采集底稿'!V:V,"直接归集成本费用") -> 0 | G60: =SUMIFS('附表7-扣除项目明细采集底稿'!Y:Y,'附表7-扣除项目明细采集底稿'!E:E,数据对照表!G13,'附表7-扣除项目明细采集底稿'!V:V,"直接归集成本费用") -> 0 | H60: =SUM(E60:G60) -> 0 | I60: =SUMIFS('附表7-扣除项目明细采集底稿'!W:W,'附表7-扣除项目明细采集底稿'!E:E,数据对照表!G13,'附表7-扣除项目明细采集底稿'!V:V,"共同成本费用") -> 705137.71 | J60: =SUMIFS('附表7-扣除项目明细采集底稿'!X:X,'附表7-扣除项目明细采集底稿'!E:E,数据对照表!G13,'附表7-扣除项目明细采集底稿'!V:V,"共同成本费用") -> 869627.92 | K60: =SUMIFS('附表7-扣除项目明细采集底稿'!Y:Y,'附表7-扣除项目明细采集底稿'!E:E,数据对照表!G13,'附表7-扣除项目明细采集底稿'!V:V,"共同成本费用") -> 355905.02 | L60: =SUM(I60:K60) -> 1930670.6 | M60: =H60+L60 -> 1930670.6
A61: 56 | D61: =数据对照表!G14 -> 托儿所费用 | E61: =SUMIFS('附表7-扣除项目明细采集底稿'!W:W,'附表7-扣除项目明细采集底稿'!E:E,数据对照表!G14,'附表7-扣除项目明细采集底稿'!V:V,"直接归集成本费用") -> 0 | F61: =SUMIFS('附表7-扣除项目明细采集底稿'!X:X,'附表7-扣除项目明细采集底稿'!E:E,数据对照表!G14,'附表7-扣除项目明细采集底稿'!V:V,"直接归集成本费用") -> 0 | G61: =SUMIFS('附表7-扣除项目明细采集底稿'!Y:Y,'附表7-扣除项目明细采集底稿'!E:E,数据对照表!G14,'附表7-扣除项目明细采集底稿'!V:V,"直接归集成本费用") -> 0 | H61: =SUM(E61:G61) -> 0 | I61: =SUMIFS('附表7-扣除项目明细采集底稿'!W:W,'附表7-扣除项目明细采集底稿'!E:E,数据对照表!G14,'附表7-扣除项目明细采集底稿'!V:V,"共同成本费用") -> 0 | J61: =SUMIFS('附表7-扣除项目明细采集底稿'!X:X,'附表7-扣除项目明细采集底稿'!E:E,数据对照表!G14,'附表7-扣除项目明细采集底稿'!V:V,"共同成本费用") -> 0 | K61: =SUMIFS('附表7-扣除项目明细采集底稿'!Y:Y,'附表7-扣除项目明细采集底稿'!E:E,数据对照表!G14,'附表7-扣除项目明细采集底稿'!V:V,"共同成本费用") -> 0 | L61: =SUM(I61:K61) -> 0 | M61: =H61+L61 -> 0
... A64: 59 | D64: =数据对照表!G17 -> 其他非营业性房产费用 | E64: =SUMIFS('附表7-扣除项目明细采集底稿'!W:W,'附表7-扣除项目明细采集底稿'!E:E,数据对照表!G17,'附表7-扣除项目明细采集底稿'!V:V,"直接归集成本费用") -> 0 | F64: =SUMIFS('附表7-扣除项目明细采集底稿'!X:X,'附表7-扣除项目明细采集底稿'!E:E,数据对照表!G17,'附表7-扣除项目明细采集底稿'!V:V,"直接归集成本费用") -> 0 | G64: =SUMIFS('附表7-扣除项目明细采集底稿'!Y:Y,'附表7-扣除项目明细采集底稿'!E:E,数据对照表!G17,'附表7-扣除项目明细采集底稿'!V:V,"直接归集成本费用") -> 0 | H64: =SUM(E64:G64) -> 0 | I64: =SUMIFS('附表7-扣除项目明细采集底稿'!W:W,'附表7-扣除项目明细采集底稿'!E:E,数据对照表!G17,'附表7-扣除项目明细采集底稿'!V:V,"共同成本费用") -> 330392.71 | J64: =SUMIFS('附表7-扣除项目明细采集底稿'!X:X,'附表7-扣除项目明细采集底稿'!E:E,数据对照表!G17,'附表7-扣除项目明细采集底稿'!V:V,"共同成本费用") -> 407464.72 | K64: =SUMIFS('附表7-扣除项目明细采集底稿'!Y:Y,'附表7-扣除项目明细采集底稿'!E:E,数据对照表!G17,'附表7-扣除项目明细采集底稿'!V:V,"共同成本费用") -> 166759.5 | L64: =SUM(I64:K64) -> 904616.93 | M64: =H64+L64 -> 904616.93
A65: 60 | C65: =数据对照表!H1 -> 开发间接费用 | E65: =SUMIFS('附表7-扣除项目明细采集底稿'!W:W,'附表7-扣除项目明细采集底稿'!D:D,数据对照表!H1,'附表7-扣除项目明细采集底稿'!V:V,"直接归集成本费用") -> 0 | F65: =SUMIFS('附表7-扣除项目明细采集底稿'!X:X,'附表7-扣除项目明细采集底稿'!D:D,数据对照表!H1,'附表7-扣除项目明细采集底稿'!V:V,"直接归集成本费用") -> 0 | G65: =SUMIFS('附表7-扣除项目明细采集底稿'!Y:Y,'附表7-扣除项目明细采集底稿'!D:D,数据对照表!H1,'附表7-扣除项目明细采集底稿'!V:V,"直接归集成本费用") -> 0 | H65: =SUM(E65:G65) -> 0 | I65: =SUMIFS('附表7-扣除项目明细采集底稿'!W:W,'附表7-扣除项目明细采集底稿'!D:D,数据对照表!H1,'附表7-扣除项目明细采集底稿'!V:V,"共同成本费用") -> 533424.41 | J65: =SUMIFS('附表7-扣除项目明细采集底稿'!X:X,'附表7-扣除项目明细采集底稿'!D:D,数据对照表!H1,'附表7-扣除项目明细采集底稿'!V:V,"共同成本费用") -> 657858.45 | K65: =SUMIFS('附表7-扣除项目明细采集底稿'!Y:Y,'附表7-扣除项目明细采集底稿'!D:D,数据对照表!H1,'附表7-扣除项目明细采集底稿'!V:V,"共同成本费用") -> 269235.97 | L65: =SUM(I65:K65) -> 1460518.8 | M65: =H65+L65 -> 1460518.8
A66: 61 | C66: 其中 | D66: =数据对照表!H2 -> 管理人员工资 | E66: =SUMIFS('附表7-扣除项目明细采集底稿'!W:W,'附表7-扣除项目明细采集底稿'!E:E,数据对照表!H2,'附表7-扣除项目明细采集底稿'!V:V,"直接归集成本费用") -> 0 | F66: =SUMIFS('附表7-扣除项目明细采集底稿'!X:X,'附表7-扣除项目明细采集底稿'!E:E,数据对照表!H2,'附表7-扣除项目明细采集底稿'!V:V,"直接归集成本费用") -> 0 | G66: =SUMIFS('附表7-扣除项目明细采集底稿'!Y:Y,'附表7-扣除项目明细采集底稿'!E:E,数据对照表!H2,'附表7-扣除项目明细采集底稿'!V:V,"直接归集成本费用") -> 0 | H66: =SUM(E66:G66) -> 0 | I66: =SUMIFS('附表7-扣除项目明细采集底稿'!W:W,'附表7-扣除项目明细采集底稿'!E:E,数据对照表!H2,'附表7-扣除项目明细采集底稿'!V:V,"共同成本费用") -> 527585.63 | J66: =SUMIFS('附表7-扣除项目明细采集底稿'!X:X,'附表7-扣除项目明细采集底稿'!E:E,数据对照表!H2,'附表7-扣除项目明细采集底稿'!V:V,"共同成本费用") -> 650657.63 | K66: =SUMIFS('附表7-扣除项目明细采集底稿'!Y:Y,'附表7-扣除项目明细采集底稿'!E:E,数据对照表!H2,'附表7-扣除项目明细采集底稿'!V:V,"共同成本费用") -> 266288.96 | L66: =SUM(I66:K66) -> 1444532.2 | M66: =H66+L66 -> 1444532.2
A67: 62 | D67: =数据对照表!H3 -> 职工福利费 | E67: =SUMIFS('附表7-扣除项目明细采集底稿'!W:W,'附表7-扣除项目明细采集底稿'!E:E,数据对照表!H3,'附表7-扣除项目明细采集底稿'!V:V,"直接归集成本费用") -> 0 | F67: =SUMIFS('附表7-扣除项目明细采集底稿'!X:X,'附表7-扣除项目明细采集底稿'!E:E,数据对照表!H3,'附表7-扣除项目明细采集底稿'!V:V,"直接归集成本费用") -> 0 | G67: =SUMIFS('附表7-扣除项目明细采集底稿'!Y:Y,'附表7-扣除项目明细采集底稿'!E:E,数据对照表!H3,'附表7-扣除项目明细采集底稿'!V:V,"直接归集成本费用") -> 0 | H67: =SUM(E67:G67) -> 0 | I67: =SUMIFS('附表7-扣除项目明细采集底稿'!W:W,'附表7-扣除项目明细采集底稿'!E:E,数据对照表!H3,'附表7-扣除项目明细采集底稿'!V:V,"共同成本费用") -> 0 | J67: =SUMIFS('附表7-扣除项目明细采集底稿'!X:X,'附表7-扣除项目明细采集底稿'!E:E,数据对照表!H3,'附表7-扣除项目明细采集底稿'!V:V,"共同成本费用") -> 0 | K67: =SUMIFS('附表7-扣除项目明细采集底稿'!Y:Y,'附表7-扣除项目明细采集底稿'!E:E,数据对照表!H3,'附表7-扣除项目明细采集底稿'!V:V,"共同成本费用") -> 0 | L67: =SUM(I67:K67) -> 0 | M67: =H67+L67 -> 0
A68: 63 | D68: =数据对照表!H4 -> 折旧费 | E68: =SUMIFS('附表7-扣除项目明细采集底稿'!W:W,'附表7-扣除项目明细采集底稿'!E:E,数据对照表!H4,'附表7-扣除项目明细采集底稿'!V:V,"直接归集成本费用") -> 0 | F68: =SUMIFS('附表7-扣除项目明细采集底稿'!X:X,'附表7-扣除项目明细采集底稿'!E:E,数据对照表!H4,'附表7-扣除项目明细采集底稿'!V:V,"直接归集成本费用") -> 0 | G68: =SUMIFS('附表7-扣除项目明细采集底稿'!Y:Y,'附表7-扣除项目明细采集底稿'!E:E,数据对照表!H4,'附表7-扣除项目明细采集底稿'!V:V,"直接归集成本费用") -> 0 | H68: =SUM(E68:G68) -> 0 | I68: =SUMIFS('附表7-扣除项目明细采集底稿'!W:W,'附表7-扣除项目明细采集底稿'!E:E,数据对照表!H4,'附表7-扣除项目明细采集底稿'!V:V,"共同成本费用") -> 0 | J68: =SUMIFS('附表7-扣除项目明细采集底稿'!X:X,'附表7-扣除项目明细采集底稿'!E:E,数据对照表!H4,'附表7-扣除项目明细采集底稿'!V:V,"共同成本费用") -> 0 | K68: =SUMIFS('附表7-扣除项目明细采集底稿'!Y:Y,'附表7-扣除项目明细采集底稿'!E:E,数据对照表!H4,'附表7-扣除项目明细采集底稿'!V:V,"共同成本费用") -> 0 | L68: =SUM(I68:K68) -> 0 | M68: =H68+L68 -> 0
A69: 64 | D69: =数据对照表!H5 -> 修理费 | E69: =SUMIFS('附表7-扣除项目明细采集底稿'!W:W,'附表7-扣除项目明细采集底稿'!E:E,数据对照表!H5,'附表7-扣除项目明细采集底稿'!V:V,"直接归集成本费用") -> 0 | F69: =SUMIFS('附表7-扣除项目明细采集底稿'!X:X,'附表7-扣除项目明细采集底稿'!E:E,数据对照表!H5,'附表7-扣除项目明细采集底稿'!V:V,"直接归集成本费用") -> 0 | G69: =SUMIFS('附表7-扣除项目明细采集底稿'!Y:Y,'附表7-扣除项目明细采集底稿'!E:E,数据对照表!H5,'附表7-扣除项目明细采集底稿'!V:V,"直接归集成本费用") -> 0 | H69: =SUM(E69:G69) -> 0 | I69: =SUMIFS('附表7-扣除项目明细采集底稿'!W:W,'附表7-扣除项目明细采集底稿'!E:E,数据对照表!H5,'附表7-扣除项目明细采集底稿'!V:V,"共同成本费用") -> 0 | J69: =SUMIFS('附表7-扣除项目明细采集底稿'!X:X,'附表7-扣除项目明细采集底稿'!E:E,数据对照表!H5,'附表7-扣除项目明细采集底稿'!V:V,"共同成本费用") -> 0 | K69: =SUMIFS('附表7-扣除项目明细采集底稿'!Y:Y,'附表7-扣除项目明细采集底稿'!E:E,数据对照表!H5,'附表7-扣除项目明细采集底稿'!V:V,"共同成本费用") -> 0 | L69: =SUM(I69:K69) -> 0 | M69: =H69+L69 -> 0
A70: 65 | D70: =数据对照表!H6 -> 办公费 | E70: =SUMIFS('附表7-扣除项目明细采集底稿'!W:W,'附表7-扣除项目明细采集底稿'!E:E,数据对照表!H6,'附表7-扣除项目明细采集底稿'!V:V,"直接归集成本费用") -> 0 | F70: =SUMIFS('附表7-扣除项目明细采集底稿'!X:X,'附表7-扣除项目明细采集底稿'!E:E,数据对照表!H6,'附表7-扣除项目明细采集底稿'!V:V,"直接归集成本费用") -> 0 | G70: =SUMIFS('附表7-扣除项目明细采集底稿'!Y:Y,'附表7-扣除项目明细采集底稿'!E:E,数据对照表!H6,'附表7-扣除项目明细采集底稿'!V:V,"直接归集成本费用") -> 0 | H70: =SUM(E70:G70) -> 0 | I70: =SUMIFS('附表7-扣除项目明细采集底稿'!W:W,'附表7-扣除项目明细采集底稿'!E:E,数据对照表!H6,'附表7-扣除项目明细采集底稿'!V:V,"共同成本费用") -> 0 | J70: =SUMIFS('附表7-扣除项目明细采集底稿'!X:X,'附表7-扣除项目明细采集底稿'!E:E,数据对照表!H6,'附表7-扣除项目明细采集底稿'!V:V,"共同成本费用") -> 0 | K70: =SUMIFS('附表7-扣除项目明细采集底稿'!Y:Y,'附表7-扣除项目明细采集底稿'!E:E,数据对照表!H6,'附表7-扣除项目明细采集底稿'!V:V,"共同成本费用") -> 0 | L70: =SUM(I70:K70) -> 0 | M70: =H70+L70 -> 0
A71: 66 | D71: =数据对照表!H7 -> 水电费 | E71: =SUMIFS('附表7-扣除项目明细采集底稿'!W:W,'附表7-扣除项目明细采集底稿'!E:E,数据对照表!H7,'附表7-扣除项目明细采集底稿'!V:V,"直接归集成本费用") -> 0 | F71: =SUMIFS('附表7-扣除项目明细采集底稿'!X:X,'附表7-扣除项目明细采集底稿'!E:E,数据对照表!H7,'附表7-扣除项目明细采集底稿'!V:V,"直接归集成本费用") -> 0 | G71: =SUMIFS('附表7-扣除项目明细采集底稿'!Y:Y,'附表7-扣除项目明细采集底稿'!E:E,数据对照表!H7,'附表7-扣除项目明细采集底稿'!V:V,"直接归集成本费用") -> 0 | H71: =SUM(E71:G71) -> 0 | I71: =SUMIFS('附表7-扣除项目明细采集底稿'!W:W,'附表7-扣除项目明细采集底稿'!E:E,数据对照表!H7,'附表7-扣除项目明细采集底稿'!V:V,"共同成本费用") -> 0 | J71: =SUMIFS('附表7-扣除项目明细采集底稿'!X:X,'附表7-扣除项目明细采集底稿'!E:E,数据对照表!H7,'附表7-扣除项目明细采集底稿'!V:V,"共同成本费用") -> 0 | K71: =SUMIFS('附表7-扣除项目明细采集底稿'!Y:Y,'附表7-扣除项目明细采集底稿'!E:E,数据对照表!H7,'附表7-扣除项目明细采集底稿'!V:V,"共同成本费用") -> 0 | L71: =SUM(I71:K71) -> 0 | M71: =H71+L71 -> 0
A72: 67 | D72: =数据对照表!H8 -> 劳动保护费 | E72: =SUMIFS('附表7-扣除项目明细采集底稿'!W:W,'附表7-扣除项目明细采集底稿'!E:E,数据对照表!H8,'附表7-扣除项目明细采集底稿'!V:V,"直接归集成本费用") -> 0 | F72: =SUMIFS('附表7-扣除项目明细采集底稿'!X:X,'附表7-扣除项目明细采集底稿'!E:E,数据对照表!H8,'附表7-扣除项目明细采集底稿'!V:V,"直接归集成本费用") -> 0 | G72: =SUMIFS('附表7-扣除项目明细采集底稿'!Y:Y,'附表7-扣除项目明细采集底稿'!E:E,数据对照表!H8,'附表7-扣除项目明细采集底稿'!V:V,"直接归集成本费用") -> 0 | H72: =SUM(E72:G72) -> 0 | I72: =SUMIFS('附表7-扣除项目明细采集底稿'!W:W,'附表7-扣除项目明细采集底稿'!E:E,数据对照表!H8,'附表7-扣除项目明细采集底稿'!V:V,"共同成本费用") -> 0 | J72: =SUMIFS('附表7-扣除项目明细采集底稿'!X:X,'附表7-扣除项目明细采集底稿'!E:E,数据对照表!H8,'附表7-扣除项目明细采集底稿'!V:V,"共同成本费用") -> 0 | K72: =SUMIFS('附表7-扣除项目明细采集底稿'!Y:Y,'附表7-扣除项目明细采集底稿'!E:E,数据对照表!H8,'附表7-扣除项目明细采集底稿'!V:V,"共同成本费用") -> 0 | L72: =SUM(I72:K72) -> 0 | M72: =H72+L72 -> 0
A73: 68 | D73: =数据对照表!H9 -> 周转房摊销费 | E73: =SUMIFS('附表7-扣除项目明细采集底稿'!W:W,'附表7-扣除项目明细采集底稿'!E:E,数据对照表!H9,'附表7-扣除项目明细采集底稿'!V:V,"直接归集成本费用") -> 0 | F73: =SUMIFS('附表7-扣除项目明细采集底稿'!X:X,'附表7-扣除项目明细采集底稿'!E:E,数据对照表!H9,'附表7-扣除项目明细采集底稿'!V:V,"直接归集成本费用") -> 0 | G73: =SUMIFS('附表7-扣除项目明细采集底稿'!Y:Y,'附表7-扣除项目明细采集底稿'!E:E,数据对照表!H9,'附表7-扣除项目明细采集底稿'!V:V,"直接归集成本费用") -> 0 | H73: =SUM(E73:G73) -> 0 | I73: =SUMIFS('附表7-扣除项目明细采集底稿'!W:W,'附表7-扣除项目明细采集底稿'!E:E,数据对照表!H9,'附表7-扣除项目明细采集底稿'!V:V,"共同成本费用") -> 0 | J73: =SUMIFS('附表7-扣除项目明细采集底稿'!X:X,'附表7-扣除项目明细采集底稿'!E:E,数据对照表!H9,'附表7-扣除项目明细采集底稿'!V:V,"共同成本费用") -> 0 | K73: =SUMIFS('附表7-扣除项目明细采集底稿'!Y:Y,'附表7-扣除项目明细采集底稿'!E:E,数据对照表!H9,'附表7-扣除项目明细采集底稿'!V:V,"共同成本费用") -> 0 | L73: =SUM(I73:K73) -> 0 | M73: =H73+L73 -> 0
A74: 69 | D74: =数据对照表!H10 -> 其他发生的间接费用 | E74: =SUMIFS('附表7-扣除项目明细采集底稿'!W:W,'附表7-扣除项目明细采集底稿'!E:E,数据对照表!H10,'附表7-扣除项目明细采集底稿'!V:V,"直接归集成本费用") -> 0 | F74: =SUMIFS('附表7-扣除项目明细采集底稿'!X:X,'附表7-扣除项目明细采集底稿'!E:E,数据对照表!H10,'附表7-扣除项目明细采集底稿'!V:V,"直接归集成本费用") -> 0 | G74: =SUMIFS('附表7-扣除项目明细采集底稿'!Y:Y,'附表7-扣除项目明细采集底稿'!E:E,数据对照表!H10,'附表7-扣除项目明细采集底稿'!V:V,"直接归集成本费用") -> 0 | H74: =SUM(E74:G74) -> 0 | I74: =SUMIFS('附表7-扣除项目明细采集底稿'!W:W,'附表7-扣除项目明细采集底稿'!E:E,数据对照表!H10,'附表7-扣除项目明细采集底稿'!V:V,"共同成本费用") -> 5838.78 | J74: =SUMIFS('附表7-扣除项目明细采集底稿'!X:X,'附表7-扣除项目明细采集底稿'!E:E,数据对照表!H10,'附表7-扣除项目明细采集底稿'!V:V,"共同成本费用") -> 7200.82 | K74: =SUMIFS('附表7-扣除项目明细采集底稿'!Y:Y,'附表7-扣除项目明细采集底稿'!E:E,数据对照表!H10,'附表7-扣除项目明细采集底稿'!V:V,"共同成本费用") -> 2947.01 | L74: =SUM(I74:K74) -> 15986.61 | M74: =H74+L74 -> 15986.61
A75: 70 | B75: 其中：不可加计扣除金额 | E75: =SUM(SUMIFS('附表7-扣除项目明细采集底稿'!W:W,'附表7-扣除项目明细采集底稿'!D:D,"土地征用及拆迁补偿费",'附表7-扣除项目明细采集底稿'!V:V,"直接归集成本费用",'附表7-扣除项目明细采集底稿'!AB:AB,"不可加计"),SUMIFS('附表7-扣除项目明细采集底稿'!W:W,'附表7-扣除项目明细采集底稿'!D:D,"前期工程费",'附表7-扣除项目明细采集底稿'!V:V,"直接归集成本费用",'附表7-扣除项目明细采集底稿'!AB:AB,"不可加计"),SUMIFS('附表7-扣除项目明细采集底稿'!W:W,'附表7-扣除项目明细采集底稿'!D:D,"建筑安装工程费",'附表7-扣除项目明细采集底稿'!V:V,"直接归集成本费用",'附表7-扣除项目明细采集底稿'!AB:AB,"不可加计"),SUMIFS('附表7-扣除项目明细采集底稿'!W:W,'附表7-扣除项目明细采集底稿'!D:D,"基础设施费",'附表7-扣除项目明细采集底稿'!V:V,"直接归集成本费用",'附表7-扣除项目明细采集底稿'!AB:AB,"不可加计"),SUMIFS('附表7-扣除项目明细采集底稿'!W:W,'附表7-扣除项目明细采集底稿'!D:D,"公共配套设施费",'附表7-扣除项目明细采集底稿'!V:V,"直接归集成本费用",'附表7-扣除项目明细采集底稿'!AB:AB,"不可加计"),SUMIFS('附表7-扣除项目明细采集底稿'!W:W,'附表7-扣除项目明细采集底稿'!D:D,"开发间接费用",'附表7-扣除项目明细采集底稿'!V:V,"直接归集成本费用",'附表7-扣除项目明细采集底稿'!AB:AB,"不可加计")) -> 0 | F75: =SUM(SUMIFS('附表7-扣除项目明细采集底稿'!X:X,'附表7-扣除项目明细采集底稿'!D:D,"土地征用及拆迁补偿费",'附表7-扣除项目明细采集底稿'!V:V,"直接归集成本费用",'附表7-扣除项目明细采集底稿'!AB:AB,"不可加计"),SUMIFS('附表7-扣除项目明细采集底稿'!X:X,'附表7-扣除项目明细采集底稿'!D:D,"前期工程费",'附表7-扣除项目明细采集底稿'!V:V,"直接归集成本费用",'附表7-扣除项目明细采集底稿'!AB:AB,"不可加计"),SUMIFS('附表7-扣除项目明细采集底稿'!X:X,'附表7-扣除项目明细采集底稿'!D:D,"建筑安装工程费",'附表7-扣除项目明细采集底稿'!V:V,"直接归集成本费用",'附表7-扣除项目明细采集底稿'!AB:AB,"不可加计"),SUMIFS('附表7-扣除项目明细采集底稿'!X:X,'附表7-扣除项目明细采集底稿'!D:D,"基础设施费",'附表7-扣除项目明细采集底稿'!V:V,"直接归集成本费用",'附表7-扣除项目明细采集底稿'!AB:AB,"不可加计"),SUMIFS('附表7-扣除项目明细采集底稿'!X:X,'附表7-扣除项目明细采集底稿'!D:D,"公共配套设施费",'附表7-扣除项目明细采集底稿'!V:V,"直接归集成本费用",'附表7-扣除项目明细采集底稿'!AB:AB,"不可加计"),SUMIFS('附表7-扣除项目明细采集底稿'!X:X,'附表7-扣除项目明细采集底稿'!D:D,"开发间接费用",'附表7-扣除项目明细采集底稿'!V:V,"直接归集成本费用",'附表7-扣除项目明细采集底稿'!AB:AB,"不可加计")) -> 0 | G75: =SUM(SUMIFS('附表7-扣除项目明细采集底稿'!Y:Y,'附表7-扣除项目明细采集底稿'!D:D,"土地征用及拆迁补偿费",'附表7-扣除项目明细采集底稿'!V:V,"直接归集成本费用",'附表7-扣除项目明细采集底稿'!AB:AB,"不可加计"),SUMIFS('附表7-扣除项目明细采集底稿'!Y:Y,'附表7-扣除项目明细采集底稿'!D:D,"前期工程费",'附表7-扣除项目明细采集底稿'!V:V,"直接归集成本费用",'附表7-扣除项目明细采集底稿'!AB:AB,"不可加计"),SUMIFS('附表7-扣除项目明细采集底稿'!Y:Y,'附表7-扣除项目明细采集底稿'!D:D,"建筑安装工程费",'附表7-扣除项目明细采集底稿'!V:V,"直接归集成本费用",'附表7-扣除项目明细采集底稿'!AB:AB,"不可加计"),SUMIFS('附表7-扣除项目明细采集底稿'!Y:Y,'附表7-扣除项目明细采集底稿'!D:D,"基础设施费",'附表7-扣除项目明细采集底稿'!V:V,"直接归集成本费用",'附表7-扣除项目明细采集底稿'!AB:AB,"不可加计"),SUMIFS('附表7-扣除项目明细采集底稿'!Y:Y,'附表7-扣除项目明细采集底稿'!D:D,"公共配套设施费",'附表7-扣除项目明细采集底稿'!V:V,"直接归集成本费用",'附表7-扣除项目明细采集底稿'!AB:AB,"不可加计"),SUMIFS('附表7-扣除项目明细采集底稿'!Y:Y,'附表7-扣除项目明细采集底稿'!D:D,"开发间接费用",'附表7-扣除项目明细采集底稿'!V:V,"直接归集成本费用",'附表7-扣除项目明细采集底稿'!AB:AB,"不可加计")) -> 0 | H75: =SUM(E75:G75) -> 0 | I75: =SUM(SUMIFS('附表7-扣除项目明细采集底稿'!W:W,'附表7-扣除项目明细采集底稿'!D:D,"土地征用及拆迁补偿费",'附表7-扣除项目明细采集底稿'!V:V,"共同成本费用",'附表7-扣除项目明细采集底稿'!AB:AB,"不可加计"),SUMIFS('附表7-扣除项目明细采集底稿'!W:W,'附表7-扣除项目明细采集底稿'!D:D,"前期工程费",'附表7-扣除项目明细采集底稿'!V:V,"共同成本费用",'附表7-扣除项目明细采集底稿'!AB:AB,"不可加计"),SUMIFS('附表7-扣除项目明细采集底稿'!W:W,'附表7-扣除项目明细采集底稿'!D:D,"建筑安装工程费",'附表7-扣除项目明细采集底稿'!V:V,"共同成本费用",'附表7-扣除项目明细采集底稿'!AB:AB,"不可加计"),SUMIFS('附表7-扣除项目明细采集底稿'!W:W,'附表7-扣除项目明细采集底稿'!D:D,"基础设施费",'附表7-扣除项目明细采集底稿'!V:V,"共同成本费用",'附表7-扣除项目明细采集底稿'!AB:AB,"不可加计"),SUMIFS('附表7-扣除项目明细采集底稿'!W:W,'附表7-扣除项目明细采集底稿'!D:D,"公共配套设施费",'附表7-扣除项目明细采集底稿'!V:V,"共同成本费用",'附表7-扣除项目明细采集底稿'!AB:AB,"不可加计"),SUMIFS('附表7-扣除项目明细采集底稿'!W:W,'附表7-扣除项目明细采集底稿'!D:D,"开发间接费用",'附表7-扣除项目明细采集底稿'!V:V,"共同成本费用",'附表7-扣除项目明细采集底稿'!AB:AB,"不可加计")) -> 0 | J75: =SUM(SUMIFS('附表7-扣除项目明细采集底稿'!X:X,'附表7-扣除项目明细采集底稿'!D:D,"土地征用及拆迁补偿费",'附表7-扣除项目明细采集底稿'!V:V,"共同成本费用",'附表7-扣除项目明细采集底稿'!AB:AB,"不可加计"),SUMIFS('附表7-扣除项目明细采集底稿'!X:X,'附表7-扣除项目明细采集底稿'!D:D,"前期工程费",'附表7-扣除项目明细采集底稿'!V:V,"共同成本费用",'附表7-扣除项目明细采集底稿'!AB:AB,"不可加计"),SUMIFS('附表7-扣除项目明细采集底稿'!X:X,'附表7-扣除项目明细采集底稿'!D:D,"建筑安装工程费",'附表7-扣除项目明细采集底稿'!V:V,"共同成本费用",'附表7-扣除项目明细采集底稿'!AB:AB,"不可加计"),SUMIFS('附表7-扣除项目明细采集底稿'!X:X,'附表7-扣除项目明细采集底稿'!D:D,"基础设施费",'附表7-扣除项目明细采集底稿'!V:V,"共同成本费用",'附表7-扣除项目明细采集底稿'!AB:AB,"不可加计"),SUMIFS('附表7-扣除项目明细采集底稿'!X:X,'附表7-扣除项目明细采集底稿'!D:D,"公共配套设施费",'附表7-扣除项目明细采集底稿'!V:V,"共同成本费用",'附表7-扣除项目明细采集底稿'!AB:AB,"不可加计"),SUMIFS('附表7-扣除项目明细采集底稿'!X:X,'附表7-扣除项目明细采集底稿'!D:D,"开发间接费用",'附表7-扣除项目明细采集底稿'!V:V,"共同成本费用",'附表7-扣除项目明细采集底稿'!AB:AB,"不可加计")) -> 0 | K75: =SUM(SUMIFS('附表7-扣除项目明细采集底稿'!Y:Y,'附表7-扣除项目明细采集底稿'!D:D,"土地征用及拆迁补偿费",'附表7-扣除项目明细采集底稿'!V:V,"共同成本费用",'附表7-扣除项目明细采集底稿'!AB:AB,"不可加计"),SUMIFS('附表7-扣除项目明细采集底稿'!Y:Y,'附表7-扣除项目明细采集底稿'!D:D,"前期工程费",'附表7-扣除项目明细采集底稿'!V:V,"共同成本费用",'附表7-扣除项目明细采集底稿'!AB:AB,"不可加计"),SUMIFS('附表7-扣除项目明细采集底稿'!Y:Y,'附表7-扣除项目明细采集底稿'!D:D,"建筑安装工程费",'附表7-扣除项目明细采集底稿'!V:V,"共同成本费用",'附表7-扣除项目明细采集底稿'!AB:AB,"不可加计"),SUMIFS('附表7-扣除项目明细采集底稿'!Y:Y,'附表7-扣除项目明细采集底稿'!D:D,"基础设施费",'附表7-扣除项目明细采集底稿'!V:V,"共同成本费用",'附表7-扣除项目明细采集底稿'!AB:AB,"不可加计"),SUMIFS('附表7-扣除项目明细采集底稿'!Y:Y,'附表7-扣除项目明细采集底稿'!D:D,"公共配套设施费",'附表7-扣除项目明细采集底稿'!V:V,"共同成本费用",'附表7-扣除项目明细采集底稿'!AB:AB,"不可加计"),SUMIFS('附表7-扣除项目明细采集底稿'!Y:Y,'附表7-扣除项目明细采集底稿'!D:D,"开发间接费用",'附表7-扣除项目明细采集底稿'!V:V,"共同成本费用",'附表7-扣除项目明细采集底稿'!AB:AB,"不可加计")) -> 0 | L75: =SUM(I75:K75) -> 0 | M75: =H75+L75 -> 0
A76: 71 | B76: =数据对照表!I1 -> 房地产开发费用 | E76: =SUM(E77:E78) -> 4649740.2 | F76: =SUM(F77:F78) -> 5734131.9 | G76: =SUM(G77:G78) -> 2525627.6 | H76: =SUM(E76:G76) -> 12909500 | I76: =SUM(I77:I78) -> 1120209.4 | J76: =SUM(J77:J78) -> 1381525 | K76: =SUM(K77:K78) -> 565404.65 | L76: =SUM(I76:K76) -> 3067139.1 | M76: =H76+L76 -> 15976639
A77: 72 | B77: 其中 | C77: =数据对照表!I2 -> 利息支出 | D77: 计算扣除 | E77: =IF(D77="计算扣除",0,SUMIFS('附表7-扣除项目明细采集底稿'!W:W,'附表7-扣除项目明细采集底稿'!E:E,数据对照表!I2,'附表7-扣除项目明细采集底稿'!V:V,"直接归集成本费用")) -> 0 | F77: =IF(D77="计算扣除",0,SUMIFS('附表7-扣除项目明细采集底稿'!X:X,'附表7-扣除项目明细采集底稿'!E:E,数据对照表!I2,'附表7-扣除项目明细采集底稿'!V:V,"直接归集成本费用")) -> 0 | G77: =IF(D77="计算扣除",0,SUMIFS('附表7-扣除项目明细采集底稿'!Y:Y,'附表7-扣除项目明细采集底稿'!E:E,数据对照表!I2,'附表7-扣除项目明细采集底稿'!V:V,"直接归集成本费用")) -> 0 | H77: =SUM(E77:G77) -> 0 | I77: =IF(D77="计算扣除",0,SUMIFS('附表7-扣除项目明细采集底稿'!W:W,'附表7-扣除项目明细采集底稿'!E:E,数据对照表!I2,'附表7-扣除项目明细采集底稿'!V:V,"共同成本费用")) -> 0 | J77: =IF(D77="计算扣除",0,SUMIFS('附表7-扣除项目明细采集底稿'!X:X,'附表7-扣除项目明细采集底稿'!E:E,数据对照表!I2,'附表7-扣除项目明细采集底稿'!V:V,"共同成本费用")) -> 0 | K77: =IF(D77="计算扣除",0,SUMIFS('附表7-扣除项目明细采集底稿'!Y:Y,'附表7-扣除项目明细采集底稿'!E:E,数据对照表!I2,'附表7-扣除项目明细采集底稿'!V:V,"共同成本费用")) -> 0 | L77: =SUM(I77:K77) -> 0 | M77: =H77+L77 -> 0
A78: 73 | C78: 其它房地产开发费用 | E78: =IF($D$77="计算扣除",((E6-E10)+(E11-E75))*10%,((E6-E10)+(E11-E75))*5%) -> 4649740.2 | F78: =IF($D$77="计算扣除",((F6-F10)+(F11-F75))*10%,((F6-F10)+(F11-F75))*5%) -> 5734131.9 | G78: =IF($D$77="计算扣除",((G6-G10)+(G11-G75))*10%,((G6-G10)+(G11-G75))*5%) -> 2525627.6 | H78: =SUM(E78:G78) -> 12909500 | I78: =IF($D$77="计算扣除",((I6-I10)+(I11-I75))*10%,((I6-I10)+(I11-I75))*5%) -> 1120209.4 | J78: =IF($D$77="计算扣除",((J6-J10)+(J11-J75))*10%,((J6-J10)+(J11-J75))*5%) -> 1381525 | K78: =IF($D$77="计算扣除",((K6-K10)+(K11-K75))*10%,((K6-K10)+(K11-K75))*5%) -> 565404.65 | L78: =SUM(I78:K78) -> 3067139.1 | M78: =H78+L78 -> 15976639
A79: 74 | B79: 与转让房地产有关的税金 | E79: =SUM(E80:E84) -> 220434.88 | F79: =SUM(F80:F84) -> 368515.58 | G79: =SUM(G80:G84) -> 27084.16 | H79: =SUM(E79:G79) -> 616034.62 | M79: =H79+L79 -> 616034.62
A80: 75 | B80: 其中 | C80: 营业税 | H80: =SUM(E80:G80) -> 0 | M80: =H80+L80 -> 0
A81: 76 | C81: 城市维护建设税 | E81: 128587.01 | F81: 214967.43 | G81: 15799.09 | H81: =SUM(E81:G81) -> 359353.53 | M81: =H81+L81 -> 359353.53
A82: 77 | C82: 教育费附加 | E82: 55108.71 | F82: 92128.89 | G82: 6771.04 | H82: =SUM(E82:G82) -> 154008.64 | M82: =H82+L82 -> 154008.64
A83: 78 | C83: 地方教育费附加 | E83: 36739.163 | F83: 61419.26 | G83: 4514.03 | H83: =SUM(E83:G83) -> 102672.45 | M83: =H83+L83 -> 102672.45
A84: 79 | C84: 其他税（费） | H84: =SUM(E84:G84) -> 0 | M84: =H84+L84 -> 0
A85: 80 | B85: 财政部规定的其他扣除项目 | E85: =((E6-E10)+(E11-E75))*20% -> 9299480.3 | F85: =((F6-F10)+(F11-F75))*20% -> 11468264 | G85: =((G6-G10)+(G11-G75))*20% -> 5051255.2 | H85: =SUM(E85:G85) -> 25818999 | I85: =((I6-I10)+(I11-I75))*20% -> 2240418.8 | J85: =((J6-J10)+(J11-J75))*20% -> 2763050.1 | K85: =((K6-K10)+(K11-K75))*20% -> 1130809.3 | L85: =SUM(I85:K85) -> 6134278.2 | M85: =H85+L85 -> 31953277
A86: 81 | B86: 代收费用 | E86: 0 | F86: 0 | G86: 0 | H86: =SUM(E86:G86) -> 0 | I86: 0 | J86: 0 | K86: 0 | L86: =SUM(I86:K86) -> 0 | M86: =H86+L86 -> 0
A87: 82 | B87: 合计 | E87: =E6+E11+E76+E79+E85+SUM(E86) -> 60667057 | F87: =F6+F11+F76+F79+F85+SUM(F86) -> 74912230 | G87: =G6+G11+G76+G79+G85+SUM(G86) -> 32860243 | H87: =SUM(E87:G87) -> 1.6843953e+08 | I87: =I6+I11+I76+I79+I85+SUM(I86) -> 14562722 | J87: =J6+J11+J76+J79+J85+SUM(J86) -> 17959825 | K87: =K6+K11+K76+K79+K85+SUM(K86) -> 7350260.5 | L87: =SUM(I87:K87) -> 39872808 | M87: =H87+L87 -> 2.0831234e+08

Sheet 附表6-收入明细采集底稿
A1: T22100附表6-收入明细采集底稿
A2: =土地增值税税源明细表!F5&"："&土地增值税税源明细表!H5&" "&土地增值税税源明细表!A5&"："&土地增值税税源明细表!B5&" "&"金额单位:人民币元(列至角分)" -> 项目编码：Z65280120200027 项目名称：沁春锦苑二期 金额单位:人民币元(列至角分)
A3: 序号 | B3: 幢号 | C3: 单元号 | D3: *楼层 | E3: *房号 | F3: 不动产单元号 | G3: *房屋类型 | H3: *房屋状态 | I3: *收入类型 | J3: （网签）合同编号 | K3: *合同签订时间 | L3: 合同金额 | M3: 购房人姓名 | N3: 合同建筑面积（㎡） | O3: 合同套内面积（㎡） | P3: *实测建筑面积（㎡） | Q3: 实测套内面积（㎡） | R3: 朝向 | S3: 发票代码 | T3: 发票号码 | U3: 发票金额 | V3: 发票税额 | W3: 发票价税合计 | X3: *土地增值税应税收入 | Y3: 土地增值税应税单价 | Z3: 情况说明
A4: 总计 | B4: * | C4: * | D4: * | E4: * | F4: * | G4: * | H4: * | I4: * | J4: * | K4: * | L4: =SUM(L$7:L$1048576) -> 2.1826722e+08 | M4: * | N4: =SUM(N$7:N$1048576) -> 53048.66 | O4: =SUM(O$7:O$1048576) -> 0 | P4: =SUM(P$7:P$1048576) -> 53048.66 | Q4: =SUM(Q$7:Q$1048576) -> 893.63 | R4: * | S4: * | T4: * | U4: =SUM(U$7:U$1048576) -> 2.0024516e+08 | V4: =SUM(V$7:V$1048576) -> 18022064 | W4: =SUM(W$7:W$1048576) -> 2.1826722e+08 | X4: =SUM(X$7:X$1048576) -> 2.0024516e+08 | Y4: =IF(SUMIFS(X$7:X$1048576,H$7:H$1048576,"已售")=0,"*",ROUND(SUMIFS(X$7:X$1048576,H$7:H$1048576,"已售")/SUMIFS(P$7:P$1048576,H$7:H$1048576,"已售"),2)) -> 4572.73 | Z4: *
A5: 筛选小计 | B5: * | C5: * | D5: * | E5: * | F5: * | G5: * | H5: * | I5: * | J5: * | K5: * | L5: =SUBTOTAL(9,L$7:L$1048576) -> 2.1826722e+08 | M5: * | N5: =SUBTOTAL(9,N$7:N$1048576) -> 53048.66 | O5: =SUBTOTAL(9,O$7:O$1048576) -> 0 | P5: =SUBTOTAL(9,P$7:P$1048576) -> 53048.66 | Q5: =SUBTOTAL(9,Q$7:Q$1048576) -> 893.63 | R5: * | S5: * | T5: * | U5: =SUBTOTAL(9,U$7:U$1048576) -> 2.0024516e+08 | V5: =SUBTOTAL(9,V$7:V$1048576) -> 18022064 | W5: =SUBTOTAL(9,W$7:W$1048576) -> 2.1826722e+08 | X5: =SUBTOTAL(9,X$7:X$1048576) -> 2.0024516e+08 | Y5: =IF(AND(SUBTOTAL(3,K$7:K$1048576)=SUBTOTAL(3,P$7:P$1048576),SUBTOTAL(9,P$7:P$1048576)<>0),ROUND(SUBTOTAL(9,X$7:X$1048576)/SUBTOTAL(9,P$7:P$1048576),2),"*") -> 3774.74 | Z5: *
A6: 列次 | B6: 1 | C6: 2 | D6: 3 | E6: 4 | F6: 5 | G6: 6 | H6: 7 | I6: 8 | J6: 9 | K6: 10 | L6: 11 | M6: 12 | N6: 13≥14 | O6: 14 | P6: 15≥16 | Q6: 16 | R6: 17 | S6: 18 | T6: 19 | U6: 20 | V6: 21 | W6: 22=20+21 | X6: 23 | Y6: 24=23÷15 | Z6: 25
A7: 266 | B7: 4 | C7: 1 | D7: 1 | E7: 101 | G7: 普通住宅 | H7: 已售 | I7: 货币收入 | J7: 20210010991 | K7: 2021-10-27 | L7: 948000 | M7: 唐文华、孙正强 | N7: 125.22 | P7: 125.22 | S7: 065002100105 | T7: 01913657 | U7: 869724.77 | V7: =ROUND(U7*0.09,2) -> 78275.23 | W7: =SUM(U7)+SUM(V7) -> 948000 | X7: =U7 -> 869724.77 | Y7: =IF(SUM(P7)=0,"",ROUND(SUM(X7)/SUM(P7),2)) -> 6945.57
A8: 267 | B8: 4 | C8: 1 | D8: 1 | E8: 102 | G8: 普通住宅 | H8: 已售 | I8: 货币收入 | J8: 20220001152 | K8: 2022-02-21 | L8: 944358 | M8: 蒋小军、魏福碧 | N8: 124.75 | P8: 124.75 | S8: 065002100105 | T8: 01928577 | U8: 866383.49 | V8: =ROUND(U8*0.09,2) -> 77974.51 | W8: =SUM(U8)+SUM(V8) -> 944358 | X8: =U8 -> 866383.49 | Y8: =IF(SUM(P8)=0,"",ROUND(SUM(X8)/SUM(P8),2)) -> 6944.96
A9: 282 | B9: 4 | C9: 1 | D9: 2 | E9: 201 | G9: 普通住宅 | H9: 已售 | I9: 货币收入 | J9: 20200009209 | K9: 2020-10-05 | L9: 551554 | M9: 焦慧馨 | N9: 125.22 | P9: 125.22 | S9: 065002100105 | T9: 01496821 | U9: 506012.84 | V9: =ROUND(U9*0.09,2) -> 45541.16 | W9: =SUM(U9)+SUM(V9) -> 551554 | X9: =U9 -> 506012.84 | Y9: =IF(SUM(P9)=0,"",ROUND(SUM(X9)/SUM(P9),2)) -> 4040.99
A10: 283 | B10: 4 | C10: 1 | D10: 2 | E10: 202 | G10: 普通住宅 | H10: 已售 | I10: 货币收入 | J10: 20200008024 | K10: 2020-09-12 | L10: 546175 | M10: 王金山、辛小琴 | N10: 124.85 | P10: 124.85 | S10: 065002100105 | T10: 01928512 | U10: 501077.98 | V10: =ROUND(U10*0.09,2) -> 45097.02 | W10: =SUM(U10)+SUM(V10) -> 546175 | X10: =U10 -> 501077.98 | Y10: =IF(SUM(P10)=0,"",ROUND(SUM(X10)/SUM(P10),2)) -> 4013.44
A11: 284 | B11: 4 | C11: 1 | D11: 3 | E11: 301 | G11: 普通住宅 | H11: 已售 | I11: 货币收入 | J11: 20210000879 | K11: 2021-01-22 | L11: 557149 | M11: 任香君、汪涛 | N11: 125.22 | P11: 125.22 | S11: 065002100105 | T11: 01928633 | U11: 511145.87 | V11: =ROUND(U11*0.09,2) -> 46003.13 | W11: =SUM(U11)+SUM(V11) -> 557149 | X11: =U11 -> 511145.87 | Y11: =IF(SUM(P11)=0,"",ROUND(SUM(X11)/SUM(P11),2)) -> 4081.98
A12: 285 | B12: 4 | C12: 1 | D12: 3 | E12: 302 | G12: 普通住宅 | H12: 已售 | I12: 货币收入 | J12: 20210001146 | K12: 2021-01-29 | L12: 573686 | M12: 耿攀银、赵美玲 | N12: 124.85 | P12: 124.85 | S12: 065002100105 | T12: 01496834 | U12: 526317.43 | V12: =ROUND(U12*0.09,2) -> 47368.57 | W12: =SUM(U12)+SUM(V12) -> 573686 | X12: =U12 -> 526317.43 | Y12: =IF(SUM(P12)=0,"",ROUND(SUM(X12)/SUM(P12),2)) -> 4215.6
A13: 286 | B13: 4 | C13: 1 | D13: 4 | E13: 401 | G13: 普通住宅 | H13: 已售 | I13: 货币收入 | J13: 20200009163 | K13: 2020-10-04 | L13: 563996 | M13: 刘秀秀 | N13: 125.22 | P13: 125.22 | S13: 065002100105 | T13: 01928572 | U13: 517427.52 | V13: =ROUND(U13*0.09,2) -> 46568.48 | W13: =SUM(U13)+SUM(V13) -> 563996 | X13: =U13 -> 517427.52 | Y13: =IF(SUM(P13)=0,"",ROUND(SUM(X13)/SUM(P13),2)) -> 4132.15
A14: 287 | B14: 4 | C14: 1 | D14: 4 | E14: 402 | G14: 普通住宅 | H14: 已售 | I14: 货币收入 | J14: 20210000686 | K14: 2021-01-18 | L14: 561580 | M14: 贾殿锐 | N14: 124.85 | P14: 124.85 | S14: 065002100105 | T14: 01496835 | U14: 515211.01 | V14: =ROUND(U14*0.09,2) -> 46368.99 | W14: =SUM(U14)+SUM(V14) -> 561580 | X14: =U14 -> 515211.01 | Y14: =IF(SUM(P14)=0,"",ROUND(SUM(X14)/SUM(P14),2)) -> 4126.64
A15: 288 | B15: 4 | C15: 1 | D15: 5 | E15: 501 | G15: 普通住宅 | H15: 已售 | I15: 货币收入 | J15: 20200009604 | K15: 2020-10-15 | L15: 567092 | M15: 罗通 | N15: 125.22 | P15: 125.22 | S15: 065002100105 | T15: 01928524 | U15: 520267.89 | V15: =ROUND(U15*0.09,2) -> 46824.11 | W15: =SUM(U15)+SUM(V15) -> 567092 | X15: =U15 -> 520267.89 | Y15: =IF(SUM(P15)=0,"",ROUND(SUM(X15)/SUM(P15),2)) -> 4154.83
A16: 289 | B16: 4 | C16: 1 | D16: 5 | E16: 502 | G16: 普通住宅 | H16: 已售 | I16: 货币收入 | J16: 20200007727 | K16: 2020-09-08 | L16: 564658 | M16: 邢为春、汪红 | N16: 124.85 | P16: 124.85 | S16: 065002100105 | T16: 01496794 | U16: 518034.86 | V16: =ROUND(U16*0.09,2) -> 46623.14 | W16: =SUM(U16)+SUM(V16) -> 564658 | X16: =U16 -> 518034.86 | Y16: =IF(SUM(P16)=0,"",ROUND(SUM(X16)/SUM(P16),2)) -> 4149.26
A17: 290 | B17: 4 | C17: 1 | D17: 6 | E17: 601 | G17: 普通住宅 | H17: 已售 | I17: 货币收入 | J17: 20200008028 | K17: 2020-09-12 | L17: 575812 | M17: 郭小铠 | N17: 125.22 | P17: 125.22 | S17: 065002100105 | T17: 01496833 | U17: 528267.89 | V17: =ROUND(U17*0.09,2) -> 47544.11 | W17: =SUM(U17)+SUM(V17) -> 575812 | X17: =U17 -> 528267.89 | Y17: =IF(SUM(P17)=0,"",ROUND(SUM(X17)/SUM(P17),2)) -> 4218.72
A18: 291 | B18: 4 | C18: 1 | D18: 6 | E18: 602 | G18: 普通住宅 | H18: 已售 | I18: 货币收入 | J18: 20200008032 | K18: 2020-09-12 | L18: 573361 | M18: 黄国洋 | N18: 124.85 | P18: 124.85 | S18: 065002100105 | T18: 01496832 | U18: 526019.27 | V18: =ROUND(U18*0.09,2) -> 47341.73 | W18: =SUM(U18)+SUM(V18) -> 573361 | X18: =U18 -> 526019.27 | Y18: =IF(SUM(P18)=0,"",ROUND(SUM(X18)/SUM(P18),2)) -> 4213.21
... A34: 321 | B34: 4 | C34: 2 | D34: 7 | E34: 702（上下层） | G34: 非普通住宅 | H34: 已售 | I34: 货币收入 | J34: 20210000813 | K34: 2021-01-20 | L34: 844000 | M34: 张春英、李良 | N34: 186.02 | P34: 186.02 | S34: 065002100105 | T34: 01496822 | U34: 774311.93 | V34: =ROUND(U34*0.09,2) -> 69688.07 | W34: =SUM(U34)+SUM(V34) -> 844000 | X34: =U34 -> 774311.93 | Y34: =IF(SUM(P34)=0,"",ROUND(SUM(X34)/SUM(P34),2)) -> 4162.52
A35: 566 | B35: 4 | C35: 1 | D35: -1 | E35: -101 | G35: 其他营业性房产 | H35: 未售 | N35: 12.77 | P35: 12.77 | W35: =SUM(U35)+SUM(V35) -> 0 | Y35: =IF(SUM(P35)=0,"",ROUND(SUM(X35)/SUM(P35),2)) -> 0
A36: 171 | B36: 4 | C36: 1 | D36: -1 | E36: -102 | G36: 其他营业性房产 | H36: 未售 | N36: 6.1 | P36: 6.1 | W36: =SUM(U36)+SUM(V36) -> 0 | Y36: =IF(SUM(P36)=0,"",ROUND(SUM(X36)/SUM(P36),2)) -> 0
A37: 243 | B37: 4 | C37: 1 | D37: -1 | E37: -103 | G37: 其他营业性房产 | H37: 未售 | N37: 6.67 | P37: 6.67 | W37: =SUM(U37)+SUM(V37) -> 0 | Y37: =IF(SUM(P37)=0,"",ROUND(SUM(X37)/SUM(P37),2)) -> 0
A38: 495 | B38: 4 | C38: 1 | D38: -1 | E38: -104 | G38: 其他营业性房产 | H38: 未售 | N38: 9.07 | P38: 9.07 | W38: =SUM(U38)+SUM(V38) -> 0 | Y38: =IF(SUM(P38)=0,"",ROUND(SUM(X38)/SUM(P38),2)) -> 0
A39: 278 | B39: 4 | C39: 1 | D39: -1 | E39: -105 | G39: 其他营业性房产 | H39: 未售 | N39: 7.35 | P39: 7.35 | W39: =SUM(U39)+SUM(V39) -> 0 | Y39: =IF(SUM(P39)=0,"",ROUND(SUM(X39)/SUM(P39),2)) -> 0
A40: 212 | B40: 4 | C40: 1 | D40: -1 | E40: -106 | G40: 其他营业性房产 | H40: 未售 | N40: 60.34 | P40: 60.34 | W40: =SUM(U40)+SUM(V40) -> 0 | Y40: =IF(SUM(P40)=0,"",ROUND(SUM(X40)/SUM(P40),2)) -> 0
A41: 596 | B41: 4 | C41: 1 | D41: -1 | E41: -107 | G41: 其他营业性房产 | H41: 未售 | N41: 16.6 | P41: 16.6 | W41: =SUM(U41)+SUM(V41) -> 0 | Y41: =IF(SUM(P41)=0,"",ROUND(SUM(X41)/SUM(P41),2)) -> 0
A42: 297 | B42: 4 | C42: 1 | D42: -1 | E42: -108 | G42: 其他营业性房产 | H42: 未售 | N42: 16.6 | P42: 16.6 | W42: =SUM(U42)+SUM(V42) -> 0 | Y42: =IF(SUM(P42)=0,"",ROUND(SUM(X42)/SUM(P42),2)) -> 0
A43: 301 | B43: 4 | C43: 1 | D43: -1 | E43: -109 | G43: 其他营业性房产 | H43: 未售 | N43: 60.23 | P43: 60.23 | W43: =SUM(U43)+SUM(V43) -> 0 | Y43: =IF(SUM(P43)=0,"",ROUND(SUM(X43)/SUM(P43),2)) -> 0
A44: 536 | B44: 4 | C44: 1 | D44: -1 | E44: -110 | G44: 其他营业性房产 | H44: 未售 | N44: 12.71 | P44: 12.71 | W44: =SUM(U44)+SUM(V44) -> 0 | Y44: =IF(SUM(P44)=0,"",ROUND(SUM(X44)/SUM(P44),2)) -> 0
A45: 43 | B45: 4 | C45: 1 | D45: -1 | E45: -111 | G45: 其他营业性房产 | H45: 未售 | N45: 8.04 | P45: 8.04 | W45: =SUM(U45)+SUM(V45) -> 0 | Y45: =IF(SUM(P45)=0,"",ROUND(SUM(X45)/SUM(P45),2)) -> 0
A46: 256 | B46: 4 | C46: 1 | D46: -1 | E46: -112 | G46: 其他营业性房产 | H46: 未售 | N46: 11.43 | P46: 11.43 | W46: =SUM(U46)+SUM(V46) -> 0 | Y46: =IF(SUM(P46)=0,"",ROUND(SUM(X46)/SUM(P46),2)) -> 0
... A48: 550 | B48: 4 | C48: 1 | D48: -1 | E48: -114 | G48: 其他营业性房产 | H48: 未售 | N48: 6.1 | P48: 6.1 | W48: =SUM(U48)+SUM(V48) -> 0 | Y48: =IF(SUM(P48)=0,"",ROUND(SUM(X48)/SUM(P48),2)) -> 0
A49: 296 | B49: 4 | C49: 2 | D49: -1 | E49: -201 | G49: 其他营业性房产 | H49: 未售 | N49: 6.1 | P49: 6.1 | W49: =SUM(U49)+SUM(V49) -> 0 | X49: =U49 | Y49: =IF(SUM(P49)=0,"",ROUND(SUM(X49)/SUM(P49),2)) -> 0
A50: 297 | B50: 4 | C50: 2 | D50: -1 | E50: -202 | G50: 其他营业性房产 | H50: 未售 | N50: 10.58 | P50: 10.58 | W50: =SUM(U50)+SUM(V50) -> 0 | X50: =U50 | Y50: =IF(SUM(P50)=0,"",ROUND(SUM(X50)/SUM(P50),2)) -> 0
A51: 298 | B51: 4 | C51: 2 | D51: -1 | E51: -203 | G51: 其他营业性房产 | H51: 未售 | N51: 11.43 | P51: 11.43 | W51: =SUM(U51)+SUM(V51) -> 0 | X51: =U51 | Y51: =IF(SUM(P51)=0,"",ROUND(SUM(X51)/SUM(P51),2)) -> 0
A52: 299 | B52: 4 | C52: 2 | D52: -1 | E52: -204 | G52: 其他营业性房产 | H52: 未售 | N52: 8.04 | P52: 8.04 | W52: =SUM(U52)+SUM(V52) -> 0 | X52: =U52 | Y52: =IF(SUM(P52)=0,"",ROUND(SUM(X52)/SUM(P52),2)) -> 0
A53: 300 | B53: 4 | C53: 2 | D53: -1 | E53: -205 | G53: 其他营业性房产 | H53: 未售 | N53: 12.71 | P53: 12.71 | W53: =SUM(U53)+SUM(V53) -> 0 | X53: =U53 | Y53: =IF(SUM(P53)=0,"",ROUND(SUM(X53)/SUM(P53),2)) -> 0
A54: 301 | B54: 4 | C54: 2 | D54: -1 | E54: -206 | G54: 其他营业性房产 | H54: 未售 | N54: 60.23 | P54: 60.23 | W54: =SUM(U54)+SUM(V54) -> 0 | X54: =U54 | Y54: =IF(SUM(P54)=0,"",ROUND(SUM(X54)/SUM(P54),2)) -> 0
A55: 302 | B55: 4 | C55: 2 | D55: -1 | E55: -207 | G55: 其他营业性房产 | H55: 未售 | N55: 16.6 | P55: 16.6 | W55: =SUM(U55)+SUM(V55) -> 0 | X55: =U55 | Y55: =IF(SUM(P55)=0,"",ROUND(SUM(X55)/SUM(P55),2)) -> 0
A56: 303 | B56: 4 | C56: 2 | D56: -1 | E56: -208 | G56: 其他营业性房产 | H56: 未售 | N56: 16.6 | P56: 16.6 | W56: =SUM(U56)+SUM(V56) -> 0 | X56: =U56 | Y56: =IF(SUM(P56)=0,"",ROUND(SUM(X56)/SUM(P56),2)) -> 0
A57: 304 | B57: 4 | C57: 2 | D57: -1 | E57: -209 | G57: 其他营业性房产 | H57: 未售 | N57: 60.34 | P57: 60.34 | W57: =SUM(U57)+SUM(V57) -> 0 | X57: =U57 | Y57: =IF(SUM(P57)=0,"",ROUND(SUM(X57)/SUM(P57),2)) -> 0
A58: 305 | B58: 4 | C58: 2 | D58: -1 | E58: -210 | G58: 其他营业性房产 | H58: 未售 | N58: 7.35 | P58: 7.35 | W58: =SUM(U58)+SUM(V58) -> 0 | X58: =U58 | Y58: =IF(SUM(P58)=0,"",ROUND(SUM(X58)/SUM(P58),2)) -> 0
A59: 306 | B59: 4 | C59: 2 | D59: -1 | E59: -211 | G59: 其他营业性房产 | H59: 未售 | N59: 9.07 | P59: 9.07 | W59: =SUM(U59)+SUM(V59) -> 0 | X59: =U59 | Y59: =IF(SUM(P59)=0,"",ROUND(SUM(X59)/SUM(P59),2)) -> 0
A60: 307 | B60: 4 | C60: 2 | D60: -1 | E60: -212 | G60: 其他营业性房产 | H60: 未售 | N60: 6.67 | P60: 6.67 | W60: =SUM(U60)+SUM(V60) -> 0 | X60: =U60 | Y60: =IF(SUM(P60)=0,"",ROUND(SUM(X60)/SUM(P60),2)) -> 0
... A62: 309 | B62: 4 | C62: 2 | D62: -1 | E62: -214 | G62: 其他营业性房产 | H62: 未售 | N62: 12.77 | P62: 12.77 | W62: =SUM(U62)+SUM(V62) -> 0 | X62: =U62 | Y62: =IF(SUM(P62)=0,"",ROUND(SUM(X62)/SUM(P62),2)) -> 0
A63: 322 | B63: 5 | C63: 1 | D63: 1 | E63: 101 | G63: 普通住宅 | H63: 已售 | I63: 货币收入 | J63: 20210008815 | K63: 2021-09-11 | L63: 1045275 | M63: 陈晓荣 | N63: 139.37 | P63: 139.37 | S63: 065002100105 | T63: 01913615 | U63: 958967.89 | V63: =ROUND(U63*0.09,2) -> 86307.11 | W63: =SUM(U63)+SUM(V63) -> 1045275 | X63: =U63 -> 958967.89 | Y63: =IF(SUM(P63)=0,"",ROUND(SUM(X63)/SUM(P63),2)) -> 6880.73
A64: 323 | B64: 5 | C64: 1 | D64: 1 | E64: 102 | G64: 普通住宅 | H64: 已售 | I64: 货币收入 | J64: 20230000843 | K64: 2023-02-06 | L64: 1010000 | M64: 安登明 | N64: 138.95 | P64: 138.95 | S64: 065002100105 | T64: 01500552 | U64: 926605.5 | V64: =ROUND(U64*0.09,2) -> 83394.5 | W64: =SUM(U64)+SUM(V64) -> 1010000 | X64: =U64 -> 926605.5 | Y64: =IF(SUM(P64)=0,"",ROUND(SUM(X64)/SUM(P64),2)) -> 6668.63
A65: 338 | B65: 5 | C65: 1 | D65: 2 | E65: 201 | G65: 普通住宅 | H65: 已售 | I65: 货币收入 | J65: 20200009170 | K65: 2020-10-04 | L65: 603288 | M65: 雷捷 | N65: 139.37 | P65: 139.37 | S65: 065002100105 | T65: 01496836 | U65: 553475.23 | V65: =ROUND(U65*0.09,2) -> 49812.77 | W65: =SUM(U65)+SUM(V65) -> 603288 | X65: =U65 -> 553475.23 | Y65: =IF(SUM(P65)=0,"",ROUND(SUM(X65)/SUM(P65),2)) -> 3971.27
A66: 339 | B66: 5 | C66: 1 | D66: 2 | E66: 202 | G66: 普通住宅 | H66: 已售 | I66: 货币收入 | J66: 20200008008 | K66: 2020-09-11 | L66: 601470 | M66: 贺天宇 | N66: 138.95 | P66: 138.95 | S66: 065002100105 | T66: 01928495 | U66: 551807.34 | V66: =ROUND(U66*0.09,2) -> 49662.66 | W66: =SUM(U66)+SUM(V66) -> 601470 | X66: =U66 -> 551807.34 | Y66: =IF(SUM(P66)=0,"",ROUND(SUM(X66)/SUM(P66),2)) -> 3971.27
A67: 340 | B67: 5 | C67: 1 | D67: 3 | E67: 301 | G67: 普通住宅 | H67: 已售 | I67: 货币收入 | J67: 20200008472 | K67: 2020-09-19 | L67: 610351 | M67: 牛永东 | N67: 139.37 | P67: 139.37 | S67: 065002100105 | T67: 01496841 | U67: 559955.05 | V67: =ROUND(U67*0.09,2) -> 50395.95 | W67: =SUM(U67)+SUM(V67) -> 610351 | X67: =U67 -> 559955.05 | Y67: =IF(SUM(P67)=0,"",ROUND(SUM(X67)/SUM(P67),2)) -> 4017.76
A68: 341 | B68: 5 | C68: 1 | D68: 3 | E68: 302 | G68: 普通住宅 | H68: 已售 | I68: 货币收入 | J68: 20200008006 | K68: 2020-09-11 | L68: 608512 | M68: 刘华兵 | N68: 138.95 | P68: 138.95 | S68: 065002100105 | T68: 01496842 | U68: 558267.89 | V68: =ROUND(U68*0.09,2) -> 50244.11 | W68: =SUM(U68)+SUM(V68) -> 608512 | X68: =U68 -> 558267.89 | Y68: =IF(SUM(P68)=0,"",ROUND(SUM(X68)/SUM(P68),2)) -> 4017.76
A69: 342 | B69: 5 | C69: 1 | D69: 4 | E69: 401 | G69: 普通住宅 | H69: 已售 | I69: 货币收入 | J69: 20200009828 | K69: 2020-10-21 | L69: 632705 | M69: 王国栋 | N69: 139.37 | P69: 139.37 | S69: 065002100105 | T69: 01928526 | U69: 580463.3 | V69: =ROUND(U69*0.09,2) -> 52241.7 | W69: =SUM(U69)+SUM(V69) -> 632705 | X69: =U69 -> 580463.3 | Y69: =IF(SUM(P69)=0,"",ROUND(SUM(X69)/SUM(P69),2)) -> 4164.91
A70: 343 | B70: 5 | C70: 1 | D70: 4 | E70: 402 | G70: 普通住宅 | H70: 已售 | I70: 货币收入 | J70: 20200008329 | K70: 2020-09-16 | L70: 612276 | M70: 曾雯娟、况新英 | N70: 138.95 | P70: 138.95 | S70: 065002100105 | T70: 01496954 | U70: 561721.1 | V70: =ROUND(U70*0.09,2) -> 50554.9 | W70: =SUM(U70)+SUM(V70) -> 612276 | X70: =U70 -> 561721.1 | Y70: =IF(SUM(P70)=0,"",ROUND(SUM(X70)/SUM(P70),2)) -> 4042.61
A71: 344 | B71: 5 | C71: 1 | D71: 5 | E71: 501 | G71: 普通住宅 | H71: 已售 | I71: 货币收入 | J71: 20200011439 | K71: 2020-11-25 | L71: 624617 | M71: 张秀环、申子龙 | N71: 139.37 | P71: 139.37 | S71: 065002100105 | T71: 01928504 | U71: 573043.12 | V71: =ROUND(U71*0.09,2) -> 51573.88 | W71: =SUM(U71)+SUM(V71) -> 624617 | X71: =U71 -> 573043.12 | Y71: =IF(SUM(P71)=0,"",ROUND(SUM(X71)/SUM(P71),2)) -> 4111.67
A72: 345 | B72: 5 | C72: 1 | D72: 5 | E72: 502 | G72: 普通住宅 | H72: 已售 | I72: 货币收入 | J72: 20200009174 | K72: 2020-10-04 | L72: 622040 | M72: 徐红、郭频 | N72: 138.95 | P72: 138.95 | S72: 065002100105 | T72: 01496840 | U72: 570678.9 | V72: =ROUND(U72*0.09,2) -> 51361.1 | W72: =SUM(U72)+SUM(V72) -> 622040 | X72: =U72 -> 570678.9 | Y72: =IF(SUM(P72)=0,"",ROUND(SUM(X72)/SUM(P72),2)) -> 4107.08
A73: 346 | B73: 5 | C73: 1 | D73: 6 | E73: 601 | G73: 普通住宅 | H73: 已售 | I73: 货币收入 | J73: 20200011438 | K73: 2020-11-25 | L73: 630984 | M73: 徐爱玲、吴富堂 | N73: 139.37 | P73: 139.37 | S73: 065002100105 | T73: 01928507 | U73: 578884.4 | V73: =ROUND(U73*0.09,2) -> 52099.6 | W73: =SUM(U73)+SUM(V73) -> 630984 | X73: =U73 -> 578884.4 | Y73: =IF(SUM(P73)=0,"",ROUND(SUM(X73)/SUM(P73),2)) -> 4153.58
A74: 347 | B74: 5 | C74: 1 | D74: 6 | E74: 602 | G74: 普通住宅 | H74: 已售 | I74: 货币收入 | J74: 20200009642 | K74: 2020-10-16 | L74: 628387 | M74: 徐素玲、李凤翔 | N74: 138.95 | P74: 138.95 | S74: 065002100105 | T74: 01496839 | U74: 576501.83 | V74: =ROUND(U74*0.09,2) -> 51885.16 | W74: =SUM(U74)+SUM(V74) -> 628386.99 | X74: =U74 -> 576501.83 | Y74: =IF(SUM(P74)=0,"",ROUND(SUM(X74)/SUM(P74),2)) -> 4148.99
... A88: 375 | B88: 5 | C88: 2 | D88: 6 | E88: 602 | G88: 普通住宅 | H88: 已售 | I88: 货币收入 | J88: 20200011183 | K88: 2020-11-19 | L88: 646053 | M88: 柯澳杰、赵秀莲 | N88: 139.37 | P88: 139.37 | S88: 065002100105 | T88: 01928627 | U88: 592709.17 | V88: =ROUND(U88*0.09,2) -> 53343.83 | W88: =SUM(U88)+SUM(V88) -> 646053 | X88: =U88 -> 592709.17 | Y88: =IF(SUM(P88)=0,"",ROUND(SUM(X88)/SUM(P88),2)) -> 4252.77
A89: 376 | B89: 5 | C89: 2 | D89: 7 | E89: 701（上下层） | G89: 非普通住宅 | H89: 已售 | I89: 货币收入 | J89: 20210001865 | K89: 2021-03-01 | L89: 960000 | M89: 栗汝峰、朱玲 | N89: 208.8 | P89: 208.8 | S89: 065002100105 | T89: 01928523 | U89: 880733.94 | V89: 79266.06 | W89: =SUM(U89)+SUM(V89) -> 960000 | X89: =U89 -> 880733.94 | Y89: =IF(SUM(P89)=0,"",ROUND(SUM(X89)/SUM(P89),2)) -> 4218.07
A90: 377 | B90: 5 | C90: 2 | D90: 7 | E90: 702（上下层） | G90: 非普通住宅 | H90: 已售 | I90: 货币收入 | J90: 20210000392 | K90: 2021-01-10 | L90: 900000 | M90: 李小宁 | N90: 209.22 | P90: 209.22 | S90: 065002100105 | T90: 01928583 | U90: 825688.07 | V90: =ROUND(U90*0.09,2) -> 74311.93 | W90: =SUM(U90)+SUM(V90) -> 900000 | X90: =U90 -> 825688.07 | Y90: =IF(SUM(P90)=0,"",ROUND(SUM(X90)/SUM(P90),2)) -> 3946.51
A91: 500 | B91: 5 | C91: 1 | D91: -1 | E91: -101 | G91: 其他营业性房产 | H91: 未售 | N91: 10.3 | P91: 10.3 | W91: =SUM(U91)+SUM(V91) -> 0 | Y91: =IF(SUM(P91)=0,"",ROUND(SUM(X91)/SUM(P91),2)) -> 0
A92: 241 | B92: 5 | C92: 1 | D92: -1 | E92: -102 | G92: 其他营业性房产 | H92: 未售 | N92: 8.95 | P92: 8.95 | W92: =SUM(U92)+SUM(V92) -> 0 | Y92: =IF(SUM(P92)=0,"",ROUND(SUM(X92)/SUM(P92),2)) -> 0
A93: 464 | B93: 5 | C93: 1 | D93: -1 | E93: -103 | G93: 其他营业性房产 | H93: 未售 | N93: 9.4 | P93: 9.4 | W93: =SUM(U93)+SUM(V93) -> 0 | Y93: =IF(SUM(P93)=0,"",ROUND(SUM(X93)/SUM(P93),2)) -> 0
A94: 34 | B94: 5 | C94: 1 | D94: -1 | E94: -104 | G94: 其他营业性房产 | H94: 未售 | N94: 8.95 | P94: 8.95 | W94: =SUM(U94)+SUM(V94) -> 0 | Y94: =IF(SUM(P94)=0,"",ROUND(SUM(X94)/SUM(P94),2)) -> 0
A95: 340 | B95: 5 | C95: 1 | D95: -1 | E95: -105 | G95: 其他营业性房产 | H95: 未售 | N95: 8.22 | P95: 8.22 | W95: =SUM(U95)+SUM(V95) -> 0 | Y95: =IF(SUM(P95)=0,"",ROUND(SUM(X95)/SUM(P95),2)) -> 0
A96: 324 | B96: 5 | C96: 1 | D96: -1 | E96: -106 | G96: 其他营业性房产 | H96: 未售 | N96: 76.79 | P96: 76.79 | W96: =SUM(U96)+SUM(V96) -> 0 | Y96: =IF(SUM(P96)=0,"",ROUND(SUM(X96)/SUM(P96),2)) -> 0
A97: 150 | B97: 5 | C97: 1 | D97: -1 | E97: -107 | G97: 其他营业性房产 | H97: 未售 | N97: 14.58 | P97: 14.58 | W97: =SUM(U97)+SUM(V97) -> 0 | Y97: =IF(SUM(P97)=0,"",ROUND(SUM(X97)/SUM(P97),2)) -> 0
A98: 472 | B98: 5 | C98: 1 | D98: -1 | E98: -108 | G98: 其他营业性房产 | H98: 未售 | N98: 14.58 | P98: 14.58 | W98: =SUM(U98)+SUM(V98) -> 0 | Y98: =IF(SUM(P98)=0,"",ROUND(SUM(X98)/SUM(P98),2)) -> 0
A99: 248 | B99: 5 | C99: 1 | D99: -1 | E99: -109 | G99: 其他营业性房产 | H99: 未售 | N99: 76.79 | P99: 76.79 | W99: =SUM(U99)+SUM(V99) -> 0 | Y99: =IF(SUM(P99)=0,"",ROUND(SUM(X99)/SUM(P99),2)) -> 0
A100: 556 | B100: 5 | C100: 1 | D100: -1 | E100: -110 | G100: 其他营业性房产 | H100: 未售 | N100: 8.22 | P100: 8.22 | W100: =SUM(U100)+SUM(V100) -> 0 | Y100: =IF(SUM(P100)=0,"",ROUND(SUM(X100)/SUM(P100),2)) -> 0
A101: 292 | B101: 5 | C101: 1 | D101: -1 | E101: -111 | G101: 其他营业性房产 | H101: 未售 | N101: 8.95 | P101: 8.95 | W101: =SUM(U101)+SUM(V101) -> 0 | Y101: =IF(SUM(P101)=0,"",ROUND(SUM(X101)/SUM(P101),2)) -> 0
A102: 188 | B102: 5 | C102: 1 | D102: -1 | E102: -112 | G102: 其他营业性房产 | H102: 未售 | N102: 9.4 | P102: 9.4 | W102: =SUM(U102)+SUM(V102) -> 0 | Y102: =IF(SUM(P102)=0,"",ROUND(SUM(X102)/SUM(P102),2)) -> 0
... A104: 37 | B104: 5 | C104: 1 | D104: -1 | E104: -114 | G104: 其他营业性房产 | H104: 未售 | N104: 8.95 | P104: 8.95 | W104: =SUM(U104)+SUM(V104) -> 0 | Y104: =IF(SUM(P104)=0,"",ROUND(SUM(X104)/SUM(P104),2)) -> 0
A105: 352 | B105: 5 | C105: 2 | D105: -1 | E105: -201 | G105: 其他营业性房产 | H105: 未售 | N105: 10.3 | P105: 10.3 | W105: =SUM(U105)+SUM(V105) -> 0 | X105: =U105 -> 0 | Y105: =IF(SUM(P105)=0,"",ROUND(SUM(X105)/SUM(P105),2)) -> 0
A106: 353 | B106: 5 | C106: 2 | D106: -1 | E106: -202 | G106: 其他营业性房产 | H106: 未售 | N106: 8.95 | P106: 8.95 | W106: =SUM(U106)+SUM(V106) -> 0 | X106: =U106 -> 0 | Y106: =IF(SUM(P106)=0,"",ROUND(SUM(X106)/SUM(P106),2)) -> 0
A107: 354 | B107: 5 | C107: 2 | D107: -1 | E107: -203 | G107: 其他营业性房产 | H107: 未售 | N107: 9.4 | P107: 9.4 | W107: =SUM(U107)+SUM(V107) -> 0 | X107: =U107 -> 0 | Y107: =IF(SUM(P107)=0,"",ROUND(SUM(X107)/SUM(P107),2)) -> 0
A108: 355 | B108: 5 | C108: 2 | D108: -1 | E108: -204 | G108: 其他营业性房产 | H108: 未售 | N108: 8.95 | P108: 8.95 | W108: =SUM(U108)+SUM(V108) -> 0 | X108: =U108 -> 0 | Y108: =IF(SUM(P108)=0,"",ROUND(SUM(X108)/SUM(P108),2)) -> 0
A109: 356 | B109: 5 | C109: 2 | D109: -1 | E109: -205 | G109: 其他营业性房产 | H109: 未售 | N109: 8.22 | P109: 8.22 | W109: =SUM(U109)+SUM(V109) -> 0 | X109: =U109 -> 0 | Y109: =IF(SUM(P109)=0,"",ROUND(SUM(X109)/SUM(P109),2)) -> 0
A110: 357 | B110: 5 | C110: 2 | D110: -1 | E110: -206 | G110: 其他营业性房产 | H110: 未售 | N110: 76.79 | P110: 76.79 | W110: =SUM(U110)+SUM(V110) -> 0 | X110: =U110 -> 0 | Y110: =IF(SUM(P110)=0,"",ROUND(SUM(X110)/SUM(P110),2)) -> 0
A111: 358 | B111: 5 | C111: 2 | D111: -1 | E111: -207 | G111: 其他营业性房产 | H111: 未售 | N111: 14.58 | P111: 14.58 | W111: =SUM(U111)+SUM(V111) -> 0 | X111: =U111 -> 0 | Y111: =IF(SUM(P111)=0,"",ROUND(SUM(X111)/SUM(P111),2)) -> 0
A112: 359 | B112: 5 | C112: 2 | D112: -1 | E112: -208 | G112: 其他营业性房产 | H112: 未售 | N112: 14.58 | P112: 14.58 | W112: =SUM(U112)+SUM(V112) -> 0 | X112: =U112 -> 0 | Y112: =IF(SUM(P112)=0,"",ROUND(SUM(X112)/SUM(P112),2)) -> 0
A113: 360 | B113: 5 | C113: 2 | D113: -1 | E113: -209 | G113: 其他营业性房产 | H113: 未售 | N113: 76.79 | P113: 76.79 | W113: =SUM(U113)+SUM(V113) -> 0 | X113: =U113 -> 0 | Y113: =IF(SUM(P113)=0,"",ROUND(SUM(X113)/SUM(P113),2)) -> 0
A114: 361 | B114: 5 | C114: 2 | D114: -1 | E114: -210 | G114: 其他营业性房产 | H114: 未售 | N114: 8.22 | P114: 8.22 | W114: =SUM(U114)+SUM(V114) -> 0 | X114: =U114 -> 0 | Y114: =IF(SUM(P114)=0,"",ROUND(SUM(X114)/SUM(P114),2)) -> 0
A115: 362 | B115: 5 | C115: 2 | D115: -1 | E115: -211 | G115: 其他营业性房产 | H115: 未售 | N115: 8.95 | P115: 8.95 | W115: =SUM(U115)+SUM(V115) -> 0 | X115: =U115 -> 0 | Y115: =IF(SUM(P115)=0,"",ROUND(SUM(X115)/SUM(P115),2)) -> 0
A116: 363 | B116: 5 | C116: 2 | D116: -1 | E116: -212 | G116: 其他营业性房产 | H116: 未售 | N116: 9.4 | P116: 9.4 | W116: =SUM(U116)+SUM(V116) -> 0 | X116: =U116 -> 0 | Y116: =IF(SUM(P116)=0,"",ROUND(SUM(X116)/SUM(P116),2)) -> 0
... A118: 365 | B118: 5 | C118: 2 | D118: -1 | E118: -214 | G118: 其他营业性房产 | H118: 未售 | N118: 8.95 | P118: 8.95 | W118: =SUM(U118)+SUM(V118) -> 0 | X118: =U118 | Y118: =IF(SUM(P118)=0,"",ROUND(SUM(X118)/SUM(P118),2)) -> 0
A119: 378 | B119: 6 | C119: 1 | D119: 1 | E119: 101 | G119: 普通住宅 | H119: 已售 | I119: 货币收入 | J119: 20220005771 | K119: 2022-07-22 | L119: 901584 | M119: 刘顺顺 | N119: 125.22 | P119: 125.22 | S119: 065002100105 | T119: 01500513 | U119: 827141.28 | V119: =ROUND(U119*0.09,2) -> 74442.72 | W119: =SUM(U119)+SUM(V119) -> 901584 | X119: =U119 -> 827141.28 | Y119: =IF(SUM(P119)=0,"",ROUND(SUM(X119)/SUM(P119),2)) -> 6605.5
A120: 379 | B120: 6 | C120: 1 | D120: 1 | E120: 102 | G120: 普通住宅 | H120: 已售 | I120: 货币收入 | J120: 20230001725 | K120: 2023-02-21 | L120: 898200 | M120: 黄亚娥 | N120: 124.75 | P120: 124.75 | S120: 065002100105 | T120: 01500567 | U120: 824036.7 | V120: =ROUND(U120*0.09,2) -> 74163.3 | W120: =SUM(U120)+SUM(V120) -> 898200 | X120: =U120 -> 824036.7 | Y120: =IF(SUM(P120)=0,"",ROUND(SUM(X120)/SUM(P120),2)) -> 6605.5
A121: 394 | B121: 6 | C121: 1 | D121: 2 | E121: 201 | G121: 普通住宅 | H121: 已售 | I121: 货币收入 | J121: 20200009225 | K121: 2020-10-06 | L121: 552220 | M121: 王新萍 | N121: 125.22 | P121: 125.22 | S121: 065002100105 | T121: 01496945 | U121: 506623.85 | V121: =ROUND(U121*0.09,2) -> 45596.15 | W121: =SUM(U121)+SUM(V121) -> 552220 | X121: =U121 -> 506623.85 | Y121: =IF(SUM(P121)=0,"",ROUND(SUM(X121)/SUM(P121),2)) -> 4045.87
A122: 395 | B122: 6 | C122: 1 | D122: 2 | E122: 202 | G122: 普通住宅 | H122: 已售 | I122: 货币收入 | J122: 20200008557 | K122: 2020-09-21 | L122: 552921 | M122: 霍爱华、吴世友 | N122: 124.85 | P122: 124.85 | S122: 065002100105 | T122: 01496793 | U122: 507266.97 | V122: =ROUND(U122*0.09,2) -> 45654.03 | W122: =SUM(U122)+SUM(V122) -> 552921 | X122: =U122 -> 507266.97 | Y122: =IF(SUM(P122)=0,"",ROUND(SUM(X122)/SUM(P122),2)) -> 4063.01
A123: 396 | B123: 6 | C123: 1 | D123: 3 | E123: 301 | G123: 普通住宅 | H123: 已售 | I123: 货币收入 | J123: 20200009184 | K123: 2020-10-04 | L123: 557905 | M123: 张珂舟、肖英莲 | N123: 125.22 | P123: 125.22 | S123: 065002100105 | T123: 01928576 | U123: 511839.45 | V123: =ROUND(U123*0.09,2) -> 46065.55 | W123: =SUM(U123)+SUM(V123) -> 557905 | X123: =U123 -> 511839.45 | Y123: =IF(SUM(P123)=0,"",ROUND(SUM(X123)/SUM(P123),2)) -> 4087.52
A124: 397 | B124: 6 | C124: 1 | D124: 3 | E124: 302 | G124: 普通住宅 | H124: 已售 | I124: 货币收入 | J124: 20200008440 | K124: 2020-09-18 | L124: 559248 | M124: 张勇慧 | N124: 124.85 | P124: 124.85 | S124: 065002100105 | T124: 01928488 | U124: 513071.56 | V124: =ROUND(U124*0.09,2) -> 46176.44 | W124: =SUM(U124)+SUM(V124) -> 559248 | X124: =U124 -> 513071.56 | Y124: =IF(SUM(P124)=0,"",ROUND(SUM(X124)/SUM(P124),2)) -> 4109.5
A125: 398 | B125: 6 | C125: 1 | D125: 4 | E125: 401 | G125: 普通住宅 | H125: 已售 | I125: 货币收入 | J125: 20200008886 | K125: 2020-09-26 | L125: 567000 | M125: 和柱 | N125: 125.22 | P125: 125.22 | S125: 065002100105 | T125: 01496847 | U125: 520183.49 | V125: =ROUND(U125*0.09,2) -> 46816.51 | W125: =SUM(U125)+SUM(V125) -> 567000 | X125: =U125 -> 520183.49 | Y125: =IF(SUM(P125)=0,"",ROUND(SUM(X125)/SUM(P125),2)) -> 4154.16
A126: 399 | B126: 6 | C126: 1 | D126: 4 | E126: 402 | G126: 普通住宅 | H126: 已售 | I126: 货币收入 | J126: 20200008130 | K126: 2020-09-14 | L126: 564300 | M126: 任强 | N126: 124.85 | P126: 124.85 | S126: 065002100105 | T126: 01928517 | U126: 517706.42 | V126: =ROUND(U126*0.09,2) -> 46593.58 | W126: =SUM(U126)+SUM(V126) -> 564300 | X126: =U126 -> 517706.42 | Y126: =IF(SUM(P126)=0,"",ROUND(SUM(X126)/SUM(P126),2)) -> 4146.63
A127: 400 | B127: 6 | C127: 1 | D127: 5 | E127: 501 | G127: 普通住宅 | H127: 已售 | I127: 货币收入 | J127: 20200008547 | K127: 2020-09-21 | L127: 570848 | M127: 霍庆军、曹彩霞 | N127: 125.22 | P127: 125.22 | S127: 065002100105 | T127: 01496854 | U127: 523713.76 | V127: =ROUND(U127*0.09,2) -> 47134.24 | W127: =SUM(U127)+SUM(V127) -> 570848 | X127: =U127 -> 523713.76 | Y127: =IF(SUM(P127)=0,"",ROUND(SUM(X127)/SUM(P127),2)) -> 4182.35
A128: 401 | B128: 6 | C128: 1 | D128: 5 | E128: 502 | G128: 普通住宅 | H128: 已售 | I128: 货币收入 | J128: 20200007731 | K128: 2020-09-08 | L128: 571403 | M128: 贾江云 | N128: 124.85 | P128: 124.85 | S128: 065002100105 | T128: 01496946 | U128: 524222.94 | V128: =ROUND(U128*0.09,2) -> 47180.06 | W128: =SUM(U128)+SUM(V128) -> 571403 | X128: =U128 -> 524222.94 | Y128: =IF(SUM(P128)=0,"",ROUND(SUM(X128)/SUM(P128),2)) -> 4198.82
A129: 402 | B129: 6 | C129: 1 | D129: 6 | E129: 601 | G129: 普通住宅 | H129: 已售 | I129: 货币收入 | J129: 20200010126 | K129: 2020-10-24 | L129: 579568 | M129: 牛李娜、曹松山 | N129: 125.22 | P129: 125.22 | S129: 065002100105 | T129: 01496855 | U129: 531713.76 | V129: =ROUND(U129*0.09,2) -> 47854.24 | W129: =SUM(U129)+SUM(V129) -> 579568 | X129: =U129 -> 531713.76 | Y129: =IF(SUM(P129)=0,"",ROUND(SUM(X129)/SUM(P129),2)) -> 4246.24
A130: 403 | B130: 6 | C130: 1 | D130: 6 | E130: 602 | G130: 普通住宅 | H130: 已售 | I130: 货币收入 | J130: 20200008802 | K130: 2020-09-25 | L130: 577107 | M130: 杨渤 | N130: 124.85 | P130: 124.85 | S130: 065002100105 | T130: 01496891 | U130: 529455.96 | V130: =ROUND(U130*0.09,2) -> 47651.04 | W130: =SUM(U130)+SUM(V130) -> 577107 | X130: =U130 -> 529455.96 | Y130: =IF(SUM(P130)=0,"",ROUND(SUM(X130)/SUM(P130),2)) -> 4240.74
... A146: 433 | B146: 6 | C146: 2 | D146: 7 | E146: 702（上下层） | G146: 非普通住宅 | H146: 已售 | I146: 货币收入 | J146: 20200011604 | K146: 2020-11-28 | L146: 851733 | M146: 张征、高淑琴 | N146: 186.02 | P146: 186.02 | S146: 065002100105 | T146: 01928582 | U146: 781406.42 | V146: =ROUND(U146*0.09,2) -> 70326.58 | W146: =SUM(U146)+SUM(V146) -> 851733 | X146: =U146 -> 781406.42 | Y146: =IF(SUM(P146)=0,"",ROUND(SUM(X146)/SUM(P146),2)) -> 4200.66
A147: 534 | B147: 6 | C147: 1 | D147: -1 | E147: -101 | G147: 其他营业性房产 | H147: 未售 | N147: 12.77 | P147: 12.77 | W147: =SUM(U147)+SUM(V147) -> 0 | Y147: =IF(SUM(P147)=0,"",ROUND(SUM(X147)/SUM(P147),2)) -> 0
...

Sheet 附表7-扣除项目明细采集底稿
A1: T23210附表7-扣除项目明细采集底稿
A2: =土地增值税税源明细表!F5&"："&土地增值税税源明细表!H5&" "&土地增值税税源明细表!A5&"："&土地增值税税源明细表!B5&" "&"金额单位:人民币元(列至角分)" -> 项目编码：Z65280120200027 项目名称：沁春锦苑二期 金额单位:人民币元(列至角分)
A3: 序号 | B3: *记账日期 | C3: *记账凭证号码 | D3: *科目名称 | E3: *二级科目名称 | F3: 内容摘要 | G3: 合同编号 | H3: 合同名称 | I3: 合同类别 | J3: 收款单位 | K3: *凭据类型 | L3: 发票(凭据)代码 | M3: 发票(凭据)号码 | N3: *发票(凭据)金额 | O3: *付款金额 | P3: *记账金额 | Q3: 申报调整金额 | R3: *申报扣除的记账金额 | S3: 分摊至本项目比例 | T3: *本项目扣除金额 | U3: 情况说明 | V3: *成本对象类型 | W3: *普通住宅分摊金额 | X3: *非普通住宅分摊金额 | Y3: *其他类型房产分摊金额 | Z3: *分摊方法 | AA3: 分摊方法说明 | AB3: *是否可加计扣除
A4: 总计 | B4: * | C4: * | D4: * | E4: * | F4: * | G4: * | H4: * | I4: * | J4: * | K4: * | L4: * | M4: * | N4: =SUM(N$7:N$1047992) -> 2.0609479e+08 | O4: =SUM(O$7:O$1047992) -> 2.1972664e+08 | P4: =SUM(P$7:P$1047992) -> 2.0630244e+08 | Q4: =SUM(Q$7:Q$1047992) -> -7394242.6 | R4: =SUM(R$7:R$1047992) -> 1.989082e+08 | S4: =IF(R5=0,"",ROUND(T5/R5,6)) -> 0.32952 | T4: =SUM(T$7:T$1047992) -> 1.5976639e+08 | U4: * | V4: * | W4: =SUM(W$7:W$1047992) -> 57699496 | X4: =SUM(X$7:X$1047992) -> 71156569 | Y4: =SUM(Y$7:Y$1047992) -> 30910323 | Z4: * | AA4: * | AB4: *
A5: 筛选小计 | B5: * | C5: * | D5: * | E5: * | F5: * | G5: * | H5: * | I5: * | J5: * | K5: * | L5: * | M5: * | N5: =SUBTOTAL(9,N$7:N$1047992) -> 154455.45 | O5: =SUBTOTAL(9,O$7:O$1047992) -> 157732.68 | P5: =SUBTOTAL(9,P$7:P$1047992) -> 154455.45 | Q5: =SUBTOTAL(9,Q$7:Q$1047992) -> 13861.382 | R5: =SUBTOTAL(9,R$7:R$1047992) -> 168316.83 | S5: =IF(SUM(R6)=0,"",ROUND(SUM(T6)/SUM(R6),6)) | T5: =SUBTOTAL(9,T$7:T$1047992) -> 55463.74 | U5: * | V5: * | W5: =SUBTOTAL(9,W$7:W$1047992) -> 20256.99 | X5: =SUBTOTAL(9,X$7:X$1047992) -> 24982.42 | Y5: =SUBTOTAL(9,Y$7:Y$1047992) -> 10224.33 | Z5: * | AA5: * | AB5: *
A6: 列次 | B6: 1 | C6: 2 | D6: 3 | E6: 4 | F6: 5 | G6: 6 | H6: 7 | I6: 8 | J6: 9 | K6: 10 | L6: 11 | M6: 12 | N6: 13 | O6: 14 | P6: 15 | Q6: 16 | R6: 17=15+16 | S6: 18 | T6: 19=17*18 | U6: 20 | V6: 21 | W6: 22 | X6: 23=19-22-24 | Y6: 24 | Z6: 25 | AA6: 26 | AB6: 27 | XEJ6: =SUM(A6:XEI6) -> 15
A7: 1 | B7: 43131 | C7: 0066 | D7: 土地征用及拆迁补偿费 | E7: 土地征用费用 | F7: 调2014年3月42#凭证 | G7: CQ-001 | H7: =IF(G7="","",VLOOKUP(G7,'附表8-合同明细采集底稿'!B:I,2,0)) -> 巴州建新公路维护有限公司 | I7: =IF(G7="","",VLOOKUP(G7,'附表8-合同明细采集底稿'!B:I,3,0)) -> 产权转移书据 | J7: =IF(G7="","",VLOOKUP(G7,'附表8-合同明细采集底稿'!B:I,4,0)) -> 巴州建新公路维护有限公司 | K7: 其他凭据 | N7: 500000 | O7: 500000 | P7: 500000 | R7: =P7+Q7 -> 500000 | S7: =IFERROR(VLOOKUP(G7,'附表8-合同明细采集底稿'!B:M,12,0),100%) -> 0.3295199 | T7: =ROUND(SUM(R7)*SUM(S7),2) -> 164759.95 | V7: 共同成本费用 | W7: =IF('附表1-面积统计表'!$D$29=0,"",IF(AND(V7="共同成本费用",Z7="总建筑面积法"),ROUND(T7/'附表1-面积统计表'!$D$29*'附表1-面积统计表'!$D$5,2),IF(AND(V7="共同成本费用",Z7="可售建筑面积法"),ROUND(T7/'附表1-面积统计表'!$F$29*'附表1-面积统计表'!$F$5,2),"请手工填写"))) -> 60175.18 | X7: =IF(SUM('附表1-面积统计表'!$D$6)=0,"",SUM(T7)-SUM(W7)-SUM(Y7)) -> 74212.48 | Y7: =IF(SUM('附表1-面积统计表'!$D$6)=0,SUM(T7)-SUM(W7),IF('附表1-面积统计表'!$D$29=0,"",IF(AND(V7="共同成本费用",Z7="总建筑面积法"),ROUND(T7/'附表1-面积统计表'!$D$29*'附表1-面积统计表'!$D$7,2),IF(AND(V7="共同成本费用",Z7="可售建筑面积法"),ROUND(T7/'附表1-面积统计表'!$F$29*'附表1-面积统计表'!$F$7,2),"请手工填写")))) -> 30372.29 | Z7: 可售建筑面积法 | AB7: 可加计
A8: 2 | B8: 43131 | C8: 0066 | D8: 土地征用及拆迁补偿费 | E8: 土地征用费用 | F8: 调2014年8月56#凭证 | H8: =IF(G8="","",VLOOKUP(G8,'附表8-合同明细采集底稿'!B:I,2,0)) | I8: =IF(G8="","",VLOOKUP(G8,'附表8-合同明细采集底稿'!B:I,3,0)) | J8: 毛拉 | K8: 其他凭据 | N8: 200000 | O8: 200000 | P8: 200000 | Q8: -200000 | R8: =P8+Q8 -> 0 | S8: =IFERROR(VLOOKUP(G8,'附表8-合同明细采集底稿'!B:M,12,0),100%) -> 1 | T8: =ROUND(SUM(R8)*SUM(S8),2) -> 0 | V8: 共同成本费用 | W8: =IF('附表1-面积统计表'!$D$29=0,"",IF(AND(V8="共同成本费用",Z8="总建筑面积法"),ROUND(T8/'附表1-面积统计表'!$D$29*'附表1-面积统计表'!$D$5,2),IF(AND(V8="共同成本费用",Z8="可售建筑面积法"),ROUND(T8/'附表1-面积统计表'!$F$29*'附表1-面积统计表'!$F$5,2),"请手工填写"))) -> 0 | X8: =IF(SUM('附表1-面积统计表'!$D$6)=0,"",SUM(T8)-SUM(W8)-SUM(Y8)) -> 0 | Y8: =IF(SUM('附表1-面积统计表'!$D$6)=0,SUM(T8)-SUM(W8),IF('附表1-面积统计表'!$D$29=0,"",IF(AND(V8="共同成本费用",Z8="总建筑面积法"),ROUND(T8/'附表1-面积统计表'!$D$29*'附表1-面积统计表'!$D$7,2),IF(AND(V8="共同成本费用",Z8="可售建筑面积法"),ROUND(T8/'附表1-面积统计表'!$F$29*'附表1-面积统计表'!$F$7,2),"请手工填写")))) -> 0 | Z8: 可售建筑面积法 | AB8: 可加计
A9: 3 | B9: 43131 | C9: 0066 | D9: 土地征用及拆迁补偿费 | E9: 土地征用费用 | F9: 调2014年8月84#凭证 | G9: CQ-001 | H9: =IF(G9="","",VLOOKUP(G9,'附表8-合同明细采集底稿'!B:I,2,0)) -> 巴州建新公路维护有限公司 | I9: =IF(G9="","",VLOOKUP(G9,'附表8-合同明细采集底稿'!B:I,3,0)) -> 产权转移书据 | J9: =IF(G9="","",VLOOKUP(G9,'附表8-合同明细采集底稿'!B:I,4,0)) -> 巴州建新公路维护有限公司 | K9: 其他凭据 | N9: 500000 | O9: 500000 | P9: 500000 | R9: =P9+Q9 -> 500000 | S9: =IFERROR(VLOOKUP(G9,'附表8-合同明细采集底稿'!B:M,12,0),100%) -> 0.3295199 | T9: =ROUND(SUM(R9)*SUM(S9),2) -> 164759.95 | V9: 共同成本费用 | W9: =IF('附表1-面积统计表'!$D$29=0,"",IF(AND(V9="共同成本费用",Z9="总建筑面积法"),ROUND(T9/'附表1-面积统计表'!$D$29*'附表1-面积统计表'!$D$5,2),IF(AND(V9="共同成本费用",Z9="可售建筑面积法"),ROUND(T9/'附表1-面积统计表'!$F$29*'附表1-面积统计表'!$F$5,2),"请手工填写"))) -> 60175.18 | X9: =IF(SUM('附表1-面积统计表'!$D$6)=0,"",SUM(T9)-SUM(W9)-SUM(Y9)) -> 74212.48 | Y9: =IF(SUM('附表1-面积统计表'!$D$6)=0,SUM(T9)-SUM(W9),IF('附表1-面积统计表'!$D$29=0,"",IF(AND(V9="共同成本费用",Z9="总建筑面积法"),ROUND(T9/'附表1-面积统计表'!$D$29*'附表1-面积统计表'!$D$7,2),IF(AND(V9="共同成本费用",Z9="可售建筑面积法"),ROUND(T9/'附表1-面积统计表'!$F$29*'附表1-面积统计表'!$F$7,2),"请手工填写")))) -> 30372.29 | Z9: 可售建筑面积法 | AB9: 可加计
A10: 4 | B10: 43131 | C10: 0066 | D10: 土地征用及拆迁补偿费 | E10: 土地征用费用 | F10: 调2014年8月111#凭证 | H10: =IF(G10="","",VLOOKUP(G10,'附表8-合同明细采集底稿'!B:I,2,0)) | I10: =IF(G10="","",VLOOKUP(G10,'附表8-合同明细采集底稿'!B:I,3,0)) | J10: 陈高 | K10: 其他凭据 | N10: 100833 | O10: 100833 | P10: 100833 | Q10: -100833 | R10: =P10+Q10 -> 0 | S10: =IFERROR(VLOOKUP(G10,'附表8-合同明细采集底稿'!B:M,12,0),100%) -> 1 | T10: =ROUND(SUM(R10)*SUM(S10),2) -> 0 | V10: 共同成本费用 | W10: =IF('附表1-面积统计表'!$D$29=0,"",IF(AND(V10="共同成本费用",Z10="总建筑面积法"),ROUND(T10/'附表1-面积统计表'!$D$29*'附表1-面积统计表'!$D$5,2),IF(AND(V10="共同成本费用",Z10="可售建筑面积法"),ROUND(T10/'附表1-面积统计表'!$F$29*'附表1-面积统计表'!$F$5,2),"请手工填写"))) -> 0 | X10: =IF(SUM('附表1-面积统计表'!$D$6)=0,"",SUM(T10)-SUM(W10)-SUM(Y10)) -> 0 | Y10: =IF(SUM('附表1-面积统计表'!$D$6)=0,SUM(T10)-SUM(W10),IF('附表1-面积统计表'!$D$29=0,"",IF(AND(V10="共同成本费用",Z10="总建筑面积法"),ROUND(T10/'附表1-面积统计表'!$D$29*'附表1-面积统计表'!$D$7,2),IF(AND(V10="共同成本费用",Z10="可售建筑面积法"),ROUND(T10/'附表1-面积统计表'!$F$29*'附表1-面积统计表'!$F$7,2),"请手工填写")))) -> 0 | Z10: 可售建筑面积法 | AB10: 可加计
A11: 5 | B11: 43131 | C11: 0066 | D11: 土地征用及拆迁补偿费 | E11: 土地征用费用 | F11: 调2014年8月156#凭证 | H11: =IF(G11="","",VLOOKUP(G11,'附表8-合同明细采集底稿'!B:I,2,0)) | I11: =IF(G11="","",VLOOKUP(G11,'附表8-合同明细采集底稿'!B:I,3,0)) | J11: 毛拉 | K11: 其他凭据 | N11: 63894 | O11: 63894 | P11: 63894 | Q11: -63894 | R11: =P11+Q11 -> 0 | S11: =IFERROR(VLOOKUP(G11,'附表8-合同明细采集底稿'!B:M,12,0),100%) -> 1 | T11: =ROUND(SUM(R11)*SUM(S11),2) -> 0 | V11: 共同成本费用 | W11: =IF('附表1-面积统计表'!$D$29=0,"",IF(AND(V11="共同成本费用",Z11="总建筑面积法"),ROUND(T11/'附表1-面积统计表'!$D$29*'附表1-面积统计表'!$D$5,2),IF(AND(V11="共同成本费用",Z11="可售建筑面积法"),ROUND(T11/'附表1-面积统计表'!$F$29*'附表1-面积统计表'!$F$5,2),"请手工填写"))) -> 0 | X11: =IF(SUM('附表1-面积统计表'!$D$6)=0,"",SUM(T11)-SUM(W11)-SUM(Y11)) -> 0 | Y11: =IF(SUM('附表1-面积统计表'!$D$6)=0,SUM(T11)-SUM(W11),IF('附表1-面积统计表'!$D$29=0,"",IF(AND(V11="共同成本费用",Z11="总建筑面积法"),ROUND(T11/'附表1-面积统计表'!$D$29*'附表1-面积统计表'!$D$7,2),IF(AND(V11="共同成本费用",Z11="可售建筑面积法"),ROUND(T11/'附表1-面积统计表'!$F$29*'附表1-面积统计表'!$F$7,2),"请手工填写")))) -> 0 | Z11: 可售建筑面积法 | AB11: 可加计
A12: 6 | B12: 43131 | C12: 0066 | D12: 土地征用及拆迁补偿费 | E12: 土地征用费用 | F12: 调2014年9月60#凭证 | G12: CQ-001 | H12: =IF(G12="","",VLOOKUP(G12,'附表8-合同明细采集底稿'!B:I,2,0)) -> 巴州建新公路维护有限公司 | I12: =IF(G12="","",VLOOKUP(G12,'附表8-合同明细采集底稿'!B:I,3,0)) -> 产权转移书据 | J12: =IF(G12="","",VLOOKUP(G12,'附表8-合同明细采集底稿'!B:I,4,0)) -> 巴州建新公路维护有限公司 | K12: 其他凭据 | N12: 1730000 | O12: 1730000 | P12: 1730000 | R12: =P12+Q12 -> 1730000 | S12: =IFERROR(VLOOKUP(G12,'附表8-合同明细采集底稿'!B:M,12,0),100%) -> 0.3295199 | T12: =ROUND(SUM(R12)*SUM(S12),2) -> 570069.43 | V12: 共同成本费用 | W12: =IF('附表1-面积统计表'!$D$29=0,"",IF(AND(V12="共同成本费用",Z12="总建筑面积法"),ROUND(T12/'附表1-面积统计表'!$D$29*'附表1-面积统计表'!$D$5,2),IF(AND(V12="共同成本费用",Z12="可售建筑面积法"),ROUND(T12/'附表1-面积统计表'!$F$29*'附表1-面积统计表'!$F$5,2),"请手工填写"))) -> 208206.12 | X12: =IF(SUM('附表1-面积统计表'!$D$6)=0,"",SUM(T12)-SUM(W12)-SUM(Y12)) -> 256775.18 | Y12: =IF(SUM('附表1-面积统计表'!$D$6)=0,SUM(T12)-SUM(W12),IF('附表1-面积统计表'!$D$29=0,"",IF(AND(V12="共同成本费用",Z12="总建筑面积法"),ROUND(T12/'附表1-面积统计表'!$D$29*'附表1-面积统计表'!$D$7,2),IF(AND(V12="共同成本费用",Z12="可售建筑面积法"),ROUND(T12/'附表1-面积统计表'!$F$29*'附表1-面积统计表'!$F$7,2),"请手工填写")))) -> 105088.13 | Z12: 可售建筑面积法 | AB12: 可加计
A13: 7 | B13: 43131 | C13: 0066 | D13: 土地征用及拆迁补偿费 | E13: 土地征用费用 | F13: 调2014年9月126#凭证 | G13: CQ-001 | H13: =IF(G13="","",VLOOKUP(G13,'附表8-合同明细采集底稿'!B:I,2,0)) -> 巴州建新公路维护有限公司 | I13: =IF(G13="","",VLOOKUP(G13,'附表8-合同明细采集底稿'!B:I,3,0)) -> 产权转移书据 | J13: =IF(G13="","",VLOOKUP(G13,'附表8-合同明细采集底稿'!B:I,4,0)) -> 巴州建新公路维护有限公司 | K13: 其他凭据 | N13: 1230000 | O13: 1230000 | P13: 1230000 | R13: =P13+Q13 -> 1230000 | S13: =IFERROR(VLOOKUP(G13,'附表8-合同明细采集底稿'!B:M,12,0),100%) -> 0.3295199 | T13: =ROUND(SUM(R13)*SUM(S13),2) -> 405309.48 | V13: 共同成本费用 | W13: =IF('附表1-面积统计表'!$D$29=0,"",IF(AND(V13="共同成本费用",Z13="总建筑面积法"),ROUND(T13/'附表1-面积统计表'!$D$29*'附表1-面积统计表'!$D$5,2),IF(AND(V13="共同成本费用",Z13="可售建筑面积法"),ROUND(T13/'附表1-面积统计表'!$F$29*'附表1-面积统计表'!$F$5,2),"请手工填写"))) -> 148030.94 | X13: =IF(SUM('附表1-面积统计表'!$D$6)=0,"",SUM(T13)-SUM(W13)-SUM(Y13)) -> 182562.7 | Y13: =IF(SUM('附表1-面积统计表'!$D$6)=0,SUM(T13)-SUM(W13),IF('附表1-面积统计表'!$D$29=0,"",IF(AND(V13="共同成本费用",Z13="总建筑面积法"),ROUND(T13/'附表1-面积统计表'!$D$29*'附表1-面积统计表'!$D$7,2),IF(AND(V13="共同成本费用",Z13="可售建筑面积法"),ROUND(T13/'附表1-面积统计表'!$F$29*'附表1-面积统计表'!$F$7,2),"请手工填写")))) -> 74715.84 | Z13: 可售建筑面积法 | AB13: 可加计
A14: 8 | B14: 43131 | C14: 0066 | D14: 土地征用及拆迁补偿费 | E14: 其他土地征用及拆迁补偿费 | F14: 调2015年6月87#凭证 | G14: 开发间接费用 | H14: =IF(G14="","",VLOOKUP(G14,'附表8-合同明细采集底稿'!B:I,2,0)) -> 0 | I14: =IF(G14="","",VLOOKUP(G14,'附表8-合同明细采集底稿'!B:I,3,0)) -> 0 | K14: 完税凭证 | N14: 215553.55 | O14: 215553.55 | P14: 215553.55 | Q14: -96753.55 | R14: =P14+Q14 -> 118800 | S14: =IFERROR(VLOOKUP(G14,'附表8-合同明细采集底稿'!B:M,12,0),100%) -> 0.3295199 | T14: =ROUND(SUM(R14)*SUM(S14),2) -> 39146.96 | V14: 共同成本费用 | W14: =IF('附表1-面积统计表'!$D$29=0,"",IF(AND(V14="共同成本费用",Z14="总建筑面积法"),ROUND(T14/'附表1-面积统计表'!$D$29*'附表1-面积统计表'!$D$5,2),IF(AND(V14="共同成本费用",Z14="可售建筑面积法"),ROUND(T14/'附表1-面积统计表'!$F$29*'附表1-面积统计表'!$F$5,2),"请手工填写"))) -> 14297.62 | X14: =IF(SUM('附表1-面积统计表'!$D$6)=0,"",SUM(T14)-SUM(W14)-SUM(Y14)) -> 17632.88 | Y14: =IF(SUM('附表1-面积统计表'!$D$6)=0,SUM(T14)-SUM(W14),IF('附表1-面积统计表'!$D$29=0,"",IF(AND(V14="共同成本费用",Z14="总建筑面积法"),ROUND(T14/'附表1-面积统计表'!$D$29*'附表1-面积统计表'!$D$7,2),IF(AND(V14="共同成本费用",Z14="可售建筑面积法"),ROUND(T14/'附表1-面积统计表'!$F$29*'附表1-面积统计表'!$F$7,2),"请手工填写")))) -> 7216.46 | Z14: 可售建筑面积法 | AB14: 可加计
A15: 9 | B15: 43283 | C15: 0009 | D15: 公共配套设施费 | E15: 派出所用房费用 | F15: 警务室劳务费 | G15: 开发间接费用 | H15: =IF(G15="","",VLOOKUP(G15,'附表8-合同明细采集底稿'!B:I,2,0)) -> 0 | I15: =IF(G15="","",VLOOKUP(G15,'附表8-合同明细采集底稿'!B:I,3,0)) -> 0 | J15: 崔红卫 | K15: 增值税普通发票 | L15: 065002100111 | M15: 03791310 | N15: 20000 | O15: 20000 | P15: 20000 | R15: =P15+Q15 -> 20000 | S15: =IFERROR(VLOOKUP(G15,'附表8-合同明细采集底稿'!B:M,12,0),100%) -> 0.3295199 | T15: =ROUND(SUM(R15)*SUM(S15),2) -> 6590.4 | V15: 共同成本费用 | W15: =IF('附表1-面积统计表'!$D$29=0,"",IF(AND(V15="共同成本费用",Z15="总建筑面积法"),ROUND(T15/'附表1-面积统计表'!$D$29*'附表1-面积统计表'!$D$5,2),IF(AND(V15="共同成本费用",Z15="可售建筑面积法"),ROUND(T15/'附表1-面积统计表'!$F$29*'附表1-面积统计表'!$F$5,2),"请手工填写"))) -> 2407.01 | X15: =IF(SUM('附表1-面积统计表'!$D$6)=0,"",SUM(T15)-SUM(W15)-SUM(Y15)) -> 2968.5 | Y15: =IF(SUM('附表1-面积统计表'!$D$6)=0,SUM(T15)-SUM(W15),IF('附表1-面积统计表'!$D$29=0,"",IF(AND(V15="共同成本费用",Z15="总建筑面积法"),ROUND(T15/'附表1-面积统计表'!$D$29*'附表1-面积统计表'!$D$7,2),IF(AND(V15="共同成本费用",Z15="可售建筑面积法"),ROUND(T15/'附表1-面积统计表'!$F$29*'附表1-面积统计表'!$F$7,2),"请手工填写")))) -> 1214.89 | Z15: 可售建筑面积法 | AB15: 可加计
A16: 10 | B16: 43332 | C16: 73 | D16: 前期工程费 | E16: 设计费用 | F16: 沁春锦苑设计费 | G16: 其他合同-36 | H16: =IF(G16="","",VLOOKUP(G16,'附表8-合同明细采集底稿'!B:I,2,0)) -> 规划设计合同书 | I16: =IF(G16="","",VLOOKUP(G16,'附表8-合同明细采集底稿'!B:I,3,0)) -> 技术合同 | J16: =IF(G16="","",VLOOKUP(G16,'附表8-合同明细采集底稿'!B:I,4,0)) -> 上海联创建筑设计有限公司新疆分公司 | K16: 增值税专用发票 | L16: 6500174130 | M16: 00436471 | N16: 94245.28 | O16: 99900 | P16: 94245.28 | R16: =P16+Q16 -> 94245.28 | S16: =IFERROR(VLOOKUP(G16,'附表8-合同明细采集底稿'!B:M,12,0),100%) -> 0.3295199 | T16: =ROUND(SUM(R16)*SUM(S16),2) -> 31055.7 | V16: 共同成本费用 | W16: =IF('附表1-面积统计表'!$D$29=0,"",IF(AND(V16="共同成本费用",Z16="总建筑面积法"),ROUND(T16/'附表1-面积统计表'!$D$29*'附表1-面积统计表'!$D$5,2),IF(AND(V16="共同成本费用",Z16="可售建筑面积法"),ROUND(T16/'附表1-面积统计表'!$F$29*'附表1-面积统计表'!$F$5,2),"请手工填写"))) -> 11342.46 | X16: =IF(SUM('附表1-面积统计表'!$D$6)=0,"",SUM(T16)-SUM(W16)-SUM(Y16)) -> 13988.35 | Y16: =IF(SUM('附表1-面积统计表'!$D$6)=0,SUM(T16)-SUM(W16),IF('附表1-面积统计表'!$D$29=0,"",IF(AND(V16="共同成本费用",Z16="总建筑面积法"),ROUND(T16/'附表1-面积统计表'!$D$29*'附表1-面积统计表'!$D$7,2),IF(AND(V16="共同成本费用",Z16="可售建筑面积法"),ROUND(T16/'附表1-面积统计表'!$F$29*'附表1-面积统计表'!$F$7,2),"请手工填写")))) -> 5724.89 | Z16: 可售建筑面积法 | AB16: 可加计
A17: 11 | B17: 43332 | C17: 73 | D17: 前期工程费 | E17: 设计费用 | F17: 沁春锦苑设计费 | G17: 其他合同-36 | H17: =IF(G17="","",VLOOKUP(G17,'附表8-合同明细采集底稿'!B:I,2,0)) -> 规划设计合同书 | I17: =IF(G17="","",VLOOKUP(G17,'附表8-合同明细采集底稿'!B:I,3,0)) -> 技术合同 | J17: =IF(G17="","",VLOOKUP(G17,'附表8-合同明细采集底稿'!B:I,4,0)) -> 上海联创建筑设计有限公司新疆分公司 | K17: 增值税专用发票 | L17: 6500174130 | M17: 00436472 | N17: 94245.28 | O17: 99900 | P17: 94245.28 | R17: =P17+Q17 -> 94245.28 | S17: =IFERROR(VLOOKUP(G17,'附表8-合同明细采集底稿'!B:M,12,0),100%) -> 0.3295199 | T17: =ROUND(SUM(R17)*SUM(S17),2) -> 31055.7 | V17: 共同成本费用 | W17: =IF('附表1-面积统计表'!$D$29=0,"",IF(AND(V17="共同成本费用",Z17="总建筑面积法"),ROUND(T17/'附表1-面积统计表'!$D$29*'附表1-面积统计表'!$D$5,2),IF(AND(V17="共同成本费用",Z17="可售建筑面积法"),ROUND(T17/'附表1-面积统计表'!$F$29*'附表1-面积统计表'!$F$5,2),"请手工填写"))) -> 11342.46 | X17: =IF(SUM('附表1-面积统计表'!$D$6)=0,"",SUM(T17)-SUM(W17)-SUM(Y17)) -> 13988.35 | Y17: =IF(SUM('附表1-面积统计表'!$D$6)=0,SUM(T17)-SUM(W17),IF('附表1-面积统计表'!$D$29=0,"",IF(AND(V17="共同成本费用",Z17="总建筑面积法"),ROUND(T17/'附表1-面积统计表'!$D$29*'附表1-面积统计表'!$D$7,2),IF(AND(V17="共同成本费用",Z17="可售建筑面积法"),ROUND(T17/'附表1-面积统计表'!$F$29*'附表1-面积统计表'!$F$7,2),"请手工填写")))) -> 5724.89 | Z17: 可售建筑面积法 | AB17: 可加计
A18: 12 | B18: 43332 | C18: 73 | D18: 前期工程费 | E18: 设计费用 | F18: 沁春锦苑设计费 | G18: 其他合同-36 | H18: =IF(G18="","",VLOOKUP(G18,'附表8-合同明细采集底稿'!B:I,2,0)) -> 规划设计合同书 | I18: =IF(G18="","",VLOOKUP(G18,'附表8-合同明细采集底稿'!B:I,3,0)) -> 技术合同 | J18: =IF(G18="","",VLOOKUP(G18,'附表8-合同明细采集底稿'!B:I,4,0)) -> 上海联创建筑设计有限公司新疆分公司 | K18: 增值税专用发票 | L18: 6500174130 | M18: 00436473 | N18: 94245.28 | O18: 99900 | P18: 94245.28 | R18: =P18+Q18 -> 94245.28 | S18: =IFERROR(VLOOKUP(G18,'附表8-合同明细采集底稿'!B:M,12,0),100%) -> 0.3295199 | T18: =ROUND(SUM(R18)*SUM(S18),2) -> 31055.7 | V18: 共同成本费用 | W18: =IF('附表1-面积统计表'!$D$29=0,"",IF(AND(V18="共同成本费用",Z18="总建筑面积法"),ROUND(T18/'附表1-面积统计表'!$D$29*'附表1-面积统计表'!$D$5,2),IF(AND(V18="共同成本费用",Z18="可售建筑面积法"),ROUND(T18/'附表1-面积统计表'!$F$29*'附表1-面积统计表'!$F$5,2),"请手工填写"))) -> 11342.46 | X18: =IF(SUM('附表1-面积统计表'!$D$6)=0,"",SUM(T18)-SUM(W18)-SUM(Y18)) -> 13988.35 | Y18: =IF(SUM('附表1-面积统计表'!$D$6)=0,SUM(T18)-SUM(W18),IF('附表1-面积统计表'!$D$29=0,"",IF(AND(V18="共同成本费用",Z18="总建筑面积法"),ROUND(T18/'附表1-面积统计表'!$D$29*'附表1-面积统计表'!$D$7,2),IF(AND(V18="共同成本费用",Z18="可售建筑面积法"),ROUND(T18/'附表1-面积统计表'!$F$29*'附表1-面积统计表'!$F$7,2),"请手工填写")))) -> 5724.89 | Z18: 可售建筑面积法 | AB18: 可加计
A19: 13 | B19: 43332 | C19: 73 | D19: 前期工程费 | E19: 设计费用 | F19: 沁春锦苑设计费 | G19: 其他合同-36 | H19: =IF(G19="","",VLOOKUP(G19,'附表8-合同明细采集底稿'!B:I,2,0)) -> 规划设计合同书 | I19: =IF(G19="","",VLOOKUP(G19,'附表8-合同明细采集底稿'!B:I,3,0)) -> 技术合同 | J19: =IF(G19="","",VLOOKUP(G19,'附表8-合同明细采集底稿'!B:I,4,0)) -> 上海联创建筑设计有限公司新疆分公司 | K19: 增值税专用发票 | L19: 6500174130 | M19: 00436474 | N19: 94245.28 | O19: 99900 | P19: 94245.28 | R19: =P19+Q19 -> 94245.28 | S19: =IFERROR(VLOOKUP(G19,'附表8-合同明细采集底稿'!B:M,12,0),100%) -> 0.3295199 | T19: =ROUND(SUM(R19)*SUM(S19),2) -> 31055.7 | V19: 共同成本费用 | W19: =IF('附表1-面积统计表'!$D$29=0,"",IF(AND(V19="共同成本费用",Z19="总建筑面积法"),ROUND(T19/'附表1-面积统计表'!$D$29*'附表1-面积统计表'!$D$5,2),IF(AND(V19="共同成本费用",Z19="可售建筑面积法"),ROUND(T19/'附表1-面积统计表'!$F$29*'附表1-面积统计表'!$F$5,2),"请手工填写"))) -> 11342.46 | X19: =IF(SUM('附表1-面积统计表'!$D$6)=0,"",SUM(T19)-SUM(W19)-SUM(Y19)) -> 13988.35 | Y19: =IF(SUM('附表1-面积统计表'!$D$6)=0,SUM(T19)-SUM(W19),IF('附表1-面积统计表'!$D$29=0,"",IF(AND(V19="共同成本费用",Z19="总建筑面积法"),ROUND(T19/'附表1-面积统计表'!$D$29*'附表1-面积统计表'!$D$7,2),IF(AND(V19="共同成本费用",Z19="可售建筑面积法"),ROUND(T19/'附表1-面积统计表'!$F$29*'附表1-面积统计表'!$F$7,2),"请手工填写")))) -> 5724.89 | Z19: 可售建筑面积法 | AB19: 可加计
A20: 14 | B20: 43332 | C20: 73 | D20: 前期工程费 | E20: 设计费用 | F20: 沁春锦苑设计费 | G20: 其他合同-36 | H20: =IF(G20="","",VLOOKUP(G20,'附表8-合同明细采集底稿'!B:I,2,0)) -> 规划设计合同书 | I20: =IF(G20="","",VLOOKUP(G20,'附表8-合同明细采集底稿'!B:I,3,0)) -> 技术合同 | J20: =IF(G20="","",VLOOKUP(G20,'附表8-合同明细采集底稿'!B:I,4,0)) -> 上海联创建筑设计有限公司新疆分公司 | K20: 增值税专用发票 | L20: 6500174130 | M20: 00436475 | N20: 94245.28 | O20: 99900 | P20: 94245.28 | R20: =P20+Q20 -> 94245.28 | S20: =IFERROR(VLOOKUP(G20,'附表8-合同明细采集底稿'!B:M,12,0),100%) -> 0.3295199 | T20: =ROUND(SUM(R20)*SUM(S20),2) -> 31055.7 | V20: 共同成本费用 | W20: =IF('附表1-面积统计表'!$D$29=0,"",IF(AND(V20="共同成本费用",Z20="总建筑面积法"),ROUND(T20/'附表1-面积统计表'!$D$29*'附表1-面积统计表'!$D$5,2),IF(AND(V20="共同成本费用",Z20="可售建筑面积法"),ROUND(T20/'附表1-面积统计表'!$F$29*'附表1-面积统计表'!$F$5,2),"请手工填写"))) -> 11342.46 | X20: =IF(SUM('附表1-面积统计表'!$D$6)=0,"",SUM(T20)-SUM(W20)-SUM(Y20)) -> 13988.35 | Y20: =IF(SUM('附表1-面积统计表'!$D$6)=0,SUM(T20)-SUM(W20),IF('附表1-面积统计表'!$D$29=0,"",IF(AND(V20="共同成本费用",Z20="总建筑面积法"),ROUND(T20/'附表1-面积统计表'!$D$29*'附表1-面积统计表'!$D$7,2),IF(AND(V20="共同成本费用",Z20="可售建筑面积法"),ROUND(T20/'附表1-面积统计表'!$F$29*'附表1-面积统计表'!$F$7,2),"请手工填写")))) -> 5724.89 | Z20: 可售建筑面积法 | AB20: 可加计
A21: 15 | B21: 43332 | C21: 73 | D21: 前期工程费 | E21: 设计费用 | F21: 沁春锦苑设计费 | G21: 其他合同-36 | H21: =IF(G21="","",VLOOKUP(G21,'附表8-合同明细采集底稿'!B:I,2,0)) -> 规划设计合同书 | I21: =IF(G21="","",VLOOKUP(G21,'附表8-合同明细采集底稿'!B:I,3,0)) -> 技术合同 | J21: =IF(G21="","",VLOOKUP(G21,'附表8-合同明细采集底稿'!B:I,4,0)) -> 上海联创建筑设计有限公司新疆分公司 | K21: 增值税专用发票 | L21: 6500174130 | M21: 00436476 | N21: 70757.74 | O21: 75003.2 | P21: 70757.74 | R21: =P21+Q21 -> 70757.74 | S21: =IFERROR(VLOOKUP(G21,'附表8-合同明细采集底稿'!B:M,12,0),100%) -> 0.3295199 | T21: =ROUND(SUM(R21)*SUM(S21),2) -> 23316.08 | V21: 共同成本费用 | W21: =IF('附表1-面积统计表'!$D$29=0,"",IF(AND(V21="共同成本费用",Z21="总建筑面积法"),ROUND(T21/'附表1-面积统计表'!$D$29*'附表1-面积统计表'!$D$5,2),IF(AND(V21="共同成本费用",Z21="可售建筑面积法"),ROUND(T21/'附表1-面积统计表'!$F$29*'附表1-面积统计表'!$F$5,2),"请手工填写"))) -> 8515.72 | X21: =IF(SUM('附表1-面积统计表'!$D$6)=0,"",SUM(T21)-SUM(W21)-SUM(Y21)) -> 10502.21 | Y21: =IF(SUM('附表1-面积统计表'!$D$6)=0,SUM(T21)-SUM(W21),IF('附表1-面积统计表'!$D$29=0,"",IF(AND(V21="共同成本费用",Z21="总建筑面积法"),ROUND(T21/'附表1-面积统计表'!$D$29*'附表1-面积统计表'!$D$7,2),IF(AND(V21="共同成本费用",Z21="可售建筑面积法"),ROUND(T21/'附表1-面积统计表'!$F$29*'附表1-面积统计表'!$F$7,2),"请手工填写")))) -> 4298.15 | Z21: 可售建筑面积法 | AB21: 可加计
A22: 16 | B22: 43381 | C22: 0006 | D22: 前期工程费 | E22: 设计费用 | F22: 杜鹃河道路设计费 | G22: 其他合同-41 | H22: =IF(G22="","",VLOOKUP(G22,'附表8-合同明细采集底稿'!B:I,2,0)) -> 建设工程设计合同（专业建设工程） | I22: =IF(G22="","",VLOOKUP(G22,'附表8-合同明细采集底稿'!B:I,3,0)) -> 技术合同 | J22: =IF(G22="","",VLOOKUP(G22,'附表8-合同明细采集底稿'!B:I,4,0)) -> 安徽宏泰交通工程设计研究院有限公司 | K22: 增值税专用发票 | L22: 3400182130 | M22: 10976811 | N22: 18867.92 | O22: 1132.08 | P22: 18867.92 | Q22: -18867.92 | R22: =P22+Q22 -> 0 | S22: =IFERROR(VLOOKUP(G22,'附表8-合同明细采集底稿'!B:M,12,0),100%) -> 0.3295199 | T22: =ROUND(SUM(R22)*SUM(S22),2) -> 0 | V22: 共同成本费用 | W22: =IF('附表1-面积统计表'!$D$29=0,"",IF(AND(V22="共同成本费用",Z22="总建筑面积法"),ROUND(T22/'附表1-面积统计表'!$D$29*'附表1-面积统计表'!$D$5,2),IF(AND(V22="共同成本费用",Z22="可售建筑面积法"),ROUND(T22/'附表1-面积统计表'!$F$29*'附表1-面积统计表'!$F$5,2),"请手工填写"))) -> 0 | X22: =IF(SUM('附表1-面积统计表'!$D$6)=0,"",SUM(T22)-SUM(W22)-SUM(Y22)) -> 0 | Y22: =IF(SUM('附表1-面积统计表'!$D$6)=0,SUM(T22)-SUM(W22),IF('附表1-面积统计表'!$D$29=0,"",IF(AND(V22="共同成本费用",Z22="总建筑面积法"),ROUND(T22/'附表1-面积统计表'!$D$29*'附表1-面积统计表'!$D$7,2),IF(AND(V22="共同成本费用",Z22="可售建筑面积法"),ROUND(T22/'附表1-面积统计表'!$F$29*'附表1-面积统计表'!$F$7,2),"请手工填写")))) -> 0 | Z22: 可售建筑面积法 | AB22: 可加计
A23: 17 | B23: 43439 | C23: 0023 | D23: 前期工程费 | E23: 规划费用 | F23: 预付设计费 | G23: JC-GW-01 | H23: =IF(G23="","",VLOOKUP(G23,'附表8-合同明细采集底稿'!B:I,2,0)) -> 沁春锦苑室外管网设计 | I23: =IF(G23="","",VLOOKUP(G23,'附表8-合同明细采集底稿'!B:I,3,0)) -> 技术合同 | J23: =IF(G23="","",VLOOKUP(G23,'附表8-合同明细采集底稿'!B:I,4,0)) -> 库尔勒开拓规划设计研究院 | K23: 增值税专用发票 | L23: 6500182130 | M23: 02900087 | N23: 20407 | O23: 20407 | P23: 20407 | R23: =P23+Q23 -> 20407 | S23: =IFERROR(VLOOKUP(G23,'附表8-合同明细采集底稿'!B:M,12,0),100%) -> 0.3295199 | T23: =ROUND(SUM(R23)*SUM(S23),2) -> 6724.51 | V23: 共同成本费用 | W23: =IF('附表1-面积统计表'!$D$29=0,"",IF(AND(V23="共同成本费用",Z23="总建筑面积法"),ROUND(T23/'附表1-面积统计表'!$D$29*'附表1-面积统计表'!$D$5,2),IF(AND(V23="共同成本费用",Z23="可售建筑面积法"),ROUND(T23/'附表1-面积统计表'!$F$29*'附表1-面积统计表'!$F$5,2),"请手工填写"))) -> 2455.99 | X23: =IF(SUM('附表1-面积统计表'!$D$6)=0,"",SUM(T23)-SUM(W23)-SUM(Y23)) -> 3028.91 | Y23: =IF(SUM('附表1-面积统计表'!$D$6)=0,SUM(T23)-SUM(W23),IF('附表1-面积统计表'!$D$29=0,"",IF(AND(V23="共同成本费用",Z23="总建筑面积法"),ROUND(T23/'附表1-面积统计表'!$D$29*'附表1-面积统计表'!$D$7,2),IF(AND(V23="共同成本费用",Z23="可售建筑面积法"),ROUND(T23/'附表1-面积统计表'!$F$29*'附表1-面积统计表'!$F$7,2),"请手工填写")))) -> 1239.61 | Z23: 可售建筑面积法 | AB23: 可加计
A24: 18 | B24: 43490 | C24: 0065 | D24: 前期工程费 | E24: 设计费用 | F24: 沁春锦苑设计费 | G24: 其他合同-36 | H24: =IF(G24="","",VLOOKUP(G24,'附表8-合同明细采集底稿'!B:I,2,0)) -> 规划设计合同书 | I24: =IF(G24="","",VLOOKUP(G24,'附表8-合同明细采集底稿'!B:I,3,0)) -> 技术合同 | J24: =IF(G24="","",VLOOKUP(G24,'附表8-合同明细采集底稿'!B:I,4,0)) -> 上海联创建筑设计有限公司新疆分公司 | K24: 增值税专用发票 | L24: 6500162130 | M24: 03888084;00054906;00054904;00054903 | N24: 377358.48 | O24: 400000 | P24: 377358.48 | R24: =P24+Q24 -> 377358.48 | S24: =IFERROR(VLOOKUP(G24,'附表8-合同明细采集底稿'!B:M,12,0),100%) -> 0.3295199 | T24: =ROUND(SUM(R24)*SUM(S24),2) -> 124347.13 | V24: 共同成本费用 | W24: =IF('附表1-面积统计表'!$D$29=0,"",IF(AND(V24="共同成本费用",Z24="总建筑面积法"),ROUND(T24/'附表1-面积统计表'!$D$29*'附表1-面积统计表'!$D$5,2),IF(AND(V24="共同成本费用",Z24="可售建筑面积法"),ROUND(T24/'附表1-面积统计表'!$F$29*'附表1-面积统计表'!$F$5,2),"请手工填写"))) -> 45415.23 | X24: =IF(SUM('附表1-面积统计表'!$D$6)=0,"",SUM(T24)-SUM(W24)-SUM(Y24)) -> 56009.42 | Y24: =IF(SUM('附表1-面积统计表'!$D$6)=0,SUM(T24)-SUM(W24),IF('附表1-面积统计表'!$D$29=0,"",IF(AND(V24="共同成本费用",Z24="总建筑面积法"),ROUND(T24/'附表1-面积统计表'!$D$29*'附表1-面积统计表'!$D$7,2),IF(AND(V24="共同成本费用",Z24="可售建筑面积法"),ROUND(T24/'附表1-面积统计表'!$F$29*'附表1-面积统计表'!$F$7,2),"请手工填写")))) -> 22922.48 | Z24: 可售建筑面积法 | AB24: 可加计
A25: 19 | B25: 43544 | C25: 0060 | D25: 前期工程费 | E25: 设计费用 | F25: 沁春锦苑设计费 | G25: 其他合同-36 | H25: =IF(G25="","",VLOOKUP(G25,'附表8-合同明细采集底稿'!B:I,2,0)) -> 规划设计合同书 | I25: =IF(G25="","",VLOOKUP(G25,'附表8-合同明细采集底稿'!B:I,3,0)) -> 技术合同 | J25: =IF(G25="","",VLOOKUP(G25,'附表8-合同明细采集底稿'!B:I,4,0)) -> 上海联创建筑设计有限公司新疆分公司 | K25: 增值税专用发票 | L25: 6500182130 | M25: 00302867;00302866 | N25: 157831.87 | O25: 167301.79 | P25: 157831.87 | R25: =P25+Q25 -> 157831.87 | S25: =IFERROR(VLOOKUP(G25,'附表8-合同明细采集底稿'!B:M,12,0),100%) -> 0.3295199 | T25: =ROUND(SUM(R25)*SUM(S25),2) -> 52008.74 | V25: 共同成本费用 | W25: =IF('附表1-面积统计表'!$D$29=0,"",IF(AND(V25="共同成本费用",Z25="总建筑面积法"),ROUND(T25/'附表1-面积统计表'!$D$29*'附表1-面积统计表'!$D$5,2),IF(AND(V25="共同成本费用",Z25="可售建筑面积法"),ROUND(T25/'附表1-面积统计表'!$F$29*'附表1-面积统计表'!$F$5,2),"请手工填写"))) -> 18995.12 | X25: =IF(SUM('附表1-面积统计表'!$D$6)=0,"",SUM(T25)-SUM(W25)-SUM(Y25)) -> 23426.19 | Y25: =IF(SUM('附表1-面积统计表'!$D$6)=0,SUM(T25)-SUM(W25),IF('附表1-面积统计表'!$D$29=0,"",IF(AND(V25="共同成本费用",Z25="总建筑面积法"),ROUND(T25/'附表1-面积统计表'!$D$29*'附表1-面积统计表'!$D$7,2),IF(AND(V25="共同成本费用",Z25="可售建筑面积法"),ROUND(T25/'附表1-面积统计表'!$F$29*'附表1-面积统计表'!$F$7,2),"请手工填写")))) -> 9587.43 | Z25: 可售建筑面积法 | AB25: 可加计
A26: 20 | B26: 43590 | C26: 0002 | D26: 前期工程费 | E26: 规划费用 | F26: 44#小区土地评估费 | G26: 开发间接费用 | H26: =IF(G26="","",VLOOKUP(G26,'附表8-合同明细采集底稿'!B:I,2,0)) -> 0 | I26: =IF(G26="","",VLOOKUP(G26,'附表8-合同明细采集底稿'!B:I,3,0)) -> 0 | J26: 新疆兆新房产土地评估有限公司巴州分公司 | K26: 增值税专用发票 | L26: 6500182130 | M26: 05192668 | N26: 97087.38 | O26: 100000 | P26: 97087.38 | Q26: =-P26 -> -97087.38 | R26: =P26+Q26 -> 0 | S26: =IFERROR(VLOOKUP(G26,'附表8-合同明细采集底稿'!B:M,12,0),100%) -> 0.3295199 | T26: =ROUND(SUM(R26)*SUM(S26),2) -> 0 | V26: 共同成本费用 | W26: =IF('附表1-面积统计表'!$D$29=0,"",IF(AND(V26="共同成本费用",Z26="总建筑面积法"),ROUND(T26/'附表1-面积统计表'!$D$29*'附表1-面积统计表'!$D$5,2),IF(AND(V26="共同成本费用",Z26="可售建筑面积法"),ROUND(T26/'附表1-面积统计表'!$F$29*'附表1-面积统计表'!$F$5,2),"请手工填写"))) -> 0 | X26: =IF(SUM('附表1-面积统计表'!$D$6)=0,"",SUM(T26)-SUM(W26)-SUM(Y26)) -> 0 | Y26: =IF(SUM('附表1-面积统计表'!$D$6)=0,SUM(T26)-SUM(W26),IF('附表1-面积统计表'!$D$29=0,"",IF(AND(V26="共同成本费用",Z26="总建筑面积法"),ROUND(T26/'附表1-面积统计表'!$D$29*'附表1-面积统计表'!$D$7,2),IF(AND(V26="共同成本费用",Z26="可售建筑面积法"),ROUND(T26/'附表1-面积统计表'!$F$29*'附表1-面积统计表'!$F$7,2),"请手工填写")))) -> 0 | Z26: 可售建筑面积法 | AB26: 可加计
A27: 21 | B27: 43640 | C27: 0036 | D27: 基础设施费 | E27: 供水工程支出 | F27: 沁春锦苑自来水接口 | G27: 其他合同-29 | H27: =IF(G27="","",VLOOKUP(G27,'附表8-合同明细采集底稿'!B:I,2,0)) -> 供水管道安装（自来水接口） | I27: =IF(G27="","",VLOOKUP(G27,'附表8-合同明细采集底稿'!B:I,3,0)) -> 建设工程合同 | J27: =IF(G27="","",VLOOKUP(G27,'附表8-合同明细采集底稿'!B:I,4,0)) -> 新疆昌源水务集团库尔勒银泉供水有限公司工程分公司 | K27: 增值税专用发票 | L27: 6500191130 | M27: 01532016 | N27: 4265.2 | O27: 4649.07 | P27: 4265.2 | R27: =P27+Q27 -> 4265.2 | S27: =IFERROR(VLOOKUP(G27,'附表8-合同明细采集底稿'!B:M,12,0),100%) -> 0.3295199 | T27: =ROUND(SUM(R27)*SUM(S27),2) -> 1405.47 | V27: 共同成本费用 | W27: =IF('附表1-面积统计表'!$D$29=0,"",IF(AND(V27="共同成本费用",Z27="总建筑面积法"),ROUND(T27/'附表1-面积统计表'!$D$29*'附表1-面积统计表'!$D$5,2),IF(AND(V27="共同成本费用",Z27="可售建筑面积法"),ROUND(T27/'附表1-面积统计表'!$F$29*'附表1-面积统计表'!$F$5,2),"请手工填写"))) -> 513.32 | X27: =IF(SUM('附表1-面积统计表'!$D$6)=0,"",SUM(T27)-SUM(W27)-SUM(Y27)) -> 633.06 | Y27: =IF(SUM('附表1-面积统计表'!$D$6)=0,SUM(T27)-SUM(W27),IF('附表1-面积统计表'!$D$29=0,"",IF(AND(V27="共同成本费用",Z27="总建筑面积法"),ROUND(T27/'附表1-面积统计表'!$D$29*'附表1-面积统计表'!$D$7,2),IF(AND(V27="共同成本费用",Z27="可售建筑面积法"),ROUND(T27/'附表1-面积统计表'!$F$29*'附表1-面积统计表'!$F$7,2),"请手工填写")))) -> 259.09 | Z27: 可售建筑面积法 | AB27: 可加计
A28: 22 | B28: 43648 | C28: 0006 | D28: 基础设施费 | E28: 绿化费用 | F28: 沁春锦苑景观廊架 | G28: JC-LH-20 | H28: =IF(G28="","",VLOOKUP(G28,'附表8-合同明细采集底稿'!B:I,2,0)) -> 沁春锦苑小区景观廊架工程 | I28: =IF(G28="","",VLOOKUP(G28,'附表8-合同明细采集底稿'!B:I,3,0)) -> 建设工程合同 | J28: =IF(G28="","",VLOOKUP(G28,'附表8-合同明细采集底稿'!B:I,4,0)) -> 库尔勒坚乐美建筑工程有限责任公司（郑长银） | K28: 增值税专用发票 | L28: 6500182130 | M28: 01958676 | N28: 88495.58 | O28: 100000 | P28: 88495.58 | R28: =P28+Q28 -> 88495.58 | S28: =IFERROR(VLOOKUP(G28,'附表8-合同明细采集底稿'!B:M,12,0),100%) -> 0.3295199 | T28: =ROUND(SUM(R28)*SUM(S28),2) -> 29161.05 | V28: 共同成本费用 | W28: =IF('附表1-面积统计表'!$D$29=0,"",IF(AND(V28="共同成本费用",Z28="总建筑面积法"),ROUND(T28/'附表1-面积统计表'!$D$29*'附表1-面积统计表'!$D$5,2),IF(AND(V28="共同成本费用",Z28="可售建筑面积法"),ROUND(T28/'附表1-面积统计表'!$F$29*'附表1-面积统计表'!$F$5,2),"请手工填写"))) -> 10650.47 | X28: =IF(SUM('附表1-面积统计表'!$D$6)=0,"",SUM(T28)-SUM(W28)-SUM(Y28)) -> 13134.95 | Y28: =IF(SUM('附表1-面积统计表'!$D$6)=0,SUM(T28)-SUM(W28),IF('附表1-面积统计表'!$D$29=0,"",IF(AND(V28="共同成本费用",Z28="总建筑面积法"),ROUND(T28/'附表1-面积统计表'!$D$29*'附表1-面积统计表'!$D$7,2),IF(AND(V28="共同成本费用",Z28="可售建筑面积法"),ROUND(T28/'附表1-面积统计表'!$F$29*'附表1-面积统计表'!$F$7,2),"请手工填写")))) -> 5375.63 | Z28: 可售建筑面积法 | AB28: 可加计
A29: 23 | B29: 43668 | C29: 0078 | D29: 基础设施费 | E29: 绿化费用 | F29: 景观石材 | G29: 其他合同-65 | H29: =IF(G29="","",VLOOKUP(G29,'附表8-合同明细采集底稿'!B:I,2,0)) -> （石材）材料购销合同 | I29: =IF(G29="","",VLOOKUP(G29,'附表8-合同明细采集底稿'!B:I,3,0)) -> 建设工程合同 | J29: =IF(G29="","",VLOOKUP(G29,'附表8-合同明细采集底稿'!B:I,4,0)) -> 托里县天和石业发展有限总公司 | K29: 增值税专用发票 | L29: 6500182130 | M29: 03755481 | N29: 192175.02 | O29: 197940.27 | P29: 192175.02 | R29: =P29+Q29 -> 192175.02 | S29: =IFERROR(VLOOKUP(G29,'附表8-合同明细采集底稿'!B:M,12,0),100%) -> 0.3295199 | T29: =ROUND(SUM(R29)*SUM(S29),2) -> 63325.49 | V29: 共同成本费用 | W29: =IF('附表1-面积统计表'!$D$29=0,"",IF(AND(V29="共同成本费用",Z29="总建筑面积法"),ROUND(T29/'附表1-面积统计表'!$D$29*'附表1-面积统计表'!$D$5,2),IF(AND(V29="共同成本费用",Z29="可售建筑面积法"),ROUND(T29/'附表1-面积统计表'!$F$29*'附表1-面积统计表'!$F$5,2),"请手工填写"))) -> 23128.33 | X29: =IF(SUM('附表1-面积统计表'!$D$6)=0,"",SUM(T29)-SUM(W29)-SUM(Y29)) -> 28523.57 | Y29: =IF(SUM('附表1-面积统计表'!$D$6)=0,SUM(T29)-SUM(W29),IF('附表1-面积统计表'!$D$29=0,"",IF(AND(V29="共同成本费用",Z29="总建筑面积法"),ROUND(T29/'附表1-面积统计表'!$D$29*'附表1-面积统计表'!$D$7,2),IF(AND(V29="共同成本费用",Z29="可售建筑面积法"),ROUND(T29/'附表1-面积统计表'!$F$29*'附表1-面积统计表'!$F$7,2),"请手工填写")))) -> 11673.59 | Z29: 可售建筑面积法 | AB29: 可加计
A30: 24 | B30: 43704 | C30: 0102 | D30: 前期工程费 | E30: 设计费用 | F30: 原发票作废重新开具 | G30: JC-LH-04 | H30: =IF(G30="","",VLOOKUP(G30,'附表8-合同明细采集底稿'!B:I,2,0)) -> 专业建设工程设计合同 | I30: =IF(G30="","",VLOOKUP(G30,'附表8-合同明细采集底稿'!B:I,3,0)) -> 技术合同 | J30: =IF(G30="","",VLOOKUP(G30,'附表8-合同明细采集底稿'!B:I,4,0)) -> 乌鲁木齐大漠林海绿化有限责任公司（蔚晓芳） | K30: 增值税专用发票 | L30: 6500181130 | M30: 00125673 | N30: 33786.41 | O30: 34800 | P30: 33786.41 | R30: =P30+Q30 -> 33786.41 | S30: =IFERROR(VLOOKUP(G30,'附表8-合同明细采集底稿'!B:M,12,0),100%) -> 0.3295199 | T30: =ROUND(SUM(R30)*SUM(S30),2) -> 11133.29 | V30: 共同成本费用 | W30: =IF('附表1-面积统计表'!$D$29=0,"",IF(AND(V30="共同成本费用",Z30="总建筑面积法"),ROUND(T30/'附表1-面积统计表'!$D$29*'附表1-面积统计表'!$D$5,2),IF(AND(V30="共同成本费用",Z30="可售建筑面积法"),ROUND(T30/'附表1-面积统计表'!$F$29*'附表1-面积统计表'!$F$5,2),"请手工填写"))) -> 4066.2 | X30: =IF(SUM('附表1-面积统计表'!$D$6)=0,"",SUM(T30)-SUM(W30)-SUM(Y30)) -> 5014.75 | Y30: =IF(SUM('附表1-面积统计表'!$D$6)=0,SUM(T30)-SUM(W30),IF('附表1-面积统计表'!$D$29=0,"",IF(AND(V30="共同成本费用",Z30="总建筑面积法"),ROUND(T30/'附表1-面积统计表'!$D$29*'附表1-面积统计表'!$D$7,2),IF(AND(V30="共同成本费用",Z30="可售建筑面积法"),ROUND(T30/'附表1-面积统计表'!$F$29*'附表1-面积统计表'!$F$7,2),"请手工填写")))) -> 2052.34 | Z30: 可售建筑面积法 | AB30: 可加计
A31: 25 | B31: 43704 | C31: 0102 | D31: 前期工程费 | E31: 设计费用 | F31: 原发票作废重新开具 | G31: JC-LH-04 | H31: =IF(G31="","",VLOOKUP(G31,'附表8-合同明细采集底稿'!B:I,2,0)) -> 专业建设工程设计合同 | I31: =IF(G31="","",VLOOKUP(G31,'附表8-合同明细采集底稿'!B:I,3,0)) -> 技术合同 | J31: =IF(G31="","",VLOOKUP(G31,'附表8-合同明细采集底稿'!B:I,4,0)) -> 乌鲁木齐大漠林海绿化有限责任公司（蔚晓芳） | K31: 增值税专用发票 | L31: 6500181130 | M31: 00125671 | N31: 65000 | O31: 66950 | P31: 65000 | R31: =P31+Q31 -> 65000 | S31: =IFERROR(VLOOKUP(G31,'附表8-合同明细采集底稿'!B:M,12,0),100%) -> 0.3295199 | T31: =ROUND(SUM(R31)*SUM(S31),2) -> 21418.79 | V31: 共同成本费用 | W31: =IF('附表1-面积统计表'!$D$29=0,"",IF(AND(V31="共同成本费用",Z31="总建筑面积法"),ROUND(T31/'附表1-面积统计表'!$D$29*'附表1-面积统计表'!$D$5,2),IF(AND(V31="共同成本费用",Z31="可售建筑面积法"),ROUND(T31/'附表1-面积统计表'!$F$29*'附表1-面积统计表'!$F$5,2),"请手工填写"))) -> 7822.77 | X31: =IF(SUM('附表1-面积统计表'!$D$6)=0,"",SUM(T31)-SUM(W31)-SUM(Y31)) -> 9647.62 | Y31: =IF(SUM('附表1-面积统计表'!$D$6)=0,SUM(T31)-SUM(W31),IF('附表1-面积统计表'!$D$29=0,"",IF(AND(V31="共同成本费用",Z31="总建筑面积法"),ROUND(T31/'附表1-面积统计表'!$D$29*'附表1-面积统计表'!$D$7,2),IF(AND(V31="共同成本费用",Z31="可售建筑面积法"),ROUND(T31/'附表1-面积统计表'!$F$29*'附表1-面积统计表'!$F$7,2),"请手工填写")))) -> 3948.4 | Z31: 可售建筑面积法 | AB31: 可加计
A32: 26 | B32: 43704 | C32: 0102 | D32: 前期工程费 | E32: 设计费用 | F32: 原发票作废重新开具 | G32: JC-LH-04 | H32: =IF(G32="","",VLOOKUP(G32,'附表8-合同明细采集底稿'!B:I,2,0)) -> 专业建设工程设计合同 | I32: =IF(G32="","",VLOOKUP(G32,'附表8-合同明细采集底稿'!B:I,3,0)) -> 技术合同 | J32: =IF(G32="","",VLOOKUP(G32,'附表8-合同明细采集底稿'!B:I,4,0)) -> 乌鲁木齐大漠林海绿化有限责任公司（蔚晓芳） | K32: 增值税专用发票 | L32: 6500181130 | M32: 00125672 | N32: 97087.38 | O32: 100000 | P32: 97087.38 | R32: =P32+Q32 -> 97087.38 | S32: =IFERROR(VLOOKUP(G32,'附表8-合同明细采集底稿'!B:M,12,0),100%) -> 0.3295199 | T32: =ROUND(SUM(R32)*SUM(S32),2) -> 31992.22 | V32: 共同成本费用 | W32: =IF('附表1-面积统计表'!$D$29=0,"",IF(AND(V32="共同成本费用",Z32="总建筑面积法"),ROUND(T32/'附表1-面积统计表'!$D$29*'附表1-面积统计表'!$D$5,2),IF(AND(V32="共同成本费用",Z32="可售建筑面积法"),ROUND(T32/'附表1-面积统计表'!$F$29*'附表1-面积统计表'!$F$5,2),"请手工填写"))) -> 11684.5 | X32: =IF(SUM('附表1-面积统计表'!$D$6)=0,"",SUM(T32)-SUM(W32)-SUM(Y32)) -> 14410.19 | Y32: =IF(SUM('附表1-面积统计表'!$D$6)=0,SUM(T32)-SUM(W32),IF('附表1-面积统计表'!$D$29=0,"",IF(AND(V32="共同成本费用",Z32="总建筑面积法"),ROUND(T32/'附表1-面积统计表'!$D$29*'附表1-面积统计表'!$D$7,2),IF(AND(V32="共同成本费用",Z32="可售建筑面积法"),ROUND(T32/'附表1-面积统计表'!$F$29*'附表1-面积统计表'!$F$7,2),"请手工填写")))) -> 5897.53 | Z32: 可售建筑面积法 | AB32: 可加计
A33: 27 | B33: 43704 | C33: 0102 | D33: 前期工程费 | E33: 设计费用 | F33: 原发票作废重新开具 | G33: JC-LH-04 | H33: =IF(G33="","",VLOOKUP(G33,'附表8-合同明细采集底稿'!B:I,2,0)) -> 专业建设工程设计合同 | I33: =IF(G33="","",VLOOKUP(G33,'附表8-合同明细采集底稿'!B:I,3,0)) -> 技术合同 | J33: =IF(G33="","",VLOOKUP(G33,'附表8-合同明细采集底稿'!B:I,4,0)) -> 乌鲁木齐大漠林海绿化有限责任公司（蔚晓芳） | K33: 增值税专用发票 | L33: 6500191130 | M33: 01282186 | N33: 97087.38 | O33: 100000 | P33: 97087.38 | R33: =P33+Q33 -> 97087.38 | S33: =IFERROR(VLOOKUP(G33,'附表8-合同明细采集底稿'!B:M,12,0),100%) -> 0.3295199 | T33: =ROUND(SUM(R33)*SUM(S33),2) -> 31992.22 | V33: 共同成本费用 | W33: =IF('附表1-面积统计表'!$D$29=0,"",IF(AND(V33="共同成本费用",Z33="总建筑面积法"),ROUND(T33/'附表1-面积统计表'!$D$29*'附表1-面积统计表'!$D$5,2),IF(AND(V33="共同成本费用",Z33="可售建筑面积法"),ROUND(T33/'附表1-面积统计表'!$F$29*'附表1-面积统计表'!$F$5,2),"请手工填写"))) -> 11684.5 | X33: =IF(SUM('附表1-面积统计表'!$D$6)=0,"",SUM(T33)-SUM(W33)-SUM(Y33)) -> 14410.19 | Y33: =IF(SUM('附表1-面积统计表'!$D$6)=0,SUM(T33)-SUM(W33),IF('附表1-面积统计表'!$D$29=0,"",IF(AND(V33="共同成本费用",Z33="总建筑面积法"),ROUND(T33/'附表1-面积统计表'!$D$29*'附表1-面积统计表'!$D$7,2),IF(AND(V33="共同成本费用",Z33="可售建筑面积法"),ROUND(T33/'附表1-面积统计表'!$F$29*'附表1-面积统计表'!$F$7,2),"请手工填写")))) -> 5897.53 | Z33: 可售建筑面积法 | AB33: 可加计
A34: 28 | B34: 43748 | C34: 0027 | D34: 基础设施费 | E34: 绿化费用 | F34: 景观亮华 | G34: JC-LH-17 | H34: =IF(G34="","",VLOOKUP(G34,'附表8-合同明细采集底稿'!B:I,2,0)) -> 沁春锦苑小区景观轴亮化工程合同 | I34: =IF(G34="","",VLOOKUP(G34,'附表8-合同明细采集底稿'!B:I,3,0)) -> 建设工程合同 | J34: =IF(G34="","",VLOOKUP(G34,'附表8-合同明细采集底稿'!B:I,4,0)) -> 巴州青橄榄电子科技有限公司（党曌） | K34: 增值税专用发票 | L34: 6500192130 | M34: 07341165 | N34: 34951.46 | O34: 36000 | P34: 34591.46 | R34: =P34+Q34 -> 34591.46 | S34: =IFERROR(VLOOKUP(G34,'附表8-合同明细采集底稿'!B:M,12,0),100%) -> 0.3295199 | T34: =ROUND(SUM(R34)*SUM(S34),2) -> 11398.57 | V34: 共同成本费用 | W34: =IF('附表1-面积统计表'!$D$29=0,"",IF(AND(V34="共同成本费用",Z34="总建筑面积法"),ROUND(T34/'附表1-面积统计表'!$D$29*'附表1-面积统计表'!$D$5,2),IF(AND(V34="共同成本费用",Z34="可售建筑面积法"),ROUND(T34/'附表1-面积统计表'!$F$29*'附表1-面积统计表'!$F$5,2),"请手工填写"))) -> 4163.09 | X34: =IF(SUM('附表1-面积统计表'!$D$6)=0,"",SUM(T34)-SUM(W34)-SUM(Y34)) -> 5134.24 | Y34: =IF(SUM('附表1-面积统计表'!$D$6)=0,SUM(T34)-SUM(W34),IF('附表1-面积统计表'!$D$29=0,"",IF(AND(V34="共同成本费用",Z34="总建筑面积法"),ROUND(T34/'附表1-面积统计表'!$D$29*'附表1-面积统计表'!$D$7,2),IF(AND(V34="共同成本费用",Z34="可售建筑面积法"),ROUND(T34/'附表1-面积统计表'!$F$29*'附表1-面积统计表'!$F$7,2),"请手工填写")))) -> 2101.24 | Z34: 可售建筑面积法 | AB34: 可加计
A35: 29 | B35: 43757 | C35: 0048 | D35: 基础设施费 | E35: 绿化费用 | F35: 石材雕刻 | G35: JC-LH-05 | H35: =IF(G35="","",VLOOKUP(G35,'附表8-合同明细采集底稿'!B:I,2,0)) -> 雕塑工程合同 | I35: =IF(G35="","",VLOOKUP(G35,'附表8-合同明细采集底稿'!B:I,3,0)) -> 买卖合同 | J35: =IF(G35="","",VLOOKUP(G35,'附表8-合同明细采集底稿'!B:I,4,0)) -> 曲阳县石磊石材雕塑有限公司 | K35: 增值税专用发票 | L35: 1300191130 | M35: 18370130 | N35: 80421.24 | O35: 90876 | P35: 80421.24 | R35: =P35+Q35 -> 80421.24 | S35: =IFERROR(VLOOKUP(G35,'附表8-合同明细采集底稿'!B:M,12,0),100%) -> 0.3295199 | T35: =ROUND(SUM(R35)*SUM(S35),2) -> 26500.4 | V35: 共同成本费用 | W35: =IF('附表1-面积统计表'!$D$29=0,"",IF(AND(V35="共同成本费用",Z35="总建筑面积法"),ROUND(T35/'附表1-面积统计表'!$D$29*'附表1-面积统计表'!$D$5,2),IF(AND(V35="共同成本费用",Z35="可售建筑面积法"),ROUND(T35/'附表1-面积统计表'!$F$29*'附表1-面积统计表'!$F$5,2),"请手工填写"))) -> 9678.73 | X35: =IF(SUM('附表1-面积统计表'!$D$6)=0,"",SUM(T35)-SUM(W35)-SUM(Y35)) -> 11936.52 | Y35: =IF(SUM('附表1-面积统计表'!$D$6)=0,SUM(T35)-SUM(W35),IF('附表1-面积统计表'!$D$29=0,"",IF(AND(V35="共同成本费用",Z35="总建筑面积法"),ROUND(T35/'附表1-面积统计表'!$D$29*'附表1-面积统计表'!$D$7,2),IF(AND(V35="共同成本费用",Z35="可售建筑面积法"),ROUND(T35/'附表1-面积统计表'!$F$29*'附表1-面积统计表'!$F$7,2),"请手工填写")))) -> 4885.15 | Z35: 可售建筑面积法 | AB35: 可加计
A36: 30 | B36: 43757 | C36: 0048 | D36: 基础设施费 | E36: 绿化费用 | F36: 石材雕刻 | G36: JC-LH-05 | H36: =IF(G36="","",VLOOKUP(G36,'附表8-合同明细采集底稿'!B:I,2,0)) -> 雕塑工程合同 | I36: =IF(G36="","",VLOOKUP(G36,'附表8-合同明细采集底稿'!B:I,3,0)) -> 买卖合同 | J36: =IF(G36="","",VLOOKUP(G36,'附表8-合同明细采集底稿'!B:I,4,0)) -> 曲阳县石磊石材雕塑有限公司 | K36: 增值税专用发票 | L36: 1300191130 | M36: 18370131 | N36: 80421.24 | O36: 90876 | P36: 80421.24 | R36: =P36+Q36 -> 80421.24 | S36: =IFERROR(VLOOKUP(G36,'附表8-合同明细采集底稿'!B:M,12,0),100%) -> 0.3295199 | T36: =ROUND(SUM(R36)*SUM(S36),2) -> 26500.4 | V36: 共同成本费用 | W36: =IF('附表1-面积统计表'!$D$29=0,"",IF(AND(V36="共同成本费用",Z36="总建筑面积法"),ROUND(T36/'附表1-面积统计表'!$D$29*'附表1-面积统计表'!$D$5,2),IF(AND(V36="共同成本费用",Z36="可售建筑面积法"),ROUND(T36/'附表1-面积统计表'!$F$29*'附表1-面积统计表'!$F$5,2),"请手工填写"))) -> 9678.73 | X36: =IF(SUM('附表1-面积统计表'!$D$6)=0,"",SUM(T36)-SUM(W36)-SUM(Y36)) -> 11936.52 | Y36: =IF(SUM('附表1-面积统计表'!$D$6)=0,SUM(T36)-SUM(W36),IF('附表1-面积统计表'!$D$29=0,"",IF(AND(V36="共同成本费用",Z36="总建筑面积法"),ROUND(T36/'附表1-面积统计表'!$D$29*'附表1-面积统计表'!$D$7,2),IF(AND(V36="共同成本费用",Z36="可售建筑面积法"),ROUND(T36/'附表1-面积统计表'!$F$29*'附表1-面积统计表'!$F$7,2),"请手工填写")))) -> 4885.15 | Z36: 可售建筑面积法 | AB36: 可加计
A37: 31 | B37: 43757 | C37: 0048 | D37: 基础设施费 | E37: 绿化费用 | F37: 石材雕刻 | G37: JC-LH-05 | H37: =IF(G37="","",VLOOKUP(G37,'附表8-合同明细采集底稿'!B:I,2,0)) -> 雕塑工程合同 | I37: =IF(G37="","",VLOOKUP(G37,'附表8-合同明细采集底稿'!B:I,3,0)) -> 买卖合同 | J37: =IF(G37="","",VLOOKUP(G37,'附表8-合同明细采集底稿'!B:I,4,0)) -> 曲阳县石磊石材雕塑有限公司 | K37: 增值税专用发票 | L37: 1300191130 | M37: 18370132 | N37: 80421.24 | O37: 90876 | P37: 80421.24 | R37: =P37+Q37 -> 80421.24 | S37: =IFERROR(VLOOKUP(G37,'附表8-合同明细采集底稿'!B:M,12,0),100%) -> 0.3295199 | T37: =ROUND(SUM(R37)*SUM(S37),2) -> 26500.4 | V37: 共同成本费用 | W37: =IF('附表1-面积统计表'!$D$29=0,"",IF(AND(V37="共同成本费用",Z37="总建筑面积法"),ROUND(T37/'附表1-面积统计表'!$D$29*'附表1-面积统计表'!$D$5,2),IF(AND(V37="共同成本费用",Z37="可售建筑面积法"),ROUND(T37/'附表1-面积统计表'!$F$29*'附表1-面积统计表'!$F$5,2),"请手工填写"))) -> 9678.73 | X37: =IF(SUM('附表1-面积统计表'!$D$6)=0,"",SUM(T37)-SUM(W37)-SUM(Y37)) -> 11936.52 | Y37: =IF(SUM('附表1-面积统计表'!$D$6)=0,SUM(T37)-SUM(W37),IF('附表1-面积统计表'!$D$29=0,"",IF(AND(V37="共同成本费用",Z37="总建筑面积法"),ROUND(T37/'附表1-面积统计表'!$D$29*'附表1-面积统计表'!$D$7,2),IF(AND(V37="共同成本费用",Z37="可售建筑面积法"),ROUND(T37/'附表1-面积统计表'!$F$29*'附表1-面积统计表'!$F$7,2),"请手工填写")))) -> 4885.15 | Z37: 可售建筑面积法 | AB37: 可加计
A38: 32 | B38: 43757 | C38: 0048 | D38: 基础设施费 | E38: 绿化费用 | F38: 石材雕刻 | G38: JC-LH-05 | H38: =IF(G38="","",VLOOKUP(G38,'附表8-合同明细采集底稿'!B:I,2,0)) -> 雕塑工程合同 | I38: =IF(G38="","",VLOOKUP(G38,'附表8-合同明细采集底稿'!B:I,3,0)) -> 买卖合同 | J38: =IF(G38="","",VLOOKUP(G38,'附表8-合同明细采集底稿'!B:I,4,0)) -> 曲阳县石磊石材雕塑有限公司 | K38: 增值税专用发票 | L38: 1300191130 | M38: 18370133 | N38: 80421.24 | O38: 90876 | P38: 80421.24 | R38: =P38+Q38 -> 80421.24 | S38: =IFERROR(VLOOKUP(G38,'附表8-合同明细采集底稿'!B:M,12,0),100%) -> 0.3295199 | T38: =ROUND(SUM(R38)*SUM(S38),2) -> 26500.4 | V38: 共同成本费用 | W38: =IF('附表1-面积统计表'!$D$29=0,"",IF(AND(V38="共同成本费用",Z38="总建筑面积法"),ROUND(T38/'附表1-面积统计表'!$D$29*'附表1-面积统计表'!$D$5,2),IF(AND(V38="共同成本费用",Z38="可售建筑面积法"),ROUND(T38/'附表1-面积统计表'!$F$29*'附表1-面积统计表'!$F$5,2),"请手工填写"))) -> 9678.73 | X38: =IF(SUM('附表1-面积统计表'!$D$6)=0,"",SUM(T38)-SUM(W38)-SUM(Y38)) -> 11936.52 | Y38: =IF(SUM('附表1-面积统计表'!$D$6)=0,SUM(T38)-SUM(W38),IF('附表1-面积统计表'!$D$29=0,"",IF(AND(V38="共同成本费用",Z38="总建筑面积法"),ROUND(T38/'附表1-面积统计表'!$D$29*'附表1-面积统计表'!$D$7,2),IF(AND(V38="共同成本费用",Z38="可售建筑面积法"),ROUND(T38/'附表1-面积统计表'!$F$29*'附表1-面积统计表'!$F$7,2),"请手工填写")))) -> 4885.15 | Z38: 可售建筑面积法 | AB38: 可加计
A39: 33 | B39: 43757 | C39: 0048 | D39: 基础设施费 | E39: 绿化费用 | F39: 石材雕刻 | G39: JC-LH-05 | H39: =IF(G39="","",VLOOKUP(G39,'附表8-合同明细采集底稿'!B:I,2,0)) -> 雕塑工程合同 | I39: =IF(G39="","",VLOOKUP(G39,'附表8-合同明细采集底稿'!B:I,3,0)) -> 买卖合同 | J39: =IF(G39="","",VLOOKUP(G39,'附表8-合同明细采集底稿'!B:I,4,0)) -> 曲阳县石磊石材雕塑有限公司 | K39: 增值税专用发票 | L39: 1300191130 | M39: 18370134 | N39: 80423.89 | O39: 90879 | P39: 80423.89 | R39: =P39+Q39 -> 80423.89 | S39: =IFERROR(VLOOKUP(G39,'附表8-合同明细采集底稿'!B:M,12,0),100%) -> 0.3295199 | T39: =ROUND(SUM(R39)*SUM(S39),2) -> 26501.27 | V39: 共同成本费用 | W39: =IF('附表1-面积统计表'!$D$29=0,"",IF(AND(V39="共同成本费用",Z39="总建筑面积法"),ROUND(T39/'附表1-面积统计表'!$D$29*'附表1-面积统计表'!$D$5,2),IF(AND(V39="共同成本费用",Z39="可售建筑面积法"),ROUND(T39/'附表1-面积统计表'!$F$29*'附表1-面积统计表'!$F$5,2),"请手工填写"))) -> 9679.04 | X39: =IF(SUM('附表1-面积统计表'!$D$6)=0,"",SUM(T39)-SUM(W39)-SUM(Y39)) -> 11936.91 | Y39: =IF(SUM('附表1-面积统计表'!$D$6)=0,SUM(T39)-SUM(W39),IF('附表1-面积统计表'!$D$29=0,"",IF(AND(V39="共同成本费用",Z39="总建筑面积法"),ROUND(T39/'附表1-面积统计表'!$D$29*'附表1-面积统计表'!$D$7,2),IF(AND(V39="共同成本费用",Z39="可售建筑面积法"),ROUND(T39/'附表1-面积统计表'!$F$29*'附表1-面积统计表'!$F$7,2),"请手工填写")))) -> 4885.32 | Z39: 可售建筑面积法 | AB39: 可加计
A40: 34 | B40: 43760 | C40: 0085 | D40: 基础设施费 | E40: 绿化费用 | F40: 沁春锦苑大门景观防水 | G40: 开发间接费用 | H40: =IF(G40="","",VLOOKUP(G40,'附表8-合同明细采集底稿'!B:I,2,0)) -> 0 | I40: =IF(G40="","",VLOOKUP(G40,'附表8-合同明细采集底稿'!B:I,3,0)) -> 0 | J40: 巴州坤霸商贸有限公司 | K40: 增值税专用发票 | L40: 6500181130 | M40: 00067027 | N40: 8038.83 | O40: 8280 | P40: 8038.83 | R40: =P40+Q40 -> 8038.83 | S40: =IFERROR(VLOOKUP(G40,'附表8-合同明细采集底稿'!B:M,12,0),100%) -> 0.3295199 | T40: =ROUND(SUM(R40)*SUM(S40),2) -> 2648.95 | V40: 共同成本费用 | W40: =IF('附表1-面积统计表'!$D$29=0,"",IF(AND(V40="共同成本费用",Z40="总建筑面积法"),ROUND(T40/'附表1-面积统计表'!$D$29*'附表1-面积统计表'!$D$5,2),IF(AND(V40="共同成本费用",Z40="可售建筑面积法"),ROUND(T40/'附表1-面积统计表'!$F$29*'附表1-面积统计表'!$F$5,2),"请手工填写"))) -> 967.47 | X40: =IF(SUM('附表1-面积统计表'!$D$6)=0,"",SUM(T40)-SUM(W40)-SUM(Y40)) -> 1193.17 | Y40: =IF(SUM('附表1-面积统计表'!$D$6)=0,SUM(T40)-SUM(W40),IF('附表1-面积统计表'!$D$29=0,"",IF(AND(V40="共同成本费用",Z40="总建筑面积法"),ROUND(T40/'附表1-面积统计表'!$D$29*'附表1-面积统计表'!$D$7,2),IF(AND(V40="共同成本费用",Z40="可售建筑面积法"),ROUND(T40/'附表1-面积统计表'!$F$29*'附表1-面积统计表'!$F$7,2),"请手工填写")))) -> 488.31 | Z40: 可售建筑面积法 | AB40: 可加计
A41: 35 | B41: 43762 | C41: 0102 | D41: 基础设施费 | E41: 开发小区内道路工程支出 | F41: 材料 | H41: =IF(G41="","",VLOOKUP(G41,'附表8-合同明细采集底稿'!B:I,2,0)) | I41: =IF(G41="","",VLOOKUP(G41,'附表8-合同明细采集底稿'!B:I,3,0)) | J41: 库尔勒四季红五金胶业批发部 | K41: 增值税普通发票 | L41: 065002100111 | M41: 37140894 | N41: 600 | O41: 600 | P41: 600 | Q41: -600 | R41: =P41+Q41 -> 0 | S41: =IFERROR(VLOOKUP(G41,'附表8-合同明细采集底稿'!B:M,12,0),100%) -> 1 | T41: =ROUND(SUM(R41)*SUM(S41),2) -> 0 | V41: 共同成本费用 | W41: =IF('附表1-面积统计表'!$D$29=0,"",IF(AND(V41="共同成本费用",Z41="总建筑面积法"),ROUND(T41/'附表1-面积统计表'!$D$29*'附表1-面积统计表'!$D$5,2),IF(AND(V41="共同成本费用",Z41="可售建筑面积法"),ROUND(T41/'附表1-面积统计表'!$F$29*'附表1-面积统计表'!$F$5,2),"请手工填写"))) -> 0 | X41: =IF(SUM('附表1-面积统计表'!$D$6)=0,"",SUM(T41)-SUM(W41)-SUM(Y41)) -> 0 | Y41: =IF(SUM('附表1-面积统计表'!$D$6)=0,SUM(T41)-SUM(W41),IF('附表1-面积统计表'!$D$29=0,"",IF(AND(V41="共同成本费用",Z41="总建筑面积法"),ROUND(T41/'附表1-面积统计表'!$D$29*'附表1-面积统计表'!$D$7,2),IF(AND(V41="共同成本费用",Z41="可售建筑面积法"),ROUND(T41/'附表1-面积统计表'!$F$29*'附表1-面积统计表'!$F$7,2),"请手工填写")))) -> 0 | Z41: 可售建筑面积法 | AB41: 可加计
A42: 36 | B42: 43766 | C42: 0109 | D42: 基础设施费 | E42: 绿化费用 | F42: 景观瓷砖 | H42: =IF(G42="","",VLOOKUP(G42,'附表8-合同明细采集底稿'!B:I,2,0)) | I42: =IF(G42="","",VLOOKUP(G42,'附表8-合同明细采集底稿'!B:I,3,0)) | J42: 库尔勒经济技术开发区罗马利奥瓷砖专卖店 | K42: 增值税普通发票 | L42: 065002100111 | M42: 29976493 | N42: 8250 | O42: 8250 | P42: 8250 | Q42: -8250 | R42: =P42+Q42 -> 0 | S42: =IFERROR(VLOOKUP(G42,'附表8-合同明细采集底稿'!B:M,12,0),100%) -> 1 | T42: =ROUND(SUM(R42)*SUM(S42),2) -> 0 | V42: 共同成本费用 | W42: =IF('附表1-面积统计表'!$D$29=0,"",IF(AND(V42="共同成本费用",Z42="总建筑面积法"),ROUND(T42/'附表1-面积统计表'!$D$29*'附表1-面积统计表'!$D$5,2),IF(AND(V42="共同成本费用",Z42="可售建筑面积法"),ROUND(T42/'附表1-面积统计表'!$F$29*'附表1-面积统计表'!$F$5,2),"请手工填写"))) -> 0 | X42: =IF(SUM('附表1-面积统计表'!$D$6)=0,"",SUM(T42)-SUM(W42)-SUM(Y42)) -> 0 | Y42: =IF(SUM('附表1-面积统计表'!$D$6)=0,SUM(T42)-SUM(W42),IF('附表1-面积统计表'!$D$29=0,"",IF(AND(V42="共同成本费用",Z42="总建筑面积法"),ROUND(T42/'附表1-面积统计表'!$D$29*'附表1-面积统计表'!$D$7,2),IF(AND(V42="共同成本费用",Z42="可售建筑面积法"),ROUND(T42/'附表1-面积统计表'!$F$29*'附表1-面积统计表'!$F$7,2),"请手工填写")))) -> 0 | Z42: 可售建筑面积法 | AB42: 可加计
A43: 37 | B43: 43766 | C43: 0109 | D43: 基础设施费 | E43: 绿化费用 | F43: 景观瓷砖 | H43: =IF(G43="","",VLOOKUP(G43,'附表8-合同明细采集底稿'!B:I,2,0)) | I43: =IF(G43="","",VLOOKUP(G43,'附表8-合同明细采集底稿'!B:I,3,0)) | J43: 库尔勒经济技术开发区罗马利奥瓷砖专卖店 | K43: 增值税普通发票 | L43: 065002100111 | M43: 29976494 | N43: 3400 | O43: 3400 | P43: 3400 | Q43: -3400 | R43: =P43+Q43 -> 0 | S43: =IFERROR(VLOOKUP(G43,'附表8-合同明细采集底稿'!B:M,12,0),100%) -> 1 | T43: =ROUND(SUM(R43)*SUM(S43),2) -> 0 | V43: 共同成本费用 | W43: =IF('附表1-面积统计表'!$D$29=0,"",IF(AND(V43="共同成本费用",Z43="总建筑面积法"),ROUND(T43/'附表1-面积统计表'!$D$29*'附表1-面积统计表'!$D$5,2),IF(AND(V43="共同成本费用",Z43="可售建筑面积法"),ROUND(T43/'附表1-面积统计表'!$F$29*'附表1-面积统计表'!$F$5,2),"请手工填写"))) -> 0 | X43: =IF(SUM('附表1-面积统计表'!$D$6)=0,"",SUM(T43)-SUM(W43)-SUM(Y43)) -> 0 | Y43: =IF(SUM('附表1-面积统计表'!$D$6)=0,SUM(T43)-SUM(W43),IF('附表1-面积统计表'!$D$29=0,"",IF(AND(V43="共同成本费用",Z43="总建筑面积法"),ROUND(T43/'附表1-面积统计表'!$D$29*'附表1-面积统计表'!$D$7,2),IF(AND(V43="共同成本费用",Z43="可售建筑面积法"),ROUND(T43/'附表1-面积统计表'!$F$29*'附表1-面积统计表'!$F$7,2),"请手工填写")))) -> 0 | Z43: 可售建筑面积法 | AB43: 可加计
A44: 38 | B44: 43776 | C44: 0046 | D44: 基础设施费 | E44: 绿化费用 | F44: 廊架 | G44: JC-LH-20 | H44: =IF(G44="","",VLOOKUP(G44,'附表8-合同明细采集底稿'!B:I,2,0)) -> 沁春锦苑小区景观廊架工程 | I44: =IF(G44="","",VLOOKUP(G44,'附表8-合同明细采集底稿'!B:I,3,0)) -> 建设工程合同 | J44: =IF(G44="","",VLOOKUP(G44,'附表8-合同明细采集底稿'!B:I,4,0)) -> 库尔勒坚乐美建筑工程有限责任公司（郑长银） | K44: 增值税专用发票 | L44: 6500191130 | M44: 01684501 | N44: 88495.58 | O44: 100000 | P44: 88495.58 | R44: =P44+Q44 -> 88495.58 | S44: =IFERROR(VLOOKUP(G44,'附表8-合同明细采集底稿'!B:M,12,0),100%) -> 0.3295199 | T44: =ROUND(SUM(R44)*SUM(S44),2) -> 29161.05 | V44: 共同成本费用 | W44: =IF('附表1-面积统计表'!$D$29=0,"",IF(AND(V44="共同成本费用",Z44="总建筑面积法"),ROUND(T44/'附表1-面积统计表'!$D$29*'附表1-面积统计表'!$D$5,2),IF(AND(V44="共同成本费用",Z44="可售建筑面积法"),ROUND(T44/'附表1-面积统计表'!$F$29*'附表1-面积统计表'!$F$5,2),"请手工填写"))) -> 10650.47 | X44: =IF(SUM('附表1-面积统计表'!$D$6)=0,"",SUM(T44)-SUM(W44)-SUM(Y44)) -> 13134.95 | Y44: =IF(SUM('附表1-面积统计表'!$D$6)=0,SUM(T44)-SUM(W44),IF('附表1-面积统计表'!$D$29=0,"",IF(AND(V44="共同成本费用",Z44="总建筑面积法"),ROUND(T44/'附表1-面积统计表'!$D$29*'附表1-面积统计表'!$D$7,2),IF(AND(V44="共同成本费用",Z44="可售建筑面积法"),ROUND(T44/'附表1-面积统计表'!$F$29*'附表1-面积统计表'!$F$7,2),"请手工填写")))) -> 5375.63 | Z44: 可售建筑面积法 | AB44: 可加计
A45: 39 | B45: 43777 | C45: 0062 | D45: 基础设施费 | E45: 绿化费用 | F45: 黑冰花石材 | G45: 开发间接费用 | H45: =IF(G45="","",VLOOKUP(G45,'附表8-合同明细采集底稿'!B:I,2,0)) -> 0 | I45: =IF(G45="","",VLOOKUP(G45,'附表8-合同明细采集底稿'!B:I,3,0)) -> 0 | J45: 库尔勒新聚石材经销部 | K45: 增值税普通发票 | L45: 065002100111 | M45: 02217356 | N45: 50225.35 | O45: 50225.35 | P45: 50225.35 | R45: =P45+Q45 -> 50225.35 | S45: =IFERROR(VLOOKUP(G45,'附表8-合同明细采集底稿'!B:M,12,0),100%) -> 0.3295199 | T45: =ROUND(SUM(R45)*SUM(S45),2) -> 16550.25 | V45: 共同成本费用 | W45: =IF('附表1-面积统计表'!$D$29=0,"",IF(AND(V45="共同成本费用",Z45="总建筑面积法"),ROUND(T45/'附表1-面积统计表'!$D$29*'附表1-面积统计表'!$D$5,2),IF(AND(V45="共同成本费用",Z45="可售建筑面积法"),ROUND(T45/'附表1-面积统计表'!$F$29*'附表1-面积统计表'!$F$5,2),"请手工填写"))) -> 6044.64 | X45: =IF(SUM('附表1-面积统计表'!$D$6)=0,"",SUM(T45)-SUM(W45)-SUM(Y45)) -> 7454.69 | Y45: =IF(SUM('附表1-面积统计表'!$D$6)=0,SUM(T45)-SUM(W45),IF('附表1-面积统计表'!$D$29=0,"",IF(AND(V45="共同成本费用",Z45="总建筑面积法"),ROUND(T45/'附表1-面积统计表'!$D$29*'附表1-面积统计表'!$D$7,2),IF(AND(V45="共同成本费用",Z45="可售建筑面积法"),ROUND(T45/'附表1-面积统计表'!$F$29*'附表1-面积统计表'!$F$7,2),"请手工填写")))) -> 3050.92 | Z45: 可售建筑面积法 | AB45: 可加计
A46: 40 | B46: 43777 | C46: 0064 | D46: 基础设施费 | E46: 绿化费用 | F46: 水下彩灯 | G46: 开发间接费用 | H46: =IF(G46="","",VLOOKUP(G46,'附表8-合同明细采集底稿'!B:I,2,0)) -> 0 | I46: =IF(G46="","",VLOOKUP(G46,'附表8-合同明细采集底稿'!B:I,3,0)) -> 0 | J46: 乌鲁木齐市双龙园林喷泉水景艺术有限公司 | K46: 增值税普通发票 | L46: 065002100111 | M46: 27342038 | N46: 6615 | O46: 6615 | P46: 6615 | R46: =P46+Q46 -> 6615 | S46: =IFERROR(VLOOKUP(G46,'附表8-合同明细采集底稿'!B:M,12,0),100%) -> 0.3295199 | T46: =ROUND(SUM(R46)*SUM(S46),2) -> 2179.77 | V46: 共同成本费用 | W46: =IF('附表1-面积统计表'!$D$29=0,"",IF(AND(V46="共同成本费用",Z46="总建筑面积法"),ROUND(T46/'附表1-面积统计表'!$D$29*'附表1-面积统计表'!$D$5,2),IF(AND(V46="共同成本费用",Z46="可售建筑面积法"),ROUND(T46/'附表1-面积统计表'!$F$29*'附表1-面积统计表'!$F$5,2),"请手工填写"))) -> 796.12 | X46: =IF(SUM('附表1-面积统计表'!$D$6)=0,"",SUM(T46)-SUM(W46)-SUM(Y46)) -> 981.83 | Y46: =IF(SUM('附表1-面积统计表'!$D$6)=0,SUM(T46)-SUM(W46),IF('附表1-面积统计表'!$D$29=0,"",IF(AND(V46="共同成本费用",Z46="总建筑面积法"),ROUND(T46/'附表1-面积统计表'!$D$29*'附表1-面积统计表'!$D$7,2),IF(AND(V46="共同成本费用",Z46="可售建筑面积法"),ROUND(T46/'附表1-面积统计表'!$F$29*'附表1-面积统计表'!$F$7,2),"请手工填写")))) -> 401.82 | Z46: 可售建筑面积法 | AB46: 可加计
A47: 41 | B47: 43777 | C47: 0066 | D47: 基础设施费 | E47: 其他设施工程发生的支出 | F47: 沁春锦苑围栏维修 | G47: JC-LH-17 | H47: =IF(G47="","",VLOOKUP(G47,'附表8-合同明细采集底稿'!B:I,2,0)) -> 沁春锦苑小区景观轴亮化工程合同 | I47: =IF(G47="","",VLOOKUP(G47,'附表8-合同明细采集底稿'!B:I,3,0)) -> 建设工程合同 | J47: =IF(G47="","",VLOOKUP(G47,'附表8-合同明细采集底稿'!B:I,4,0)) -> 巴州青橄榄电子科技有限公司（党曌） | K47: 增值税普通发票 | L47: 065002100111 | M47: 62451348 | N47: 17000 | O47: 17000 | P47: 17000 | Q47: -17000 | R47: =P47+Q47 -> 0 | S47: =IFERROR(VLOOKUP(G47,'附表8-合同明细采集底稿'!B:M,12,0),100%) -> 0.3295199 | T47: =ROUND(SUM(R47)*SUM(S47),2) -> 0 | V47: 共同成本费用 | W47: =IF('附表1-面积统计表'!$D$29=0,"",IF(AND(V47="共同成本费用",Z47="总建筑面积法"),ROUND(T47/'附表1-面积统计表'!$D$29*'附表1-面积统计表'!$D$5,2),IF(AND(V47="共同成本费用",Z47="可售建筑面积法"),ROUND(T47/'附表1-面积统计表'!$F$29*'附表1-面积统计表'!$F$5,2),"请手工填写"))) -> 0 | X47: =IF(SUM('附表1-面积统计表'!$D$6)=0,"",SUM(T47)-SUM(W47)-SUM(Y47)) -> 0 | Y47: =IF(SUM('附表1-面积统计表'!$D$6)=0,SUM(T47)-SUM(W47),IF('附表1-面积统计表'!$D$29=0,"",IF(AND(V47="共同成本费用",Z47="总建筑面积法"),ROUND(T47/'附表1-面积统计表'!$D$29*'附表1-面积统计表'!$D$7,2),IF(AND(V47="共同成本费用",Z47="可售建筑面积法"),ROUND(T47/'附表1-面积统计表'!$F$29*'附表1-面积统计表'!$F$7,2),"请手工填写")))) -> 0 | Z47: 可售建筑面积法 | AB47: 可加计
A48: 42 | B48: 43781 | C48: 0094 | D48: 基础设施费 | E48: 绿化费用 | F48: 景观石材 | G48: JC-LH-06 | H48: =IF(G48="","",VLOOKUP(G48,'附表8-合同明细采集底稿'!B:I,2,0)) -> 新增产品合同 | I48: =IF(G48="","",VLOOKUP(G48,'附表8-合同明细采集底稿'!B:I,3,0)) -> 建设工程合同 | J48: =IF(G48="","",VLOOKUP(G48,'附表8-合同明细采集底稿'!B:I,4,0)) -> 曲阳县石磊石材雕塑有限公司 | K48: 增值税专用发票 | L48: 1300191130 | M48: 18370135 | N48: 82300.88 | O48: 93000 | P48: 82300.88 | R48: =P48+Q48 -> 82300.88 | S48: =IFERROR(VLOOKUP(G48,'附表8-合同明细采集底稿'!B:M,12,0),100%) -> 0.3295199 | T48: =ROUND(SUM(R48)*SUM(S48),2) -> 27119.78 | V48: 共同成本费用 | W48: =IF('附表1-面积统计表'!$D$29=0,"",IF(AND(V48="共同成本费用",Z48="总建筑面积法"),ROUND(T48/'附表1-面积统计表'!$D$29*'附表1-面积统计表'!$D$5,2),IF(AND(V48="共同成本费用",Z48="可售建筑面积法"),ROUND(T48/'附表1-面积统计表'!$F$29*'附表1-面积统计表'!$F$5,2),"请手工填写"))) -> 9904.94 | X48: =IF(SUM('附表1-面积统计表'!$D$6)=0,"",SUM(T48)-SUM(W48)-SUM(Y48)) -> 12215.51 | Y48: =IF(SUM('附表1-面积统计表'!$D$6)=0,SUM(T48)-SUM(W48),IF('附表1-面积统计表'!$D$29=0,"",IF(AND(V48="共同成本费用",Z48="总建筑面积法"),ROUND(T48/'附表1-面积统计表'!$D$29*'附表1-面积统计表'!$D$7,2),IF(AND(V48="共同成本费用",Z48="可售建筑面积法"),ROUND(T48/'附表1-面积统计表'!$F$29*'附表1-面积统计表'!$F$7,2),"请手工填写")))) -> 4999.33 | Z48: 可售建筑面积法 | AB48: 可加计
A49: 43 | B49: 2020-03-31 | C49: 记 - 54 | D49: 基础设施费 | E49: 照明工程支出 | F49: 3-23付巴州青橄榄沁春锦苑围栏维修款 | G49: JC-LH-17 | H49: =IF(G49="","",VLOOKUP(G49,'附表8-合同明细采集底稿'!B:I,2,0)) -> 沁春锦苑小区景观轴亮化工程合同 | I49: =IF(G49="","",VLOOKUP(G49,'附表8-合同明细采集底稿'!B:I,3,0)) -> 建设工程合同 | J49: =IF(G49="","",VLOOKUP(G49,'附表8-合同明细采集底稿'!B:I,4,0)) -> 巴州青橄榄电子科技有限公司（党曌） | K49: 增值税普通发票 | L49: 065002100111 | M49: 62451359 | N49: 8500 | O49: 8500 | P49: 8500 | Q49: -8500 | R49: =P49+Q49 -> 0 | S49: =IFERROR(VLOOKUP(G49,'附表8-合同明细采集底稿'!B:M,12,0),100%) -> 0.3295199 | T49: =ROUND(SUM(R49)*SUM(S49),2) -> 0 | V49: 共同成本费用 | W49: =IF('附表1-面积统计表'!$D$29=0,"",IF(AND(V49="共同成本费用",Z49="总建筑面积法"),ROUND(T49/'附表1-面积统计表'!$D$29*'附表1-面积统计表'!$D$5,2),IF(AND(V49="共同成本费用",Z49="可售建筑面积法"),ROUND(T49/'附表1-面积统计表'!$F$29*'附表1-面积统计表'!$F$5,2),"请手工填写"))) -> 0 | X49: =IF(SUM('附表1-面积统计表'!$D$6)=0,"",SUM(T49)-SUM(W49)-SUM(Y49)) -> 0 | Y49: =IF(SUM('附表1-面积统计表'!$D$6)=0,SUM(T49)-SUM(W49),IF('附表1-面积统计表'!$D$29=0,"",IF(AND(V49="共同成本费用",Z49="总建筑面积法"),ROUND(T49/'附表1-面积统计表'!$D$29*'附表1-面积统计表'!$D$7,2),IF(AND(V49="共同成本费用",Z49="可售建筑面积法"),ROUND(T49/'附表1-面积统计表'!$F$29*'附表1-面积统计表'!$F$7,2),"请手工填写")))) -> 0 | Z49: 可售建筑面积法 | AB49: 可加计
A50: 44 | B50: 2020-04-30 | C50: 记 - 169 | D50: 前期工程费 | E50: 设计费用 | F50: 4-28大漠林海发票到 | G50: JC-LH-04 | H50: =IF(G50="","",VLOOKUP(G50,'附表8-合同明细采集底稿'!B:I,2,0)) -> 专业建设工程设计合同 | I50: =IF(G50="","",VLOOKUP(G50,'附表8-合同明细采集底稿'!B:I,3,0)) -> 技术合同 | J50: =IF(G50="","",VLOOKUP(G50,'附表8-合同明细采集底稿'!B:I,4,0)) -> 乌鲁木齐大漠林海绿化有限责任公司（蔚晓芳） | K50: 增值税专用发票 | L50: 6500192130 | M50: 03285814 | N50: 63758.42 | O50: 64396 | P50: 63758.42 | R50: =P50+Q50 -> 63758.42 | S50: =IFERROR(VLOOKUP(G50,'附表8-合同明细采集底稿'!B:M,12,0),100%) -> 0.3295199 | T50: =ROUND(SUM(R50)*SUM(S50),2) -> 21009.67 | V50: 共同成本费用 | W50: =IF('附表1-面积统计表'!$D$29=0,"",IF(AND(V50="共同成本费用",Z50="总建筑面积法"),ROUND(T50/'附表1-面积统计表'!$D$29*'附表1-面积统计表'!$D$5,2),IF(AND(V50="共同成本费用",Z50="可售建筑面积法"),ROUND(T50/'附表1-面积统计表'!$F$29*'附表1-面积统计表'!$F$5,2),"请手工填写"))) -> 7673.35 | X50: =IF(SUM('附表1-面积统计表'!$D$6)=0,"",SUM(T50)-SUM(W50)-SUM(Y50)) -> 9463.34 | Y50: =IF(SUM('附表1-面积统计表'!$D$6)=0,SUM(T50)-SUM(W50),IF('附表1-面积统计表'!$D$29=0,"",IF(AND(V50="共同成本费用",Z50="总建筑面积法"),ROUND(T50/'附表1-面积统计表'!$D$29*'附表1-面积统计表'!$D$7,2),IF(AND(V50="共同成本费用",Z50="可售建筑面积法"),ROUND(T50/'附表1-面积统计表'!$F$29*'附表1-面积统计表'!$F$7,2),"请手工填写")))) -> 3872.98 | Z50: 可售建筑面积法 | AB50: 可加计
A51: 45 | B51: 2020-06-10 | C51: 记 - 66 | D51: 前期工程费 | E51: 规划费用 | F51: 6-9付益诚沁春锦苑交通分析规划图 | G51: 开发间接费用 | H51: =IF(G51="","",VLOOKUP(G51,'附表8-合同明细采集底稿'!B:I,2,0)) -> 0 | I51: =IF(G51="","",VLOOKUP(G51,'附表8-合同明细采集底稿'!B:I,3,0)) -> 0 | J51: 新疆益诚开拓空间规划建设设计院有限公司 | K51: 增值税专用发票 | L51: 6500193130 | M51: 03815930 | N51: 4716.98 | O51: 5000 | P51: 4716.98 | R51: =P51+Q51 -> 4716.98 | S51: =IFERROR(VLOOKUP(G51,'附表8-合同明细采集底稿'!B:M,12,0),100%) -> 0.3295199 | T51: =ROUND(SUM(R51)*SUM(S51),2) -> 1554.34 | V51: 共同成本费用 | W51: =IF('附表1-面积统计表'!$D$29=0,"",IF(AND(V51="共同成本费用",Z51="总建筑面积法"),ROUND(T51/'附表1-面积统计表'!$D$29*'附表1-面积统计表'!$D$5,2),IF(AND(V51="共同成本费用",Z51="可售建筑面积法"),ROUND(T51/'附表1-面积统计表'!$F$29*'附表1-面积统计表'!$F$5,2),"请手工填写"))) -> 567.69 | X51: =IF(SUM('附表1-面积统计表'!$D$6)=0,"",SUM(T51)-SUM(W51)-SUM(Y51)) -> 700.12 | Y51: =IF(SUM('附表1-面积统计表'!$D$6)=0,SUM(T51)-SUM(W51),IF('附表1-面积统计表'!$D$29=0,"",IF(AND(V51="共同成本费用",Z51="总建筑面积法"),ROUND(T51/'附表1-面积统计表'!$D$29*'附表1-面积统计表'!$D$7,2),IF(AND(V51="共同成本费用",Z51="可售建筑面积法"),ROUND(T51/'附表1-面积统计表'!$F$29*'附表1-面积统计表'!$F$7,2),"请手工填写")))) -> 286.53 | Z51: 可售建筑面积法 | AB51: 可加计
A52: 46 | B52: 2020-06-19 | C52: 记 - 158 | D52: 前期工程费 | E52: 设计费用 | F52: 6-23预付安徽宏泰杜鹃路设计费 | G52: 其他合同-41 | H52: =IF(G52="","",VLOOKUP(G52,'附表8-合同明细采集底稿'!B:I,2,0)) -> 建设工程设计合同（专业建设工程） | I52: =IF(G52="","",VLOOKUP(G52,'附表8-合同明细采集底稿'!B:I,3,0)) -> 技术合同 | J52: =IF(G52="","",VLOOKUP(G52,'附表8-合同明细采集底稿'!B:I,4,0)) -> 安徽宏泰交通工程设计研究院有限公司 | K52: 增值税专用发票 | L52: 3400194130 | M52: 15984650 | N52: 0 | O52: 1698.11 | P52: 28301.89 | Q52: -28301.89 | R52: =P52+Q52 -> 0 | S52: =IFERROR(VLOOKUP(G52,'附表8-合同明细采集底稿'!B:M,12,0),100%) -> 0.3295199 | T52: =ROUND(SUM(R52)*SUM(S52),2) -> 0 | V52: 共同成本费用 | W52: =IF('附表1-面积统计表'!$D$29=0,"",IF(AND(V52="共同成本费用",Z52="总建筑面积法"),ROUND(T52/'附表1-面积统计表'!$D$29*'附表1-面积统计表'!$D$5,2),IF(AND(V52="共同成本费用",Z52="可售建筑面积法"),ROUND(T52/'附表1-面积统计表'!$F$29*'附表1-面积统计表'!$F$5,2),"请手工填写"))) -> 0 | X52: =IF(SUM('附表1-面积统计表'!$D$6)=0,"",SUM(T52)-SUM(W52)-SUM(Y52)) -> 0 | Y52: =IF(SUM('附表1-面积统计表'!$D$6)=0,SUM(T52)-SUM(W52),IF('附表1-面积统计表'!$D$29=0,"",IF(AND(V52="共同成本费用",Z52="总建筑面积法"),ROUND(T52/'附表1-面积统计表'!$D$29*'附表1-面积统计表'!$D$7,2),IF(AND(V52="共同成本费用",Z52="可售建筑面积法"),ROUND(T52/'附表1-面积统计表'!$F$29*'附表1-面积统计表'!$F$7,2),"请手工填写")))) -> 0 | Z52: 可售建筑面积法 | AB52: 可加计
